Workbook

Sheet 基础信息
B1: 配合EXCEL2021以上版本食用
D2: 武装传奇TRPG | J2: 神名 | AK2: =O18 -> 退魔师协会 | AW2: 立绘or头像 | BM2: =($Y$3-1)*1500+5000&"G" -> 5000G | BP2: 手动填入→ | BS2: 初始金 | BU2: 5000
D3: 神我狩 | Y3: 1 | AK3: =IFERROR(VLOOKUP(O18,备用!Q151:S177,3,FALSE),"") -> 是日本中势力最大的超常存在组织。也被称为协会，总部设在京都。其原型自神代时期便存在，但直到奈良时代才开始正式成立组织。它自古以来便是一个跨越了神道教、佛教、阴阳道等各派隔阂的组织，其主要目的为讨伐、封印和隐藏超常存在。八个宗家负责管理协会。以优秀退魔战士世代辈出的御剑家为首，珠辉、镜部、土御门、芦屋、秦、草壁、竹内各家被称为<八部众>，组织的方针由当家共治决定。不过，最近有分家的年轻人反对旧时的支配体系，频繁发生内讧的传闻。 | AW3: 随意用
AI4: ⚁ | BS4: 所持金 | BU4: =$BU$2-SUM($AI$39,IF($I$47="效果值",0,$M$47),IF($I$49="效果值",0,$M$49),IF($I$51="效果值",0,$M$51),IF($AM$45="效果值",0,$AQ$45),IF($AM$47="效果值",0,$AQ$47),IF($AM$49="效果值",0,$AQ$49),IF($AM$51="效果值",0,$AQ$51),$AI$57,IF($I$63="效果值",0,$M$63),IF($I$65="效果值",0,$M$65),IF($I$67="效果值",0,$M$67),IF($I$69="效果值",0,$M$69),IF($AM$65="效果值",0,$AQ$65),IF($AM$67="效果值",0,$AQ$67),IF($AM$63="效果值",0,$AQ$63),IF($AM$69="效果值",0,$AQ$69),$AI$75,$AI$83,$AI$91,SUM(道具栏!R44:T63)+BU8-BU6) -> 4000
X5: 只需要填浅黄色背景的地方 与等级↑、套装↓
B6: 玩家名 | K6: 角色名 | AI6: ⚁ | BS6: 收入
X7: 探索者套装： | AB7: 幸运型
AI8: ⚄ | BS8: 支出
B9: 种族 | E9: 封神 | M9: 种族奖励 | O9: =IFERROR(VLOOKUP(E9,备用!A29:H76,8,FALSE),"") -> [封神记忆]：可以取得《种族才能：封神》，可以[装备]写有[限制：封神]条目的[物品]。 | W9: 血统祖神 | Z9: =IF(COUNTIF(技能栏!D6:D42,"血统的祖神")>0,"√","") | AA9: 祖神种族 | AD9: 封神
W10: 种族奖励 | X10: =IF($Z$9="√",IFERROR(VLOOKUP(AD9,备用!A29:H76,8,FALSE),""),"") | AI10: ⚁
B11: 种类 | E11: 参考⯈ | G11: =IF(E9="","",IF(OR(E9="改造人",E9="机械人"),"机械",IF(E9="人造人","植物",IF(E9="神灵","幻兽",IF(E9="英魂","不死",IF(OR(E9="异乡人",E9="幸御魂"),"自选",IF(E9="适格者","虫/兽/植","人型"))))))) -> 人型 | I11: 最终⯈ | K11: 人型
B12: 能力值 | E12: 主能力值类型⯈ | I12: 魔法
B13: 表面职业1 | D13: 一般学生□ | H13: =IFERROR(OFFSET(备用!A181,备用!B180,MATCH(B13,备用!181:181,0)+1,,)&OFFSET(备用!A181,备用!B180,MATCH(B13,备用!181:181,0)+2,,),"") -> [持久力]效果：【体力】判定的达成值+2，【精神】判定的达成值+1 | M13: 特征⯇ | N13: 简介⯈ | O13: {=IFERROR(INDEX(备用!$1:$1000,181+备用!B180,MATCH(B13,备用!181:181,0)+1),"")} -> 随处可见的普通学生。玩家和GM商议决定小学、中学或大学生。普通学生能够取得[持久力]的[特征]，获得以下[道具]。 | W13: 混血种 | Z13: =IF(COUNTIF(技能栏!D6:D42,"混血种")>0,"√","") | AA13: 副种族 | AD13: 异乡人
W14: 混血用能力值类型⯈ （仅在混血种时可选） | AD14: 战士
AK15: 背景简介 | BL15: 最终属性 | BQ15: 注：最终属性下方黄色区域填写表面职业-特征给的加值
B16: 称号（系统： | F16: =IFERROR(VLOOKUP(D17,备用!A93:C128,3,FALSE),"") -> 魔导 | I16: ） | J16: 类型 | M16: EXP | X16: 情感填写 | Z16: ① | BL16: （掷骰时加值） | BQ16: 以及【常时】才能给的加值！
B17: 主要 | D17: 装具魔术师 | J17: A | Z17: ② | AK17: 个人特性 | AL17: 缘由 | AN17: 获得断片/成为神我狩的缘由 | AT17: 灵纹位置 | AY17: 灵纹形状 | BD17: 目的 | BF17: HO给的 | BL17: 耐力 | BO17: 敏捷 | BR17: 知性 | BU17: 精神 | BX17: 幸运
D18: 破神传承者 | J18: B | M18: 组织 | O18: 退魔师协会 | Z18: ③ | AI18: 灵力使用 | BL18: =C26+BL20+数!B21 -> 2 | BO18: =F26+BO20+数!C21 -> 3 | BR18: =I26+BR20+数!D21 -> 5 | BU18: =L26+BU20+数!E21 -> 4 | BX18: =O26+BX20+数!F21 -> 2
M19: 年龄 | R19: 性别 | Z19: ④ | AL19: 人设随便写
M20: 身高 | R20: 体重 | Z20: ⑤ | CA20: 调整
M21: 瞳色 | R21: 发色 | Z21: ⑥ | CF21: ：物理攻击时使用
M22: 肤色 | R22: 其他 | Z22: ⑦ | BL22: 命中 | BO22: 回避 | BR22: 发动 | BU22: 抵抗 | BX22: 看破
BL23: =C33+BL25+数!B8 -> 2 | BO23: =F33+BO25+数!C8 -> 4 | BR23: =I33+BR25+数!D8 -> 7 | BU23: =L33+BU25+数!E8 -> 5 | BX23: 6 | CF23: ：魔法攻击时使用
C24: 主能力值 | G24: 可分配点数 | J24: =Y3*2-1-SUM(备用!C2,备用!D2,备用!E2,备用!F2,备用!G2)+备用!B7 -> 0 | K24: 异界特性①（自选） | T24: 副能力值
C25: ="体力+"&备用!C2 -> 体力+0 | F25: ="敏捷+"&备用!D2 -> 敏捷+0 | I25: ="知性+"&备用!E2 -> 知性+0 | L25: ="精神+"&备用!F2 -> 精神+0 | O25: ="幸运+"&备用!G2 -> 幸运+1 | T25: 物D | W25: 魔D | Z25: 行动值 | AC25: 生命力 | CA25: 调整 | CF25: ：其他
C26: =IFERROR(IFERROR(OFFSET(备用!A28,备用!A27+VLOOKUP(备用!B2,备用!M1:N3,2,FALSE),2,1,1),"")+备用!C2,"") -> 2 | F26: =IFERROR(IFERROR(OFFSET(备用!A28,备用!A27+VLOOKUP(备用!B2,备用!M1:N3,2,FALSE),3,1,1),"")+备用!D2,"") -> 3 | I26: =IFERROR(IFERROR(OFFSET(备用!A28,备用!A27+VLOOKUP(备用!B2,备用!M1:N3,2,FALSE),4,1,1),"")+备用!E2,"") -> 5 | L26: =IFERROR(IFERROR(OFFSET(备用!A28,备用!A27+VLOOKUP(备用!B2,备用!M1:N3,2,FALSE),5,1,1),"")+备用!F2,"") -> 4 | O26: =IFERROR(IFERROR(OFFSET(备用!$A$28,备用!$A$27+VLOOKUP(备用!B2,备用!M1:N3,2,FALSE),6,1,1),"")+备用!G2,"") -> 2 | T26: =IFERROR(ROUNDUP(C26/2,0),"") -> 1 | W26: =IFERROR(ROUNDUP(I26/2,0),"") -> 3 | Z26: =IFERROR(F26+5,"") -> 8 | AC26: =IFERROR(C26+L26+Y3*3,"") -> 9
BL27: 物D | BO27: 魔D | BR27: 射击※物D | BU27: 行动值 | BX27: 生命力 | CA27: 装甲 | CD27: 结界
A28: 未计装备 战斗修正 | C28: + | F28: + | I28: + | L28: + | O28: + | T28: + | W28: + | Z28: + | AC28: + | BL28: =T33+BL30+数!G8 -> 2 | BO28: =W33+BO30+数!H8 -> 10 | BR28: =BR30+数!G12 -> 0 | BU28: =Z33+BU30+数!I8 -> 13 | BX28: =AC33+BX30+数!J8 -> 38 | CA28: =数!K8+CA30 -> 0 | CD28: =数!L8+CD30 -> 0
C29: =IFERROR(VLOOKUP(D17,备用!A87:L127,4,FALSE),"") -> 0 | F29: =IFERROR(VLOOKUP(D17,备用!A87:L127,5,FALSE),"") -> 1 | I29: =IFERROR(VLOOKUP(D17,备用!A87:L127,6,FALSE),"") -> 2 | L29: =IFERROR(VLOOKUP(D17,备用!A87:L127,7,FALSE),"") -> 1 | O29: =IFERROR(VLOOKUP(D17,备用!A87:L127,8,FALSE),"") -> 0 | T29: =IFERROR(VLOOKUP(D17,备用!A87:L127,9,FALSE),"") -> 1 | W29: =IFERROR(VLOOKUP(D17,备用!A87:L127,10,FALSE),"") -> 3 | Z29: =IFERROR(VLOOKUP(D17,备用!A87:L127,11,FALSE),"") -> 8 | AC29: =IFERROR(VLOOKUP(D17,备用!A87:L127,12,FALSE),"") -> 29
CG30: 调整
C31: = | F31: = | I31: = | L31: = | O31: = | T31: = | W31: = | Z31: = | AC31: = | AI31: 生命值 | AL31: 1 | AN31: / | AO31: =BX28 -> 38 | AW31: 移动行为 一回合中任选一个
A32: 本体合计 战斗值 | C32: 命中 | F32: 回避 | I32: 发动 | L32: 抵抗 | O32: 看破 | T32: 物D | W32: 魔D | Z32: 行动值 | AC32: 生命力 | AI32: =AL31/AO31 -> 0.026315789 | AL32: =IF(AL31/AO31>0,"","×") | AM32: =IF(AL31/AO31>0.1,"","×") -> × | AN32: =IF(AL31/AO31>0.2,"","×") -> × | AO32: =IF(AL31/AO31>0.3,"","×") -> × | AP32: =IF(AL31/AO31>0.4,"","×") -> × | AQ32: =IF(AL31/AO31>0.5,"","×") -> × | AR32: =IF(AL31/AO31>0.6,"","×") -> × | AS32: =IF(AL31/AO31>0.7,"","×") -> × | AT32: =IF(AL31/AO31>0.8,"","×") -> × | AU32: =IF(AL31/AO31>0.9,"","×") -> × | BL32: 起源属性A | BP32: 起源属性B | BT32: 起源属性C | BX32: 起源属性D | CB32: 起源属性E | CF32: 起源属性F
C33: =IFERROR(C26+C29,"") -> 2 | F33: =IFERROR(F26+F29,"") -> 4 | I33: =IFERROR(I26+I29,"") -> 7 | L33: =IFERROR(L26+L29,"") -> 5 | O33: =IFERROR(O26+O29,"") -> 2 | T33: =IFERROR(T26+T29,"") -> 2 | W33: =IFERROR(W26+W29,"") -> 6 | Z33: =IFERROR(Z26+Z29,"") -> 16 | AC33: =IFERROR(AC26+AC29,"") -> 38 | AI33: 灵纹 | AL33: 22 | AN33: / | AO33: 22 | AW33: 简易移动 | AZ33: 1格 | BL33: =IF(COUNTIF(技能栏!$D$6:$D$42,"元素爆发")>0,"※元素爆发（起源使A）","") | BP33: =IF(COUNTIF(技能栏!$D$6:$D$42,"元素穿着")>0,"※元素穿着（起源使B）","") | BT33: =IF(COUNTIF(技能栏!$D$6:$D$42,"起源龙之力")>0,"起源龙之力 （龙王）","") | BX33: =IF(COUNTIF(技能栏!$D$6:$D$42,"起源印")>0,"起源印 （圣言奏者A）","") | CB33: =IF(COUNTIF(技能栏!$D$6:$D$42,"妖力击破")>0,"妖力击破 （幸御魂）","") | CF33: =IF(COUNTIF(技能栏!$D$6:$D$42,"心灵爆裂")>0,"心灵爆裂 (超能力者)","")
AI34: =AL33/AO33 -> 1 | AL34: =IF(AL33/AO33>0,"","×") | AM34: =IF(AL33/AO33>0.1,"","×") | AN34: =IF(AL33/AO33>0.2,"","×") | AO34: =IF(AL33/AO33>0.3,"","×") | AP34: =IF(AL33/AO33>0.4,"","×") | AQ34: =IF(AL33/AO33>0.5,"","×") | AR34: =IF(AL33/AO33>0.6,"","×") | AS34: =IF(AL33/AO33>0.7,"","×") | AT34: =IF(AL33/AO33>0.8,"","×") | AU34: =IF(AL33/AO33>0.9,"","×") | AW34: 战斗移动 | AZ34: =ROUNDUP((BU28+5)/3,0)&"格" -> 6格
AW35: 全力移动 | AZ35: =(BU28+5)&"格" -> 18格
B36: 装备中的[道具] | G36: （这些是使用《灵力结界》时，可以自动[装备]上去的） | W36: 与装备合计属性在装备栏下方 | BL36: 有对应技能再填
B37: 持握方式 | E37: 单持 | G37: 是否装备 | J37: 是 | K37: 神成神器 | O37: ☐ | Q37: 正确选择持握方式才会显示属性 | AC37: 限制开关： | AG37: 开 | AI37: 装备使用扩展： | AN37: 全扩
B38: 神名 | M38: 命中 | O38: 回避 | Q38: 发动 | S38: 抵抗 | U38: 看破 | W38: 物D | Y38: 魔D | AA38: 行动值 | AC38: 生命力 | AE38: 装甲 | AG38: 结界 | AI38: 价格 | AM38: 描述 | BA38: 效果 | BS38: 出自 | BY38: 海豹骰录卡指令
B39: 武器 | D39: 术式终端 | M39: =数!B2 -> 0 | O39: =数!C2 -> 0 | Q39: =数!D2 -> 0 | S39: =数!E2 -> 0 | U39: =数!F2 -> 0 | W39: =数!G2 -> 0 | Y39: =数!H2 -> 4 | AA39: =数!I2 -> -3 | AC39: =数!J2 -> 0 | AE39: =数!K2 -> 0 | AG39: =数!L2 -> 0 | AI39: =IFERROR(VLOOKUP($D$39,装!$B:$AE,21,FALSE)+AI40,"") -> 1000 | AM39: =IFERROR(VLOOKUP($D$39,装!$B:$AE,22,FALSE),"") -> 最新款的手机型人造神器，最近在神秘的世界中很流行。 | BA39: =IFERROR(VLOOKUP($D$39,装!$B:$AE,23,FALSE),"") -> 无 | BS39: =IFERROR(VLOOKUP($D$39,装!$B:$AE,26,FALSE),"") -> 《溯时之克洛诺斯原初神器》
B40: 注意选择武器形状↓ | I40: 其他修正 | BY40: =".st"&BL17&BL18&BO17&BO18&BR17&BR18&BU17&BU18&BX17&BX18&BL22&BL23&BO22&BO23&BR22&BR23&BU22&BU23&BX22&BX23&BU27&BU28&BX27&BX28&AI33&AO33 -> .st耐力2敏捷3知性5精神4幸运2命中2回避4发动7抵抗5看破6行动值13生命力38灵纹22
B41: 形状 | D41: 魔法 | F41: =IFERROR(VLOOKUP($D$39,装!$B:$AE,27,FALSE),"") -> 魔法 | H41: 距离 | J41: =IFERROR(VLOOKUP($D$39,装!$B:$AE,24,FALSE),"") -> 5格 | M41: 目标 | O41: =IFERROR(VLOOKUP($D$39,装!$B:$AE,25,FALSE),"") -> 1体 | Q41: 抵抗 | S41: =IFERROR(VLOOKUP($D$39,装!$B:$AE,28,FALSE),"") -> 消灭 | U41: 属性 | W41: =IFERROR(VLOOKUP($D$39,装!$B:$AE,29,FALSE),"") -> 无 | Y41: 等级 | AA41: =IFERROR(VLOOKUP($D$39,装!$B:$AE,30,FALSE),"") -> 2 | AC41: 限制 | AE41: =IFERROR(VLOOKUP($D$39,装!$B:$AE,3,FALSE),"") -> 装具魔术师 | AI41: =IF(IFERROR(VLOOKUP($D$39,装!$B:$AE,4,FALSE),"")=0,"",IFERROR(VLOOKUP($D$39,装!$B:$AE,4,FALSE),""))
B42: 共通追加 | E42: 材料名称①： | I42: 稀有度： | M42: 提升属性 | Q42: 数值 | U42: 材料名称②： | Y42: 稀有度： | AC42: 提升属性 | AG42: 数值 | AK42: 材料名称③： | AO42: 稀有度： | AS42: 提升属性 | AW42: 数值 | BA42: 材料名称④： | BE42: 稀有度： | BI42: 提升属性 | BM42: 数值
B44: 武装系统① | Q44: 效果 | AC44: 备注 | AU44: 效果 | BG44: 备注 | BI44: =IF(O37="☑","神成lv","") | BM44: =IF(O37="☑","神成追加属性也会自动计算","")
B45: 赠◇追加： | I45: 价格 | M45: 免费 | Q45: =IFERROR(VLOOKUP(E45,装!$B:$AE,23,FALSE),"") | AF45: 追加效果： | AM45: 价格 | AQ45: =IFERROR(_xlfn.IFS(AM45="价格",VLOOKUP(AI45,装!$B:$AF,21,0),AM45="效果值",VLOOKUP(AI45,装!$B:$AF,31,0)),"") | AU45: =IFERROR(VLOOKUP(AI45,装!$B:$AE,23,FALSE),"") | BI45: =IF(O37="☑","LV1","") | BO45: =IFERROR(VLOOKUP(BK45,装!$B:$AF,23,FALSE),"") | BV45: =IF(O37="☑","LV7","") | CB45: =IFERROR(VLOOKUP(BK52,装!$B:$AF,23,FALSE),"") | CI45: =IF(O37="☑","LV15","") | CO45: =IFERROR(VLOOKUP(CK45,装!$B:$AF,23,FALSE),"")
B47: 追加效果： | I47: 价格 | M47: =IFERROR(_xlfn.IFS(I47="价格",VLOOKUP(E47,装!$B:$AF,21,0),I47="效果值",VLOOKUP(E47,装!$B:$AF,31,0)),"") | Q47: =IFERROR(VLOOKUP(E47,装!$B:$AE,23,FALSE),"") | AF47: 追加效果： | AM47: 价格 | AQ47: =IFERROR(_xlfn.IFS(AM47="价格",VLOOKUP(AI47,装!$B:$AF,21,0),AM47="效果值",VLOOKUP(AI47,装!$B:$AF,31,0)),"") | AU47: =IFERROR(VLOOKUP(AI47,装!$B:$AE,23,FALSE),"") | BI47: =IF(O37="☑","LV1","") | BO47: =IFERROR(VLOOKUP(BK47,装!$B:$AF,23,FALSE),"") | BV47: =IF(O37="☑","LV9","") | CB47: =IFERROR(VLOOKUP(BX47,装!$B:$AF,23,FALSE),"") | CI47: =IF(O37="☑","LV17","") | CO47: =IFERROR(VLOOKUP(CK47,装!$B:$AF,23,FALSE),"")
B49: 追加效果： | I49: 价格 | M49: =IFERROR(_xlfn.IFS(I49="价格",VLOOKUP(E49,装!$B:$AF,21,0),I49="效果值",VLOOKUP(E49,装!$B:$AF,31,0)),"") | Q49: =IFERROR(VLOOKUP(E49,装!$B:$AE,23,FALSE),"") | AF49: 追加效果： | AM49: 价格 | AQ49: =IFERROR(_xlfn.IFS(AM49="价格",VLOOKUP(AI49,装!$B:$AF,21,0),AM49="效果值",VLOOKUP(AI49,装!$B:$AF,31,0)),"") | AU49: =IFERROR(VLOOKUP(AI49,装!$B:$AE,23,FALSE),"") | BI49: =IF(O37="☑","LV3","") | BO49: =IFERROR(VLOOKUP(BK49,装!$B:$AF,23,FALSE),"") | BV49: =IF(O37="☑","LV11","") | CB49: =IFERROR(VLOOKUP(BX49,装!$B:$AF,23,FALSE),"") | CI49: =IF(O37="☑","LV19","") | CO49: =IFERROR(VLOOKUP(CK49,装!$B:$AF,23,FALSE),"")
B51: 追加效果： | I51: 价格 | M51: =IFERROR(_xlfn.IFS(I51="价格",VLOOKUP(E51,装!$B:$AF,21,0),I51="效果值",VLOOKUP(E51,装!$B:$AF,31,0)),"") | Q51: =IFERROR(VLOOKUP(E51,装!$B:$AE,23,FALSE),"") | AF51: 追加效果： | AM51: 价格 | AQ51: =IFERROR(_xlfn.IFS(AM51="价格",VLOOKUP(AI51,装!$B:$AF,21,0),AM51="效果值",VLOOKUP(AI51,装!$B:$AF,31,0)),"") | AU51: =IFERROR(VLOOKUP(AI51,装!$B:$AE,23,FALSE),"") | BI51: =IF(O37="☑","LV5","") | BO51: =IFERROR(VLOOKUP(BK50,装!$B:$AF,23,FALSE),"") | BV51: =IF(O37="☑","LV13","") | CB51: =IFERROR(VLOOKUP(BX51,装!$B:$AF,23,FALSE),"")
B55: 持握方式 | E55: 单持 | G55: 是否装备 | J55: 是 | K55: 神成神器 | O55: ☐ | AC55: 限制开关： | AG55: 开
B56: 神名 | M56: 命中 | O56: 回避 | Q56: 发动 | S56: 抵抗 | U56: 看破 | W56: 物D | Y56: 魔D | AA56: 行动值 | AC56: 生命力 | AE56: 装甲 | AG56: 结界 | AI56: 价格 | AM56: 描述 | BA56: 效果 | BS56: 出自
B57: 武器/盾 | M57: =数!B3 -> 0 | O57: =数!C3 -> 0 | Q57: =数!D3 -> 0 | S57: =数!E3 -> 0 | U57: =数!F3 -> 0 | W57: =数!G3 -> 0 | Y57: =数!H3 -> 0 | AA57: =数!I3 -> 0 | AC57: =数!J3 -> 0 | AE57: =数!K3 -> 0 | AG57: =数!L3 -> 0 | AI57: =IFERROR(VLOOKUP($D$57,装!$B:$AE,21,FALSE)+AI58,"") | AM57: =IFERROR(VLOOKUP($D$57,装!$B:$AE,22,FALSE),"") | BA57: =IFERROR(VLOOKUP($D$57,装!$B:$AE,23,FALSE),"") | BS57: =IFERROR(VLOOKUP($D$57,装!$B:$AE,26,FALSE),"")
I58: 其他修正
B59: 形状 | D59: 枪 | F59: =IFERROR(VLOOKUP($D$57,装!$B:$AE,27,FALSE),"") | H59: 距离 | J59: =IFERROR(VLOOKUP($D$57,装!$B:$AE,24,FALSE),"") | M59: 目标 | O59: =IFERROR(VLOOKUP($D$57,装!$B:$AE,25,FALSE),"") | Q59: 抵抗 | S59: =IFERROR(VLOOKUP($D$57,装!$B:$AE,28,FALSE),"") | U59: 属性 | W59: =IFERROR(VLOOKUP($D$57,装!$B:$AE,29,FALSE),"") | Y59: 等级 | AA59: =IFERROR(VLOOKUP($D$57,装!$B:$AE,30,FALSE),"") | AC59: 限制 | AE59: =IFERROR(VLOOKUP($D$57,装!$B:$AE,3,FALSE),"") | AI59: =IF(IFERROR(VLOOKUP($D$57,装!$B:$AE,4,FALSE),"")=0,"",IFERROR(VLOOKUP($D$57,装!$B:$AE,4,FALSE),""))
B60: 共通追加 | E60: 材料名称①： | I60: 稀有度： | M60: 提升属性 | Q60: 数值 | U60: 材料名称②： | Y60: 稀有度： | AC60: 提升属性 | AG60: 数值 | AK60: 材料名称③： | AO60: 稀有度： | AS60: 提升属性 | AW60: 数值 | BA60: 材料名称④： | BE60: 稀有度： | BI60: 提升属性 | BM60: 数值
B62: 武装系统② | Q62: 效果 | AC62: 备注 | AU62: 效果 | BG62: 备注 | BI62: =IF(O55="☑","神成lv","") | BM62: =IF(O55="☑","神成追加属性也会自动计算","")
B63: 追加效果： | I63: 价格 | M63: =IFERROR(_xlfn.IFS(I63="价格",VLOOKUP(E63,装!$B:$AF,21,0),I63="效果值",VLOOKUP(E63,装!$B:$AF,31,0)),"") | Q63: =IFERROR(VLOOKUP(E63,装!$B:$AE,23,FALSE),"") | AF63: 追加效果： | AM63: 价格 | AQ63: =IFERROR(_xlfn.IFS(AM63="价格",VLOOKUP(AI63,装!$B:$AF,21,0),AM63="效果值",VLOOKUP(AI63,装!$B:$AF,31,0)),"") | AU63: =IFERROR(VLOOKUP(AI63,装!$B:$AE,23,FALSE),"") | BI63: =IF(O55="☑","LV1","") | BO63: =IFERROR(VLOOKUP(BK63,装!$B:$AF,23,FALSE),"") | BV63: =IF(O55="☑","LV7","") | CB63: =IFERROR(VLOOKUP(BK70,装!$B:$AF,23,FALSE),"") | CI63: =IF(O55="☑","LV15","") | CO63: =IFERROR(VLOOKUP(CK63,装!$B:$AF,23,FALSE),"")
B65: 追加效果： | I65: 价格 | M65: =IFERROR(_xlfn.IFS(I65="价格",VLOOKUP(E65,装!$B:$AF,21,0),I65="效果值",VLOOKUP(E65,装!$B:$AF,31,0)),"") | Q65: =IFERROR(VLOOKUP(E65,装!$B:$AE,23,FALSE),"") | AF65: 追加效果： | AM65: 价格 | AQ65: =IFERROR(_xlfn.IFS(AM65="价格",VLOOKUP(AI65,装!$B:$AF,21,0),AM65="效果值",VLOOKUP(AI65,装!$B:$AF,31,0)),"") | AU65: =IFERROR(VLOOKUP(AI65,装!$B:$AE,23,FALSE),"") | BI65: =IF(O55="☑","LV1","") | BO65: =IFERROR(VLOOKUP(BK65,装!$B:$AF,23,FALSE),"") | BV65: =IF(O55="☑","LV9","") | CB65: =IFERROR(VLOOKUP(BX65,装!$B:$AF,23,FALSE),"") | CI65: =IF(O55="☑","LV17","") | CO65: =IFERROR(VLOOKUP(CK65,装!$B:$AF,23,FALSE),"")
B67: 追加效果： | I67: 价格 | M67: =IFERROR(_xlfn.IFS(I67="价格",VLOOKUP(E67,装!$B:$AF,21,0),I67="效果值",VLOOKUP(E67,装!$B:$AF,31,0)),"") | Q67: =IFERROR(VLOOKUP(E67,装!$B:$AE,23,FALSE),"") | AF67: 追加效果： | AM67: 价格 | AQ67: =IFERROR(_xlfn.IFS(AM67="价格",VLOOKUP(AI67,装!$B:$AF,21,0),AM67="效果值",VLOOKUP(AI67,装!$B:$AF,31,0)),"") | AU67: =IFERROR(VLOOKUP(AI67,装!$B:$AE,23,FALSE),"") | BI67: =IF(O55="☑","LV3","") | BO67: =IFERROR(VLOOKUP(BK67,装!$B:$AF,23,FALSE),"") | BV67: =IF(O55="☑","LV11","") | CB67: =IFERROR(VLOOKUP(BX67,装!$B:$AF,23,FALSE),"") | CI67: =IF(O55="☑","LV19","") | CO67: =IFERROR(VLOOKUP(CK67,装!$B:$AF,23,FALSE),"")
B69: 追加效果： | I69: 价格 | M69: =IFERROR(_xlfn.IFS(I69="价格",VLOOKUP(E69,装!$B:$AF,21,0),I69="效果值",VLOOKUP(E69,装!$B:$AF,31,0)),"") | Q69: =IFERROR(VLOOKUP(E69,装!$B:$AE,23,FALSE),"") | AF69: 追加效果： | AM69: 价格 | AQ69: =IFERROR(_xlfn.IFS(AM69="价格",VLOOKUP(AI69,装!$B:$AF,21,0),AM69="效果值",VLOOKUP(AI69,装!$B:$AF,31,0)),"") | AU69: =IFERROR(VLOOKUP(AI69,装!$B:$AE,23,FALSE),"") | BI69: =IF(O55="☑","LV5","") | BO69: =IFERROR(VLOOKUP(BK68,装!$B:$AF,23,FALSE),"") | BV69: =IF(O55="☑","LV13","") | CB69: =IFERROR(VLOOKUP(BX69,装!$B:$AF,23,FALSE),"")
B73: 注意不穿防具受到才能伤害加倍
B74: 限制开关： | F74: 开 | H74: 神成神器 | L74: ☐ | M74: 命中 | O74: 回避 | Q74: 发动 | S74: 抵抗 | U74: 看破 | W74: 物D | Y74: 魔D | AA74: 行动值 | AC74: 生命力 | AE74: 装甲 | AG74: 结界 | AI74: 价格 | AM74: 描述 | BA74: 效果 | BS74: 出自
B75: 防具 | M75: =数!B5 -> 0 | O75: =数!C5 -> 0 | Q75: =数!D5 -> 0 | S75: =数!E5 -> 0 | U75: =数!F5 -> 0 | W75: =数!G5 -> 0 | Y75: =数!H5 -> 0 | AA75: =数!I5 -> 0 | AC75: =数!J5 -> 0 | AE75: =数!K5 -> 0 | AG75: =数!L5 -> 0 | AI75: =IFERROR(VLOOKUP($D$75,装!$B:$AE,21,FALSE)+AI76,"") | AM75: =IFERROR(VLOOKUP($D$75,装!$B:$AE,22,FALSE),"") | BA75: =IFERROR(VLOOKUP($D$75,装!$B:$AE,23,FALSE),"") | BS75: =IFERROR(VLOOKUP($D$75,装!$B:$AE,26,FALSE),"")
B76: 限制 | D76: =IF(IFERROR(VLOOKUP(D75,装!B:AE,3,FALSE),"")=0,"",IFERROR(VLOOKUP(D75,装!B:AE,3,FALSE),"")) | I76: 其他修正
D77: =IF(IFERROR(VLOOKUP(D75,装!B:AE,4,FALSE),"")=0,"",IFERROR(VLOOKUP(D75,装!B:AE,4,FALSE),"")) | I77: 共通追加 | M77: 材料名称①： | Q77: 稀有度： | U77: 提升属性： | Y77: 数值： | AE77: =IF(L74="☑","神成lv","") | AG77: =IF(L74="☑","LV1","") | AM77: =IFERROR(VLOOKUP(AI77,装!$B:$AF,23,FALSE),"") | AT77: =IF(L74="☑","LV3","") | AZ77: =IFERROR(VLOOKUP(AV77,装!$B:$AF,23,FALSE),"") | BG77: =IF(L74="☑","LV7","") | BM77: =IFERROR(VLOOKUP(BI77,装!$B:$AF,23,FALSE),"") | BT77: =IF(L74="☑","LV11","") | BZ77: =IFERROR(VLOOKUP(BV77,装!$B:$AF,23,FALSE),"") | CG77: =IF(L74="☑","LV15","") | CM77: =IFERROR(VLOOKUP(CI77,装!$B:$AF,23,FALSE),"")
M79: 材料名称②： | Q79: 稀有度： | U79: 提升属性： | Y79: 数值： | AG79: =IF(L74="☑","LV1","") | AM79: =IFERROR(VLOOKUP(AI79,装!$B:$AF,23,FALSE),"") | AT79: =IF(L74="☑","LV5","") | AZ79: =IFERROR(VLOOKUP(AV79,装!$B:$AF,23,FALSE),"") | BG79: =IF(L74="☑","LV9","") | BM79: =IFERROR(VLOOKUP(BI79,装!$B:$AF,23,FALSE),"") | BT79: =IF(L74="☑","LV13","") | BZ79: =IFERROR(VLOOKUP(BV79,装!$B:$AF,23,FALSE),"") | CG79: =IF(L74="☑","LV17","") | CM79: =IFERROR(VLOOKUP(CI79,装!$B:$AF,23,FALSE),"")
CG81: =IF(L74="☑","LV19","") | CM81: =IFERROR(VLOOKUP(CI81,装!$B:$AF,23,FALSE),"")
B82: 限制开关： | F82: 开 | H82: 神成神器 | L82: ☐ | M82: 命中 | O82: 回避 | Q82: 发动 | S82: 抵抗 | U82: 看破 | W82: 物D | Y82: 魔D | AA82: 行动值 | AC82: 生命力 | AE82: 装甲 | AG82: 结界 | AI82: 价格 | AM82: 描述 | BA82: 效果 | BS82: 出自
B83: 装饰 | M83: =数!B6 -> 0 | O83: =数!C6 -> 0 | Q83: =数!D6 -> 0 | S83: =数!E6 -> 0 | U83: =数!F6 -> 0 | W83: =数!G6 -> 0 | Y83: =数!H6 -> 0 | AA83: =数!I6 -> 0 | AC83: =数!J6 -> 0 | AE83: =数!K6 -> 0 | AG83: =数!L6 -> 0 | AI83: =IFERROR(VLOOKUP($D$83,装!$B:$AE,21,FALSE)+AI84,"") | AM83: =IFERROR(VLOOKUP($D$83,装!$B:$AE,22,FALSE),"") | BA83: =IFERROR(VLOOKUP($D$83,装!$B:$AE,23,FALSE),"") | BS83: =IFERROR(VLOOKUP($D$83,装!$B:$AE,26,FALSE),"")
B84: 部位 | I84: 其他修正
I85: 共通追加 | M85: 材料名称①： | Q85: 稀有度： | U85: 提升属性： | Y85: 数值： | AE85: =IF(L82="☑","神成lv","") | AG85: =IF(L82="☑","LV1","") | AM85: =IFERROR(VLOOKUP(AI85,装!$B:$AF,23,FALSE),"") | AT85: =IF(L82="☑","LV3","") | AZ85: =IFERROR(VLOOKUP(AV85,装!$B:$AF,23,FALSE),"") | BG85: =IF(L82="☑","LV7","") | BM85: =IFERROR(VLOOKUP(BI85,装!$B:$AF,23,FALSE),"") | BT85: =IF(L82="☑","LV11","") | BZ85: =IFERROR(VLOOKUP(BV85,装!$B:$AF,23,FALSE),"") | CG85: =IF(L82="☑","LV15","") | CM85: =IFERROR(VLOOKUP(CI85,装!$B:$AF,23,FALSE),"")
M87: 材料名称②： | Q87: 稀有度： | U87: 提升属性： | Y87: 数值： | AG87: =IF(L82="☑","LV1","") | AM87: =IFERROR(VLOOKUP(AI87,装!$B:$AF,23,FALSE),"") | AT87: =IF(L82="☑","LV5","") | AZ87: =IFERROR(VLOOKUP(AV87,装!$B:$AF,23,FALSE),"") | BG87: =IF(L82="☑","LV9","") | BM87: =IFERROR(VLOOKUP(BI87,装!$B:$AF,23,FALSE),"") | BT87: =IF(L82="☑","LV13","") | BZ87: =IFERROR(VLOOKUP(BV87,装!$B:$AF,23,FALSE),"") | CG87: =IF(L82="☑","LV17","") | CM87: =IFERROR(VLOOKUP(CI87,装!$B:$AF,23,FALSE),"")
CG89: =IF(L82="☑","LV19","") | CM89: =IFERROR(VLOOKUP(CI89,装!$B:$AF,23,FALSE),"")
B90: 限制开关： | F90: 开 | H90: 神成神器 | L90: ☐ | M90: 命中 | O90: 回避 | Q90: 发动 | S90: 抵抗 | U90: 看破 | W90: 物D | Y90: 魔D | AA90: 行动值 | AC90: 生命力 | AE90: 装甲 | AG90: 结界 | AI90: 价格 | AM90: 描述 | BA90: 效果 | BS90: 出自
B91: 装饰 | M91: =数!B7 -> 0 | O91: =数!C7 -> 0 | Q91: =数!D7 -> 0 | S91: =数!E7 -> 0 | U91: =数!F7 -> 0 | W91: =数!G7 -> 0 | Y91: =数!H7 -> 0 | AA91: =数!I7 -> 0 | AC91: =数!J7 -> 0 | AE91: =数!K7 -> 0 | AG91: =数!L7 -> 0 | AI91: =IFERROR(VLOOKUP($D$91,装!$B:$AE,21,FALSE)+AI92,"") | AM91: =IFERROR(VLOOKUP($D$91,装!$B:$AE,22,FALSE),"") | BA91: =IFERROR(VLOOKUP($D$91,装!$B:$AE,23,FALSE),"") | BS91: =IFERROR(VLOOKUP($D$91,装!$B:$AE,26,FALSE),"")
B92: 部位 | I92: 其他修正
I93: 共通追加 | M93: 材料名称①： | Q93: 稀有度： | U93: 提升属性： | Y93: 数值： | AE93: =IF(L90="☑","神成lv","") | AG93: =IF(L90="☑","LV1","") | AM93: =IFERROR(VLOOKUP(AI93,装!$B:$AF,23,FALSE),"") | AT93: =IF(L90="☑","LV3","") | AZ93: =IFERROR(VLOOKUP(AV93,装!$B:$AF,23,FALSE),"") | BG93: =IF(L90="☑","LV7","") | BM93: =IFERROR(VLOOKUP(BI93,装!$B:$AF,23,FALSE),"") | BT93: =IF(L90="☑","LV11","") | BZ93: =IFERROR(VLOOKUP(BV93,装!$B:$AF,23,FALSE),"") | CG93: =IF(L90="☑","LV15","") | CM93: =IFERROR(VLOOKUP(CI93,装!$B:$AF,23,FALSE),"")
M95: 材料名称②： | Q95: 稀有度： | U95: 提升属性： | Y95: 数值： | AG95: =IF(L90="☑","LV1","") | AM95: =IFERROR(VLOOKUP(AI95,装!$B:$AF,23,FALSE),"") | AT95: =IF(L90="☑","LV5","") | AZ95: =IFERROR(VLOOKUP(AV95,装!$B:$AF,23,FALSE),"") | BG95: =IF(L90="☑","LV9","") | BM95: =IFERROR(VLOOKUP(BI95,装!$B:$AF,23,FALSE),"") | BT95: =IF(L90="☑","LV13","") | BZ95: =IFERROR(VLOOKUP(BV95,装!$B:$AF,23,FALSE),"") | CG95: =IF(L90="☑","LV17","") | CM95: =IFERROR(VLOOKUP(CI95,装!$B:$AF,23,FALSE),"")
CG97: =IF(L90="☑","LV19","") | CM97: =IFERROR(VLOOKUP(CI97,装!$B:$AF,23,FALSE),"")
B99: 持握方式 | E99: 单持 | G99: 是否装备 | J99: 是 | K99: 神成神器 | O99: ☐ | Q99: 正确选择持握方式才会显示属性 | AC99: 限制开关： | AG99: 开
B100: 神名 | M100: 命中 | O100: 回避 | Q100: 发动 | S100: 抵抗 | U100: 看破 | W100: 物D | Y100: 魔D | AA100: 行动值 | AC100: 生命力 | AE100: 装甲 | AG100: 结界 | AI100: 价格 | AM100: 描述 | BA100: 效果 | BS100: 出自
B101: 武器 | M101: =数!B4 -> 0 | O101: =数!C4 -> 0 | Q101: =数!D4 -> 0 | S101: =数!E4 -> 0 | U101: =数!F4 -> 0 | W101: =数!G4 -> 0 | Y101: =数!H4 -> 0 | AA101: =数!I4 -> 0 | AC101: =数!J4 -> 0 | AE101: =数!K4 -> 0 | AG101: =数!L4 -> 0 | AI101: =IFERROR(VLOOKUP($D$101,装!$B:$AE,21,FALSE)+AI102,"") | AM101: =IFERROR(VLOOKUP($D$101,装!$B:$AE,22,FALSE),"") | BA101: =IFERROR(VLOOKUP($D$101,装!$B:$AE,23,FALSE),"") | BS101: =IFERROR(VLOOKUP($D$101,装!$B:$AE,26,FALSE),"")
B102: 注意选择武器形状↓ | I102: 其他修正
B103: 形状 | D103: 魔法 | F103: =IFERROR(VLOOKUP($D$101,装!$B:$AE,27,FALSE),"") | H103: 距离 | J103: =IFERROR(VLOOKUP($D$101,装!$B:$AE,24,FALSE),"") | M103: 目标 | O103: =IFERROR(VLOOKUP($D$101,装!$B:$AE,25,FALSE),"") | Q103: 抵抗 | S103: =IFERROR(VLOOKUP($D$101,装!$B:$AE,28,FALSE),"") | U103: 属性 | W103: =IFERROR(VLOOKUP($D$101,装!$B:$AE,29,FALSE),"") | Y103: 等级 | AA103: =IFERROR(VLOOKUP($D$101,装!$B:$AE,30,FALSE),"") | AC103: 限制 | AE103: =IFERROR(VLOOKUP($D$101,装!$B:$AE,3,FALSE),"") | AI103: =IF(IFERROR(VLOOKUP($D$39,装!$B:$AE,4,FALSE),"")=0,"",IFERROR(VLOOKUP($D$39,装!$B:$AE,4,FALSE),""))
B104: 共通追加 | E104: 材料名称①： | I104: 稀有度： | M104: 提升属性 | Q104: 数值 | U104: 材料名称②： | Y104: 稀有度： | AC104: 提升属性 | AG104: 数值 | AK104: 材料名称③： | AO104: 稀有度： | AS104: 提升属性 | AW104: 数值 | BA104: 材料名称④： | BE104: 稀有度： | BI104: 提升属性 | BM104: 数值
B106: 武装系统① | Q106: 效果 | AC106: 备注 | AU106: 效果 | BG106: 备注 | BI106: =IF(O99="☑","神成lv","") | BM106: =IF(O99="☑","神成追加属性也会自动计算","")
B107: 追加效果： | I107: 价格 | M107: =IFERROR(_xlfn.IFS(I107="价格",VLOOKUP(E107,装!$B:$AF,21,0),I107="效果值",VLOOKUP(E107,装!$B:$AF,31,0)),"") | Q107: =IFERROR(VLOOKUP(E107,装!$B:$AE,23,FALSE),"") | AF107: 追加效果： | AM107: 价格 | AQ107: =IFERROR(_xlfn.IFS(AM107="价格",VLOOKUP(AI107,装!$B:$AF,21,0),AM107="效果值",VLOOKUP(AI107,装!$B:$AF,31,0)),"") | AU107: =IFERROR(VLOOKUP(AI107,装!$B:$AE,23,FALSE),"") | BI107: =IF(O99="☑","LV1","") | BO107: =IFERROR(VLOOKUP(BK107,装!$B:$AF,23,FALSE),"") | BV107: =IF(O99="☑","LV7","") | CB107: =IFERROR(VLOOKUP(BK114,装!$B:$AF,23,FALSE),"") | CI107: =IF(O99="☑","LV15","") | CO107: =IFERROR(VLOOKUP(CK107,装!$B:$AF,23,FALSE),"")
B109: 追加效果： | I109: 价格 | M109: =IFERROR(_xlfn.IFS(I109="价格",VLOOKUP(E109,装!$B:$AF,21,0),I109="效果值",VLOOKUP(E109,装!$B:$AF,31,0)),"") | Q109: =IFERROR(VLOOKUP(E109,装!$B:$AE,23,FALSE),"") | AF109: 追加效果： | AM109: 价格 | AQ109: =IFERROR(_xlfn.IFS(AM109="价格",VLOOKUP(AI109,装!$B:$AF,21,0),AM109="效果值",VLOOKUP(AI109,装!$B:$AF,31,0)),"") | AU109: =IFERROR(VLOOKUP(AI109,装!$B:$AE,23,FALSE),"") | BI109: =IF(O99="☑","LV1","") | BO109: =IFERROR(VLOOKUP(BK109,装!$B:$AF,23,FALSE),"") | BV109: =IF(O99="☑","LV9","") | CB109: =IFERROR(VLOOKUP(BX109,装!$B:$AF,23,FALSE),"") | CI109: =IF(O99="☑","LV17","") | CO109: =IFERROR(VLOOKUP(CK109,装!$B:$AF,23,FALSE),"")
B111: 追加效果： | I111: 价格 | M111: =IFERROR(_xlfn.IFS(I111="价格",VLOOKUP(E111,装!$B:$AF,21,0),I111="效果值",VLOOKUP(E111,装!$B:$AF,31,0)),"") | Q111: =IFERROR(VLOOKUP(E111,装!$B:$AE,23,FALSE),"") | AF111: 追加效果： | AM111: 价格 | AQ111: =IFERROR(_xlfn.IFS(AM111="价格",VLOOKUP(AI111,装!$B:$AF,21,0),AM111="效果值",VLOOKUP(AI111,装!$B:$AF,31,0)),"") | AU111: =IFERROR(VLOOKUP(AI111,装!$B:$AE,23,FALSE),"") | BI111: =IF(O99="☑","LV3","") | BO111: =IFERROR(VLOOKUP(BK111,装!$B:$AF,23,FALSE),"") | BV111: =IF(O99="☑","LV11","") | CB111: =IFERROR(VLOOKUP(BX111,装!$B:$AF,23,FALSE),"") | CI111: =IF(O99="☑","LV19","") | CO111: =IFERROR(VLOOKUP(CK111,装!$B:$AF,23,FALSE),"")
B113: 追加效果： | I113: 价格 | M113: =IFERROR(_xlfn.IFS(I113="价格",VLOOKUP(E113,装!$B:$AF,21,0),I113="效果值",VLOOKUP(E113,装!$B:$AF,31,0)),"") | Q113: =IFERROR(VLOOKUP(E113,装!$B:$AE,23,FALSE),"") | AF113: 追加效果： | AM113: 价格 | AQ113: =IFERROR(_xlfn.IFS(AM113="价格",VLOOKUP(AI113,装!$B:$AF,21,0),AM113="效果值",VLOOKUP(AI113,装!$B:$AF,31,0)),"") | AU113: =IFERROR(VLOOKUP(AI113,装!$B:$AE,23,FALSE),"") | BI113: =IF(O99="☑","LV5","") | BO113: =IFERROR(VLOOKUP(BK112,装!$B:$AF,23,FALSE),"") | BV113: =IF(O99="☑","LV13","") | CB113: =IFERROR(VLOOKUP(BX113,装!$B:$AF,23,FALSE),"")

Sheet 技能栏
B3: 名称 | E3: 时机 | F3: 距离 | G3: 目标 | H3: 消耗 | I3: 效果 | J3: 概要 | K3: 出自 | L3: 备注栏
B4: 灵力结界（潜在特性） | E4: 开始 | F4: 战斗地带 | G4: 战斗地带 | H4: 无 | I4: 1场战斗中1次。对象将指定的[道具]进行[装备]。另外，对象在1场战斗中，不会[死亡]。《灵力结界》不会消耗时机。
B5: 灵纹燃烧（潜在特性） | E5: 特殊 | F5: 使用者 | G5: 使用者 | H5: 无 | I5: [情感]取得数①~：[掷骰]任意+1~3d（追加d份）。④~[解除：气绝]后，【生命力】变为与【体力】同值（2d）。⑦：攻击[等级]+1d（2d）。
A6: 1级卡填写范围 | B6: ▲ | C6: 共通种族才能 | E6: =IFERROR(VLOOKUP(D6,才能!$B$2:$L$1286,5,FALSE),"") | F6: =IFERROR(VLOOKUP(D6,才能!$B$2:$L$1286,6,FALSE),"") | G6: =IFERROR(VLOOKUP(D6,才能!$B$2:$L$1286,7,FALSE),"") | H6: =IFERROR(VLOOKUP(D6,才能!$B$2:$L$1286,8,FALSE),"") | I6: =IFERROR(VLOOKUP(D6,才能!$B$2:$L$1286,9,FALSE),"") | J6: =IFERROR(VLOOKUP(D6,才能!$B$2:$L$1286,10,FALSE),"") | K6: =IFERROR(VLOOKUP(D6,才能!$B$2:$L$1286,11,FALSE),"")
B7: ▲ | E7: =IFERROR(VLOOKUP(D7,才能!$B$2:$L$1286,5,FALSE),"") | F7: =IFERROR(VLOOKUP(D7,才能!$B$2:$L$1286,6,FALSE),"") | G7: =IFERROR(VLOOKUP(D7,才能!$B$2:$L$1286,7,FALSE),"") | H7: =IFERROR(VLOOKUP(D7,才能!$B$2:$L$1286,8,FALSE),"") | I7: =IFERROR(VLOOKUP(D7,才能!$B$2:$L$1286,9,FALSE),"") | J7: =IFERROR(VLOOKUP(D7,才能!$B$2:$L$1286,10,FALSE),"") | K7: =IFERROR(VLOOKUP(D7,才能!$B$2:$L$1286,11,FALSE),"")
B8: ※ | C8: =才能!U2 -> 装具魔术师A | D8: =IFERROR(VLOOKUP(基础信息!D17&基础信息!J17,备用!B93:M128,12,FALSE),"") -> 辉煌程序 | E8: =IFERROR(VLOOKUP(D8,才能!$B$2:$L$1286,5,FALSE),"") -> 特殊 | F8: =IFERROR(VLOOKUP(D8,才能!$B$2:$L$1286,6,FALSE),"") -> 战斗地带 | G8: =IFERROR(VLOOKUP(D8,才能!$B$2:$L$1286,7,FALSE),"") -> 1体 | H8: =IFERROR(VLOOKUP(D8,才能!$B$2:$L$1286,8,FALSE),"") -> 1·1 | I8: =IFERROR(VLOOKUP(D8,才能!$B$2:$L$1286,9,FALSE),"") -> 在目标宣言《才能》时使用。目标使用的1个《才能》视为已消费[消耗]。这个《才能》1轮中只能使用1次。 | J8: =IFERROR(VLOOKUP(D8,才能!$B$2:$L$1286,10,FALSE),"") -> 使用魔术程序补充灵力，代替正常的消耗。 | K8: =IFERROR(VLOOKUP(D8,才能!$B$2:$L$1286,11,FALSE),"") -> 《神我狩》
B9: ※ | C9: =才能!U3 -> 破神传承者B | D9: =IFERROR(VLOOKUP(基础信息!D18&基础信息!J18,备用!B92:M128,12,FALSE),"") -> 一闪 | E9: =IFERROR(VLOOKUP(D9,才能!$B$2:$L$1286,5,FALSE),"") -> 特殊 | F9: =IFERROR(VLOOKUP(D9,才能!$B$2:$L$1286,6,FALSE),"") -> 使用者 | G9: =IFERROR(VLOOKUP(D9,才能!$B$2:$L$1286,7,FALSE),"") -> 使用者 | H9: =IFERROR(VLOOKUP(D9,才能!$B$2:$L$1286,8,FALSE),"") -> 4·4 | I9: =IFERROR(VLOOKUP(D9,才能!$B$2:$L$1286,9,FALSE),"") -> 特殊效果。目标【回避】判定成功后使用。在目标闪避后可以对进行了[攻击行动]的[距离：接近状态/对象：1体]，进行一次[时机：攻击]。这个《才能》在1轮中只能使用1次。 | J9: =IFERROR(VLOOKUP(D9,才能!$B$2:$L$1286,10,FALSE),"") -> 在使用惊人的体术进行回避之时，瞄准空隙，一瞬间使出秘奥。 | K9: =IFERROR(VLOOKUP(D9,才能!$B$2:$L$1286,11,FALSE),"") -> 《神我狩》
B10: 1 | E10: =IFERROR(VLOOKUP(D10,才能!$B$2:$L$1286,5,FALSE),"") | F10: =IFERROR(VLOOKUP(D10,才能!$B$2:$L$1286,6,FALSE),"") | G10: =IFERROR(VLOOKUP(D10,才能!$B$2:$L$1286,7,FALSE),"") | H10: =IFERROR(VLOOKUP(D10,才能!$B$2:$L$1286,8,FALSE),"") | I10: =IFERROR(VLOOKUP(D10,才能!$B$2:$L$1286,9,FALSE),"") | J10: =IFERROR(VLOOKUP(D10,才能!$B$2:$L$1286,10,FALSE),"") | K10: =IFERROR(VLOOKUP(D10,才能!$B$2:$L$1286,11,FALSE),"")
B11: 1 | E11: =IFERROR(VLOOKUP(D11,才能!$B$2:$L$1286,5,FALSE),"") | F11: =IFERROR(VLOOKUP(D11,才能!$B$2:$L$1286,6,FALSE),"") | G11: =IFERROR(VLOOKUP(D11,才能!$B$2:$L$1286,7,FALSE),"") | H11: =IFERROR(VLOOKUP(D11,才能!$B$2:$L$1286,8,FALSE),"") | I11: =IFERROR(VLOOKUP(D11,才能!$B$2:$L$1286,9,FALSE),"") | J11: =IFERROR(VLOOKUP(D11,才能!$B$2:$L$1286,10,FALSE),"") | K11: =IFERROR(VLOOKUP(D11,才能!$B$2:$L$1286,11,FALSE),"")
B12: 额外 | E12: =IFERROR(VLOOKUP(D12,才能!$B$2:$L$1286,5,FALSE),"") | F12: =IFERROR(VLOOKUP(D12,才能!$B$2:$L$1286,6,FALSE),"") | G12: =IFERROR(VLOOKUP(D12,才能!$B$2:$L$1286,7,FALSE),"") | H12: =IFERROR(VLOOKUP(D12,才能!$B$2:$L$1286,8,FALSE),"") | I12: =IFERROR(VLOOKUP(D12,才能!$B$2:$L$1286,9,FALSE),"") | J12: =IFERROR(VLOOKUP(D12,才能!$B$2:$L$1286,10,FALSE),"") | K12: =IFERROR(VLOOKUP(D12,才能!$B$2:$L$1286,11,FALSE),"")
B13: 2 | E13: =IFERROR(VLOOKUP(D13,才能!$B$2:$L$1286,5,FALSE),"") | F13: =IFERROR(VLOOKUP(D13,才能!$B$2:$L$1286,6,FALSE),"") | G13: =IFERROR(VLOOKUP(D13,才能!$B$2:$L$1286,7,FALSE),"") | H13: =IFERROR(VLOOKUP(D13,才能!$B$2:$L$1286,8,FALSE),"") | I13: =IFERROR(VLOOKUP(D13,才能!$B$2:$L$1286,9,FALSE),"") | J13: =IFERROR(VLOOKUP(D13,才能!$B$2:$L$1286,10,FALSE),"") | K13: =IFERROR(VLOOKUP(D13,才能!$B$2:$L$1286,11,FALSE),"")
B14: 3 | E14: =IFERROR(VLOOKUP(D14,才能!$B$2:$L$1286,5,FALSE),"") | F14: =IFERROR(VLOOKUP(D14,才能!$B$2:$L$1286,6,FALSE),"") | G14: =IFERROR(VLOOKUP(D14,才能!$B$2:$L$1286,7,FALSE),"") | H14: =IFERROR(VLOOKUP(D14,才能!$B$2:$L$1286,8,FALSE),"") | I14: =IFERROR(VLOOKUP(D14,才能!$B$2:$L$1286,9,FALSE),"") | J14: =IFERROR(VLOOKUP(D14,才能!$B$2:$L$1286,10,FALSE),"") | K14: =IFERROR(VLOOKUP(D14,才能!$B$2:$L$1286,11,FALSE),"")
B15: 4 | E15: =IFERROR(VLOOKUP(D15,才能!$B$2:$L$1286,5,FALSE),"") | F15: =IFERROR(VLOOKUP(D15,才能!$B$2:$L$1286,6,FALSE),"") | G15: =IFERROR(VLOOKUP(D15,才能!$B$2:$L$1286,7,FALSE),"") | H15: =IFERROR(VLOOKUP(D15,才能!$B$2:$L$1286,8,FALSE),"") | I15: =IFERROR(VLOOKUP(D15,才能!$B$2:$L$1286,9,FALSE),"") | J15: =IFERROR(VLOOKUP(D15,才能!$B$2:$L$1286,10,FALSE),"") | K15: =IFERROR(VLOOKUP(D15,才能!$B$2:$L$1286,11,FALSE),"")
B16: 5 | E16: =IFERROR(VLOOKUP(D16,才能!$B$2:$L$1286,5,FALSE),"") | F16: =IFERROR(VLOOKUP(D16,才能!$B$2:$L$1286,6,FALSE),"") | G16: =IFERROR(VLOOKUP(D16,才能!$B$2:$L$1286,7,FALSE),"") | H16: =IFERROR(VLOOKUP(D16,才能!$B$2:$L$1286,8,FALSE),"") | I16: =IFERROR(VLOOKUP(D16,才能!$B$2:$L$1286,9,FALSE),"") | J16: =IFERROR(VLOOKUP(D16,才能!$B$2:$L$1286,10,FALSE),"") | K16: =IFERROR(VLOOKUP(D16,才能!$B$2:$L$1286,11,FALSE),"")
B17: ▲ | E17: =IFERROR(VLOOKUP(D17,才能!$B$2:$L$1286,5,FALSE),"") | F17: =IFERROR(VLOOKUP(D17,才能!$B$2:$L$1286,6,FALSE),"") | G17: =IFERROR(VLOOKUP(D17,才能!$B$2:$L$1286,7,FALSE),"") | H17: =IFERROR(VLOOKUP(D17,才能!$B$2:$L$1286,8,FALSE),"") | I17: =IFERROR(VLOOKUP(D17,才能!$B$2:$L$1286,9,FALSE),"") | J17: =IFERROR(VLOOKUP(D17,才能!$B$2:$L$1286,10,FALSE),"") | K17: =IFERROR(VLOOKUP(D17,才能!$B$2:$L$1286,11,FALSE),"")
B18: 6 | E18: =IFERROR(VLOOKUP(D18,才能!$B$2:$L$1286,5,FALSE),"") | F18: =IFERROR(VLOOKUP(D18,才能!$B$2:$L$1286,6,FALSE),"") | G18: =IFERROR(VLOOKUP(D18,才能!$B$2:$L$1286,7,FALSE),"") | H18: =IFERROR(VLOOKUP(D18,才能!$B$2:$L$1286,8,FALSE),"") | I18: =IFERROR(VLOOKUP(D18,才能!$B$2:$L$1286,9,FALSE),"") | J18: =IFERROR(VLOOKUP(D18,才能!$B$2:$L$1286,10,FALSE),"") | K18: =IFERROR(VLOOKUP(D18,才能!$B$2:$L$1286,11,FALSE),"")
B19: 7 | E19: =IFERROR(VLOOKUP(D19,才能!$B$2:$L$1286,5,FALSE),"") | F19: =IFERROR(VLOOKUP(D19,才能!$B$2:$L$1286,6,FALSE),"") | G19: =IFERROR(VLOOKUP(D19,才能!$B$2:$L$1286,7,FALSE),"") | H19: =IFERROR(VLOOKUP(D19,才能!$B$2:$L$1286,8,FALSE),"") | I19: =IFERROR(VLOOKUP(D19,才能!$B$2:$L$1286,9,FALSE),"") | J19: =IFERROR(VLOOKUP(D19,才能!$B$2:$L$1286,10,FALSE),"") | K19: =IFERROR(VLOOKUP(D19,才能!$B$2:$L$1286,11,FALSE),"")
B20: 8 | E20: =IFERROR(VLOOKUP(D20,才能!$B$2:$L$1286,5,FALSE),"") | F20: =IFERROR(VLOOKUP(D20,才能!$B$2:$L$1286,6,FALSE),"") | G20: =IFERROR(VLOOKUP(D20,才能!$B$2:$L$1286,7,FALSE),"") | H20: =IFERROR(VLOOKUP(D20,才能!$B$2:$L$1286,8,FALSE),"") | I20: =IFERROR(VLOOKUP(D20,才能!$B$2:$L$1286,9,FALSE),"") | J20: =IFERROR(VLOOKUP(D20,才能!$B$2:$L$1286,10,FALSE),"") | K20: =IFERROR(VLOOKUP(D20,才能!$B$2:$L$1286,11,FALSE),"")
B21: 9 | E21: =IFERROR(VLOOKUP(D21,才能!$B$2:$L$1286,5,FALSE),"") | F21: =IFERROR(VLOOKUP(D21,才能!$B$2:$L$1286,6,FALSE),"") | G21: =IFERROR(VLOOKUP(D21,才能!$B$2:$L$1286,7,FALSE),"") | H21: =IFERROR(VLOOKUP(D21,才能!$B$2:$L$1286,8,FALSE),"") | I21: =IFERROR(VLOOKUP(D21,才能!$B$2:$L$1286,9,FALSE),"") | J21: =IFERROR(VLOOKUP(D21,才能!$B$2:$L$1286,10,FALSE),"") | K21: =IFERROR(VLOOKUP(D21,才能!$B$2:$L$1286,11,FALSE),"")
B22: 10 | E22: =IFERROR(VLOOKUP(D22,才能!$B$2:$L$1286,5,FALSE),"") | F22: =IFERROR(VLOOKUP(D22,才能!$B$2:$L$1286,6,FALSE),"") | G22: =IFERROR(VLOOKUP(D22,才能!$B$2:$L$1286,7,FALSE),"") | H22: =IFERROR(VLOOKUP(D22,才能!$B$2:$L$1286,8,FALSE),"") | I22: =IFERROR(VLOOKUP(D22,才能!$B$2:$L$1286,9,FALSE),"") | J22: =IFERROR(VLOOKUP(D22,才能!$B$2:$L$1286,10,FALSE),"") | K22: =IFERROR(VLOOKUP(D22,才能!$B$2:$L$1286,11,FALSE),"")
B23: ▲ | E23: =IFERROR(VLOOKUP(D23,才能!$B$2:$L$1286,5,FALSE),"") | F23: =IFERROR(VLOOKUP(D23,才能!$B$2:$L$1286,6,FALSE),"") | G23: =IFERROR(VLOOKUP(D23,才能!$B$2:$L$1286,7,FALSE),"") | H23: =IFERROR(VLOOKUP(D23,才能!$B$2:$L$1286,8,FALSE),"") | I23: =IFERROR(VLOOKUP(D23,才能!$B$2:$L$1286,9,FALSE),"") | J23: =IFERROR(VLOOKUP(D23,才能!$B$2:$L$1286,10,FALSE),"") | K23: =IFERROR(VLOOKUP(D23,才能!$B$2:$L$1286,11,FALSE),"")
B24: ※ | C24: =IF(基础信息!Y3>=10,"高位才能LV10","") | E24: =IFERROR(VLOOKUP($D$24,备用!$B$79:$L$81,5,FALSE),"") | F24: =IFERROR(VLOOKUP($D$24,备用!$B$79:$L$81,6,FALSE),"") | G24: =IFERROR(VLOOKUP($D$24,备用!$B$79:$L$81,7,FALSE),"") | H24: =IFERROR(VLOOKUP($D$24,备用!$B$79:$L$81,8,FALSE),"") | I24: =IFERROR(VLOOKUP($D$24,备用!$B$79:$L$81,9,FALSE),"") | J24: =IFERROR(VLOOKUP($D$24,备用!$B$79:$L$81,10,FALSE),"") | K24: =IFERROR(VLOOKUP($D$24,备用!$B$79:$L$81,11,FALSE),"")
B25: 名称 | E25: 时机 | F25: 距离 | G25: 目标 | H25: 消耗 | I25: 效果 | J25: 概要 | K25: 出自
B26: 11 | E26: =IFERROR(VLOOKUP(D26,才能!$B$2:$L$1286,5,FALSE),"") | F26: =IFERROR(VLOOKUP(D26,才能!$B$2:$L$1286,6,FALSE),"") | G26: =IFERROR(VLOOKUP(D26,才能!$B$2:$L$1286,7,FALSE),"") | H26: =IFERROR(VLOOKUP(D26,才能!$B$2:$L$1286,8,FALSE),"") | I26: =IFERROR(VLOOKUP(D26,才能!$B$2:$L$1286,9,FALSE),"") | J26: =IFERROR(VLOOKUP(D26,才能!$B$2:$L$1286,10,FALSE),"") | K26: =IFERROR(VLOOKUP(D26,才能!$B$2:$L$1286,11,FALSE),"")
B27: 12 | E27: =IFERROR(VLOOKUP(D27,才能!$B$2:$L$1286,5,FALSE),"") | F27: =IFERROR(VLOOKUP(D27,才能!$B$2:$L$1286,6,FALSE),"") | G27: =IFERROR(VLOOKUP(D27,才能!$B$2:$L$1286,7,FALSE),"") | H27: =IFERROR(VLOOKUP(D27,才能!$B$2:$L$1286,8,FALSE),"") | I27: =IFERROR(VLOOKUP(D27,才能!$B$2:$L$1286,9,FALSE),"") | J27: =IFERROR(VLOOKUP(D27,才能!$B$2:$L$1286,10,FALSE),"") | K27: =IFERROR(VLOOKUP(D27,才能!$B$2:$L$1286,11,FALSE),"")
B28: 13 | E28: =IFERROR(VLOOKUP(D28,才能!$B$2:$L$1286,5,FALSE),"") | F28: =IFERROR(VLOOKUP(D28,才能!$B$2:$L$1286,6,FALSE),"") | G28: =IFERROR(VLOOKUP(D28,才能!$B$2:$L$1286,7,FALSE),"") | H28: =IFERROR(VLOOKUP(D28,才能!$B$2:$L$1286,8,FALSE),"") | I28: =IFERROR(VLOOKUP(D28,才能!$B$2:$L$1286,9,FALSE),"") | J28: =IFERROR(VLOOKUP(D28,才能!$B$2:$L$1286,10,FALSE),"") | K28: =IFERROR(VLOOKUP(D28,才能!$B$2:$L$1286,11,FALSE),"")
B29: 14 | E29: =IFERROR(VLOOKUP(D29,才能!$B$2:$L$1286,5,FALSE),"") | F29: =IFERROR(VLOOKUP(D29,才能!$B$2:$L$1286,6,FALSE),"") | G29: =IFERROR(VLOOKUP(D29,才能!$B$2:$L$1286,7,FALSE),"") | H29: =IFERROR(VLOOKUP(D29,才能!$B$2:$L$1286,8,FALSE),"") | I29: =IFERROR(VLOOKUP(D29,才能!$B$2:$L$1286,9,FALSE),"") | J29: =IFERROR(VLOOKUP(D29,才能!$B$2:$L$1286,10,FALSE),"") | K29: =IFERROR(VLOOKUP(D29,才能!$B$2:$L$1286,11,FALSE),"")
B30: 15 | E30: =IFERROR(VLOOKUP(D30,才能!$B$2:$L$1286,5,FALSE),"") | F30: =IFERROR(VLOOKUP(D30,才能!$B$2:$L$1286,6,FALSE),"") | G30: =IFERROR(VLOOKUP(D30,才能!$B$2:$L$1286,7,FALSE),"") | H30: =IFERROR(VLOOKUP(D30,才能!$B$2:$L$1286,8,FALSE),"") | I30: =IFERROR(VLOOKUP(D30,才能!$B$2:$L$1286,9,FALSE),"") | J30: =IFERROR(VLOOKUP(D30,才能!$B$2:$L$1286,10,FALSE),"") | K30: =IFERROR(VLOOKUP(D30,才能!$B$2:$L$1286,11,FALSE),"")
B31: ▲ | E31: =IFERROR(VLOOKUP(D31,才能!$B$2:$L$1286,5,FALSE),"") | F31: =IFERROR(VLOOKUP(D31,才能!$B$2:$L$1286,6,FALSE),"") | G31: =IFERROR(VLOOKUP(D31,才能!$B$2:$L$1286,7,FALSE),"") | H31: =IFERROR(VLOOKUP(D31,才能!$B$2:$L$1286,8,FALSE),"") | I31: =IFERROR(VLOOKUP(D31,才能!$B$2:$L$1286,9,FALSE),"") | J31: =IFERROR(VLOOKUP(D31,才能!$B$2:$L$1286,10,FALSE),"") | K31: =IFERROR(VLOOKUP(D31,才能!$B$2:$L$1286,11,FALSE),"")
B32: ※ | C32: =IF(基础信息!Y3>=15,"高位才能LV10","") | E32: =IFERROR(VLOOKUP($D$32,备用!$B$79:$L$81,5,FALSE),"") | F32: =IFERROR(VLOOKUP($D$32,备用!$B$79:$L$81,6,FALSE),"") | G32: =IFERROR(VLOOKUP($D$32,备用!$B$79:$L$81,7,FALSE),"") | H32: =IFERROR(VLOOKUP($D$32,备用!$B$79:$L$81,8,FALSE),"") | I32: =IFERROR(VLOOKUP($D$32,备用!$B$79:$L$81,9,FALSE),"") | J32: =IFERROR(VLOOKUP($D$32,备用!$B$79:$L$81,10,FALSE),"") | K32: =IFERROR(VLOOKUP($D$32,备用!$B$79:$L$81,11,FALSE),"")
B33: 16 | E33: =IFERROR(VLOOKUP(D33,才能!$B$2:$L$1286,5,FALSE),"") | F33: =IFERROR(VLOOKUP(D33,才能!$B$2:$L$1286,6,FALSE),"") | G33: =IFERROR(VLOOKUP(D33,才能!$B$2:$L$1286,7,FALSE),"") | H33: =IFERROR(VLOOKUP(D33,才能!$B$2:$L$1286,8,FALSE),"") | I33: =IFERROR(VLOOKUP(D33,才能!$B$2:$L$1286,9,FALSE),"") | J33: =IFERROR(VLOOKUP(D33,才能!$B$2:$L$1286,10,FALSE),"") | K33: =IFERROR(VLOOKUP(D33,才能!$B$2:$L$1286,11,FALSE),"")
B34: 17 | E34: =IFERROR(VLOOKUP(D34,才能!$B$2:$L$1286,5,FALSE),"") | F34: =IFERROR(VLOOKUP(D34,才能!$B$2:$L$1286,6,FALSE),"") | G34: =IFERROR(VLOOKUP(D34,才能!$B$2:$L$1286,7,FALSE),"") | H34: =IFERROR(VLOOKUP(D34,才能!$B$2:$L$1286,8,FALSE),"") | I34: =IFERROR(VLOOKUP(D34,才能!$B$2:$L$1286,9,FALSE),"") | J34: =IFERROR(VLOOKUP(D34,才能!$B$2:$L$1286,10,FALSE),"") | K34: =IFERROR(VLOOKUP(D34,才能!$B$2:$L$1286,11,FALSE),"")
B35: 18 | E35: =IFERROR(VLOOKUP(D35,才能!$B$2:$L$1286,5,FALSE),"") | F35: =IFERROR(VLOOKUP(D35,才能!$B$2:$L$1286,6,FALSE),"") | G35: =IFERROR(VLOOKUP(D35,才能!$B$2:$L$1286,7,FALSE),"") | H35: =IFERROR(VLOOKUP(D35,才能!$B$2:$L$1286,8,FALSE),"") | I35: =IFERROR(VLOOKUP(D35,才能!$B$2:$L$1286,9,FALSE),"") | J35: =IFERROR(VLOOKUP(D35,才能!$B$2:$L$1286,10,FALSE),"") | K35: =IFERROR(VLOOKUP(D35,才能!$B$2:$L$1286,11,FALSE),"")
B36: 19 | E36: =IFERROR(VLOOKUP(D36,才能!$B$2:$L$1286,5,FALSE),"") | F36: =IFERROR(VLOOKUP(D36,才能!$B$2:$L$1286,6,FALSE),"") | G36: =IFERROR(VLOOKUP(D36,才能!$B$2:$L$1286,7,FALSE),"") | H36: =IFERROR(VLOOKUP(D36,才能!$B$2:$L$1286,8,FALSE),"") | I36: =IFERROR(VLOOKUP(D36,才能!$B$2:$L$1286,9,FALSE),"") | J36: =IFERROR(VLOOKUP(D36,才能!$B$2:$L$1286,10,FALSE),"") | K36: =IFERROR(VLOOKUP(D36,才能!$B$2:$L$1286,11,FALSE),"")
B37: 20 | E37: =IFERROR(VLOOKUP(D37,才能!$B$2:$L$1286,5,FALSE),"") | F37: =IFERROR(VLOOKUP(D37,才能!$B$2:$L$1286,6,FALSE),"") | G37: =IFERROR(VLOOKUP(D37,才能!$B$2:$L$1286,7,FALSE),"") | H37: =IFERROR(VLOOKUP(D37,才能!$B$2:$L$1286,8,FALSE),"") | I37: =IFERROR(VLOOKUP(D37,才能!$B$2:$L$1286,9,FALSE),"") | J37: =IFERROR(VLOOKUP(D37,才能!$B$2:$L$1286,10,FALSE),"") | K37: =IFERROR(VLOOKUP(D37,才能!$B$2:$L$1286,11,FALSE),"")
B38: ▲ | E38: =IFERROR(VLOOKUP(D38,才能!$B$2:$L$1286,5,FALSE),"") | F38: =IFERROR(VLOOKUP(D38,才能!$B$2:$L$1286,6,FALSE),"") | G38: =IFERROR(VLOOKUP(D38,才能!$B$2:$L$1286,7,FALSE),"") | H38: =IFERROR(VLOOKUP(D38,才能!$B$2:$L$1286,8,FALSE),"") | I38: =IFERROR(VLOOKUP(D38,才能!$B$2:$L$1286,9,FALSE),"") | J38: =IFERROR(VLOOKUP(D38,才能!$B$2:$L$1286,10,FALSE),"") | K38: =IFERROR(VLOOKUP(D38,才能!$B$2:$L$1286,11,FALSE),"")
B39: ※ | C39: =IF(基础信息!Y3>=20,"高位才能LV10","") | E39: =IFERROR(VLOOKUP($D$39,备用!$B$79:$L$81,5,FALSE),"") | F39: =IFERROR(VLOOKUP($D$39,备用!$B$79:$L$81,6,FALSE),"") | G39: =IFERROR(VLOOKUP($D$39,备用!$B$79:$L$81,7,FALSE),"") | H39: =IFERROR(VLOOKUP($D$39,备用!$B$79:$L$81,8,FALSE),"") | I39: =IFERROR(VLOOKUP($D$39,备用!$B$79:$L$81,9,FALSE),"") | J39: =IFERROR(VLOOKUP($D$39,备用!$B$79:$L$81,10,FALSE),"") | K39: =IFERROR(VLOOKUP($D$39,备用!$B$79:$L$81,11,FALSE),"")
B40: 额外 | E40: =IFERROR(VLOOKUP(D40,才能!$B$2:$L$1286,5,FALSE),"") | F40: =IFERROR(VLOOKUP(D40,才能!$B$2:$L$1286,6,FALSE),"") | G40: =IFERROR(VLOOKUP(D40,才能!$B$2:$L$1286,7,FALSE),"") | H40: =IFERROR(VLOOKUP(D40,才能!$B$2:$L$1286,8,FALSE),"") | I40: =IFERROR(VLOOKUP(D40,才能!$B$2:$L$1286,9,FALSE),"") | J40: =IFERROR(VLOOKUP(D40,才能!$B$2:$L$1286,10,FALSE),"") | K40: =IFERROR(VLOOKUP(D40,才能!$B$2:$L$1286,11,FALSE),"")
B41: 额外 | E41: =IFERROR(VLOOKUP(D41,才能!$B$2:$L$1286,5,FALSE),"") | F41: =IFERROR(VLOOKUP(D41,才能!$B$2:$L$1286,6,FALSE),"") | G41: =IFERROR(VLOOKUP(D41,才能!$B$2:$L$1286,7,FALSE),"") | H41: =IFERROR(VLOOKUP(D41,才能!$B$2:$L$1286,8,FALSE),"") | I41: =IFERROR(VLOOKUP(D41,才能!$B$2:$L$1286,9,FALSE),"") | J41: =IFERROR(VLOOKUP(D41,才能!$B$2:$L$1286,10,FALSE),"") | K41: =IFERROR(VLOOKUP(D41,才能!$B$2:$L$1286,11,FALSE),"")
B42: 额外 | E42: =IFERROR(VLOOKUP(D42,才能!$B$2:$L$1286,5,FALSE),"") | F42: =IFERROR(VLOOKUP(D42,才能!$B$2:$L$1286,6,FALSE),"") | G42: =IFERROR(VLOOKUP(D42,才能!$B$2:$L$1286,7,FALSE),"") | H42: =IFERROR(VLOOKUP(D42,才能!$B$2:$L$1286,8,FALSE),"") | I42: =IFERROR(VLOOKUP(D42,才能!$B$2:$L$1286,9,FALSE),"") | J42: =IFERROR(VLOOKUP(D42,才能!$B$2:$L$1286,10,FALSE),"") | K42: =IFERROR(VLOOKUP(D42,才能!$B$2:$L$1286,11,FALSE),"")
B43: 额外 | E43: =IFERROR(VLOOKUP(D43,才能!$B$2:$L$1286,5,FALSE),"") | F43: =IFERROR(VLOOKUP(D43,才能!$B$2:$L$1286,6,FALSE),"") | G43: =IFERROR(VLOOKUP(D43,才能!$B$2:$L$1286,7,FALSE),"") | H43: =IFERROR(VLOOKUP(D43,才能!$B$2:$L$1286,8,FALSE),"") | I43: =IFERROR(VLOOKUP(D43,才能!$B$2:$L$1286,9,FALSE),"") | J43: =IFERROR(VLOOKUP(D43,才能!$B$2:$L$1286,10,FALSE),"") | K43: =IFERROR(VLOOKUP(D43,才能!$B$2:$L$1286,11,FALSE),"")
B44: 额外 | E44: =IFERROR(VLOOKUP(D44,才能!$B$2:$L$1286,5,FALSE),"") | F44: =IFERROR(VLOOKUP(D44,才能!$B$2:$L$1286,6,FALSE),"") | G44: =IFERROR(VLOOKUP(D44,才能!$B$2:$L$1286,7,FALSE),"") | H44: =IFERROR(VLOOKUP(D44,才能!$B$2:$L$1286,8,FALSE),"") | I44: =IFERROR(VLOOKUP(D44,才能!$B$2:$L$1286,9,FALSE),"") | J44: =IFERROR(VLOOKUP(D44,才能!$B$2:$L$1286,10,FALSE),"") | K44: =IFERROR(VLOOKUP(D44,才能!$B$2:$L$1286,11,FALSE),"")
B45: 额外 | E45: =IFERROR(VLOOKUP(D45,才能!$B$2:$L$1286,5,FALSE),"") | F45: =IFERROR(VLOOKUP(D45,才能!$B$2:$L$1286,6,FALSE),"") | G45: =IFERROR(VLOOKUP(D45,才能!$B$2:$L$1286,7,FALSE),"") | H45: =IFERROR(VLOOKUP(D45,才能!$B$2:$L$1286,8,FALSE),"") | I45: =IFERROR(VLOOKUP(D45,才能!$B$2:$L$1286,9,FALSE),"") | J45: =IFERROR(VLOOKUP(D45,才能!$B$2:$L$1286,10,FALSE),"") | K45: =IFERROR(VLOOKUP(D45,才能!$B$2:$L$1286,11,FALSE),"")
B46: 额外 | E46: =IFERROR(VLOOKUP(D46,才能!$B$2:$L$1286,5,FALSE),"") | F46: =IFERROR(VLOOKUP(D46,才能!$B$2:$L$1286,6,FALSE),"") | G46: =IFERROR(VLOOKUP(D46,才能!$B$2:$L$1286,7,FALSE),"") | H46: =IFERROR(VLOOKUP(D46,才能!$B$2:$L$1286,8,FALSE),"") | I46: =IFERROR(VLOOKUP(D46,才能!$B$2:$L$1286,9,FALSE),"") | J46: =IFERROR(VLOOKUP(D46,才能!$B$2:$L$1286,10,FALSE),"") | K46: =IFERROR(VLOOKUP(D46,才能!$B$2:$L$1286,11,FALSE),"")

Sheet 道具栏
A1: 套装 | W1: 道具使用扩展： | AB1: 全扩
A2: 名称 | G2: 类型 | I2: 用途 | L2: 时机 | N2: 距离 | P2: 目标 | R2: 价格 | U2: 数量 | W2: 描述 | AP2: 效果 | BB2: 出自
A3: =IFERROR(VLOOKUP(基础信息!$AB$7,备用!$AA$151:$AJ$155,2,FALSE),"") -> 灵毛睡袋 | G3: =IFERROR(VLOOKUP(A3,装!$B:$AA,4,0),"") -> 常备 | I3: =IFERROR(VLOOKUP(A3,装!$B:$AA,6,0),"") -> 小休息（睡眠） | L3: =IFERROR(VLOOKUP(A3,装!$B:$AA,20,0),"") -> - | N3: =IFERROR(VLOOKUP(A3,装!$B:$AA,24,0),"") -> - | P3: =IFERROR(VLOOKUP(A3,装!$B:$AA,25,0),"") -> - | R3: =IFERROR(VLOOKUP(A3,装!$B:$AA,21,0),"") -> 150 | W3: =IFERROR(VLOOKUP(A3,装!$B:$AA,22,0),"") -> 使用特殊的异怪的毛编制成的睡袋。因为灵力的关系，当做床进行睡眠的时候可以回复体力。 | AP3: =IFERROR(VLOOKUP(A3,装!$B:$AA,23,0),"") -> [休息回复量]+4。 | BB3: =IFERROR(VLOOKUP(A3,装!$B:$AA,26,0),"") -> 《神我狩》
A5: =IFERROR(VLOOKUP(基础信息!$AB$7,备用!$AA$151:$AJ$155,3,FALSE),"") -> 虎之瞳 | G5: =IFERROR(VLOOKUP(A5,装!$B:$AA,4,0),"") -> 常备 | I5: =IFERROR(VLOOKUP(A5,装!$B:$AA,6,0),"") -> 法则障害 | L5: =IFERROR(VLOOKUP(A5,装!$B:$AA,20,0),"") -> - | N5: =IFERROR(VLOOKUP(A5,装!$B:$AA,24,0),"") -> - | P5: =IFERROR(VLOOKUP(A5,装!$B:$AA,25,0),"") -> - | R5: =IFERROR(VLOOKUP(A5,装!$B:$AA,21,0),"") -> 500 | W5: =IFERROR(VLOOKUP(A5,装!$B:$AA,22,0),"") -> 让人联想到虎瞳的美丽宝石。 | AP5: =IFERROR(VLOOKUP(A5,装!$B:$AA,23,0),"") -> [消去]时使用，【幸运】判定的达成值获得+1修正。 | BB5: =IFERROR(VLOOKUP(A5,装!$B:$AA,26,0),"") -> 《神我狩》
A7: =IFERROR(VLOOKUP(基础信息!$AB$7,备用!AA$151:AJ$155,4,FALSE),"") -> 香囊 | G7: =IFERROR(VLOOKUP(A7,装!$B:$AA,4,0),"") -> 消耗 | I7: =IFERROR(VLOOKUP(A7,装!$B:$AA,6,0),"") -> 其他 | L7: =IFERROR(VLOOKUP(A7,装!$B:$AA,20,0),"") -> - | N7: =IFERROR(VLOOKUP(A7,装!$B:$AA,24,0),"") -> 使用者 | P7: =IFERROR(VLOOKUP(A7,装!$B:$AA,25,0),"") -> 使用者 | R7: =IFERROR(VLOOKUP(A7,装!$B:$AA,21,0),"") -> 5 | W7: =IFERROR(VLOOKUP(A7,装!$B:$AA,22,0),"") -> 放入了各种各样的香草的小御守。 | AP7: =IFERROR(VLOOKUP(A7,装!$B:$AA,23,0),"") -> 无效目标[登场判定]的失败或是[大失败]效果，使之在[场景]内登场。 | BB7: =IFERROR(VLOOKUP(A7,装!$B:$AA,26,0),"") -> 《神我狩》
A9: =IFERROR(VLOOKUP(基础信息!$AB$7,备用!AA$151:AJ$155,5,FALSE),"") -> 变若水 | G9: =IFERROR(VLOOKUP(A9,装!$B:$AA,4,0),"") -> 消耗 | I9: =IFERROR(VLOOKUP(A9,装!$B:$AA,6,0),"") -> 其他 | L9: =IFERROR(VLOOKUP(A9,装!$B:$AA,20,0),"") -> - | N9: =IFERROR(VLOOKUP(A9,装!$B:$AA,24,0),"") -> 接近状态 | P9: =IFERROR(VLOOKUP(A9,装!$B:$AA,25,0),"") -> 1体 | R9: =IFERROR(VLOOKUP(A9,装!$B:$AA,21,0),"") -> 400 | W9: =IFERROR(VLOOKUP(A9,装!$B:$AA,22,0),"") -> 月神所持有的能返老还童的灵药的再现物，喝下后能将受伤的部分回复到受伤之前的状态。 | AP9: =IFERROR(VLOOKUP(A9,装!$B:$AA,23,0),"") -> 目标的【生命力】[回复]20。 | BB9: =IFERROR(VLOOKUP(A9,装!$B:$AA,26,0),"") -> 《神我狩》
A11: =IFERROR(VLOOKUP(基础信息!$AB$7,备用!AA$151:AJ$155,6,FALSE),"") -> 甘露 | G11: =IFERROR(VLOOKUP(A11,装!$B:$AA,4,0),"") -> 消耗 | I11: =IFERROR(VLOOKUP(A11,装!$B:$AA,6,0),"") -> 其他 | L11: =IFERROR(VLOOKUP(A11,装!$B:$AA,20,0),"") -> - | N11: =IFERROR(VLOOKUP(A11,装!$B:$AA,24,0),"") -> 接近状态 | P11: =IFERROR(VLOOKUP(A11,装!$B:$AA,25,0),"") -> 1体 | R11: =IFERROR(VLOOKUP(A11,装!$B:$AA,21,0),"") -> 200 | W11: =IFERROR(VLOOKUP(A11,装!$B:$AA,22,0),"") -> 以前的神们搅动海洋而产生的灵药。 | AP11: =IFERROR(VLOOKUP(A11,装!$B:$AA,23,0),"") -> 赋予目标[解除：气绝]后，目标的【生命力】变为1。目标可以拒绝这个效果。 | BB11: =IFERROR(VLOOKUP(A11,装!$B:$AA,26,0),"") -> 《神我狩》
A13: =IFERROR(VLOOKUP(基础信息!AB$7,备用!AA$151:AJ$155,7,FALSE),"") -> 甘露 | G13: =IFERROR(VLOOKUP(A13,装!$B:$AA,4,0),"") -> 消耗 | I13: =IFERROR(VLOOKUP(A13,装!$B:$AA,6,0),"") -> 其他 | L13: =IFERROR(VLOOKUP(A13,装!$B:$AA,20,0),"") -> - | N13: =IFERROR(VLOOKUP(A13,装!$B:$AA,24,0),"") -> 接近状态 | P13: =IFERROR(VLOOKUP(A13,装!$B:$AA,25,0),"") -> 1体 | R13: =IFERROR(VLOOKUP(A13,装!$B:$AA,21,0),"") -> 200 | W13: =IFERROR(VLOOKUP(A13,装!$B:$AA,22,0),"") -> 以前的神们搅动海洋而产生的灵药。 | AP13: =IFERROR(VLOOKUP(A13,装!$B:$AA,23,0),"") -> 赋予目标[解除：气绝]后，目标的【生命力】变为1。目标可以拒绝这个效果。 | BB13: =IFERROR(VLOOKUP(A13,装!$B:$AA,26,0),"") -> 《神我狩》
A15: =IFERROR(VLOOKUP(基础信息!AB$7,备用!AA$151:AJ$155,8,FALSE),"") -> 一次性咒物 | G15: =IFERROR(VLOOKUP(A15,装!$B:$AA,4,0),"") -> 消耗 | I15: =IFERROR(VLOOKUP(A15,装!$B:$AA,6,0),"") -> 其他 | L15: =IFERROR(VLOOKUP(A15,装!$B:$AA,20,0),"") -> 特殊 | N15: =IFERROR(VLOOKUP(A15,装!$B:$AA,24,0),"") -> 使用者 | P15: =IFERROR(VLOOKUP(A15,装!$B:$AA,25,0),"") -> 使用者 | R15: =IFERROR(VLOOKUP(A15,装!$B:$AA,21,0),"") -> 100 | W15: =IFERROR(VLOOKUP(A15,装!$B:$AA,22,0),"") -> 能临时提升术技威力的一次性咒物。 | AP15: =IFERROR(VLOOKUP(A15,装!$B:$AA,23,0),"") -> [伤害算出]1次只能使用1个。[伤害]获得+1D的修正。 | BB15: =IFERROR(VLOOKUP(A15,装!$B:$AA,26,0),"") -> 《神我狩》
A17: =IFERROR(VLOOKUP(基础信息!AB$7,备用!AA$151:AJ$155,9,FALSE),"") -> 能量块*5 | G17: =IFERROR(VLOOKUP(A17,装!$B:$AA,4,0),"") -> 消耗 | I17: =IFERROR(VLOOKUP(A17,装!$B:$AA,6,0),"") -> 小休息 | L17: =IFERROR(VLOOKUP(A17,装!$B:$AA,20,0),"") -> - | N17: =IFERROR(VLOOKUP(A17,装!$B:$AA,24,0),"") -> 使用者 | P17: =IFERROR(VLOOKUP(A17,装!$B:$AA,25,0),"") -> 使用者 | R17: =IFERROR(VLOOKUP(A17,装!$B:$AA,21,0),"") -> 100 | W17: =IFERROR(VLOOKUP(A17,装!$B:$AA,22,0),"") -> 使用和圣饼一类的食物的原理做成的块状食物五人份。 | AP17: =IFERROR(VLOOKUP(A17,装!$B:$AA,23,0),"") -> [小休息]时[休息回复量]+5。 | BB17: =IFERROR(VLOOKUP(A17,装!$B:$AA,26,0),"") -> 《神我狩》
A19: =IFERROR(VLOOKUP(基础信息!AB$7,备用!AA$151:AJ$155,10,FALSE),"") -> 圣水*5 | G19: =IFERROR(VLOOKUP(A19,装!$B:$AA,4,0),"") -> 消耗 | I19: =IFERROR(VLOOKUP(A19,装!$B:$AA,6,0),"") -> 其他 | L19: =IFERROR(VLOOKUP(A19,装!$B:$AA,20,0),"") -> - | N19: =IFERROR(VLOOKUP(A19,装!$B:$AA,24,0),"") -> 使用者 | P19: =IFERROR(VLOOKUP(A19,装!$B:$AA,25,0),"") -> 使用者 | R19: =IFERROR(VLOOKUP(A19,装!$B:$AA,21,0),"") -> 50 | W19: =IFERROR(VLOOKUP(A19,装!$B:$AA,22,0),"") -> 附有圣别的清水。 | AP19: =IFERROR(VLOOKUP(A19,装!$B:$AA,23,0),"") -> 目标直到这个回合的[时机：结束]前，对[类别：不死]的[伤害算出]时[等级]+1。 | BB19: =IFERROR(VLOOKUP(A19,装!$B:$AA,26,0),"") -> 《神我狩》
A21: 职业道具
A22: =IFERROR(IF(OFFSET(备用!A$181,备用!B$180,MATCH(基础信息!B$13,备用!$181:$181,0)+3,,)=0,"",OFFSET(备用!A$181,备用!B$180,MATCH(基础信息!B$13,备用!$181:$181,0)+3,,)),"") -> 移动通讯设备 | G22: =IFERROR(VLOOKUP(A22,装!$B:$AA,4,0),"") -> 常备 | I22: =IFERROR(VLOOKUP(A22,装!$B:$AA,6,0),"") -> 其他 | L22: =IFERROR(VLOOKUP(A22,装!$B:$AA,20,0),"") -> - | N22: =IFERROR(VLOOKUP(A22,装!$B:$AA,24,0),"") -> - | P22: =IFERROR(VLOOKUP(A22,装!$B:$AA,25,0),"") -> - | R22: =IFERROR(VLOOKUP(A22,装!$B:$AA,21,0),"") -> 0 | W22: =IFERROR(VLOOKUP(A22,装!$B:$AA,22,0),"") -> 笔记本或手机等。 | AP22: =IFERROR(VLOOKUP(A22,装!$B:$AA,23,0),"") -> 1场景中1次，能与[登场][未登场][退场]的1名角色进行对话（是否能进行对话由GM决定）。 | BB22: =IFERROR(VLOOKUP(A22,装!$B:$AA,26,0),"") -> 《神我狩》
A24: =IFERROR(IF(OFFSET(备用!A$181,备用!B$180,MATCH(基础信息!B$13,备用!$181:$181,0)+4,,)=0,"",OFFSET(备用!A$181,备用!B$180,MATCH(基础信息!B$13,备用!$181:$181,0)+4,,)),"") -> 住宅 | G24: =IFERROR(VLOOKUP(A24,装!$B:$AA,4,0),"") -> 常备 | I24: =IFERROR(VLOOKUP(A24,装!$B:$AA,6,0),"") -> 小休息（进餐） | L24: =IFERROR(VLOOKUP(A24,装!$B:$AA,20,0),"") -> - | N24: =IFERROR(VLOOKUP(A24,装!$B:$AA,24,0),"") -> - | P24: =IFERROR(VLOOKUP(A24,装!$B:$AA,25,0),"") -> - | R24: =IFERROR(VLOOKUP(A24,装!$B:$AA,21,0),"") -> 100 | W24: =IFERROR(VLOOKUP(A24,装!$B:$AA,22,0),"") -> 视为自宅的住居。可以在内进行短时间的休息和营养的补充。 | AP24: =IFERROR(VLOOKUP(A24,装!$B:$AA,23,0),"") -> [休息回复量]+3。 | BB24: =IFERROR(VLOOKUP(A24,装!$B:$AA,26,0),"") -> 《神我狩》
A26: =IFERROR(IF(OFFSET(备用!A$181,备用!B$180,MATCH(基础信息!B$13,备用!$181:$181,0)+5,,)=0,"",OFFSET(备用!A$181,备用!B$180,MATCH(基础信息!B$13,备用!$181:$181,0)+5,,)),"") -> 急救套装 | G26: =IFERROR(VLOOKUP(A26,装!$B:$AA,4,0),"") -> 常备 | I26: =IFERROR(VLOOKUP(A26,装!$B:$AA,6,0),"") -> 小休息（准备） | L26: =IFERROR(VLOOKUP(A26,装!$B:$AA,20,0),"") -> - | N26: =IFERROR(VLOOKUP(A26,装!$B:$AA,24,0),"") -> - | P26: =IFERROR(VLOOKUP(A26,装!$B:$AA,25,0),"") -> - | R26: =IFERROR(VLOOKUP(A26,装!$B:$AA,21,0),"") -> 100 | W26: =IFERROR(VLOOKUP(A26,装!$B:$AA,22,0),"") -> 各种各样的对于伤口的应急处理道具套装。 | AP26: =IFERROR(VLOOKUP(A26,装!$B:$AA,23,0),"") -> [休息回复量]+3。 | BB26: =IFERROR(VLOOKUP(A26,装!$B:$AA,26,0),"") -> 《神我狩》
A28: =IFERROR(IF(OFFSET(备用!A$181,备用!B$180,MATCH(基础信息!B$13,备用!$181:$181,0)+6,,)=0,"",OFFSET(备用!A$181,备用!B$180,MATCH(基础信息!B$13,备用!$181:$181,0)+6,,)),"") -> 二轮机车 | G28: =IFERROR(VLOOKUP(A28,装!$B:$AA,4,0),"") -> 常备 | I28: =IFERROR(VLOOKUP(A28,装!$B:$AA,6,0),"") -> 其他 | L28: =IFERROR(VLOOKUP(A28,装!$B:$AA,20,0),"") -> - | N28: =IFERROR(VLOOKUP(A28,装!$B:$AA,24,0),"") -> - | P28: =IFERROR(VLOOKUP(A28,装!$B:$AA,25,0),"") -> - | R28: =IFERROR(VLOOKUP(A28,装!$B:$AA,21,0),"") -> 5 | W28: =IFERROR(VLOOKUP(A28,装!$B:$AA,22,0),"") -> 在[战斗外]进行移动使用的摩托车，形状样式各种各样。 | AP28: =IFERROR(VLOOKUP(A28,装!$B:$AA,23,0),"") -> 因为是使用灵力具现化的超常存在，所以不会因为通常的物理法则而受到损伤。但是不能当做[武器]来使用。 | BB28: =IFERROR(VLOOKUP(A28,装!$B:$AA,26,0),"") -> 《神我狩》
A30: =IFERROR(IF(OFFSET(备用!A$181,备用!B$180,MATCH(基础信息!B$13,备用!$181:$181,0)+7,,)=0,"",OFFSET(备用!A$181,备用!B$180,MATCH(基础信息!B$13,备用!$181:$181,0)+7,,)),"") -> 小包 | G30: =IFERROR(VLOOKUP(A30,装!$B:$AA,4,0),"") -> 常备 | I30: =IFERROR(VLOOKUP(A30,装!$B:$AA,6,0),"") -> 其他 | L30: =IFERROR(VLOOKUP(A30,装!$B:$AA,20,0),"") -> - | N30: =IFERROR(VLOOKUP(A30,装!$B:$AA,24,0),"") -> - | P30: =IFERROR(VLOOKUP(A30,装!$B:$AA,25,0),"") -> - | R30: =IFERROR(VLOOKUP(A30,装!$B:$AA,21,0),"") -> 0 | W30: =IFERROR(VLOOKUP(A30,装!$B:$AA,22,0),"") -> 各种各样的包。 | AP30: =IFERROR(VLOOKUP(A30,装!$B:$AA,23,0),"") -> 无 | BB30: =IFERROR(VLOOKUP(A30,装!$B:$AA,26,0),"") -> 《神我狩》
A32: =IFERROR(IF(OFFSET(备用!A$181,备用!B$180,MATCH(基础信息!B$13,备用!$181:$181,0)+8,,)=0,"",OFFSET(备用!A$181,备用!B$180,MATCH(基础信息!B$13,备用!$181:$181,0)+8,,)),"") | G32: =IFERROR(VLOOKUP(A32,装!$B:$AA,4,0),"") | I32: =IFERROR(VLOOKUP(A32,装!$B:$AA,6,0),"") | L32: =IFERROR(VLOOKUP(A32,装!$B:$AA,20,0),"") | N32: =IFERROR(VLOOKUP(A32,装!$B:$AA,24,0),"") | P32: =IFERROR(VLOOKUP(A32,装!$B:$AA,25,0),"") | R32: =IFERROR(VLOOKUP(A32,装!$B:$AA,21,0),"") | W32: =IFERROR(VLOOKUP(A32,装!$B:$AA,22,0),"") | AP32: =IFERROR(VLOOKUP(A32,装!$B:$AA,23,0),"") | BB32: =IFERROR(VLOOKUP(A32,装!$B:$AA,26,0),"")
A34: =IFERROR(IF(OFFSET(备用!A$181,备用!B$180,MATCH(基础信息!B$13,备用!$181:$181,0)+9,,)=0,"",OFFSET(备用!A$181,备用!B$180,MATCH(基础信息!B$13,备用!$181:$181,0)+9,,)),"") | G34: =IFERROR(VLOOKUP(A34,装!$B:$AA,4,0),"") | I34: =IFERROR(VLOOKUP(A34,装!$B:$AA,6,0),"") | L34: =IFERROR(VLOOKUP(A34,装!$B:$AA,20,0),"") | N34: =IFERROR(VLOOKUP(A34,装!$B:$AA,24,0),"") | P34: =IFERROR(VLOOKUP(A34,装!$B:$AA,25,0),"") | R34: =IFERROR(VLOOKUP(A34,装!$B:$AA,21,0),"") | W34: =IFERROR(VLOOKUP(A34,装!$B:$AA,22,0),"") | AP34: =IFERROR(VLOOKUP(A34,装!$B:$AA,23,0),"") | BB34: =IFERROR(VLOOKUP(A34,装!$B:$AA,26,0),"")
A36: 表面职业5自选道具
G37: 常备 | I37: =IFERROR(VLOOKUP(A37,装!$B:$AA,6,0),"") | L37: =IFERROR(VLOOKUP(A37,装!$B:$AA,20,0),"") | N37: =IFERROR(VLOOKUP(A37,装!$B:$AA,24,0),"") | P37: =IFERROR(VLOOKUP(A37,装!$B:$AA,25,0),"") | R37: 非卖品 | W37: =IFERROR(VLOOKUP(A37,装!$B:$AA,22,0),"") | AP37: =IFERROR(VLOOKUP(A37,装!$B:$AA,23,0),"") | BB37: =IFERROR(VLOOKUP(A37,装!$B:$AA,26,0),"")
G39: 常备 | I39: =IFERROR(VLOOKUP(A39,装!$B:$AA,6,0),"") | L39: =IFERROR(VLOOKUP(A39,装!$B:$AA,20,0),"") | N39: =IFERROR(VLOOKUP(A39,装!$B:$AA,24,0),"") | P39: =IFERROR(VLOOKUP(A39,装!$B:$AA,25,0),"") | R39: 非卖品 | W39: =IFERROR(VLOOKUP(A39,装!$B:$AA,22,0),"") | AP39: =IFERROR(VLOOKUP(A39,装!$B:$AA,23,0),"") | BB39: =IFERROR(VLOOKUP(A39,装!$B:$AA,26,0),"")
G41: 常备 | I41: =IFERROR(VLOOKUP(A41,装!$B:$AA,6,0),"") | L41: =IFERROR(VLOOKUP(A41,装!$B:$AA,20,0),"") | N41: =IFERROR(VLOOKUP(A41,装!$B:$AA,24,0),"") | P41: =IFERROR(VLOOKUP(A41,装!$B:$AA,25,0),"") | R41: 非卖品 | W41: =IFERROR(VLOOKUP(A41,装!$B:$AA,22,0),"") | AP41: =IFERROR(VLOOKUP(A41,装!$B:$AA,23,0),"") | BB41: =IFERROR(VLOOKUP(A41,装!$B:$AA,26,0),"")
A43: 购入道具
G44: 消耗 | I44: =IFERROR(VLOOKUP(A44,装!$B:$AA,6,0),"") | L44: =IFERROR(VLOOKUP(A44,装!$B:$AA,20,0),"") | N44: =IFERROR(VLOOKUP(A44,装!$B:$AA,24,0),"") | P44: =IFERROR(VLOOKUP(A44,装!$B:$AA,25,0),"") | R44: =IFERROR(VLOOKUP(A44,装!$B:$AA,21,0),"") | W44: =IFERROR(VLOOKUP(A44,装!$B:$AA,22,0),"") | AP44: =IFERROR(VLOOKUP(A44,装!$B:$AA,23,0),"") | BB44: =IFERROR(VLOOKUP(A44,装!$B:$AA,26,0),"")
G46: 消耗 | I46: =IFERROR(VLOOKUP(A46,装!$B:$AA,6,0),"") | L46: =IFERROR(VLOOKUP(A46,装!$B:$AA,20,0),"") | N46: =IFERROR(VLOOKUP(A46,装!$B:$AA,24,0),"") | P46: =IFERROR(VLOOKUP(A46,装!$B:$AA,25,0),"") | R46: =IFERROR(VLOOKUP(A46,装!$B:$AA,21,0),"") | W46: =IFERROR(VLOOKUP(A46,装!$B:$AA,22,0),"") | AP46: =IFERROR(VLOOKUP(A46,装!$B:$AA,23,0),"") | BB46: =IFERROR(VLOOKUP(A46,装!$B:$AA,26,0),"")
G48: 常备 | I48: =IFERROR(VLOOKUP(A48,装!$B:$AA,6,0),"") | L48: =IFERROR(VLOOKUP(A48,装!$B:$AA,20,0),"") | N48: =IFERROR(VLOOKUP(A48,装!$B:$AA,24,0),"") | P48: =IFERROR(VLOOKUP(A48,装!$B:$AA,25,0),"") | R48: =IFERROR(VLOOKUP(A48,装!$B:$AA,21,0),"") | W48: =IFERROR(VLOOKUP(A48,装!$B:$AA,22,0),"") | AP48: =IFERROR(VLOOKUP(A48,装!$B:$AA,23,0),"") | BB48: =IFERROR(VLOOKUP(A48,装!$B:$AA,26,0),"")
G50: 常备 | I50: =IFERROR(VLOOKUP(A50,装!$B:$AA,6,0),"") | L50: =IFERROR(VLOOKUP(A50,装!$B:$AA,20,0),"") | N50: =IFERROR(VLOOKUP(A50,装!$B:$AA,24,0),"") | P50: =IFERROR(VLOOKUP(A50,装!$B:$AA,25,0),"") | R50: =IFERROR(VLOOKUP(A50,装!$B:$AA,21,0),"") | W50: =IFERROR(VLOOKUP(A50,装!$B:$AA,22,0),"") | AP50: =IFERROR(VLOOKUP(A50,装!$B:$AA,23,0),"") | BB50: =IFERROR(VLOOKUP(A50,装!$B:$AA,26,0),"")
G52: 常备 | I52: =IFERROR(VLOOKUP(A52,装!$B:$AA,6,0),"") | L52: =IFERROR(VLOOKUP(A52,装!$B:$AA,20,0),"") | N52: =IFERROR(VLOOKUP(A52,装!$B:$AA,24,0),"") | P52: =IFERROR(VLOOKUP(A52,装!$B:$AA,25,0),"") | R52: =IFERROR(VLOOKUP(A52,装!$B:$AA,21,0),"") | W52: =IFERROR(VLOOKUP(A52,装!$B:$AA,22,0),"") | AP52: =IFERROR(VLOOKUP(A52,装!$B:$AA,23,0),"") | BB52: =IFERROR(VLOOKUP(A52,装!$B:$AA,26,0),"")
G54: 常备 | I54: =IFERROR(VLOOKUP(A54,装!$B:$AA,6,0),"") | L54: =IFERROR(VLOOKUP(A54,装!$B:$AA,20,0),"") | N54: =IFERROR(VLOOKUP(A54,装!$B:$AA,24,0),"") | P54: =IFERROR(VLOOKUP(A54,装!$B:$AA,25,0),"") | R54: =IFERROR(VLOOKUP(A54,装!$B:$AA,21,0),"") | W54: =IFERROR(VLOOKUP(A54,装!$B:$AA,22,0),"") | AP54: =IFERROR(VLOOKUP(A54,装!$B:$AA,23,0),"") | BB54: =IFERROR(VLOOKUP(A54,装!$B:$AA,26,0),"")
G56: 常备 | I56: =IFERROR(VLOOKUP(A56,装!$B:$AA,6,0),"") | L56: =IFERROR(VLOOKUP(A56,装!$B:$AA,20,0),"") | N56: =IFERROR(VLOOKUP(A56,装!$B:$AA,24,0),"") | P56: =IFERROR(VLOOKUP(A56,装!$B:$AA,25,0),"") | R56: =IFERROR(VLOOKUP(A56,装!$B:$AA,21,0),"") | W56: =IFERROR(VLOOKUP(A56,装!$B:$AA,22,0),"") | AP56: =IFERROR(VLOOKUP(A56,装!$B:$AA,23,0),"") | BB56: =IFERROR(VLOOKUP(A56,装!$B:$AA,26,0),"")
G58: 常备 | I58: =IFERROR(VLOOKUP(A58,装!$B:$AA,6,0),"") | L58: =IFERROR(VLOOKUP(A58,装!$B:$AA,20,0),"") | N58: =IFERROR(VLOOKUP(A58,装!$B:$AA,24,0),"") | P58: =IFERROR(VLOOKUP(A58,装!$B:$AA,25,0),"") | R58: =IFERROR(VLOOKUP(A58,装!$B:$AA,21,0),"") | W58: =IFERROR(VLOOKUP(A58,装!$B:$AA,22,0),"") | AP58: =IFERROR(VLOOKUP(A58,装!$B:$AA,23,0),"") | BB58: =IFERROR(VLOOKUP(A58,装!$B:$AA,26,0),"")
G60: 常备 | I60: =IFERROR(VLOOKUP(A60,装!$B:$AA,6,0),"") | L60: =IFERROR(VLOOKUP(A60,装!$B:$AA,20,0),"") | N60: =IFERROR(VLOOKUP(A60,装!$B:$AA,24,0),"") | P60: =IFERROR(VLOOKUP(A60,装!$B:$AA,25,0),"") | R60: =IFERROR(VLOOKUP(A60,装!$B:$AA,21,0),"") | W60: =IFERROR(VLOOKUP(A60,装!$B:$AA,22,0),"") | AP60: =IFERROR(VLOOKUP(A60,装!$B:$AA,23,0),"") | BB60: =IFERROR(VLOOKUP(A60,装!$B:$AA,26,0),"")
G62: 常备 | I62: =IFERROR(VLOOKUP(A62,装!$B:$AA,6,0),"") | L62: =IFERROR(VLOOKUP(A62,装!$B:$AA,20,0),"") | N62: =IFERROR(VLOOKUP(A62,装!$B:$AA,24,0),"") | P62: =IFERROR(VLOOKUP(A62,装!$B:$AA,25,0),"") | R62: =IFERROR(VLOOKUP(A62,装!$B:$AA,21,0),"") | W62: =IFERROR(VLOOKUP(A62,装!$B:$AA,22,0),"") | AP62: =IFERROR(VLOOKUP(A62,装!$B:$AA,23,0),"") | BB62: =IFERROR(VLOOKUP(A62,装!$B:$AA,26,0),"")
A65: 素材包
A66: 名称 | G66: 稀有度 | I66: 提升属性 | K66: 数值 | M66: 售价
G68: 常见 | M68: =IF(G68="常见",IF(I68="生命+",K68/3*500,K68*500),IF(G68="珍稀",IF(K68="赋予",1500,IF(K68="减半",2000)),""))&"G" -> 0G
G69: 常见 | M69: =IF(G69="常见",IF(I69="生命+",K69/3*500,K69*500),IF(G69="珍稀",IF(K69="赋予",1500,IF(K69="减半",2000)),""))&"G" -> 0G
G70: 常见 | M70: =IF(G70="常见",IF(I70="生命+",K70/3*500,K70*500),IF(G70="珍稀",IF(K70="赋予",1500,IF(K70="减半",2000)),""))&"G" -> 0G
G71: 常见 | M71: =IF(G71="常见",IF(I71="生命+",K71/3*500,K71*500),IF(G71="珍稀",IF(K71="赋予",1500,IF(K71="减半",2000)),""))&"G" -> 0G
G72: 常见 | M72: =IF(G72="常见",IF(I72="生命+",K72/3*500,K72*500),IF(G72="珍稀",IF(K72="赋予",1500,IF(K72="减半",2000)),""))&"G" -> 0G
G73: 常见 | M73: =IF(G73="常见",IF(I73="生命+",K73/3*500,K73*500),IF(G73="珍稀",IF(K73="赋予",1500,IF(K73="减半",2000)),""))&"G" -> 0G
G74: 常见 | M74: =IF(G74="常见",IF(I74="生命+",K74/3*500,K74*500),IF(G74="珍稀",IF(K74="赋予",1500,IF(K74="减半",2000)),""))&"G" -> 0G

Sheet 数
B1: 命中 | C1: 回避 | D1: 发动 | E1: 抵抗 | F1: 看破 | G1: 物D | H1: 魔D | I1: 行动 | J1: 生命 | K1: 装甲 | L1: 结界
A2: 武器1追加 | B2: =IFERROR(IFERROR(VLOOKUP(基础信息!$D$39,装!$B:$AE,7,0),"0")+IFERROR(VLOOKUP(基础信息!$E$45,装!$B:$AE,7,0),"0")+IFERROR(VLOOKUP(基础信息!$E$47,装!$B:$AE,7,0),"0")+IFERROR(VLOOKUP(基础信息!$E$49,装!$B:$AE,7,0),"0")+IFERROR(VLOOKUP(基础信息!$E$51,装!$B:$AE,7,0),"0")+IFERROR(VLOOKUP(基础信息!$AI$51,装!$B:$AE,7,0),"0")+IFERROR(VLOOKUP(基础信息!$AI$49,装!$B:$AE,7,0),"0")+IFERROR(VLOOKUP(基础信息!$AI$47,装!$B:$AE,7,0),"0")+IFERROR(VLOOKUP(基础信息!$AI$45,装!$B:$AE,7,0),"0")+IF(LEFT(基础信息!O42,2)=B1,基础信息!S42,0)+IF(LEFT(基础信息!AE42,2)=B1,基础信息!AI42,0)+IF(LEFT(基础信息!AU42,2)=B1,基础信息!AY42,0)+IF(LEFT(基础信息!BK42,2)=B1,基础信息!BO42,0)+基础信息!M40,"")+B24 -> 0 | C2: =IFERROR(IFERROR(VLOOKUP(基础信息!$D$39,装!$B:$AE,8,0),"0")+IFERROR(VLOOKUP(基础信息!$E$45,装!$B:$AE,8,0),"0")+IFERROR(VLOOKUP(基础信息!$E$47,装!$B:$AE,8,0),"0")+IFERROR(VLOOKUP(基础信息!$E$49,装!$B:$AE,8,0),"0")+IFERROR(VLOOKUP(基础信息!$E$51,装!$B:$AE,8,0),"0")+IFERROR(VLOOKUP(基础信息!$AI$51,装!$B:$AE,8,0),"0")+IFERROR(VLOOKUP(基础信息!$AI$49,装!$B:$AE,8,0),"0")+IFERROR(VLOOKUP(基础信息!$AI$47,装!$B:$AE,8,0),"0")+IFERROR(VLOOKUP(基础信息!$AI$45,装!$B:$AE,8,0),"0")+IF(LEFT(基础信息!O42,2)=C1,基础信息!S42,0)+IF(LEFT(基础信息!AE42,2)=C1,基础信息!AI42,0)+IF(LEFT(基础信息!AU42,2)=C1,基础信息!AY42,0)+IF(LEFT(基础信息!BK42,2)=C1,基础信息!BO42,0)+基础信息!O40,"")+C24 -> 0 | D2: =IFERROR(IFERROR(VLOOKUP(基础信息!$D$39,装!$B:$AE,9,0),"0")+IFERROR(VLOOKUP(基础信息!$E$45,装!$B:$AE,9,0),"0")+IFERROR(VLOOKUP(基础信息!$E$47,装!$B:$AE,9,0),"0")+IFERROR(VLOOKUP(基础信息!$E$49,装!$B:$AE,9,0),"0")+IFERROR(VLOOKUP(基础信息!$E$51,装!$B:$AE,9,0),"0")+IFERROR(VLOOKUP(基础信息!$AI$51,装!$B:$AE,9,0),"0")+IFERROR(VLOOKUP(基础信息!$AI$49,装!$B:$AE,9,0),"0")+IFERROR(VLOOKUP(基础信息!$AI$47,装!$B:$AE,9,0),"0")+IFERROR(VLOOKUP(基础信息!$AI$45,装!$B:$AE,9,0),"0")+IF(LEFT(基础信息!O42,2)=D1,基础信息!S42,0)+IF(LEFT(基础信息!AE42,2)=D1,基础信息!AI42,0)+IF(LEFT(基础信息!AU42,2)=D1,基础信息!AY42,0)+IF(LEFT(基础信息!BK42,2)=D1,基础信息!BO42,0)+基础信息!Q40,"")+D24 -> 0 | E2: =IFERROR(IFERROR(VLOOKUP(基础信息!$D$39,装!$B:$AE,10,0),"0")+IFERROR(VLOOKUP(基础信息!$E$45,装!$B:$AE,10,0),"0")+IFERROR(VLOOKUP(基础信息!$E$47,装!$B:$AE,10,0),"0")+IFERROR(VLOOKUP(基础信息!$E$49,装!$B:$AE,10,0),"0")+IFERROR(VLOOKUP(基础信息!$E$51,装!$B:$AE,10,0),"0")+IFERROR(VLOOKUP(基础信息!$AI$51,装!$B:$AE,10,0),"0")+IFERROR(VLOOKUP(基础信息!$AI$49,装!$B:$AE,10,0),"0")+IFERROR(VLOOKUP(基础信息!$AI$47,装!$B:$AE,10,0),"0")+IFERROR(VLOOKUP(基础信息!$AI$45,装!$B:$AE,10,0),"0")+IF(LEFT(基础信息!O42,2)=E1,基础信息!S42,0)+IF(LEFT(基础信息!AE42,2)=E1,基础信息!AI42,0)+IF(LEFT(基础信息!AU42,2)=E1,基础信息!AY42,0)+IF(LEFT(基础信息!BK42,2)=E1,基础信息!BO42,0)+基础信息!S40,"")+E24 -> 0 | F2: =IFERROR(IFERROR(VLOOKUP(基础信息!$D$39,装!$B:$AE,11,0),"0")+IFERROR(VLOOKUP(基础信息!$E$45,装!$B:$AE,11,0),"0")+IFERROR(VLOOKUP(基础信息!$E$47,装!$B:$AE,11,0),"0")+IFERROR(VLOOKUP(基础信息!$E$49,装!$B:$AE,11,0),"0")+IFERROR(VLOOKUP(基础信息!$E$51,装!$B:$AE,11,0),"0")+IFERROR(VLOOKUP(基础信息!$AI$51,装!$B:$AE,11,0),"0")+IFERROR(VLOOKUP(基础信息!$AI$49,装!$B:$AE,11,0),"0")+IFERROR(VLOOKUP(基础信息!$AI$47,装!$B:$AE,11,0),"0")+IFERROR(VLOOKUP(基础信息!$AI$45,装!$B:$AE,11,0),"0")+IF(LEFT(基础信息!O42,2)=F1,基础信息!S42,0)+IF(LEFT(基础信息!AE42,2)=F1,基础信息!AI42,0)+IF(LEFT(基础信息!AU42,2)=F1,基础信息!AY42,0)+IF(LEFT(基础信息!BK42,2)=F1,基础信息!BO42,0)+基础信息!U40,"")+F24 -> 0 | G2: =IF(基础信息!$E$37="单持",IFERROR(IFERROR(VLOOKUP(基础信息!$D$39,装!$B:$AE,12,0),"0")+IFERROR(VLOOKUP(基础信息!$E$45,装!$B:$AE,12,0),"0")+IFERROR(VLOOKUP(基础信息!$E$47,装!$B:$AE,12,0),"0")+IFERROR(VLOOKUP(基础信息!$E$49,装!$B:$AE,12,0),"0")+IFERROR(VLOOKUP(基础信息!$E51,装!$B:$AE,12,0),"0")+IFERROR(VLOOKUP(基础信息!$AI$45,装!$B:$AE,12,0),"0")+IFERROR(VLOOKUP(基础信息!$AI$47,装!$B:$AE,12,0),"0")+IFERROR(VLOOKUP(基础信息!$AI$49,装!$B:$AE,12,0),"0")+IFERROR(VLOOKUP(基础信息!$AI$51,装!$B:$AE,12,0),"0")+IF(LEFT(基础信息!O42,2)=G1,基础信息!S42,0)+IF(LEFT(基础信息!AE42,2)=G1,基础信息!AI42,0)+IF(LEFT(基础信息!AU42,2)=G1,基础信息!AY42,0)+IF(LEFT(基础信息!BK42,2)=G1,基础信息!BO42,0)+基础信息!W40,""),IF(基础信息!$E$37="双持",IFERROR(IFERROR(VLOOKUP(基础信息!$D$39,装!$B:$AE,13,0),"0")+IFERROR(VLOOKUP(基础信息!$E$45,装!$B:$AE,13,0),"0")+IFERROR(VLOOKUP(基础信息!$E$47,装!$B:$AE,13,0),"0")+IFERROR(VLOOKUP(基础信息!$E$49,装!$B:$AE,13,0),"0")+IFERROR(VLOOKUP(基础信息!$E$51,装!$B:$AE,13,0),"0")+IFERROR(VLOOKUP(基础信息!$AI$51,装!$B:$AE,13,0),"0")+IFERROR(VLOOKUP(基础信息!$AI$49,装!$B:$AE,13,0),"0")+IFERROR(VLOOKUP(基础信息!$AI$47,装!$B:$AE,13,0),"0")+IFERROR(VLOOKUP(基础信息!$AI$45,装!$B:$AE,13,0),"0")+IF(LEFT(基础信息!O42,2)=G1,基础信息!S42,0)+IF(LEFT(基础信息!AE42,2)=G1,基础信息!AI42,0)+IF(LEFT(基础信息!AU42,2)=G1,基础信息!AY42,0)+IF(LEFT(基础信息!BK42,2)=G1,基础信息!BO42,0)+基础信息!W40,""),""))+G24 -> 0 | H2: =IF(基础信息!$E$37="单持",IFERROR(IFERROR(VLOOKUP(基础信息!$D$39,装!$B:$AE,14,0),"0")+IFERROR(VLOOKUP(基础信息!$E$45,装!$B:$AE,14,0),"0")+IFERROR(VLOOKUP(基础信息!$E$47,装!$B:$AE,14,0),"0")+IFERROR(VLOOKUP(基础信息!$E$49,装!$B:$AE,14,0),"0")+IFERROR(VLOOKUP(基础信息!$E51,装!$B:$AE,14,0),"0")+IFERROR(VLOOKUP(基础信息!$AI$45,装!$B:$AE,14,0),"0")+IFERROR(VLOOKUP(基础信息!$AI$47,装!$B:$AE,14,0),"0")+IFERROR(VLOOKUP(基础信息!$AI$49,装!$B:$AE,14,0),"0")+IFERROR(VLOOKUP(基础信息!$AI$51,装!$B:$AE,14,0),"0")+IF(LEFT(基础信息!O42,2)=H1,基础信息!S42,0)+IF(LEFT(基础信息!AE42,2)=H1,基础信息!AI42,0)+IF(LEFT(基础信息!AU42,2)=H1,基础信息!AY42,0)+IF(LEFT(基础信息!BK42,2)=H1,基础信息!BO42,0)+基础信息!Y40,""),IF(基础信息!$E$37="双持",IFERROR(IFERROR(VLOOKUP(基础信息!$D$39,装!$B:$AE,15,0),"0")+IFERROR(VLOOKUP(基础信息!$E$45,装!$B:$AE,15,0),"0")+IFERROR(VLOOKUP(基础信息!$E$47,装!$B:$AE,15,0),"0")+IFERROR(VLOOKUP(基础信息!$E$49,装!$B:$AE,15,0),"0")+IFERROR(VLOOKUP(基础信息!$E$51,装!$B:$AE,15,0),"0")+IFERROR(VLOOKUP(基础信息!$AI$51,装!$B:$AE,15,0),"0")+IFERROR(VLOOKUP(基础信息!$AI$49,装!$B:$AE,15,0),"0")+IFERROR(VLOOKUP(基础信息!$AI$47,装!$B:$AE,15,0),"0")+IFERROR(VLOOKUP(基础信息!$AI$45,装!$B:$AE,15,0),"0")+IF(LEFT(基础信息!O42,2)=H1,基础信息!S42,0)+IF(LEFT(基础信息!AE42,2)=H1,基础信息!AI42,0)+IF(LEFT(基础信息!AU42,2)=H1,基础信息!AY42,0)+IF(LEFT(基础信息!BK42,2)=H1,基础信息!BO42,0)+基础信息!Y40,""),""))+H24 -> 4 | I2: =IF(基础信息!$E$37="单持",IFERROR(IFERROR(VLOOKUP(基础信息!$D$39,装!$B:$AE,16,0),"0")+IFERROR(VLOOKUP(基础信息!$E$45,装!$B:$AE,16,0),"0")+IFERROR(VLOOKUP(基础信息!$E$47,装!$B:$AE,16,0),"0")+IFERROR(VLOOKUP(基础信息!$E$49,装!$B:$AE,16,0),"0")+IFERROR(VLOOKUP(基础信息!$E51,装!$B:$AE,16,0),"0")+IFERROR(VLOOKUP(基础信息!$AI$45,装!$B:$AE,16,0),"0")+IFERROR(VLOOKUP(基础信息!$AI$47,装!$B:$AE,16,0),"0")+IFERROR(VLOOKUP(基础信息!$AI$49,装!$B:$AE,16,0),"0")+IFERROR(VLOOKUP(基础信息!$AI$51,装!$B:$AE,16,0),"0")+IF(LEFT(基础信息!O42,2)=I1,基础信息!S42,0)+IF(LEFT(基础信息!AE42,2)=I1,基础信息!AI42,0)+IF(LEFT(基础信息!AU42,2)=I1,基础信息!AY42,0)+IF(LEFT(基础信息!BK42,2)=I1,基础信息!BO42,0)+基础信息!AA40,""),IF(基础信息!$E$37="双持",IFERROR(IFERROR(VLOOKUP(基础信息!$D$39,装!$B:$AE,17,0),"0")+IFERROR(VLOOKUP(基础信息!$E$45,装!$B:$AE,17,0),"0")+IFERROR(VLOOKUP(基础信息!$E$47,装!$B:$AE,17,0),"0")+IFERROR(VLOOKUP(基础信息!$E$49,装!$B:$AE,17,0),"0")+IFERROR(VLOOKUP(基础信息!$E$51,装!$B:$AE,17,0),"0")+IFERROR(VLOOKUP(基础信息!$AI$51,装!$B:$AE,17,0),"0")+IFERROR(VLOOKUP(基础信息!$AI$49,装!$B:$AE,17,0),"0")+IFERROR(VLOOKUP(基础信息!$AI$47,装!$B:$AE,17,0),"0")+IFERROR(VLOOKUP(基础信息!$AI$45,装!$B:$AE,17,0),"0")+IF(LEFT(基础信息!O42,2)=I1,基础信息!S42,0)+IF(LEFT(基础信息!AE42,2)=I1,基础信息!AI42,0)+IF(LEFT(基础信息!AU42,2)=I1,基础信息!AY42,0)+IF(LEFT(基础信息!BK42,2)=I1,基础信息!BO42,0)+基础信息!AA40,""),""))+I24 -> -3 | J2: =IFERROR(IFERROR(VLOOKUP(基础信息!$D$39,装!$B:$AE,18,0),"0")+IFERROR(VLOOKUP(基础信息!$E$45,装!$B:$AE,18,0),"0")+IFERROR(VLOOKUP(基础信息!$E$47,装!$B:$AE,18,0),"0")+IFERROR(VLOOKUP(基础信息!$E$49,装!$B:$AE,18,0),"0")+IFERROR(VLOOKUP(基础信息!$E$51,装!$B:$AE,18,0),"0")+IFERROR(VLOOKUP(基础信息!$AI$51,装!$B:$AE,18,0),"0")+IFERROR(VLOOKUP(基础信息!$AI$49,装!$B:$AE,18,0),"0")+IFERROR(VLOOKUP(基础信息!$AI$47,装!$B:$AE,18,0),"0")+IFERROR(VLOOKUP(基础信息!$AI$45,装!$B:$AE,18,0),"0")+IF(LEFT(基础信息!O42,2)=J1,基础信息!S42,0)+IF(LEFT(基础信息!AE42,2)=J1,基础信息!AI42,0)+IF(LEFT(基础信息!AU42,2)=J1,基础信息!AY42,0)+IF(LEFT(基础信息!BK42,2)=J1,基础信息!BO42,0)+基础信息!AC40,"")+J24 -> 0 | K2: =IFERROR(IFERROR(VLOOKUP(基础信息!$D$39,装!$B:$AE,19,0),"0")+IFERROR(VLOOKUP(基础信息!$E$45,装!$B:$AE,19,0),"0")+IFERROR(VLOOKUP(基础信息!$E$47,装!$B:$AE,19,0),"0")+IFERROR(VLOOKUP(基础信息!$E$49,装!$B:$AE,19,0),"0")+IFERROR(VLOOKUP(基础信息!$E$51,装!$B:$AE,19,0),"0")+IFERROR(VLOOKUP(基础信息!$AI$51,装!$B:$AE,19,0),"0")+IFERROR(VLOOKUP(基础信息!$AI$49,装!$B:$AE,19,0),"0")+IFERROR(VLOOKUP(基础信息!$AI$47,装!$B:$AE,19,0),"0")+IFERROR(VLOOKUP(基础信息!$AI$45,装!$B:$AE,19,0),"0")+IF(LEFT(基础信息!O42,2)=K1,基础信息!S42,0)+IF(LEFT(基础信息!AE42,2)=K1,基础信息!AI42,0)+IF(LEFT(基础信息!AU42,2)=K1,基础信息!AY42,0)+IF(LEFT(基础信息!BK42,2)=K1,基础信息!BO42,0)+基础信息!AE40,"")+K24 -> 0 | L2: =IFERROR(IFERROR(VLOOKUP(基础信息!$D$39,装!$B:$AE,20,0),"0")+IFERROR(VLOOKUP(基础信息!$E$45,装!$B:$AE,20,0),"0")+IFERROR(VLOOKUP(基础信息!$E$47,装!$B:$AE,20,0),"0")+IFERROR(VLOOKUP(基础信息!$E$49,装!$B:$AE,20,0),"0")+IFERROR(VLOOKUP(基础信息!$E$51,装!$B:$AE,20,0),"0")+IFERROR(VLOOKUP(基础信息!$AI$51,装!$B:$AE,20,0),"0")+IFERROR(VLOOKUP(基础信息!$AI$49,装!$B:$AE,20,0),"0")+IFERROR(VLOOKUP(基础信息!$AI$47,装!$B:$AE,20,0),"0")+IFERROR(VLOOKUP(基础信息!$AI$45,装!$B:$AE,20,0),"0")+IF(LEFT(基础信息!O42,2)=L1,基础信息!S42,0)+IF(LEFT(基础信息!AE42,2)=L1,基础信息!AI42,0)+IF(LEFT(基础信息!AU42,2)=L1,基础信息!AY42,0)+IF(LEFT(基础信息!BK42,2)=L1,基础信息!BO42,0)+基础信息!AG40,"")+L24 -> 0 | O2: =IFERROR(_xlfn.IFS(基础信息!D41="剑",1,基础信息!D41="斧",1,基础信息!D41="枪",1,基础信息!D41="锤",1,基础信息!D41="空手",1,基础信息!D41="盾",1,基础信息!D41="射击",2,基础信息!D41="魔法",3),0) -> 3
A3: 武器2追加 | B3: =IFERROR(IFERROR(VLOOKUP(基础信息!$D$57,装!$B:$AE,7,0),"0")+IFERROR(VLOOKUP(基础信息!$E$63,装!$B:$AE,7,0),"0")+IFERROR(VLOOKUP(基础信息!$E$65,装!$B:$AE,7,0),"0")+IFERROR(VLOOKUP(基础信息!$E$67,装!$B:$AE,7,0),"0")+IFERROR(VLOOKUP(基础信息!$E$69,装!$B:$AE,7,0),"0")+IFERROR(VLOOKUP(基础信息!$AI$63,装!$B:$AE,7,0),"0")+IFERROR(VLOOKUP(基础信息!$AI$65,装!$B:$AE,7,0),"0")+IFERROR(VLOOKUP(基础信息!$AI$67,装!$B:$AE,7,0),"0")+IFERROR(VLOOKUP(基础信息!$AI$69,装!$B:$AE,7,0),"0")+IF(LEFT(基础信息!O60,2)=B1,基础信息!S60,0)+IF(LEFT(基础信息!AE60,2)=B1,基础信息!AI60,0)+IF(LEFT(基础信息!AU60,2)=B1,基础信息!AY60,0)+IF(LEFT(基础信息!BK60,2)=B1,基础信息!BO60,0)+基础信息!M58,"")+B25 -> 0 | C3: =IFERROR(IFERROR(VLOOKUP(基础信息!$D$57,装!$B:$AE,8,0),"0")+IFERROR(VLOOKUP(基础信息!$E$63,装!$B:$AE,8,0),"0")+IFERROR(VLOOKUP(基础信息!$E$65,装!$B:$AE,8,0),"0")+IFERROR(VLOOKUP(基础信息!$E$67,装!$B:$AE,8,0),"0")+IFERROR(VLOOKUP(基础信息!$E$69,装!$B:$AE,8,0),"0")+IFERROR(VLOOKUP(基础信息!$AI$63,装!$B:$AE,8,0),"0")+IFERROR(VLOOKUP(基础信息!$AI$65,装!$B:$AE,8,0),"0")+IFERROR(VLOOKUP(基础信息!$AI$67,装!$B:$AE,8,0),"0")+IFERROR(VLOOKUP(基础信息!$AI$69,装!$B:$AE,8,0),"0")+IF(LEFT(基础信息!O60,2)=C1,基础信息!S60,0)+IF(LEFT(基础信息!AE60,2)=C1,基础信息!AI60,0)+IF(LEFT(基础信息!AU60,2)=C1,基础信息!AY60,0)+IF(LEFT(基础信息!BK60,2)=C1,基础信息!BO60,0)+基础信息!O58,"")+C25 -> 0 | D3: =IFERROR(IFERROR(VLOOKUP(基础信息!$D$57,装!$B:$AE,9,0),"0")+IFERROR(VLOOKUP(基础信息!$E$63,装!$B:$AE,9,0),"0")+IFERROR(VLOOKUP(基础信息!$E$65,装!$B:$AE,9,0),"0")+IFERROR(VLOOKUP(基础信息!$E$67,装!$B:$AE,9,0),"0")+IFERROR(VLOOKUP(基础信息!$E$69,装!$B:$AE,9,0),"0")+IFERROR(VLOOKUP(基础信息!$AI$63,装!$B:$AE,9,0),"0")+IFERROR(VLOOKUP(基础信息!$AI$65,装!$B:$AE,9,0),"0")+IFERROR(VLOOKUP(基础信息!$AI$67,装!$B:$AE,9,0),"0")+IFERROR(VLOOKUP(基础信息!$AI$69,装!$B:$AE,9,0),"0")+IF(LEFT(基础信息!O60,2)=D1,基础信息!S60,0)+IF(LEFT(基础信息!AE60,2)=D1,基础信息!AI60,0)+IF(LEFT(基础信息!AU60,2)=D1,基础信息!AY60,0)+IF(LEFT(基础信息!BK60,2)=D1,基础信息!BO60,0)+基础信息!Q58,"")+D25 -> 0 | E3: =IFERROR(IFERROR(VLOOKUP(基础信息!$D$57,装!$B:$AE,10,0),"0")+IFERROR(VLOOKUP(基础信息!$E$63,装!$B:$AE,10,0),"0")+IFERROR(VLOOKUP(基础信息!$E$65,装!$B:$AE,10,0),"0")+IFERROR(VLOOKUP(基础信息!$E$67,装!$B:$AE,10,0),"0")+IFERROR(VLOOKUP(基础信息!$E$69,装!$B:$AE,10,0),"0")+IFERROR(VLOOKUP(基础信息!$AI$63,装!$B:$AE,10,0),"0")+IFERROR(VLOOKUP(基础信息!$AI$65,装!$B:$AE,10,0),"0")+IFERROR(VLOOKUP(基础信息!$AI$67,装!$B:$AE,10,0),"0")+IFERROR(VLOOKUP(基础信息!$AI$69,装!$B:$AE,10,0),"0")+IF(LEFT(基础信息!O60,2)=E1,基础信息!S60,0)+IF(LEFT(基础信息!AE60,2)=E1,基础信息!AI60,0)+IF(LEFT(基础信息!AU60,2)=E1,基础信息!AY60,0)+IF(LEFT(基础信息!BK60,2)=E1,基础信息!BO60,0)+基础信息!S58,"")+E25 -> 0 | F3: =IFERROR(IFERROR(VLOOKUP(基础信息!$D$57,装!$B:$AE,11,0),"0")+IFERROR(VLOOKUP(基础信息!$E$63,装!$B:$AE,11,0),"0")+IFERROR(VLOOKUP(基础信息!$E$65,装!$B:$AE,11,0),"0")+IFERROR(VLOOKUP(基础信息!$E$67,装!$B:$AE,11,0),"0")+IFERROR(VLOOKUP(基础信息!$E$69,装!$B:$AE,11,0),"0")+IFERROR(VLOOKUP(基础信息!$AI$63,装!$B:$AE,11,0),"0")+IFERROR(VLOOKUP(基础信息!$AI$65,装!$B:$AE,11,0),"0")+IFERROR(VLOOKUP(基础信息!$AI$67,装!$B:$AE,11,0),"0")+IFERROR(VLOOKUP(基础信息!$AI$69,装!$B:$AE,11,0),"0")+IF(LEFT(基础信息!O60,2)=F1,基础信息!S60,0)+IF(LEFT(基础信息!AE60,2)=F1,基础信息!AI60,0)+IF(LEFT(基础信息!AU60,2)=F1,基础信息!AY60,0)+IF(LEFT(基础信息!BK60,2)=F1,基础信息!BO60,0)+基础信息!U58,"")+F25 -> 0 | G3: =IF(基础信息!$E$55="单持",IFERROR(IFERROR(VLOOKUP(基础信息!$D$57,装!$B:$AE,12,0),"0")+IFERROR(VLOOKUP(基础信息!$E$63,装!$B:$AE,12,0),"0")+IFERROR(VLOOKUP(基础信息!$E$65,装!$B:$AE,12,0),"0")+IFERROR(VLOOKUP(基础信息!$E$67,装!$B:$AE,12,0),"0")+IFERROR(VLOOKUP(基础信息!$E$69,装!$B:$AE,12,0),"0")+IFERROR(VLOOKUP(基础信息!$AI$63,装!$B:$AE,12,0),"0")+IFERROR(VLOOKUP(基础信息!$AI$65,装!$B:$AE,12,0),"0")+IFERROR(VLOOKUP(基础信息!$AI$67,装!$B:$AE,12,0),"0")+IFERROR(VLOOKUP(基础信息!$AI$69,装!$B:$AE,12,0),"0")+IF(LEFT(基础信息!O60,2)=G1,基础信息!S60,0)+IF(LEFT(基础信息!AE60,2)=G1,基础信息!AI60,0)+IF(LEFT(基础信息!AU60,2)=G1,基础信息!AY60,0)+IF(LEFT(基础信息!BK60,2)=G1,基础信息!BO60,0)+基础信息!W58,""),IF(基础信息!$E$55="双持",IFERROR(IFERROR(VLOOKUP(基础信息!$D$57,装!$B:$AE,13,0),"0")+IFERROR(VLOOKUP(基础信息!$E$63,装!$B:$AE,13,0),"0")+IFERROR(VLOOKUP(基础信息!$E$65,装!$B:$AE,13,0),"0")+IFERROR(VLOOKUP(基础信息!$E$67,装!$B:$AE,13,0),"0")+IFERROR(VLOOKUP(基础信息!$E$69,装!$B:$AE,13,0),"0")+IFERROR(VLOOKUP(基础信息!$AI$63,装!$B:$AE,13,0),"0")+IFERROR(VLOOKUP(基础信息!$AI$65,装!$B:$AE,13,0),"0")+IFERROR(VLOOKUP(基础信息!$AI$67,装!$B:$AE,13,0),"0")+IFERROR(VLOOKUP(基础信息!$AI$69,装!$B:$AE,13,0),"0")+IF(LEFT(基础信息!O60,2)=G1,基础信息!S60,0)+IF(LEFT(基础信息!AE60,2)=G1,基础信息!AI60,0)+IF(LEFT(基础信息!AU60,2)=G1,基础信息!AY60,0)+IF(LEFT(基础信息!BK60,2)=G1,基础信息!BO60,0)+基础信息!W58,""),""))+G25 -> 0 | H3: =IF(基础信息!$E$55="单持",IFERROR(IFERROR(VLOOKUP(基础信息!$D$57,装!$B:$AE,14,0),"0")+IFERROR(VLOOKUP(基础信息!$E$63,装!$B:$AE,14,0),"0")+IFERROR(VLOOKUP(基础信息!$E$65,装!$B:$AE,14,0),"0")+IFERROR(VLOOKUP(基础信息!$E$67,装!$B:$AE,14,0),"0")+IFERROR(VLOOKUP(基础信息!$E$69,装!$B:$AE,14,0),"0")+IFERROR(VLOOKUP(基础信息!$AI$63,装!$B:$AE,14,0),"0")+IFERROR(VLOOKUP(基础信息!$AI$65,装!$B:$AE,14,0),"0")+IFERROR(VLOOKUP(基础信息!$AI$67,装!$B:$AE,14,0),"0")+IFERROR(VLOOKUP(基础信息!$AI$69,装!$B:$AE,14,0),"0")+IF(LEFT(基础信息!O60,2)=H1,基础信息!S60,0)+IF(LEFT(基础信息!AE60,2)=H1,基础信息!AI60,0)+IF(LEFT(基础信息!AU60,2)=H1,基础信息!AY60,0)+IF(LEFT(基础信息!BK60,2)=H1,基础信息!BO60,0)+基础信息!Y58,""),IF(基础信息!$E$55="双持",IFERROR(IFERROR(VLOOKUP(基础信息!$D$57,装!$B:$AE,15,0),"0")+IFERROR(VLOOKUP(基础信息!$E$63,装!$B:$AE,15,0),"0")+IFERROR(VLOOKUP(基础信息!$E$65,装!$B:$AE,15,0),"0")+IFERROR(VLOOKUP(基础信息!$E$67,装!$B:$AE,15,0),"0")+IFERROR(VLOOKUP(基础信息!$E$69,装!$B:$AE,15,0),"0")+IFERROR(VLOOKUP(基础信息!$AI$63,装!$B:$AE,15,0),"0")+IFERROR(VLOOKUP(基础信息!$AI$65,装!$B:$AE,15,0),"0")+IFERROR(VLOOKUP(基础信息!$AI$67,装!$B:$AE,15,0),"0")+IFERROR(VLOOKUP(基础信息!$AI$69,装!$B:$AE,15,0),"0")+IF(LEFT(基础信息!O60,2)=H1,基础信息!S60,0)+IF(LEFT(基础信息!AE60,2)=H1,基础信息!AI60,0)+IF(LEFT(基础信息!AU60,2)=H1,基础信息!AY60,0)+IF(LEFT(基础信息!BK60,2)=H1,基础信息!BO60,0)+基础信息!Y58,""),""))+H25 -> 0 | I3: =IF(基础信息!$E$55="单持",IFERROR(IFERROR(VLOOKUP(基础信息!$D$57,装!$B:$AE,16,0),"0")+IFERROR(VLOOKUP(基础信息!$E$63,装!$B:$AE,16,0),"0")+IFERROR(VLOOKUP(基础信息!$E$65,装!$B:$AE,16,0),"0")+IFERROR(VLOOKUP(基础信息!$E$67,装!$B:$AE,16,0),"0")+IFERROR(VLOOKUP(基础信息!$E$69,装!$B:$AE,16,0),"0")+IFERROR(VLOOKUP(基础信息!$AI$63,装!$B:$AE,16,0),"0")+IFERROR(VLOOKUP(基础信息!$AI$65,装!$B:$AE,16,0),"0")+IFERROR(VLOOKUP(基础信息!$AI$67,装!$B:$AE,16,0),"0")+IFERROR(VLOOKUP(基础信息!$AI$69,装!$B:$AE,16,0),"0")+IF(LEFT(基础信息!O60,2)=I1,基础信息!S60,0)+IF(LEFT(基础信息!AE60,2)=I1,基础信息!AI60,0)+IF(LEFT(基础信息!AU60,2)=I1,基础信息!AY60,0)+IF(LEFT(基础信息!BK60,2)=I1,基础信息!BO60,0)+基础信息!AA58,""),IF(基础信息!$E$55="双持",IFERROR(IFERROR(VLOOKUP(基础信息!$D$57,装!$B:$AE,17,0),"0")+IFERROR(VLOOKUP(基础信息!$E$63,装!$B:$AE,17,0),"0")+IFERROR(VLOOKUP(基础信息!$E$65,装!$B:$AE,17,0),"0")+IFERROR(VLOOKUP(基础信息!$E$67,装!$B:$AE,17,0),"0")+IFERROR(VLOOKUP(基础信息!$E$69,装!$B:$AE,17,0),"0")+IFERROR(VLOOKUP(基础信息!$AI$63,装!$B:$AE,17,0),"0")+IFERROR(VLOOKUP(基础信息!$AI$65,装!$B:$AE,17,0),"0")+IFERROR(VLOOKUP(基础信息!$AI$67,装!$B:$AE,17,0),"0")+IFERROR(VLOOKUP(基础信息!$AI$69,装!$B:$AE,17,0),"0")+IF(LEFT(基础信息!O60,2)=I1,基础信息!S60,0)+IF(LEFT(基础信息!AE60,2)=I1,基础信息!AI60,0)+IF(LEFT(基础信息!AU60,2)=I1,基础信息!AY60,0)+IF(LEFT(基础信息!BK60,2)=I1,基础信息!BO60,0)+基础信息!AA58,""),""))+I25 -> 0 | J3: =IFERROR(IFERROR(VLOOKUP(基础信息!$D$57,装!$B:$AE,18,0),"0")+IFERROR(VLOOKUP(基础信息!$E$63,装!$B:$AE,18,0),"0")+IFERROR(VLOOKUP(基础信息!$E$65,装!$B:$AE,18,0),"0")+IFERROR(VLOOKUP(基础信息!$E$67,装!$B:$AE,18,0),"0")+IFERROR(VLOOKUP(基础信息!$E$69,装!$B:$AE,18,0),"0")+IFERROR(VLOOKUP(基础信息!$AI$63,装!$B:$AE,18,0),"0")+IFERROR(VLOOKUP(基础信息!$AI$65,装!$B:$AE,18,0),"0")+IFERROR(VLOOKUP(基础信息!$AI$67,装!$B:$AE,18,0),"0")+IFERROR(VLOOKUP(基础信息!$AI$69,装!$B:$AE,18,0),"0")+IF(LEFT(基础信息!O60,2)=J1,基础信息!S60,0)+IF(LEFT(基础信息!AE60,2)=J1,基础信息!AI60,0)+IF(LEFT(基础信息!AU60,2)=J1,基础信息!AY60,0)+IF(LEFT(基础信息!BK60,2)=J1,基础信息!BO60,0)+基础信息!AC58,"")+J25 -> 0 | K3: =IFERROR(IFERROR(VLOOKUP(基础信息!$D$57,装!$B:$AE,19,0),"0")+IFERROR(VLOOKUP(基础信息!$E$63,装!$B:$AE,19,0),"0")+IFERROR(VLOOKUP(基础信息!$E$65,装!$B:$AE,19,0),"0")+IFERROR(VLOOKUP(基础信息!$E$67,装!$B:$AE,19,0),"0")+IFERROR(VLOOKUP(基础信息!$E$69,装!$B:$AE,19,0),"0")+IFERROR(VLOOKUP(基础信息!$AI$63,装!$B:$AE,19,0),"0")+IFERROR(VLOOKUP(基础信息!$AI$65,装!$B:$AE,19,0),"0")+IFERROR(VLOOKUP(基础信息!$AI$67,装!$B:$AE,19,0),"0")+IFERROR(VLOOKUP(基础信息!$AI$69,装!$B:$AE,19,0),"0")+IF(LEFT(基础信息!O60,2)=K1,基础信息!S60,0)+IF(LEFT(基础信息!AE60,2)=K1,基础信息!AI60,0)+IF(LEFT(基础信息!AU60,2)=K1,基础信息!AY60,0)+IF(LEFT(基础信息!BK60,2)=K1,基础信息!BO60,0)+基础信息!AE58,"")+K25 -> 0 | L3: =IFERROR(IFERROR(VLOOKUP(基础信息!$D$57,装!$B:$AE,20,0),"0")+IFERROR(VLOOKUP(基础信息!$E$63,装!$B:$AE,20,0),"0")+IFERROR(VLOOKUP(基础信息!$E$65,装!$B:$AE,20,0),"0")+IFERROR(VLOOKUP(基础信息!$E$67,装!$B:$AE,20,0),"0")+IFERROR(VLOOKUP(基础信息!$E$69,装!$B:$AE,20,0),"0")+IFERROR(VLOOKUP(基础信息!$AI$63,装!$B:$AE,20,0),"0")+IFERROR(VLOOKUP(基础信息!$AI$65,装!$B:$AE,20,0),"0")+IFERROR(VLOOKUP(基础信息!$AI$67,装!$B:$AE,20,0),"0")+IFERROR(VLOOKUP(基础信息!$AI$69,装!$B:$AE,20,0),"0")+IF(LEFT(基础信息!O60,2)=L1,基础信息!S60,0)+IF(LEFT(基础信息!AE60,2)=L1,基础信息!AI60,0)+IF(LEFT(基础信息!AU60,2)=L1,基础信息!AY60,0)+IF(LEFT(基础信息!BK60,2)=L1,基础信息!BO60,0)+基础信息!AG58,"")+L25 -> 0 | O3: =IFERROR(_xlfn.IFS(基础信息!D59="剑",1,基础信息!D59="斧",1,基础信息!D59="枪",1,基础信息!D59="锤",1,基础信息!D59="空手",1,基础信息!D59="盾",1,基础信息!D59="射击",2,基础信息!D59="魔法",3),0) -> 1
A4: 武器3追加 | B4: =IFERROR(IFERROR(VLOOKUP(基础信息!$D$101,装!$B:$AE,7,0),"0")+IFERROR(VLOOKUP(基础信息!$E$107,装!$B:$AE,7,0),"0")+IFERROR(VLOOKUP(基础信息!$E$109,装!$B:$AE,7,0),"0")+IFERROR(VLOOKUP(基础信息!$E$111,装!$B:$AE,7,0),"0")+IFERROR(VLOOKUP(基础信息!$E$113,装!$B:$AE,7,0),"0")+IFERROR(VLOOKUP(基础信息!$AI$107,装!$B:$AE,7,0),"0")+IFERROR(VLOOKUP(基础信息!$AI$109,装!$B:$AE,7,0),"0")+IFERROR(VLOOKUP(基础信息!$AI$111,装!$B:$AE,7,0),"0")+IFERROR(VLOOKUP(基础信息!$AI$113,装!$B:$AE,7,0),"0")+IF(LEFT(基础信息!O104,2)=B2,基础信息!S104,0)+IF(LEFT(基础信息!AE104,2)=B2,基础信息!AI104,0)+IF(LEFT(基础信息!AU104,2)=B2,基础信息!AY104,0)+IF(LEFT(基础信息!BK104,2)=B2,基础信息!BO104,0)+基础信息!M102,"")+B29 -> 0 | C4: =IFERROR(IFERROR(VLOOKUP(基础信息!$D$101,装!$B:$AE,8,0),"0")+IFERROR(VLOOKUP(基础信息!$E$107,装!$B:$AE,8,0),"0")+IFERROR(VLOOKUP(基础信息!$E$109,装!$B:$AE,8,0),"0")+IFERROR(VLOOKUP(基础信息!$E$111,装!$B:$AE,8,0),"0")+IFERROR(VLOOKUP(基础信息!$E$113,装!$B:$AE,8,0),"0")+IFERROR(VLOOKUP(基础信息!$AI$107,装!$B:$AE,8,0),"0")+IFERROR(VLOOKUP(基础信息!$AI$109,装!$B:$AE,8,0),"0")+IFERROR(VLOOKUP(基础信息!$AI$111,装!$B:$AE,8,0),"0")+IFERROR(VLOOKUP(基础信息!$AI$113,装!$B:$AE,8,0),"0")+IF(LEFT(基础信息!O104,2)=B2,基础信息!S104,0)+IF(LEFT(基础信息!AE104,2)=B2,基础信息!AI104,0)+IF(LEFT(基础信息!AU104,2)=B2,基础信息!AY104,0)+IF(LEFT(基础信息!BK104,2)=B2,基础信息!BO104,0)+基础信息!O102,"")+C29 -> 0 | D4: =IFERROR(IFERROR(VLOOKUP(基础信息!$D$101,装!$B:$AE,9,0),"0")+IFERROR(VLOOKUP(基础信息!$E$107,装!$B:$AE,9,0),"0")+IFERROR(VLOOKUP(基础信息!$E$109,装!$B:$AE,9,0),"0")+IFERROR(VLOOKUP(基础信息!$E$111,装!$B:$AE,9,0),"0")+IFERROR(VLOOKUP(基础信息!$E$113,装!$B:$AE,9,0),"0")+IFERROR(VLOOKUP(基础信息!$AI$107,装!$B:$AE,9,0),"0")+IFERROR(VLOOKUP(基础信息!$AI$109,装!$B:$AE,9,0),"0")+IFERROR(VLOOKUP(基础信息!$AI$111,装!$B:$AE,9,0),"0")+IFERROR(VLOOKUP(基础信息!$AI$113,装!$B:$AE,9,0),"0")+IF(LEFT(基础信息!O104,2)=B2,基础信息!S104,0)+IF(LEFT(基础信息!AE104,2)=B2,基础信息!AI104,0)+IF(LEFT(基础信息!AU104,2)=B2,基础信息!AY104,0)+IF(LEFT(基础信息!BK104,2)=B2,基础信息!BO104,0)+基础信息!Q102,"")+D29 -> 0 | E4: =IFERROR(IFERROR(VLOOKUP(基础信息!$D$101,装!$B:$AE,10,0),"0")+IFERROR(VLOOKUP(基础信息!$E$107,装!$B:$AE,10,0),"0")+IFERROR(VLOOKUP(基础信息!$E$109,装!$B:$AE,10,0),"0")+IFERROR(VLOOKUP(基础信息!$E$111,装!$B:$AE,10,0),"0")+IFERROR(VLOOKUP(基础信息!$E$113,装!$B:$AE,10,0),"0")+IFERROR(VLOOKUP(基础信息!$AI$107,装!$B:$AE,10,0),"0")+IFERROR(VLOOKUP(基础信息!$AI$109,装!$B:$AE,10,0),"0")+IFERROR(VLOOKUP(基础信息!$AI$111,装!$B:$AE,10,0),"0")+IFERROR(VLOOKUP(基础信息!$AI$113,装!$B:$AE,10,0),"0")+IF(LEFT(基础信息!O104,2)=B2,基础信息!S104,0)+IF(LEFT(基础信息!AE104,2)=B2,基础信息!AI104,0)+IF(LEFT(基础信息!AU104,2)=B2,基础信息!AY104,0)+IF(LEFT(基础信息!BK104,2)=B2,基础信息!BO104,0)+基础信息!S102,"")+E29 -> 0 | F4: =IFERROR(IFERROR(VLOOKUP(基础信息!$D$101,装!$B:$AE,11,0),"0")+IFERROR(VLOOKUP(基础信息!$E$107,装!$B:$AE,11,0),"0")+IFERROR(VLOOKUP(基础信息!$E$109,装!$B:$AE,11,0),"0")+IFERROR(VLOOKUP(基础信息!$E$111,装!$B:$AE,11,0),"0")+IFERROR(VLOOKUP(基础信息!$E$113,装!$B:$AE,11,0),"0")+IFERROR(VLOOKUP(基础信息!$AI$107,装!$B:$AE,11,0),"0")+IFERROR(VLOOKUP(基础信息!$AI$109,装!$B:$AE,11,0),"0")+IFERROR(VLOOKUP(基础信息!$AI$111,装!$B:$AE,11,0),"0")+IFERROR(VLOOKUP(基础信息!$AI$113,装!$B:$AE,11,0),"0")+IF(LEFT(基础信息!O104,2)=B2,基础信息!S104,0)+IF(LEFT(基础信息!AE104,2)=B2,基础信息!AI104,0)+IF(LEFT(基础信息!AU104,2)=B2,基础信息!AY104,0)+IF(LEFT(基础信息!BK104,2)=B2,基础信息!BO104,0)+基础信息!U102,"")+F29 -> 0 | G4: =IF(基础信息!$E$99="单持",IFERROR(IFERROR(VLOOKUP(基础信息!$D$101,装!$B:$AE,12,0),"0")+IFERROR(VLOOKUP(基础信息!$E$107,装!$B:$AE,12,0),"0")+IFERROR(VLOOKUP(基础信息!$E$109,装!$B:$AE,12,0),"0")+IFERROR(VLOOKUP(基础信息!$E$111,装!$B:$AE,12,0),"0")+IFERROR(VLOOKUP(基础信息!$E$113,装!$B:$AE,12,0),"0")+IFERROR(VLOOKUP(基础信息!$AI$107,装!$B:$AE,12,0),"0")+IFERROR(VLOOKUP(基础信息!$AI$109,装!$B:$AE,12,0),"0")+IFERROR(VLOOKUP(基础信息!$AI$111,装!$B:$AE,12,0),"0")+IFERROR(VLOOKUP(基础信息!$AI$113,装!$B:$AE,12,0),"0")+IF(LEFT(基础信息!O104,2)=H1,基础信息!S104,0)+IF(LEFT(基础信息!AE104,2)=H1,基础信息!AI104,0)+IF(LEFT(基础信息!AU104,2)=H1,基础信息!AY104,0)+IF(LEFT(基础信息!BK104,2)=H1,基础信息!BO104,0)+基础信息!W102,""),IF(基础信息!$E$99="双持",IFERROR(IFERROR(VLOOKUP(基础信息!$D$101,装!$B:$AE,13,0),"0")+IFERROR(VLOOKUP(基础信息!$E$107,装!$B:$AE,13,0),"0")+IFERROR(VLOOKUP(基础信息!$E$109,装!$B:$AE,13,0),"0")+IFERROR(VLOOKUP(基础信息!$E$111,装!$B:$AE,13,0),"0")+IFERROR(VLOOKUP(基础信息!$E$113,装!$B:$AE,13,0),"0")+IFERROR(VLOOKUP(基础信息!$AI$107,装!$B:$AE,13,0),"0")+IFERROR(VLOOKUP(基础信息!$AI$109,装!$B:$AE,13,0),"0")+IFERROR(VLOOKUP(基础信息!$AI$111,装!$B:$AE,13,0),"0")+IFERROR(VLOOKUP(基础信息!$AI$113,装!$B:$AE,13,0),"0")+IF(LEFT(基础信息!O104,2)=H1,基础信息!S104,0)+IF(LEFT(基础信息!AE104,2)=H1,基础信息!AI104,0)+IF(LEFT(基础信息!AU104,2)=H1,基础信息!AY104,0)+IF(LEFT(基础信息!BK104,2)=H1,基础信息!BO104,0)+基础信息!W102,""),""))+G29 -> 0 | H4: =IF(基础信息!$E$99="单持",IFERROR(IFERROR(VLOOKUP(基础信息!$D$101,装!$B:$AE,14,0),"0")+IFERROR(VLOOKUP(基础信息!$E$107,装!$B:$AE,14,0),"0")+IFERROR(VLOOKUP(基础信息!$E$109,装!$B:$AE,14,0),"0")+IFERROR(VLOOKUP(基础信息!$E$111,装!$B:$AE,14,0),"0")+IFERROR(VLOOKUP(基础信息!$E$113,装!$B:$AE,14,0),"0")+IFERROR(VLOOKUP(基础信息!$AI$107,装!$B:$AE,14,0),"0")+IFERROR(VLOOKUP(基础信息!$AI$109,装!$B:$AE,14,0),"0")+IFERROR(VLOOKUP(基础信息!$AI$111,装!$B:$AE,14,0),"0")+IFERROR(VLOOKUP(基础信息!$AI$113,装!$B:$AE,14,0),"0")+IF(LEFT(基础信息!O104,2)=H1,基础信息!S104,0)+IF(LEFT(基础信息!AE104,2)=H1,基础信息!AI104,0)+IF(LEFT(基础信息!AU104,2)=H1,基础信息!AY104,0)+IF(LEFT(基础信息!BK104,2)=H1,基础信息!BO104,0)+基础信息!Y102,""),IF(基础信息!$E$99="双持",IFERROR(IFERROR(VLOOKUP(基础信息!$D$101,装!$B:$AE,15,0),"0")+IFERROR(VLOOKUP(基础信息!$E$107,装!$B:$AE,15,0),"0")+IFERROR(VLOOKUP(基础信息!$E$109,装!$B:$AE,15,0),"0")+IFERROR(VLOOKUP(基础信息!$E$111,装!$B:$AE,15,0),"0")+IFERROR(VLOOKUP(基础信息!$E$113,装!$B:$AE,15,0),"0")+IFERROR(VLOOKUP(基础信息!$AI$107,装!$B:$AE,15,0),"0")+IFERROR(VLOOKUP(基础信息!$AI$109,装!$B:$AE,15,0),"0")+IFERROR(VLOOKUP(基础信息!$AI$111,装!$B:$AE,15,0),"0")+IFERROR(VLOOKUP(基础信息!$AI$113,装!$B:$AE,15,0),"0")+IF(LEFT(基础信息!O104,2)=H1,基础信息!S104,0)+IF(LEFT(基础信息!AE104,2)=H1,基础信息!AI104,0)+IF(LEFT(基础信息!AU104,2)=H1,基础信息!AY104,0)+IF(LEFT(基础信息!BK104,2)=H1,基础信息!BO104,0)+基础信息!Y102,""),""))+H29 -> 0 | I4: =IF(基础信息!$E$99="单持",IFERROR(IFERROR(VLOOKUP(基础信息!$D$101,装!$B:$AE,16,0),"0")+IFERROR(VLOOKUP(基础信息!$E$107,装!$B:$AE,16,0),"0")+IFERROR(VLOOKUP(基础信息!$E$109,装!$B:$AE,16,0),"0")+IFERROR(VLOOKUP(基础信息!$E$111,装!$B:$AE,16,0),"0")+IFERROR(VLOOKUP(基础信息!$E$113,装!$B:$AE,16,0),"0")+IFERROR(VLOOKUP(基础信息!$AI$107,装!$B:$AE,16,0),"0")+IFERROR(VLOOKUP(基础信息!$AI$109,装!$B:$AE,16,0),"0")+IFERROR(VLOOKUP(基础信息!$AI$111,装!$B:$AE,16,0),"0")+IFERROR(VLOOKUP(基础信息!$AI$113,装!$B:$AE,16,0),"0")+IF(LEFT(基础信息!O104,2)=H1,基础信息!S104,0)+IF(LEFT(基础信息!AE104,2)=H1,基础信息!AI104,0)+IF(LEFT(基础信息!AU104,2)=H1,基础信息!AY104,0)+IF(LEFT(基础信息!BK104,2)=H1,基础信息!BO104,0)+基础信息!AA102,""),IF(基础信息!$E$99="双持",IFERROR(IFERROR(VLOOKUP(基础信息!$D$101,装!$B:$AE,17,0),"0")+IFERROR(VLOOKUP(基础信息!$E$107,装!$B:$AE,17,0),"0")+IFERROR(VLOOKUP(基础信息!$E$109,装!$B:$AE,17,0),"0")+IFERROR(VLOOKUP(基础信息!$E$111,装!$B:$AE,17,0),"0")+IFERROR(VLOOKUP(基础信息!$E$113,装!$B:$AE,17,0),"0")+IFERROR(VLOOKUP(基础信息!$AI$107,装!$B:$AE,17,0),"0")+IFERROR(VLOOKUP(基础信息!$AI$109,装!$B:$AE,17,0),"0")+IFERROR(VLOOKUP(基础信息!$AI$111,装!$B:$AE,17,0),"0")+IFERROR(VLOOKUP(基础信息!$AI$113,装!$B:$AE,17,0),"0")+IF(LEFT(基础信息!O104,2)=H1,基础信息!S104,0)+IF(LEFT(基础信息!AE104,2)=H1,基础信息!AI104,0)+IF(LEFT(基础信息!AU104,2)=H1,基础信息!AY104,0)+IF(LEFT(基础信息!BK104,2)=H1,基础信息!BO104,0)+基础信息!AA102,""),""))+I29 -> 0 | J4: =IFERROR(IFERROR(VLOOKUP(基础信息!$D$101,装!$B:$AE,18,0),"0")+IFERROR(VLOOKUP(基础信息!$E$107,装!$B:$AE,18,0),"0")+IFERROR(VLOOKUP(基础信息!$E$109,装!$B:$AE,18,0),"0")+IFERROR(VLOOKUP(基础信息!$E$111,装!$B:$AE,18,0),"0")+IFERROR(VLOOKUP(基础信息!$E$113,装!$B:$AE,18,0),"0")+IFERROR(VLOOKUP(基础信息!$AI$107,装!$B:$AE,18,0),"0")+IFERROR(VLOOKUP(基础信息!$AI$109,装!$B:$AE,18,0),"0")+IFERROR(VLOOKUP(基础信息!$AI$111,装!$B:$AE,18,0),"0")+IFERROR(VLOOKUP(基础信息!$AI$113,装!$B:$AE,18,0),"0")+IF(LEFT(基础信息!O104,2)=B2,基础信息!S104,0)+IF(LEFT(基础信息!AE104,2)=B2,基础信息!AI104,0)+IF(LEFT(基础信息!AU104,2)=B2,基础信息!AY104,0)+IF(LEFT(基础信息!BK104,2)=B2,基础信息!BO104,0)+基础信息!AC102,"")+J29 -> 0 | K4: =IFERROR(IFERROR(VLOOKUP(基础信息!$D$101,装!$B:$AE,19,0),"0")+IFERROR(VLOOKUP(基础信息!$E$107,装!$B:$AE,19,0),"0")+IFERROR(VLOOKUP(基础信息!$E$109,装!$B:$AE,19,0),"0")+IFERROR(VLOOKUP(基础信息!$E$111,装!$B:$AE,19,0),"0")+IFERROR(VLOOKUP(基础信息!$E$113,装!$B:$AE,19,0),"0")+IFERROR(VLOOKUP(基础信息!$AI$107,装!$B:$AE,19,0),"0")+IFERROR(VLOOKUP(基础信息!$AI$109,装!$B:$AE,19,0),"0")+IFERROR(VLOOKUP(基础信息!$AI$111,装!$B:$AE,19,0),"0")+IFERROR(VLOOKUP(基础信息!$AI$113,装!$B:$AE,19,0),"0")+IF(LEFT(基础信息!O104,2)=B2,基础信息!S104,0)+IF(LEFT(基础信息!AE104,2)=B2,基础信息!AI104,0)+IF(LEFT(基础信息!AU104,2)=B2,基础信息!AY104,0)+IF(LEFT(基础信息!BK104,2)=B2,基础信息!BO104,0)+基础信息!AE102,"")+K29 -> 0 | L4: =IFERROR(IFERROR(VLOOKUP(基础信息!$D$101,装!$B:$AE,20,0),"0")+IFERROR(VLOOKUP(基础信息!$E$107,装!$B:$AE,20,0),"0")+IFERROR(VLOOKUP(基础信息!$E$109,装!$B:$AE,20,0),"0")+IFERROR(VLOOKUP(基础信息!$E$111,装!$B:$AE,20,0),"0")+IFERROR(VLOOKUP(基础信息!$E$113,装!$B:$AE,20,0),"0")+IFERROR(VLOOKUP(基础信息!$AI$107,装!$B:$AE,20,0),"0")+IFERROR(VLOOKUP(基础信息!$AI$109,装!$B:$AE,20,0),"0")+IFERROR(VLOOKUP(基础信息!$AI$111,装!$B:$AE,20,0),"0")+IFERROR(VLOOKUP(基础信息!$AI$113,装!$B:$AE,20,0),"0")+IF(LEFT(基础信息!O104,2)=B2,基础信息!S104,0)+IF(LEFT(基础信息!AE104,2)=B2,基础信息!AI104,0)+IF(LEFT(基础信息!AU104,2)=B2,基础信息!AY104,0)+IF(LEFT(基础信息!BK104,2)=B2,基础信息!BO104,0)+基础信息!AG102,"")+L29 -> 0 | O4: =IFERROR(_xlfn.IFS(基础信息!D103="剑",1,基础信息!D103="斧",1,基础信息!D103="枪",1,基础信息!D103="锤",1,基础信息!D103="空手",1,基础信息!D103="盾",1,基础信息!D103="射击",2,基础信息!D103="魔法",3),0) -> 3
A5: 防具追加 | B5: =IFERROR(IFERROR(VLOOKUP(基础信息!$D$75,装!$B:$AE,7,0),"0")+IF(LEFT(基础信息!W77,2)=B1,基础信息!AA77,0)+IF(LEFT(基础信息!W79,2)=B1,基础信息!AA79,0)+基础信息!M76,"")+B26 -> 0 | C5: =IFERROR(IFERROR(VLOOKUP(基础信息!$D$75,装!$B:$AE,8,0),"0")+IF(LEFT(基础信息!W77,2)=C1,基础信息!AA77,0)+IF(LEFT(基础信息!W79,2)=C1,基础信息!AA79,0)+基础信息!O76,"")+C26 -> 0 | D5: =IFERROR(IFERROR(VLOOKUP(基础信息!$D$75,装!$B:$AE,9,0),"0")+IF(LEFT(基础信息!W77,2)=D1,基础信息!AA77,0)+IF(LEFT(基础信息!W79,2)=D1,基础信息!AA79,0)+基础信息!Q76,"")+D26 -> 0 | E5: =IFERROR(IFERROR(VLOOKUP(基础信息!$D$75,装!$B:$AE,10,0),"0")+IF(LEFT(基础信息!W77,2)=E1,基础信息!AA77,0)+IF(LEFT(基础信息!W79,2)=E1,基础信息!AA79,0)+基础信息!S76,"")+E26 -> 0 | F5: =IFERROR(IFERROR(VLOOKUP(基础信息!$D$75,装!$B:$AE,11,0),"0")+IF(LEFT(基础信息!W77,2)=F1,基础信息!AA77,0)+IF(LEFT(基础信息!W79,2)=F1,基础信息!AA79,0)+基础信息!U76,"")+F26 -> 0 | G5: =IFERROR(IFERROR(VLOOKUP(基础信息!$D$75,装!$B:$AE,12,0),"0")+IF(LEFT(基础信息!W77,2)=G1,基础信息!AA77,0)+IF(LEFT(基础信息!W79,2)=G1,基础信息!AA79,0)+基础信息!W76,"")+G26 -> 0 | H5: =IFERROR(IFERROR(VLOOKUP(基础信息!$D$75,装!$B:$AE,14,0),"0")+IF(LEFT(基础信息!W77,2)=H1,基础信息!AA77,0)+IF(LEFT(基础信息!W79,2)=H1,基础信息!AA79,0)+基础信息!Y76,"")+H26 -> 0 | I5: =IFERROR(IFERROR(VLOOKUP(基础信息!$D$75,装!$B:$AE,16,0),"0")+IF(LEFT(基础信息!W77,2)=I1,基础信息!AA77,0)+IF(LEFT(基础信息!W79,2)=I1,基础信息!AA79,0)+基础信息!AA76,"")+I26 -> 0 | J5: =IFERROR(IFERROR(VLOOKUP(基础信息!$D$75,装!$B:$AE,18,0),"0")+IF(LEFT(基础信息!W77,2)=J1,基础信息!AA77,0)+IF(LEFT(基础信息!W79,2)=J1,基础信息!AA79,0)+基础信息!AC76,"")+J26 -> 0 | K5: =IFERROR(IFERROR(VLOOKUP(基础信息!$D$75,装!$B:$AE,19,0),"0")+IF(LEFT(基础信息!W77,2)=K1,基础信息!AA77,0)+IF(LEFT(基础信息!W79,2)=K1,基础信息!AA79,0)+基础信息!AE76,"")+K26 -> 0 | L5: =IFERROR(IFERROR(VLOOKUP(基础信息!$D$75,装!$B:$AE,20,0),"0")+IF(LEFT(基础信息!W77,2)=L1,基础信息!AA77,0)+IF(LEFT(基础信息!W79,2)=L1,基础信息!AA79,0)+基础信息!AG76,"")+L26 -> 0
A6: 装饰1追加 | B6: =IFERROR(IFERROR(VLOOKUP(基础信息!$D$83,装!$B:$AE,7,0),"0")+IF(LEFT(基础信息!W85,2)=B1,基础信息!AA85,0)+IF(LEFT(基础信息!W87,2)=B1,基础信息!AA87,0)+基础信息!M84,"")+B27 -> 0 | C6: =IFERROR(IFERROR(VLOOKUP(基础信息!$D$83,装!$B:$AE,8,0),"0")+IF(LEFT(基础信息!W85,2)=C1,基础信息!AA85,0)+IF(LEFT(基础信息!W87,2)=C1,基础信息!AA87,0)+基础信息!O84,"")+C27 -> 0 | D6: =IFERROR(IFERROR(VLOOKUP(基础信息!$D$83,装!$B:$AE,9,0),"0")+IF(LEFT(基础信息!W85,2)=D1,基础信息!AA85,0)+IF(LEFT(基础信息!W87,2)=D1,基础信息!AA87,0)+基础信息!Q84,"")+E27 -> 0 | E6: =IFERROR(IFERROR(VLOOKUP(基础信息!$D$83,装!$B:$AE,10,0),"0")+IF(LEFT(基础信息!W85,2)=E1,基础信息!AA85,0)+IF(LEFT(基础信息!W87,2)=E1,基础信息!AA87,0)+基础信息!S84,"")+E27 -> 0 | F6: =IFERROR(IFERROR(VLOOKUP(基础信息!$D$83,装!$B:$AE,11,0),"0")+IF(LEFT(基础信息!W85,2)=F1,基础信息!AA85,0)+IF(LEFT(基础信息!W87,2)=F1,基础信息!AA87,0)+基础信息!U84,"")+F27 -> 0 | G6: =IFERROR(IFERROR(VLOOKUP(基础信息!$D$83,装!$B:$AE,12,0),"0")+IF(LEFT(基础信息!W85,2)=G1,基础信息!AA85,0)+IF(LEFT(基础信息!W87,2)=G1,基础信息!AA87,0)+基础信息!W84,"")+G27 -> 0 | H6: =IFERROR(IFERROR(VLOOKUP(基础信息!$D$83,装!$B:$AE,14,0),"0")+IF(LEFT(基础信息!W85,2)=H1,基础信息!AA85,0)+IF(LEFT(基础信息!W87,2)=H1,基础信息!AA87,0)+基础信息!Y84,"")+H27 -> 0 | I6: =IFERROR(IFERROR(VLOOKUP(基础信息!$D$83,装!$B:$AE,16,0),"0")+IF(LEFT(基础信息!W85,2)=I1,基础信息!AA85,0)+IF(LEFT(基础信息!W87,2)=I1,基础信息!AA87,0)+基础信息!AA84,"")+I27 -> 0 | J6: =IFERROR(IFERROR(VLOOKUP(基础信息!$D$83,装!$B:$AE,18,0),"0")+IF(LEFT(基础信息!W85,2)=J1,基础信息!AA85,0)+IF(LEFT(基础信息!W87,2)=J1,基础信息!AA87,0)+基础信息!AC84,"")+J27 -> 0 | K6: =IFERROR(IFERROR(VLOOKUP(基础信息!$D$83,装!$B:$AE,19,0),"0")+IF(LEFT(基础信息!W85,2)=K1,基础信息!AA85,0)+IF(LEFT(基础信息!W87,2)=K1,基础信息!AA87,0)+基础信息!AE84,"")+K27 -> 0 | L6: =IFERROR(IFERROR(VLOOKUP(基础信息!$D$83,装!$B:$AE,20,0),"0")+IF(LEFT(基础信息!W85,2)=L1,基础信息!AA85,0)+IF(LEFT(基础信息!W87,2)=L1,基础信息!AA87,0)+基础信息!AG84,"")+L27 -> 0
A7: 装饰2追加 | B7: =IFERROR(IFERROR(VLOOKUP(基础信息!$D$91,装!$B:$AE,7,0),"0")+IF(LEFT(基础信息!W93,2)=B1,基础信息!AA93,0)+IF(LEFT(基础信息!W95,2)=B1,基础信息!AA95,0)+基础信息!M92,"")+B28 -> 0 | C7: =IFERROR(IFERROR(VLOOKUP(基础信息!$D$91,装!$B:$AE,8,0),"0")+IF(LEFT(基础信息!W93,2)=C1,基础信息!AA93,0)+IF(LEFT(基础信息!W95,2)=C1,基础信息!AA95,0)+基础信息!O92,"")+C28 -> 0 | D7: =IFERROR(IFERROR(VLOOKUP(基础信息!$D$91,装!$B:$AE,9,0),"0")+IF(LEFT(基础信息!W93,2)=D1,基础信息!AA93,0)+IF(LEFT(基础信息!W95,2)=D1,基础信息!AA95,0)+基础信息!Q92,"")+D28 -> 0 | E7: =IFERROR(IFERROR(VLOOKUP(基础信息!$D$91,装!$B:$AE,10,0),"0")+IF(LEFT(基础信息!W93,2)=E1,基础信息!AA93,0)+IF(LEFT(基础信息!W95,2)=E1,基础信息!AA95,0)+基础信息!S92,"")+E28 -> 0 | F7: =IFERROR(IFERROR(VLOOKUP(基础信息!$D$91,装!$B:$AE,11,0),"0")+IF(LEFT(基础信息!W93,2)=F1,基础信息!AA93,0)+IF(LEFT(基础信息!W95,2)=F1,基础信息!AA95,0)+基础信息!U92,"")+F28 -> 0 | G7: =IFERROR(IFERROR(VLOOKUP(基础信息!$D$91,装!$B:$AE,12,0),"0")+IF(LEFT(基础信息!W93,2)=G1,基础信息!AA93,0)+IF(LEFT(基础信息!W95,2)=G1,基础信息!AA95,0)+基础信息!W92,"")+G28 -> 0 | H7: =IFERROR(IFERROR(VLOOKUP(基础信息!$D$91,装!$B:$AE,14,0),"0")+IF(LEFT(基础信息!W93,2)=H1,基础信息!AA93,0)+IF(LEFT(基础信息!W95,2)=H1,基础信息!AA95,0)+基础信息!Y92,"")+H28 -> 0 | I7: =IFERROR(IFERROR(VLOOKUP(基础信息!$D$91,装!$B:$AE,16,0),"0")+IF(LEFT(基础信息!W93,2)=I1,基础信息!AA93,0)+IF(LEFT(基础信息!W95,2)=I1,基础信息!AA95,0)+基础信息!AA92,"")+I28 -> 0 | J7: =IFERROR(IFERROR(VLOOKUP(基础信息!$D$91,装!$B:$AE,18,0),"0")+IF(LEFT(基础信息!W93,2)=J1,基础信息!AA93,0)+IF(LEFT(基础信息!W95,2)=J1,基础信息!AA95,0)+基础信息!AC92,"")+J28 -> 0 | K7: =IFERROR(IFERROR(VLOOKUP(基础信息!$D$91,装!$B:$AE,19,0),"0")+IF(LEFT(基础信息!W93,2)=K1,基础信息!AA93,0)+IF(LEFT(基础信息!W95,2)=K1,基础信息!AA95,0)+基础信息!AE92,"")+K28 -> 0 | L7: =IFERROR(IFERROR(VLOOKUP(基础信息!$D$91,装!$B:$AE,20,0),"0")+IF(LEFT(基础信息!W93,2)=L1,基础信息!AA93,0)+IF(LEFT(基础信息!W95,2)=L1,基础信息!AA95,0)+基础信息!AG92,"")+L28 -> 0
B8: =SUM(B2:B7)+IF(基础信息!$J$37="否",-B2,0)+IF(基础信息!$J$55="否",-B3,0) -> 0 | C8: =SUM(C2:C7)+IF(基础信息!$J$37="否",-C2,0)+IF(基础信息!$J$55="否",-C3,0) -> 0 | D8: =SUM(D2:D7)+IF(基础信息!$J$37="否",-D2,0)+IF(基础信息!$J$55="否",-D3,0) -> 0 | E8: =SUM(E2:E7)+IF(基础信息!$J$37="否",-E2,0)+IF(基础信息!$J$55="否",-E3,0) -> 0 | F8: =SUM(F2:F7)+IF(基础信息!$J$37="否",-F2,0)+IF(基础信息!$J$55="否",-F3,0) -> 0 | G8: =SUM(G2:G7)+IF(基础信息!$J$37="否",-G2,0)+IF(基础信息!$J$55="否",-G3,0) -> 0 | H8: =SUM(H2:H7)+IF(基础信息!$J$37="否",-H2,0)+IF(基础信息!$J$55="否",-H3,0) -> 4 | I8: =SUM(I2:I7)+IF(基础信息!$J$37="否",-I2,0)+IF(基础信息!$J$55="否",-I3,0) -> -3 | ... L8: =SUM(L2:L7)+IF(基础信息!$J$37="否",-L2,0)+IF(基础信息!$J$55="否",-L3,0) -> 0
A9: 武器1原生 | B9: =VLOOKUP(基础信息!$D$39,装!$B:$AE,7,0) -> 0 | C9: =VLOOKUP(基础信息!$D$39,装!$B:$AE,8,0) -> 0 | D9: =VLOOKUP(基础信息!$D$39,装!$B:$AE,9,0) -> 0 | E9: =VLOOKUP(基础信息!$D$39,装!$B:$AE,10,0) -> 0 | F9: =VLOOKUP(基础信息!$D$39,装!$B:$AE,11,0) -> 0 | G9: =IF(基础信息!$E$37="单持",VLOOKUP(基础信息!$D$39,装!$B:$AE,12,0),VLOOKUP(基础信息!$D$39,装!$B:$AE,13,0)) -> 0 | H9: =IF(基础信息!$E$37="单持",VLOOKUP(基础信息!$D$39,装!$B:$AE,14,0),VLOOKUP(基础信息!$D$39,装!$B:$AE,15,0)) -> 4 | I9: =IF(基础信息!$E$37="单持",VLOOKUP(基础信息!$D$39,装!$B:$AE,16,0),VLOOKUP(基础信息!$D$39,装!$B:$AE,17,0)) -> -3 | J9: =VLOOKUP(基础信息!$D$39,装!$B:$AE,18,0) -> 0 | K9: =VLOOKUP(基础信息!$D$39,装!$B:$AE,19,0) -> 0 | L9: =VLOOKUP(基础信息!$D$39,装!$B:$AE,20,0) -> 0
A10: 武器2原生 | B10: =VLOOKUP(基础信息!$D$57,装!$B:$AE,7,0) -> #N/A | C10: =VLOOKUP(基础信息!$D$57,装!$B:$AE,8,0) -> #N/A | D10: =VLOOKUP(基础信息!$D$57,装!$B:$AE,9,0) -> #N/A | E10: =VLOOKUP(基础信息!$D$57,装!$B:$AE,10,0) -> #N/A | F10: =VLOOKUP(基础信息!$D$57,装!$B:$AE,11,0) -> #N/A | G10: =IF(基础信息!$E$55="单持",VLOOKUP(基础信息!$D$57,装!$B:$AE,12,0),VLOOKUP(基础信息!$D$57,装!$B:$AE,13,0)) -> #N/A | H10: =IF(基础信息!$E$55="单持",VLOOKUP(基础信息!$D$57,装!$B:$AE,14,0),VLOOKUP(基础信息!$D$57,装!$B:$AE,15,0)) -> #N/A | I10: =IF(基础信息!$E$55="单持",VLOOKUP(基础信息!$D$57,装!$B:$AE,16,0),VLOOKUP(基础信息!$D$57,装!$B:$AE,17,0)) -> #N/A | J10: =VLOOKUP(基础信息!$D$57,装!$B:$AE,18,0) -> #N/A | K10: =VLOOKUP(基础信息!$D$57,装!$B:$AE,19,0) -> #N/A | L10: =VLOOKUP(基础信息!$D$57,装!$B:$AE,20,0) -> #N/A
A11: 武器3原生 | B11: =VLOOKUP(基础信息!$D$101,装!$B:$AE,7,0) -> #N/A | C11: =VLOOKUP(基础信息!$D$101,装!$B:$AE,8,0) -> #N/A | D11: =VLOOKUP(基础信息!$D$101,装!$B:$AE,9,0) -> #N/A | E11: =VLOOKUP(基础信息!$D$101,装!$B:$AE,10,0) -> #N/A | F11: =VLOOKUP(基础信息!$D$101,装!$B:$AE,11,0) -> #N/A | G11: =IF(基础信息!$E$99="单持",VLOOKUP(基础信息!$D$101,装!$B:$AE,12,0),VLOOKUP(基础信息!$D$101,装!$B:$AE,13,0)) -> #N/A | H11: =IF(基础信息!$E$99="单持",VLOOKUP(基础信息!$D$101,装!$B:$AE,14,0),VLOOKUP(基础信息!$D$101,装!$B:$AE,15,0)) -> #N/A | I11: =IF(基础信息!$E$99="单持",VLOOKUP(基础信息!$D$101,装!$B:$AE,16,0),VLOOKUP(基础信息!$D$101,装!$B:$AE,17,0)) -> #N/A | J11: =VLOOKUP(基础信息!$D$101,装!$B:$AE,18,0) -> #N/A | K11: =VLOOKUP(基础信息!$D$101,装!$B:$AE,19,0) -> #N/A | L11: =VLOOKUP(基础信息!$D$101,装!$B:$AE,20,0) -> #N/A
G12: =IF(O2=2,G2,0)+IF(O3=2,G3,0)+IF(O4=2,G4,0)+SUM(G5:G7) -> 0
B14: 体力+ | C14: 敏捷+ | D14: 知性+ | E14: 精神+ | F14: 幸运+ | G14: 移动+
A15: 武器1追加 | B15: =IF(基础信息!$O$42=B14,基础信息!$S$42,0)+IF(基础信息!$AE$42=B14,基础信息!$AI$42,0)+IF(基础信息!$AU$42=B14,基础信息!$AY$42,0)+IF(基础信息!$BK$42=B14,基础信息!$BO$42,0)+M24 -> 0 | C15: =IF(基础信息!$O$42=C14,基础信息!$S$42,0)+IF(基础信息!$AE$42=C14,基础信息!$AI$42,0)+IF(基础信息!$AU$42=C14,基础信息!$AY$42,0)+IF(基础信息!$BK$42=C14,基础信息!$BO$42,0)+N24 -> 0 | D15: =IF(基础信息!$O$42=D14,基础信息!$S$42,0)+IF(基础信息!$AE$42=D14,基础信息!$AI$42,0)+IF(基础信息!$AU$42=D14,基础信息!$AY$42,0)+IF(基础信息!$BK$42=D14,基础信息!$BO$42,0)+O24 -> 0 | E15: =IF(基础信息!$O$42=E14,基础信息!$S$42,0)+IF(基础信息!$AE$42=E14,基础信息!$AI$42,0)+IF(基础信息!$AU$42=E14,基础信息!$AY$42,0)+IF(基础信息!$BK$42=E14,基础信息!$BO$42,0)+P24 -> 0 | F15: =IF(基础信息!$O$42=F14,基础信息!$S$42,0)+IF(基础信息!$AE$42=F14,基础信息!$AI$42,0)+IF(基础信息!$AU$42=F14,基础信息!$AY$42,0)+IF(基础信息!$BK$42=F14,基础信息!$BO$42,0)+Q24 -> 0 | G15: =IF(基础信息!$O$42=G14,基础信息!$S$42,0)+IF(基础信息!$AE$42=G14,基础信息!$AI$42,0)+IF(基础信息!$AU$42=G14,基础信息!$AY$42,0)+IF(基础信息!$BK$42=G14,基础信息!$BO$42,0) -> 0
A16: 武器2追加 | B16: =IF(基础信息!$O$60=B14,基础信息!$S$60,0)+IF(基础信息!$AE$60=B14,基础信息!$AI$60,0)+IF(基础信息!$AU$60=B14,基础信息!$AY$60,0)+IF(基础信息!$BK$60=B14,基础信息!$BO$60,0)+M25 -> 0 | C16: =IF(基础信息!$O$60=C14,基础信息!$S$60,0)+IF(基础信息!$AE$60=C14,基础信息!$AI$60,0)+IF(基础信息!$AU$60=C14,基础信息!$AY$60,0)+IF(基础信息!$BK$60=C14,基础信息!$BO$60,0)+N25 -> 0 | D16: =IF(基础信息!$O$60=D14,基础信息!$S$60,0)+IF(基础信息!$AE$60=D14,基础信息!$AI$60,0)+IF(基础信息!$AU$60=D14,基础信息!$AY$60,0)+IF(基础信息!$BK$60=D14,基础信息!$BO$60,0)+O25 -> 0 | E16: =IF(基础信息!$O$60=E14,基础信息!$S$60,0)+IF(基础信息!$AE$60=E14,基础信息!$AI$60,0)+IF(基础信息!$AU$60=E14,基础信息!$AY$60,0)+IF(基础信息!$BK$60=E14,基础信息!$BO$60,0)+P25 -> 0 | F16: =IF(基础信息!$O$60=F14,基础信息!$S$60,0)+IF(基础信息!$AE$60=F14,基础信息!$AI$60,0)+IF(基础信息!$AU$60=F14,基础信息!$AY$60,0)+IF(基础信息!$BK$60=F14,基础信息!$BO$60,0)+Q25 -> 0 | G16: =IF(基础信息!$O$60=G14,基础信息!$S$60,0)+IF(基础信息!$AE$60=G14,基础信息!$AI$60,0)+IF(基础信息!$AU$60=G14,基础信息!$AY$60,0)+IF(基础信息!$BK$60=G14,基础信息!$BO$60,0) -> 0
A17: 武器3追加 | B17: =IF(基础信息!$O$104=B14,基础信息!$S$104,0)+IF(基础信息!$AE$104=B14,基础信息!$AI$104,0)+IF(基础信息!$AU$104=B14,基础信息!$AY$104,0)+IF(基础信息!$BK$104=B14,基础信息!$BO$104,0)+M29 -> 0 | C17: =IF(基础信息!$O$104=C14,基础信息!$S$104,0)+IF(基础信息!$AE$104=C14,基础信息!$AI$104,0)+IF(基础信息!$AU$104=C14,基础信息!$AY$104,0)+IF(基础信息!$BK$104=C14,基础信息!$BO$104,0)+N29 -> 0 | D17: =IF(基础信息!$O$104=D14,基础信息!$S$104,0)+IF(基础信息!$AE$104=D14,基础信息!$AI$104,0)+IF(基础信息!$AU$104=D14,基础信息!$AY$104,0)+IF(基础信息!$BK$104=D14,基础信息!$BO$104,0)+O29 -> 0 | E17: =IF(基础信息!$O$104=E14,基础信息!$S$104,0)+IF(基础信息!$AE$104=E14,基础信息!$AI$104,0)+IF(基础信息!$AU$104=E14,基础信息!$AY$104,0)+IF(基础信息!$BK$104=E14,基础信息!$BO$104,0)+P29 -> 0 | F17: =IF(基础信息!$O$104=F14,基础信息!$S$104,0)+IF(基础信息!$AE$104=F14,基础信息!$AI$104,0)+IF(基础信息!$AU$104=F14,基础信息!$AY$104,0)+IF(基础信息!$BK$104=F14,基础信息!$BO$104,0)+Q29 -> 0 | G17: =IF(基础信息!$O$104=G14,基础信息!$S$104,0)+IF(基础信息!$AE$104=G14,基础信息!$AI$104,0)+IF(基础信息!$AU$104=G14,基础信息!$AY$104,0)+IF(基础信息!$BK$104=G14,基础信息!$BO$104,0) -> 0
A18: 防具追加 | B18: =IF(基础信息!$W$77=B14,基础信息!$AA$77,0)+IF(基础信息!$W$79=B14,基础信息!$AA$79,0)+M26 -> 0 | C18: =IF(基础信息!$W$77=C14,基础信息!$AA$77,0)+IF(基础信息!$W$79=C14,基础信息!$AA$79,0)+N26 -> 0 | D18: =IF(基础信息!$W$77=D14,基础信息!$AA$77,0)+IF(基础信息!$W$79=D14,基础信息!$AA$79,0)+O26 -> 0 | E18: =IF(基础信息!$W$77=E14,基础信息!$AA$77,0)+IF(基础信息!$W$79=E14,基础信息!$AA$79,0)+P26 -> 0 | F18: =IF(基础信息!$W$77=F14,基础信息!$AA$77,0)+IF(基础信息!$W$79=F14,基础信息!$AA$79,0)+Q26 -> 0 | G18: =IF(基础信息!$W$77=G14,基础信息!$AA$77,0)+IF(基础信息!$W$79=G14,基础信息!$AA$79,0) -> 0
A19: 装饰1追加 | B19: =IF(基础信息!$W$85=B14,基础信息!$AA$85,0)+IF(基础信息!$W$87=B14,基础信息!$AA$87,0)+M27 -> 0 | C19: =IF(基础信息!$W$85=C14,基础信息!$AA$85,0)+IF(基础信息!$W$87=C14,基础信息!$AA$87,0)+N27 -> 0 | D19: =IF(基础信息!$W$85=D14,基础信息!$AA$85,0)+IF(基础信息!$W$87=D14,基础信息!$AA$87,0)+O27 -> 0 | E19: =IF(基础信息!$W$85=E14,基础信息!$AA$85,0)+IF(基础信息!$W$87=E14,基础信息!$AA$87,0)+P27 -> 0 | F19: =IF(基础信息!$W$85=F14,基础信息!$AA$85,0)+IF(基础信息!$W$87=F14,基础信息!$AA$87,0)+Q27 -> 0 | G19: =IF(基础信息!$W$85=G14,基础信息!$AA$85,0)+IF(基础信息!$W$87=G14,基础信息!$AA$87,0) -> 0
A20: 装饰2追加 | B20: =IF(基础信息!$W$93=B14,基础信息!$AA$93,0)+IF(基础信息!$W$95=B14,基础信息!$AA$95,0)+M28 -> 0 | C20: =IF(基础信息!$W$93=C14,基础信息!$AA$93,0)+IF(基础信息!$W$95=C14,基础信息!$AA$95,0)+N28 -> 0 | D20: =IF(基础信息!$W$93=D14,基础信息!$AA$93,0)+IF(基础信息!$W$95=D14,基础信息!$AA$95,0)+O28 -> 0 | E20: =IF(基础信息!$W$93=E14,基础信息!$AA$93,0)+IF(基础信息!$W$95=E14,基础信息!$AA$95,0)+P28 -> 0 | F20: =IF(基础信息!$W$93=F14,基础信息!$AA$93,0)+IF(基础信息!$W$95=F14,基础信息!$AA$95,0)+Q28 -> 0 | G20: =IF(基础信息!$W$93=G14,基础信息!$AA$93,0)+IF(基础信息!$W$95=G14,基础信息!$AA$95,0) -> 0
B21: =SUM(B15:B20)+IF(基础信息!$J$37="否",-B15,0)+IF(基础信息!$J$55="否",-B16,0)+IF(基础信息!$J$99="否",-B17,0) -> 0 | C21: =SUM(C15:C20)+IF(基础信息!$J$37="否",-C15,0)+IF(基础信息!$J$55="否",-C16,0)+IF(基础信息!$J$99="否",-C17,0) -> 0 | D21: =SUM(D15:D20)+IF(基础信息!$J$37="否",-D15,0)+IF(基础信息!$J$55="否",-D16,0)+IF(基础信息!$J$99="否",-D17,0) -> 0 | E21: =SUM(E15:E20)+IF(基础信息!$J$37="否",-E15,0)+IF(基础信息!$J$55="否",-E16,0)+IF(基础信息!$J$99="否",-E17,0) -> 0 | F21: =SUM(F15:F20)+IF(基础信息!$J$37="否",-F15,0)+IF(基础信息!$J$55="否",-F16,0)+IF(基础信息!$J$99="否",-F17,0) -> 0 | G21: =SUM(G15:G20)+IF(基础信息!$J$37="否",-G15,0)+IF(基础信息!$J$55="否",-G16,0)+IF(基础信息!$J$99="否",-G17,0) -> 0
B23: 命中 | C23: 回避 | D23: 发动 | E23: 抵抗 | F23: 看破 | G23: 物D | H23: 魔D | I23: 行动 | J23: 生命 | K23: 装甲 | L23: 结界 | M23: 体力+ | N23: 敏捷+ | O23: 知性+ | P23: 精神+ | Q23: 幸运+ | R23: 移动+
A24: 神成武器追加1 | B24: {=SUMPRODUCT(--ISNUMBER(SEARCH("命中+1",OFFSET($B$32:$B$39,0,ROW(A1)-1))))} -> 0 | C24: {=SUMPRODUCT(--ISNUMBER(SEARCH("回避+1",OFFSET($B$32:$B$39,0,ROW(A1)-1))))} -> 0 | D24: {=SUMPRODUCT(--ISNUMBER(SEARCH("发动+1",OFFSET($B$32:$B$39,0,ROW(A1)-1))))} -> 0 | E24: {=SUMPRODUCT(--ISNUMBER(SEARCH("抵抗+1",OFFSET($B$32:$B$39,0,ROW(A1)-1))))} -> 0 | F24: {=SUMPRODUCT(--ISNUMBER(SEARCH("看破+1",OFFSET($B$32:$B$39,0,ROW(A1)-1))))} -> 0 | G24: {=SUMPRODUCT(--ISNUMBER(SEARCH("物D+2",OFFSET($B$32:$B$39,0,ROW(A1)-1)))*2+--ISNUMBER(SEARCH("物D+3",OFFSET($B$32:$B$39,0,ROW(A1)-1)))*3)} -> 0 | H24: {=SUMPRODUCT(--ISNUMBER(SEARCH("魔D+2",OFFSET($B$32:$B$39,0,ROW(A1)-1)))*2+--ISNUMBER(SEARCH("魔D+3",OFFSET($B$32:$B$39,0,ROW(A1)-1)))*3)} -> 0 | I24: {=SUMPRODUCT(IFERROR(MID(OFFSET($B$32:$B$39,0,ROW(A1)-1),SEARCH("行动+",OFFSET($B$32:$B$39,0,ROW(A1)-1))+3,1)*1,0))} -> 0 | J24: {=SUMPRODUCT(IFERROR(MID(OFFSET($B$32:$B$39,0,ROW(A1)-1),SEARCH("生命+",OFFSET($B$32:$B$39,0,ROW(A1)-1))+3,1)*1,0))} -> 0 | K24: {=SUMPRODUCT(IFERROR(MID(OFFSET($B$32:$B$39,0,ROW(A1)-1),SEARCH("装甲+",OFFSET($B$32:$B$39,0,ROW(A1)-1))+3,1)*1,0))} -> 0 | L24: {=SUMPRODUCT(IFERROR(MID(OFFSET($B$32:$B$39,0,ROW(A1)-1),SEARCH("结界+",OFFSET($B$32:$B$39,0,ROW(A1)-1))+3,1)*1,0))} -> 0 | M24: {=SUMPRODUCT(ISNUMBER(SEARCH("体力+1",OFFSET($B$32:$B$39,0,ROW(A1)-1)))+ISNUMBER(SEARCH("体力和精神+1",OFFSET($B$32:$B$39,0,ROW(A1)-1))))} -> 0 | N24: {=SUMPRODUCT(--ISNUMBER(SEARCH("敏捷+1",OFFSET($B$32:$B$39,0,ROW(A1)-1)))*1+--ISNUMBER(SEARCH("敏捷+2",OFFSET($B$32:$B$39,0,ROW(A1)-1)))*2+--ISNUMBER(SEARCH("敏捷和幸运",OFFSET($B$32:$B$39,0,ROW(A1)-1)))*1)} -> 0 | O24: {=SUMPRODUCT(ISNUMBER(SEARCH("知性+1",OFFSET($B$32:$B$39,0,ROW(A1)-1)))+ISNUMBER(SEARCH("知性和精神+1",OFFSET($B$32:$B$39,0,ROW(A1)-1))))} -> 0 | P24: {=SUMPRODUCT(--ISNUMBER(FIND(" 精神+1 "," "&OFFSET($B$32:$B$39,0,ROW(A1)-1)&" "))+--ISNUMBER(FIND(" 体力和精神+1 "," "&OFFSET($B$32:$B$39,0,ROW(A1)-1)&" "))+--ISNUMBER(FIND(" 知性和精神+1 "," "&OFFSET($B$32:$B$39,0,ROW(A1)-1)&" "))+--ISNUMBER(FIND(" 精神和幸运+1 "," "&OFFSET($B$32:$B$39,0,ROW(A1)-1)&" ")))} -> 0 | Q24: {=SUMPRODUCT(--ISNUMBER(FIND(" 幸运+1 "," "&OFFSET($B$32:$B$39,0,ROW(A1)-1)&" "))+--ISNUMBER(FIND(" 敏捷和幸运+1 "," "&OFFSET($B$32:$B$39,0,ROW(A1)-1)&" "))+--ISNUMBER(FIND(" 精神和幸运+1 "," "&OFFSET($B$32:$B$39,0,ROW(A1)-1)&" ")))} -> 0
A25: 神成武器追加2 | B25: {=SUMPRODUCT(--ISNUMBER(SEARCH("命中+1",OFFSET($B$32:$B$39,0,ROW(A2)-1))))} -> 0 | C25: {=SUMPRODUCT(--ISNUMBER(SEARCH("回避+1",OFFSET($B$32:$B$39,0,ROW(A2)-1))))} -> 0 | D25: {=SUMPRODUCT(--ISNUMBER(SEARCH("发动+1",OFFSET($B$32:$B$39,0,ROW(A2)-1))))} -> 0 | E25: {=SUMPRODUCT(--ISNUMBER(SEARCH("抵抗+1",OFFSET($B$32:$B$39,0,ROW(A2)-1))))} -> 0 | F25: {=SUMPRODUCT(--ISNUMBER(SEARCH("看破+1",OFFSET($B$32:$B$39,0,ROW(A2)-1))))} -> 0 | G25: {=SUMPRODUCT(--ISNUMBER(SEARCH("物D+2",OFFSET($B$32:$B$39,0,ROW(A2)-1)))*2+--ISNUMBER(SEARCH("物D+3",OFFSET($B$32:$B$39,0,ROW(A2)-1)))*3)} -> 0 | H25: {=SUMPRODUCT(--ISNUMBER(SEARCH("魔D+2",OFFSET($B$32:$B$39,0,ROW(A2)-1)))*2+--ISNUMBER(SEARCH("魔D+3",OFFSET($B$32:$B$39,0,ROW(A2)-1)))*3)} -> 0 | I25: {=SUMPRODUCT(IFERROR(MID(OFFSET($B$32:$B$39,0,ROW(A2)-1),SEARCH("行动+",OFFSET($B$32:$B$39,0,ROW(A2)-1))+3,1)*1,0))} -> 0 | J25: {=SUMPRODUCT(IFERROR(MID(OFFSET($B$32:$B$39,0,ROW(A2)-1),SEARCH("生命+",OFFSET($B$32:$B$39,0,ROW(A2)-1))+3,1)*1,0))} -> 0 | K25: {=SUMPRODUCT(IFERROR(MID(OFFSET($B$32:$B$39,0,ROW(A2)-1),SEARCH("装甲+",OFFSET($B$32:$B$39,0,ROW(A2)-1))+3,1)*1,0))} -> 0 | L25: {=SUMPRODUCT(IFERROR(MID(OFFSET($B$32:$B$39,0,ROW(A2)-1),SEARCH("结界+",OFFSET($B$32:$B$39,0,ROW(A2)-1))+3,1)*1,0))} -> 0 | M25: {=SUMPRODUCT(ISNUMBER(SEARCH("体力+1",OFFSET($B$32:$B$39,0,ROW(A2)-1)))+ISNUMBER(SEARCH("体力和精神+1",OFFSET($B$32:$B$39,0,ROW(A2)-1))))} -> 0 | N25: {=SUMPRODUCT(--ISNUMBER(SEARCH("敏捷+1",OFFSET($B$32:$B$39,0,ROW(A2)-1)))*1+--ISNUMBER(SEARCH("敏捷+2",OFFSET($B$32:$B$39,0,ROW(A2)-1)))*2+--ISNUMBER(SEARCH("敏捷和幸运",OFFSET($B$32:$B$39,0,ROW(A2)-1)))*1)} -> 0 | O25: {=SUMPRODUCT(ISNUMBER(SEARCH("知性+1",OFFSET($B$32:$B$39,0,ROW(A2)-1)))+ISNUMBER(SEARCH("知性和精神+1",OFFSET($B$32:$B$39,0,ROW(A2)-1))))} -> 0 | P25: {=SUMPRODUCT(--ISNUMBER(FIND(" 精神+1 "," "&OFFSET($B$32:$B$39,0,ROW(A2)-1)&" "))+--ISNUMBER(FIND(" 体力和精神+1 "," "&OFFSET($B$32:$B$39,0,ROW(A2)-1)&" "))+--ISNUMBER(FIND(" 知性和精神+1 "," "&OFFSET($B$32:$B$39,0,ROW(A2)-1)&" "))+--ISNUMBER(FIND(" 精神和幸运+1 "," "&OFFSET($B$32:$B$39,0,ROW(A2)-1)&" ")))} -> 0 | Q25: {=SUMPRODUCT(--ISNUMBER(FIND(" 幸运+1 "," "&OFFSET($B$32:$B$39,0,ROW(A2)-1)&" "))+--ISNUMBER(FIND(" 敏捷和幸运+1 "," "&OFFSET($B$32:$B$39,0,ROW(A2)-1)&" "))+--ISNUMBER(FIND(" 精神和幸运+1 "," "&OFFSET($B$32:$B$39,0,ROW(A2)-1)&" ")))} -> 0
A26: 神成铠甲追加 | B26: {=SUMPRODUCT(--ISNUMBER(SEARCH("命中+1",OFFSET($B$32:$B$39,0,ROW(A3)-1))))} -> 0 | C26: {=SUMPRODUCT(--ISNUMBER(SEARCH("回避+1",OFFSET($B$32:$B$39,0,ROW(A3)-1))))} -> 0 | D26: {=SUMPRODUCT(--ISNUMBER(SEARCH("发动+1",OFFSET($B$32:$B$39,0,ROW(A3)-1))))} -> 0 | E26: {=SUMPRODUCT(--ISNUMBER(SEARCH("抵抗+1",OFFSET($B$32:$B$39,0,ROW(A3)-1))))} -> 0 | F26: {=SUMPRODUCT(--ISNUMBER(SEARCH("看破+1",OFFSET($B$32:$B$39,0,ROW(A3)-1))))} -> 0 | G26: {=SUMPRODUCT(--ISNUMBER(SEARCH("物D+2",OFFSET($B$32:$B$39,0,ROW(A3)-1)))*2+--ISNUMBER(SEARCH("物D+3",OFFSET($B$32:$B$39,0,ROW(A3)-1)))*3)} -> 0 | H26: {=SUMPRODUCT(--ISNUMBER(SEARCH("魔D+2",OFFSET($B$32:$B$39,0,ROW(A3)-1)))*2+--ISNUMBER(SEARCH("魔D+3",OFFSET($B$32:$B$39,0,ROW(A3)-1)))*3)} -> 0 | I26: {=SUMPRODUCT(IFERROR(MID(OFFSET($B$32:$B$39,0,ROW(A3)-1),SEARCH("行动+",OFFSET($B$32:$B$39,0,ROW(A3)-1))+3,1)*1,0))} -> 0 | J26: {=SUMPRODUCT(IFERROR(MID(OFFSET($B$32:$B$39,0,ROW(A3)-1),SEARCH("生命+",OFFSET($B$32:$B$39,0,ROW(A3)-1))+3,1)*1,0))} -> 0 | K26: {=SUMPRODUCT(IFERROR(MID(OFFSET($B$32:$B$39,0,ROW(A3)-1),SEARCH("装甲+",OFFSET($B$32:$B$39,0,ROW(A3)-1))+3,1)*1,0))} -> 0 | L26: {=SUMPRODUCT(IFERROR(MID(OFFSET($B$32:$B$39,0,ROW(A3)-1),SEARCH("结界+",OFFSET($B$32:$B$39,0,ROW(A3)-1))+3,1)*1,0))} -> 0 | M26: {=SUMPRODUCT(ISNUMBER(SEARCH("体力+1",OFFSET($B$32:$B$39,0,ROW(A3)-1)))+ISNUMBER(SEARCH("体力和精神+1",OFFSET($B$32:$B$39,0,ROW(A3)-1))))} -> 0 | N26: {=SUMPRODUCT(--ISNUMBER(SEARCH("敏捷+1",OFFSET($B$32:$B$39,0,ROW(A3)-1)))*1+--ISNUMBER(SEARCH("敏捷+2",OFFSET($B$32:$B$39,0,ROW(A3)-1)))*2+--ISNUMBER(SEARCH("敏捷和幸运",OFFSET($B$32:$B$39,0,ROW(A3)-1)))*1)} -> 0 | O26: {=SUMPRODUCT(ISNUMBER(SEARCH("知性+1",OFFSET($B$32:$B$39,0,ROW(A3)-1)))+ISNUMBER(SEARCH("知性和精神+1",OFFSET($B$32:$B$39,0,ROW(A3)-1))))} -> 0 | P26: {=SUMPRODUCT(--ISNUMBER(FIND(" 精神+1 "," "&OFFSET($B$32:$B$39,0,ROW(A3)-1)&" "))+--ISNUMBER(FIND(" 体力和精神+1 "," "&OFFSET($B$32:$B$39,0,ROW(A3)-1)&" "))+--ISNUMBER(FIND(" 知性和精神+1 "," "&OFFSET($B$32:$B$39,0,ROW(A3)-1)&" "))+--ISNUMBER(FIND(" 精神和幸运+1 "," "&OFFSET($B$32:$B$39,0,ROW(A3)-1)&" ")))} -> 0 | Q26: {=SUMPRODUCT(--ISNUMBER(FIND(" 幸运+1 "," "&OFFSET($B$32:$B$39,0,ROW(A3)-1)&" "))+--ISNUMBER(FIND(" 敏捷和幸运+1 "," "&OFFSET($B$32:$B$39,0,ROW(A3)-1)&" "))+--ISNUMBER(FIND(" 精神和幸运+1 "," "&OFFSET($B$32:$B$39,0,ROW(A3)-1)&" ")))} -> 0
A27: 神成饰品追加1 | B27: {=SUMPRODUCT(--ISNUMBER(SEARCH("命中+1",OFFSET($B$32:$B$39,0,ROW(A4)-1))))} -> 0 | C27: {=SUMPRODUCT(--ISNUMBER(SEARCH("回避+1",OFFSET($B$32:$B$39,0,ROW(A4)-1))))} -> 0 | D27: {=SUMPRODUCT(--ISNUMBER(SEARCH("发动+1",OFFSET($B$32:$B$39,0,ROW(A4)-1))))} -> 0 | E27: {=SUMPRODUCT(--ISNUMBER(SEARCH("抵抗+1",OFFSET($B$32:$B$39,0,ROW(A4)-1))))} -> 0 | F27: {=SUMPRODUCT(--ISNUMBER(SEARCH("看破+1",OFFSET($B$32:$B$39,0,ROW(A4)-1))))} -> 0 | G27: {=SUMPRODUCT(--ISNUMBER(SEARCH("物D+2",OFFSET($B$32:$B$39,0,ROW(A4)-1)))*2+--ISNUMBER(SEARCH("物D+3",OFFSET($B$32:$B$39,0,ROW(A4)-1)))*3)} -> 0 | H27: {=SUMPRODUCT(--ISNUMBER(SEARCH("魔D+2",OFFSET($B$32:$B$39,0,ROW(A4)-1)))*2+--ISNUMBER(SEARCH("魔D+3",OFFSET($B$32:$B$39,0,ROW(A4)-1)))*3)} -> 0 | I27: {=SUMPRODUCT(IFERROR(MID(OFFSET($B$32:$B$39,0,ROW(A4)-1),SEARCH("行动+",OFFSET($B$32:$B$39,0,ROW(A4)-1))+3,1)*1,0))} -> 0 | J27: {=SUMPRODUCT(IFERROR(MID(OFFSET($B$32:$B$39,0,ROW(A4)-1),SEARCH("生命+",OFFSET($B$32:$B$39,0,ROW(A4)-1))+3,1)*1,0))} -> 0 | K27: {=SUMPRODUCT(IFERROR(MID(OFFSET($B$32:$B$39,0,ROW(A4)-1),SEARCH("装甲+",OFFSET($B$32:$B$39,0,ROW(A4)-1))+3,1)*1,0))} -> 0 | L27: {=SUMPRODUCT(IFERROR(MID(OFFSET($B$32:$B$39,0,ROW(A4)-1),SEARCH("结界+",OFFSET($B$32:$B$39,0,ROW(A4)-1))+3,1)*1,0))} -> 0 | M27: {=SUMPRODUCT(ISNUMBER(SEARCH("体力+1",OFFSET($B$32:$B$39,0,ROW(A4)-1)))+ISNUMBER(SEARCH("体力和精神+1",OFFSET($B$32:$B$39,0,ROW(A4)-1))))} -> 0 | N27: {=SUMPRODUCT(--ISNUMBER(SEARCH("敏捷+1",OFFSET($B$32:$B$39,0,ROW(A4)-1)))*1+--ISNUMBER(SEARCH("敏捷+2",OFFSET($B$32:$B$39,0,ROW(A4)-1)))*2+--ISNUMBER(SEARCH("敏捷和幸运",OFFSET($B$32:$B$39,0,ROW(A4)-1)))*1)} -> 0 | O27: {=SUMPRODUCT(ISNUMBER(SEARCH("知性+1",OFFSET($B$32:$B$39,0,ROW(A4)-1)))+ISNUMBER(SEARCH("知性和精神+1",OFFSET($B$32:$B$39,0,ROW(A4)-1))))} -> 0 | P27: {=SUMPRODUCT(--ISNUMBER(FIND(" 精神+1 "," "&OFFSET($B$32:$B$39,0,ROW(A4)-1)&" "))+--ISNUMBER(FIND(" 体力和精神+1 "," "&OFFSET($B$32:$B$39,0,ROW(A4)-1)&" "))+--ISNUMBER(FIND(" 知性和精神+1 "," "&OFFSET($B$32:$B$39,0,ROW(A4)-1)&" "))+--ISNUMBER(FIND(" 精神和幸运+1 "," "&OFFSET($B$32:$B$39,0,ROW(A4)-1)&" ")))} -> 0 | Q27: {=SUMPRODUCT(--ISNUMBER(FIND(" 幸运+1 "," "&OFFSET($B$32:$B$39,0,ROW(A4)-1)&" "))+--ISNUMBER(FIND(" 敏捷和幸运+1 "," "&OFFSET($B$32:$B$39,0,ROW(A4)-1)&" "))+--ISNUMBER(FIND(" 精神和幸运+1 "," "&OFFSET($B$32:$B$39,0,ROW(A4)-1)&" ")))} -> 0
A28: 神成饰品追加2 | B28: {=SUMPRODUCT(--ISNUMBER(SEARCH("命中+1",OFFSET($B$32:$B$39,0,ROW(A5)-1))))} -> 0 | C28: {=SUMPRODUCT(--ISNUMBER(SEARCH("回避+1",OFFSET($B$32:$B$39,0,ROW(A5)-1))))} -> 0 | D28: {=SUMPRODUCT(--ISNUMBER(SEARCH("发动+1",OFFSET($B$32:$B$39,0,ROW(A5)-1))))} -> 0 | E28: {=SUMPRODUCT(--ISNUMBER(SEARCH("抵抗+1",OFFSET($B$32:$B$39,0,ROW(A5)-1))))} -> 0 | F28: {=SUMPRODUCT(--ISNUMBER(SEARCH("看破+1",OFFSET($B$32:$B$39,0,ROW(A5)-1))))} -> 0 | G28: {=SUMPRODUCT(--ISNUMBER(SEARCH("物D+2",OFFSET($B$32:$B$39,0,ROW(A5)-1)))*2+--ISNUMBER(SEARCH("物D+3",OFFSET($B$32:$B$39,0,ROW(A5)-1)))*3)} -> 0 | H28: {=SUMPRODUCT(--ISNUMBER(SEARCH("魔D+2",OFFSET($B$32:$B$39,0,ROW(A5)-1)))*2+--ISNUMBER(SEARCH("魔D+3",OFFSET($B$32:$B$39,0,ROW(A5)-1)))*3)} -> 0 | I28: {=SUMPRODUCT(IFERROR(MID(OFFSET($B$32:$B$39,0,ROW(A5)-1),SEARCH("行动+",OFFSET($B$32:$B$39,0,ROW(A5)-1))+3,1)*1,0))} -> 0 | J28: {=SUMPRODUCT(IFERROR(MID(OFFSET($B$32:$B$39,0,ROW(A5)-1),SEARCH("生命+",OFFSET($B$32:$B$39,0,ROW(A5)-1))+3,1)*1,0))} -> 0 | K28: {=SUMPRODUCT(IFERROR(MID(OFFSET($B$32:$B$39,0,ROW(A5)-1),SEARCH("装甲+",OFFSET($B$32:$B$39,0,ROW(A5)-1))+3,1)*1,0))} -> 0 | L28: {=SUMPRODUCT(IFERROR(MID(OFFSET($B$32:$B$39,0,ROW(A5)-1),SEARCH("结界+",OFFSET($B$32:$B$39,0,ROW(A5)-1))+3,1)*1,0))} -> 0 | M28: {=SUMPRODUCT(ISNUMBER(SEARCH("体力+1",OFFSET($B$32:$B$39,0,ROW(A5)-1)))+ISNUMBER(SEARCH("体力和精神+1",OFFSET($B$32:$B$39,0,ROW(A5)-1))))} -> 0 | N28: {=SUMPRODUCT(--ISNUMBER(SEARCH("敏捷+1",OFFSET($B$32:$B$39,0,ROW(A5)-1)))*1+--ISNUMBER(SEARCH("敏捷+2",OFFSET($B$32:$B$39,0,ROW(A5)-1)))*2+--ISNUMBER(SEARCH("敏捷和幸运",OFFSET($B$32:$B$39,0,ROW(A5)-1)))*1)} -> 0 | O28: {=SUMPRODUCT(ISNUMBER(SEARCH("知性+1",OFFSET($B$32:$B$39,0,ROW(A5)-1)))+ISNUMBER(SEARCH("知性和精神+1",OFFSET($B$32:$B$39,0,ROW(A5)-1))))} -> 0 | P28: {=SUMPRODUCT(--ISNUMBER(FIND(" 精神+1 "," "&OFFSET($B$32:$B$39,0,ROW(A5)-1)&" "))+--ISNUMBER(FIND(" 体力和精神+1 "," "&OFFSET($B$32:$B$39,0,ROW(A5)-1)&" "))+--ISNUMBER(FIND(" 知性和精神+1 "," "&OFFSET($B$32:$B$39,0,ROW(A5)-1)&" "))+--ISNUMBER(FIND(" 精神和幸运+1 "," "&OFFSET($B$32:$B$39,0,ROW(A5)-1)&" ")))} -> 0 | Q28: {=SUMPRODUCT(--ISNUMBER(FIND(" 幸运+1 "," "&OFFSET($B$32:$B$39,0,ROW(A5)-1)&" "))+--ISNUMBER(FIND(" 敏捷和幸运+1 "," "&OFFSET($B$32:$B$39,0,ROW(A5)-1)&" "))+--ISNUMBER(FIND(" 精神和幸运+1 "," "&OFFSET($B$32:$B$39,0,ROW(A5)-1)&" ")))} -> 0
A29: 神成武器追加3 | B29: {=SUMPRODUCT(--ISNUMBER(SEARCH("命中+1",OFFSET($B$32:$B$39,0,ROW(A6)-1))))} -> 0 | C29: {=SUMPRODUCT(--ISNUMBER(SEARCH("回避+1",OFFSET($B$32:$B$39,0,ROW(A6)-1))))} -> 0 | D29: {=SUMPRODUCT(--ISNUMBER(SEARCH("发动+1",OFFSET($B$32:$B$39,0,ROW(A6)-1))))} -> 0 | E29: {=SUMPRODUCT(--ISNUMBER(SEARCH("抵抗+1",OFFSET($B$32:$B$39,0,ROW(A6)-1))))} -> 0 | F29: {=SUMPRODUCT(--ISNUMBER(SEARCH("看破+1",OFFSET($B$32:$B$39,0,ROW(A6)-1))))} -> 0 | G29: {=SUMPRODUCT(--ISNUMBER(SEARCH("物D+2",OFFSET($B$32:$B$39,0,ROW(A6)-1)))*2+--ISNUMBER(SEARCH("物D+3",OFFSET($B$32:$B$39,0,ROW(A6)-1)))*3)} -> 0 | H29: {=SUMPRODUCT(--ISNUMBER(SEARCH("魔D+2",OFFSET($B$32:$B$39,0,ROW(A6)-1)))*2+--ISNUMBER(SEARCH("魔D+3",OFFSET($B$32:$B$39,0,ROW(A6)-1)))*3)} -> 0 | I29: {=SUMPRODUCT(IFERROR(MID(OFFSET($B$32:$B$39,0,ROW(A6)-1),SEARCH("行动+",OFFSET($B$32:$B$39,0,ROW(A6)-1))+3,1)*1,0))} -> 0 | J29: {=SUMPRODUCT(IFERROR(MID(OFFSET($B$32:$B$39,0,ROW(A6)-1),SEARCH("生命+",OFFSET($B$32:$B$39,0,ROW(A6)-1))+3,1)*1,0))} -> 0 | K29: {=SUMPRODUCT(IFERROR(MID(OFFSET($B$32:$B$39,0,ROW(A6)-1),SEARCH("装甲+",OFFSET($B$32:$B$39,0,ROW(A6)-1))+3,1)*1,0))} -> 0 | L29: {=SUMPRODUCT(IFERROR(MID(OFFSET($B$32:$B$39,0,ROW(A6)-1),SEARCH("结界+",OFFSET($B$32:$B$39,0,ROW(A6)-1))+3,1)*1,0))} -> 0 | M29: {=SUMPRODUCT(ISNUMBER(SEARCH("体力+1",OFFSET($B$32:$B$39,0,ROW(A6)-1)))+ISNUMBER(SEARCH("体力和精神+1",OFFSET($B$32:$B$39,0,ROW(A6)-1))))} -> 0 | N29: {=SUMPRODUCT(--ISNUMBER(SEARCH("敏捷+1",OFFSET($B$32:$B$39,0,ROW(A6)-1)))*1+--ISNUMBER(SEARCH("敏捷+2",OFFSET($B$32:$B$39,0,ROW(A6)-1)))*2+--ISNUMBER(SEARCH("敏捷和幸运",OFFSET($B$32:$B$39,0,ROW(A6)-1)))*1)} -> 0 | O29: {=SUMPRODUCT(ISNUMBER(SEARCH("知性+1",OFFSET($B$32:$B$39,0,ROW(A6)-1)))+ISNUMBER(SEARCH("知性和精神+1",OFFSET($B$32:$B$39,0,ROW(A6)-1))))} -> 0 | P29: {=SUMPRODUCT(--ISNUMBER(FIND(" 精神+1 "," "&OFFSET($B$32:$B$39,0,ROW(A6)-1)&" "))+--ISNUMBER(FIND(" 体力和精神+1 "," "&OFFSET($B$32:$B$39,0,ROW(A6)-1)&" "))+--ISNUMBER(FIND(" 知性和精神+1 "," "&OFFSET($B$32:$B$39,0,ROW(A6)-1)&" "))+--ISNUMBER(FIND(" 精神和幸运+1 "," "&OFFSET($B$32:$B$39,0,ROW(A6)-1)&" ")))} -> 0 | Q29: {=SUMPRODUCT(--ISNUMBER(FIND(" 幸运+1 "," "&OFFSET($B$32:$B$39,0,ROW(A6)-1)&" "))+--ISNUMBER(FIND(" 敏捷和幸运+1 "," "&OFFSET($B$32:$B$39,0,ROW(A6)-1)&" "))+--ISNUMBER(FIND(" 精神和幸运+1 "," "&OFFSET($B$32:$B$39,0,ROW(A6)-1)&" ")))} -> 0
A31: 神器效果 | B31: 辅助区域·神器武器1 | C31: 辅助区域·神器武器2 | D31: 铠甲 | E31: 饰品1 | F31: 饰品2 | G31: 武器3
A32: 命中+1 | B32: =基础信息!BK49 -> 0 | C32: =基础信息!BK67 -> 0 | D32: =基础信息!AV77 -> 0 | E32: =基础信息!AV85 -> 0 | F32: =基础信息!AV93 -> 0 | G32: =基础信息!BK111 -> 0
A33: 体力+1 | B33: =基础信息!BK51 -> 0 | C33: =基础信息!BK69 -> 0 | D33: =基础信息!AV79 -> 0 | E33: =基础信息!AV87 -> 0 | F33: =基础信息!AV95 -> 0 | G33: =基础信息!BK113 -> 0
A34: 物D+2 | B34: =基础信息!BX45 -> 0 | C34: =基础信息!BX63 -> 0 | D34: =基础信息!BI77 -> 0 | E34: =基础信息!BI85 -> 0 | F34: =基础信息!BI93 -> 0 | G34: =基础信息!BX107 -> 0
A35: 行动+2 | B35: =基础信息!BX47 -> 0 | C35: =基础信息!BX65 -> 0 | D35: =基础信息!BI79 -> 0 | E35: =基础信息!BI87 -> 0 | F35: =基础信息!BI95 -> 0 | G35: =基础信息!BX109 -> 0
A36: 精神+1 | B36: =基础信息!BX49 -> 0 | C36: =基础信息!BX67 -> 0 | D36: =基础信息!BV77 -> 0 | E36: =基础信息!BV85 -> 0 | F36: =基础信息!BV93 -> 0 | G36: =基础信息!BX111 -> 0
A37: 知性+1 | B37: =基础信息!BX51 -> 0 | C37: =基础信息!BX71 -> 0 | D37: =基础信息!BV79 -> 0 | E37: =基础信息!BV87 -> 0 | F37: =基础信息!BV95 -> 0 | G37: =基础信息!BX113 -> 0
A38: 生命+5 | B38: =基础信息!CK45 -> 0 | C38: =基础信息!CK63 -> 0 | D38: =基础信息!CI77 -> 0 | E38: =基础信息!CI85 -> 0 | F38: =基础信息!CI93 -> 0 | G38: =基础信息!CK107 -> 0
A39: 幸运+1 | B39: =基础信息!CK47 -> 0 | C39: =基础信息!CK65 -> 0 | D39: =基础信息!CI79 -> 0 | E39: =基础信息!CI87 -> 0 | F39: =基础信息!CI95 -> 0 | G39: =基础信息!CK109 -> 0
A40: 装甲+2
A41: 结界+2
A42: 物D+3
A43: 生命+7
A44: 敏捷+1
A45: 回避+1
A46: 抵抗+1
A47: 看破+1
A48: 发动+1
A49: 魔D+2
A50: 装甲+3
A51: 敏捷和幸运+1
... A60: 魔D+3

Sheet 更新文档
A1: 日期 | B1: 内容 | C1: 误 | D1: 正 | E1: 版本号 | F1: 修改人
A2: 45884 | B2: 高位-《称号奥义》的描述文本 | C2: 可以取得 | D2: 直接取得 | E2: 0.9 | F2: 鲤鱼 | G2: √
B3: 灵气增幅者A-《灵气爆发》 | C3: 魔法攻击 | D3: 魔法伤害 | G3: √
B4: 道具-大妖怪的革 | C4: 文本串行 | D4: 修好了 | G4: √
B5: 道具-强化斗篷（強化マント） | C5: 效果文和数据错误 | D5: 修好了 | G5: √
B6: 武器追加属性 | C6: 名称重复导致剑数据占位 | D6: 修好了 | G6: √
B7: 格式修正 | G7: √
B8: 精神一到描述错误 | C8: 破神烈光 | D8: 破神秘奥 | G8: √
A9: 45884 | B9: 才能描述缺漏及名称错误 | D9: 四神做完破神部分 | G9: √
A10: 45885 | D10: 进度：称号、种族才能修正完成 | G10: √
A11: 45913 | B11: 《基本书》《神魂》《机神》道具数据翻译结束 | E11: 0.93
A12: 45931 | B12: 《原初神器》《四神》道具数据翻译结束
A13: 45939 | B13: 《炽火》《时空》道具数据翻译结束
B14: 不小心把道具的发动栏丢了，补上
B15: 计划在全装备翻译完毕后按价格排序下拉菜单
A16: 10.13 | B16: 《神机》道具数据翻译结束
A17: 10.19 | B17: 《神魔的斗争》道具翻译结束
A18: 11.1 | B18: 除去《混沌神话》之外的内容全部粗翻结束 | E18: 1
B19: 调整了道具栏下拉菜单的顺序

Sheet 备用
A1: 种族 | B1: 系统 | C1: 体力 | D1: 敏捷 | E1: 知性 | F1: 精神 | G1: 幸运 | M1: 战士 | N1: 0 | O1: 战斗 | Q1: 封神 | R1: 封神 | V1: 破神传承者 | X1: A | AA1: - | AB1: 0 | AF1: 武器 | AG1: 武器2 | AH1: 防具 | AI1: 装饰 | AK1: 空手 | AM1: 战士 | AO1: 神成武器1 | AP1: LV1 | AQ1: =COUNTA(OFFSET(神成神器!$A$1,MATCH(基础信息!D39,神成神器!$A:$A,0)-1,1,26)) -> 1 | AR1: 神成武器2 | AS1: LV1 | AT1: =COUNTA(OFFSET(神成神器!$A$1,MATCH(基础信息!D57,神成神器!$A:$A,0)-1,1,26)) -> 1 | AU1: 神成武器3 | AV1: LV1 | AW1: {=COUNTA(OFFSET(神成神器!$A$1,MATCH(基础信息!的01,神成神器!$A:$A,0)-1,1,26))} -> 1 | AX1: 神成防具 | AY1: LV1 | AZ1: =COUNTA(OFFSET(神成神器!$A$1,MATCH(基础信息!D75,神成神器!$A:$A,0)-1,1,26)) -> 1 | BA1: 神成装饰1 | BB1: LV1 | BC1: =COUNTA(OFFSET(神成神器!$A$1,MATCH(基础信息!D83,神成神器!$A:$A,0)-1,1,26)) -> 1 | BD1: 神成装饰2 | BE1: LV1 | BF1: =COUNTA(OFFSET(神成神器!$A$1,MATCH(基础信息!D91,神成神器!$A:$A,0)-1,1,26)) -> 1 | BH1: =基础信息!E9 -> 封神 | BI1: =BH1 -> 封神
A2: =IF(基础信息!$Z$13="√",基础信息!$AD$13,基础信息!$E$9) -> 封神 | B2: =IF(基础信息!$Z$13="√",基础信息!$AD$14,基础信息!$I$12) -> 魔法 | C2: =C3-10 -> 0 | D2: =D3-10 -> 0 | E2: =E3-10 -> 0 | F2: =F3-10 -> 0 | G2: =G3-10 -> 1 | M2: 泛用 | N2: 1 | O2: 泛用 | Q2: 夜魔 | R2: 夜魔 | V2: 龙脉保有体 | X2: B | AB2: 1 | AF2: 神成武器 | AG2: 盾 | AH2: 神成防具 | AI2: 神成装饰 | AK2: 剑 | AM2: 泛用 | AP2: LV3 | AQ2: =COUNTA(OFFSET(神成神器!$A$1,MATCH(基础信息!D39,神成神器!$A:$A,0)-1,2,26)) -> 1 | AS2: LV3 | AT2: =COUNTA(OFFSET(神成神器!$A$1,MATCH(基础信息!D57,神成神器!$A:$A,0)-1,2,26)) -> 1 | AV2: LV3 | AW2: =COUNTA(OFFSET(神成神器!$A$1,MATCH(基础信息!D101,神成神器!$A:$A,0)-1,2,26)) -> 1 | AY2: LV3 | AZ2: =COUNTA(OFFSET(神成神器!$A$1,MATCH(基础信息!D75,神成神器!$A:$A,0)-1,2,26)) -> 1 | BB2: LV3 | BC2: =COUNTA(OFFSET(神成神器!$A$1,MATCH(基础信息!D83,神成神器!$A:$A,0)-1,2,26)) -> 1 | BE2: LV3 | BF2: =COUNTA(OFFSET(神成神器!$A$1,MATCH(基础信息!D91,神成神器!$A:$A,0)-1,2,26)) -> 1 | BH2: 共通种族才能 | BI2: =BH2 -> 共通种族才能
C3: 10 | D3: 10 | E3: 10 | F3: 10 | G3: 11 | M3: 魔法 | N3: 2 | O3: 魔法 | Q3: 半妖 | R3: 半妖 | V3: 影狩人 | AB3: 2 | AG3: 神成武器 | AK3: 枪 | AM3: 魔法 | AP3: LV5 | AQ3: =COUNTA(OFFSET(神成神器!$A$1,MATCH(基础信息!D39,神成神器!$A:$A,0)-1,3,26)) -> 1 | AS3: LV5 | AT3: =COUNTA(OFFSET(神成神器!$A$1,MATCH(基础信息!D57,神成神器!$A:$A,0)-1,3,26)) -> 1 | AV3: LV5 | AW3: =COUNTA(OFFSET(神成神器!$A$1,MATCH(基础信息!D101,神成神器!$A:$A,0)-1,3,26)) -> 1 | AY3: LV5 | AZ3: =COUNTA(OFFSET(神成神器!$A$1,MATCH(基础信息!D75,神成神器!$A:$A,0)-1,3,26)) -> 1 | BB3: LV5 | BC3: =COUNTA(OFFSET(神成神器!$A$1,MATCH(基础信息!D83,神成神器!$A:$A,0)-1,3,26)) -> 1 | BE3: LV5 | BF3: =COUNTA(OFFSET(神成神器!$A$1,MATCH(基础信息!D91,神成神器!$A:$A,0)-1,3,26)) -> 1 | BH3: =IF(基础信息!$Z$9="√",基础信息!AD9,"") | BI3: =IF(BH3<>"",BH3,"")
A4: 体力 | C4: 敏捷 | E4: 知性 | G4: 精神 | I4: 幸运 | Q4: 魔术师 | R4: 龙王 | V4: 起源使 | AB4: 3 | AG4: 神成盾 | AK4: 斧 | AM4: 封神 | AP4: LV7 | AQ4: =COUNTA(OFFSET(神成神器!$A$1,MATCH(基础信息!D39,神成神器!$A:$A,0)-1,4,26)) -> 1 | AS4: LV7 | AT4: =COUNTA(OFFSET(神成神器!$A$1,MATCH(基础信息!D57,神成神器!$A:$A,0)-1,4,26)) -> 1 | AV4: LV7 | AW4: =COUNTA(OFFSET(神成神器!$A$1,MATCH(基础信息!D101,神成神器!$A:$A,0)-1,4,26)) -> 1 | AY4: LV7 | AZ4: =COUNTA(OFFSET(神成神器!$A$1,MATCH(基础信息!D75,神成神器!$A:$A,0)-1,4,26)) -> 1 | BB4: LV7 | BC4: =COUNTA(OFFSET(神成神器!$A$1,MATCH(基础信息!D83,神成神器!$A:$A,0)-1,4,26)) -> 1 | BE4: LV7 | BF4: =COUNTA(OFFSET(神成神器!$A$1,MATCH(基础信息!D91,神成神器!$A:$A,0)-1,4,26)) -> 1
A5: =IFERROR(IFERROR(OFFSET(备用!A28,备用!A27+VLOOKUP(备用!B2,备用!M1:N3,2,FALSE),2,1,1),"")+备用!C2+数!B15,"") -> 2 | C5: =IFERROR(IFERROR(OFFSET(备用!A28,备用!A27+VLOOKUP(备用!B2,备用!M1:N3,2,FALSE),3,1,1),"")+备用!D2+数!C15,"") -> 3 | E5: =IFERROR(IFERROR(OFFSET(备用!A28,备用!A27+VLOOKUP(备用!B2,备用!M1:N3,2,FALSE),4,1,1),"")+备用!E2+数!D15,"") -> 5 | G5: =IFERROR(IFERROR(OFFSET(备用!A28,备用!A27+VLOOKUP(备用!B2,备用!M1:N3,2,FALSE),5,1,1),"")+备用!F2+数!E15,"") -> 4 | I5: =IFERROR(IFERROR(OFFSET(备用!$A$28,备用!$A$27+VLOOKUP(备用!B2,备用!M1:N3,2,FALSE),6,1,1),"")+备用!G2+数!F15,"") -> 2 | Q5: 人类 | R5: 魔眼 | V5: 正统魔术师 | AB5: 4 | AK5: 锤 | AM5: 夜魔 | AP5: LV9 | AQ5: =COUNTA(OFFSET(神成神器!$A$1,MATCH(基础信息!D39,神成神器!$A:$A,0)-1,5,26)) -> 1 | AS5: LV9 | AT5: =COUNTA(OFFSET(神成神器!$A$1,MATCH(基础信息!D57,神成神器!$A:$A,0)-1,5,26)) -> 1 | AV5: LV9 | AW5: =COUNTA(OFFSET(神成神器!$A$1,MATCH(基础信息!D101,神成神器!$A:$A,0)-1,5,26)) -> 1 | AY5: LV9 | AZ5: =COUNTA(OFFSET(神成神器!$A$1,MATCH(基础信息!D75,神成神器!$A:$A,0)-1,5,26)) -> 1 | BB5: LV9 | BC5: =COUNTA(OFFSET(神成神器!$A$1,MATCH(基础信息!D83,神成神器!$A:$A,0)-1,5,26)) -> 1 | BE5: LV9 | BF5: =COUNTA(OFFSET(神成神器!$A$1,MATCH(基础信息!D91,神成神器!$A:$A,0)-1,5,26)) -> 1
Q6: 龙王 | R6: 异乡人 | V6: 装具魔术师 | AB6: 5 | AK6: 射击 | AM6: 半妖 | AP6: LV11 | AQ6: =COUNTA(OFFSET(神成神器!$A$1,MATCH(基础信息!D39,神成神器!$A:$A,0)-1,6,26)) -> 1 | AS6: LV11 | AT6: =COUNTA(OFFSET(神成神器!$A$1,MATCH(基础信息!D57,神成神器!$A:$A,0)-1,6,26)) -> 1 | AV6: LV11 | AW6: =COUNTA(OFFSET(神成神器!$A$1,MATCH(基础信息!D101,神成神器!$A:$A,0)-1,6,26)) -> 1 | AY6: LV11 | AZ6: =COUNTA(OFFSET(神成神器!$A$1,MATCH(基础信息!D75,神成神器!$A:$A,0)-1,6,26)) -> 1 | BB6: LV11 | BC6: =COUNTA(OFFSET(神成神器!$A$1,MATCH(基础信息!D83,神成神器!$A:$A,0)-1,6,26)) -> 1 | BE6: LV11 | BF6: =COUNTA(OFFSET(神成神器!$A$1,MATCH(基础信息!D91,神成神器!$A:$A,0)-1,6,26)) -> 1
A7: 额外加点： | B7: =IF(COUNTIF(技能栏!D6:D42,"*●适应强化*")>0,3,IF(COUNTIF(技能栏!D6:D42,"*适应能力*")>0,2,0))+IF(基础信息!Z13="√",1,0)+IF(基础信息!Q24="√",2,0) -> 0 | Q7: 神灵 | V7: 斗神拳士 | AB7: 6 | AK7: 魔法 | AM7: 魔术师 | AP7: LV13 | AQ7: =COUNTA(OFFSET(神成神器!$A$1,MATCH(基础信息!D39,神成神器!$A:$A,0)-1,7,26)) -> 1 | AS7: LV13 | AT7: =COUNTA(OFFSET(神成神器!$A$1,MATCH(基础信息!D57,神成神器!$A:$A,0)-1,7,26)) -> 1 | AV7: LV13 | AW7: =COUNTA(OFFSET(神成神器!$A$1,MATCH(基础信息!D101,神成神器!$A:$A,0)-1,7,26)) -> 1 | AY7: LV13 | AZ7: =COUNTA(OFFSET(神成神器!$A$1,MATCH(基础信息!D75,神成神器!$A:$A,0)-1,7,26)) -> 1 | BB7: LV13 | BC7: =COUNTA(OFFSET(神成神器!$A$1,MATCH(基础信息!D83,神成神器!$A:$A,0)-1,7,26)) -> 1 | BE7: LV13 | BF7: =COUNTA(OFFSET(神成神器!$A$1,MATCH(基础信息!D91,神成神器!$A:$A,0)-1,7,26)) -> 1
Q8: 英魂 | V8: 契约者 | AB8: 7 | AK8: 盾 | AM8: 人类 | AP8: LV15 | AQ8: =COUNTA(OFFSET(神成神器!$A$1,MATCH(基础信息!D39,神成神器!$A:$A,0)-1,8,26)) -> 1 | AS8: LV15 | AT8: =COUNTA(OFFSET(神成神器!$A$1,MATCH(基础信息!D57,神成神器!$A:$A,0)-1,8,26)) -> 1 | AV8: LV15 | AW8: =COUNTA(OFFSET(神成神器!$A$1,MATCH(基础信息!D101,神成神器!$A:$A,0)-1,8,26)) -> 1 | AY8: LV15 | AZ8: =COUNTA(OFFSET(神成神器!$A$1,MATCH(基础信息!D75,神成神器!$A:$A,0)-1,8,26)) -> 1 | BB8: LV15 | BC8: =COUNTA(OFFSET(神成神器!$A$1,MATCH(基础信息!D83,神成神器!$A:$A,0)-1,8,26)) -> 1 | BE8: LV15 | BF8: =COUNTA(OFFSET(神成神器!$A$1,MATCH(基础信息!D91,神成神器!$A:$A,0)-1,8,26)) -> 1
Q9: 改造人 | V9: 圣言奏者 | AB9: 8 | AK9: 神成剑 | AM9: 龙王 | AP9: LV17 | AQ9: =COUNTA(OFFSET(神成神器!$A$1,MATCH(基础信息!D39,神成神器!$A:$A,0)-1,9,26)) -> 1 | AS9: LV17 | AT9: =COUNTA(OFFSET(神成神器!$A$1,MATCH(基础信息!D57,神成神器!$A:$A,0)-1,9,26)) -> 1 | AV9: LV17 | AW9: =COUNTA(OFFSET(神成神器!$A$1,MATCH(基础信息!D101,神成神器!$A:$A,0)-1,9,26)) -> 1 | AY9: LV17 | AZ9: =COUNTA(OFFSET(神成神器!$A$1,MATCH(基础信息!D75,神成神器!$A:$A,0)-1,9,26)) -> 1 | BB9: LV17 | BC9: =COUNTA(OFFSET(神成神器!$A$1,MATCH(基础信息!D83,神成神器!$A:$A,0)-1,9,26)) -> 1 | BE9: LV17 | BF9: =COUNTA(OFFSET(神成神器!$A$1,MATCH(基础信息!D91,神成神器!$A:$A,0)-1,9,26)) -> 1
Q10: 魔眼 | V10: 超越战鬼 | AB10: 9 | AK10: 神成枪 | AM10: 神灵 | AP10: LV19 | AQ10: =COUNTA(OFFSET(神成神器!$A$1,MATCH(基础信息!D39,神成神器!$A:$A,0)-1,10,26)) -> 1 | AS10: LV19 | AT10: =COUNTA(OFFSET(神成神器!$A$1,MATCH(基础信息!D57,神成神器!$A:$A,0)-1,10,26)) -> 1 | AV10: LV19 | AW10: =COUNTA(OFFSET(神成神器!$A$1,MATCH(基础信息!D101,神成神器!$A:$A,0)-1,10,26)) -> 1 | AY10: LV19 | AZ10: =COUNTA(OFFSET(神成神器!$A$1,MATCH(基础信息!D75,神成神器!$A:$A,0)-1,10,26)) -> 1 | BB10: LV19 | BC10: =COUNTA(OFFSET(神成神器!$A$1,MATCH(基础信息!D83,神成神器!$A:$A,0)-1,10,26)) -> 1 | BE10: LV19 | BF10: =COUNTA(OFFSET(神成神器!$A$1,MATCH(基础信息!D91,神成神器!$A:$A,0)-1,10,26)) -> 1
F11: 限制结算 | G11: 伤害or行动 | H11: 能动or受动 | Q11: 异乡人 | V11: 神器继承者 | AB11: 10 | AK11: 神成斧 | AM11: 英魂
E12: 武器1 | F12: =VLOOKUP(基础信息!$D$39,装!$B:$AE,3,FALSE) -> 装具魔术师 | G12: =IF(基础信息!AF37="关",IF(F12=_xlfn.IFNA(VLOOKUP(F12,备用!O1:O3,1,FALSE),9),5,0)+IF(F12=_xlfn.IFNA(VLOOKUP(F12,备用!Q1:Q16,1,FALSE),9),10,0)+IF(F12=_xlfn.IFNA(VLOOKUP(F12,备用!V1:V18,1,FALSE),9),10,0),0) -> 0 | H12: =IF(基础信息!AF37="关",IF(F12=_xlfn.IFNA(VLOOKUP(F12,备用!O1:O3,1,FALSE),9),2,0)+IF(F12=_xlfn.IFNA(VLOOKUP(F12,备用!Q1:Q16,1,FALSE),9),3,0)+IF(F12=_xlfn.IFNA(VLOOKUP(F12,备用!V1:V18,1,FALSE),9),3,0),0) -> 0 | Q12: 幸御魂 | V12: 时空间魔术师 | AB12: 11 | AK12: 神成锤 | AM12: 改造人
E13: 武器2 | F13: =VLOOKUP(基础信息!$E$57,装!$B:$AE,3,FALSE) -> #N/A | G13: =IF(基础信息!AG55="关",IF(F13=_xlfn.IFNA(VLOOKUP(F13,备用!O1:O3,1,FALSE),9),5,0)+IF(F13=_xlfn.IFNA(VLOOKUP(F13,备用!Q1:Q16,1,FALSE),9),10,0)+IF(F13=_xlfn.IFNA(VLOOKUP(F13,备用!V1:V18,1,FALSE),9),10,0),0) -> 0 | H13: =IF(基础信息!AG55="关",IF(F13=_xlfn.IFNA(VLOOKUP(F13,备用!O1:O3,1,FALSE),9),2,0)+IF(F13=_xlfn.IFNA(VLOOKUP(F13,备用!Q1:Q16,1,FALSE),9),3,0)+IF(F13=_xlfn.IFNA(VLOOKUP(F13,备用!V1:V18,1,FALSE),9),3,0),0) -> 0 | Q13: 机械人 | V13: 喰魂者 | AB13: 12 | AK13: 神成射击 | AM13: 魔眼
E14: 防具 | F14: =VLOOKUP(基础信息!$D$75,装!$B:$AE,3,FALSE) -> #N/A | G14: =IF(基础信息!E72="关",IF(F14=_xlfn.IFNA(VLOOKUP(F14,备用!O1:O3,1,FALSE),9),5,0)+IF(F14=_xlfn.IFNA(VLOOKUP(F14,备用!Q1:Q16,1,FALSE),9),10,0)+IF(F14=_xlfn.IFNA(VLOOKUP(F14,备用!V1:V18,1,FALSE),9),10,0),0) -> 0 | H14: =IF(基础信息!E72="关",IF(F14=_xlfn.IFNA(VLOOKUP(F14,备用!O1:O3,1,FALSE),9),2,0)+IF(F14=_xlfn.IFNA(VLOOKUP(F14,备用!Q1:Q16,1,FALSE),9),3,0)+IF(F14=_xlfn.IFNA(VLOOKUP(F14,备用!V1:V18,1,FALSE),9),3,0),0) -> 0 | Q14: 人造人 | V14: 技巧达人 | AB14: 13 | AK14: 神成魔法 | AM14: 异乡人
E15: 饰品1 | Q15: 超能力者 | V15: 炼金魔术师 | AB15: 14 | AK15: 神成盾 | AM15: 幸御魂
E16: 饰品2 | Q16: 适格者 | V16: 灵气增幅者 | AB16: 15 | AM16: 机械人
Q17: 共通种族才能 | V17: 遗迹探索者 | AB17: 16 | AM17: 人造人
Q18: 共通才能 | V18: 神働术师 | AB18: 17 | AM18: 超能力者
AB19: 18 | AM19: 适格者
AB20: 19 | AM20: 破神传承者
AB21: 20 | AM21: 龙脉保有体
AM22: 影狩人
AM23: 起源使
AM24: 正统魔术师
AM25: 装具魔术师
AM26: 斗神拳士
A27: =MATCH(A2,A29:A76,0) -> 1 | B27: =OFFSET(A28,A27+VLOOKUP(B2,M1:N3,2,FALSE),2,1,1) -> 2 | AM27: 契约者
A28: 种族 | B28: 系统 | C28: 体力 | D28: 敏捷 | E28: 知性 | F28: 精神 | G28: 幸运 | H28: 种族奖励 | I28: 无 | M28: 种族才能1 | N28: 种族才能2 | O28: 种族才能3 | P28: 种族才能4 | Q28: 种族才能5 | R28: 种族才能6 | S28: 种族才能7 | T28: 种族才能8 | U28: 种族才能9 | V28: 种族才能10 | W28: 种族才能11 | X28: 种族才能12 | Y28: 种族才能13 | Z28: 种族才能14 | AA28: 种族才能15 | AB28: 种族才能16 | AC28: 种族才能17 | AD28: 种族才能18 | AE28: 种族才能19 | AF28: 种族才能20 | AG28: 种族才能21 | AM28: 圣言奏者
A29: 封神 | B29: 战士 | C29: 5 | D29: 4 | E29: 2 | F29: 2 | G29: 2 | H29: [封神记忆]：可以取得《种族才能：封神》，可以[装备]写有[限制：封神]条目的[物品]。 | M29: 敏锐一击 | N29: 封神降临 | O29: 九十九神器 | P29: 怪力无双 | Q29: 太古记忆 | R29: 神秘威严 | S29: 异能瞳术 | T29: 武技强化 | U29: 斗神灵压 | V29: 封神技 | W29: 封神灵性 | X29: ●神话的一击 | Y29: ●天神之业 | Z29: ●神力音叉 | AA29: ●特殊咏唱 | AB29: ●半神异能 | AC29: ●禁忌血脉 | AD29: ●斗神逆袭 | AE29: ●缩地妨碍 | AF29: ●封神结界 | AG29: ●斗气解放 | AM29: 超越战鬼
B30: 泛用 | C30: 4 | D30: 4 | E30: 2 | F30: 1 | G30: 4 | AM30: 神器继承者
B31: 魔法 | C31: 2 | D31: 3 | E31: 5 | F31: 4 | G31: 1 | AM31: 时空间魔术师
A32: 夜魔 | B32: 战士 | C32: 5 | D32: 4 | E32: 3 | F32: 2 | G32: 1 | H32: [夜魔末裔]：可以取得《种族才能：夜魔》，可以[装备]写有[限制：夜魔]条目的[物品]。 | M32: 兽魔变身 | N32: 血风之王 | O32: 魅惑魔力 | P32: 夜魔的妖眼 | Q32: 夜魔的臂力 | R32: 兽魔疾走 | S32: 壁面步行 | T32: 雾散变异 | U32: 夜魔的一击 | V32: 魂魄剥夺 | W32: 怪力移动 | X32: ●灵力吸收 | Y32: ●迅雷疾驱 | Z32: ●邪眼 | AA32: ●异能战斗 | AB32: ●近战抗性 | AC32: ●真祖因子 | AD32: ●超常威力 | AE32: ●夜魔的肉体 | AF32: ●夜魔的血脉 | AG32: ●黄泉归还 | AM32: 喰魂者
B33: 泛用 | C33: 2 | D33: 4 | E33: 4 | F33: 1 | G33: 4 | AM33: 技巧达人
B34: 魔法 | C34: 1 | D34: 2 | E34: 5 | F34: 6 | G34: 1 | AM34: 炼金魔术师
A35: 半妖 | B35: 战士 | C35: 4 | D35: 4 | E35: 1 | F35: 1 | G35: 5 | H35: [妖魔之血]：可以取得《种族才能：半妖》，可以[装备]写有[限制：半妖]条目的[物品]。 | M35: 飞翔 | N35: 太刀风 | O35: 黄金招来 | P35: 动物沟通 | Q35: 次元间隙 | R35: 好运招来 | S35: 改运 | T35: 肉体变化 | U35: 妖力发现 | V35: 解咒牵引 | W35: 妖力看破 | X35: ●转祸为福 | Y35: ●命运干涉 | Z35: ●恰好的偶然 | AA35: ●机会强化 | AB35: ●幸神的眷族 | AC35: ●风神岚 | AD35: ●妖力循环 | AE35: ●护法结界 | AF35: ●武运长久 | AG35: ●妖力解放 | AM35: 灵气增幅者
B36: 泛用 | C36: 3 | D36: 4 | E36: 1 | F36: 1 | G36: 6 | AM36: 遗迹探索者
B37: 魔法 | C37: 1 | D37: 3 | E37: 5 | F37: 2 | G37: 4 | AM37: 神働术师
A38: 魔术师 | B38: 战士 | C38: 4 | D38: 4 | E38: 4 | F38: 2 | G38: 1 | H38: [魔术家族]：可以取得《种族才能：魔术师》，可以[装备]写有[限制：魔术师]条目的[物品]。 | M38: 攻击魔术 | N38: 治愈魔术 | O38: 魔术暗示 | P38: 飞行媒介 | Q38: 魔术调查 | R38: 魔术世家 | S38: 使魔操控 | T38: 炼金术 | U38: 亚空间跳跃 | V38: 术式扩张 | W38: 变身魔术 | X38: ●介质燃烧 | Y38: ●虫操控 | Z38: ●身体强化赋予 | AA38: ●属性适应 | AB38: ●武器重量操纵 | AC38: ●防具重量操纵 | AD38: ●灵威冲破 | AE38: ●决斗圣句 | AF38: ●独创防御术式 | AG38: ●凶兆观测
B39: 泛用 | C39: 3 | D39: 3 | E39: 4 | F39: 1 | G39: 4
B40: 魔法 | C40: 1 | D40: 1 | E40: 6 | F40: 4 | G40: 3
A41: 人类 | B41: 战士 | C41: 4 | D41: 5 | E41: 1 | F41: 3 | G41: 2 | H41: [适应进化]：可以取得《种族才能：人类》，可以[装备]写有[限制：人类]条目的[物品]。 | M41: 灵力操作 | N41: 一瞬的光明 | O41: 人生经验 | P41: 泛用能力 | Q41: 适应能力 | R41: 秘奥取得 | S41: 白刃熟练 | T41: 术式熟练 | U41: 极限体术 | V41: 专心一意 | W41: 异能感觉 | X41: ●精妙佯攻 | Y41: ●致命回避 | Z41: ●适应强化 | AA41: ●秘奥熟练 | AB41: ●武器操控 | AC41: ●对魔力 | AD41: ●通感 | AE41: ●同时行动 | AF41: ●直感记忆 | AG41: ●异能色觉
B42: 泛用 | C42: 4 | D42: 3 | E42: 3 | F42: 1 | G42: 4
B43: 魔法 | C43: 2 | D43: 1 | E43: 5 | F43: 4 | G43: 3
A44: 龙王 | B44: 战士 | C44: 5 | D44: 4 | E44: 4 | F44: 1 | G44: 1 | H44: [龙的血脉]：可以取得《种族才能：龙王》，可以[装备]写有[限制：龙王]条目的[物品]。 | M44: 倾国美貌 | N44: 龙脉破 | O44: 龙脉刃 | P44: 龙脉集束 | Q44: 龙脉异变 | R44: 龙王加护 | S44: 龙王之鳞 | T44: 起源龙之力 | U44: 龙翼飞翔 | V44: 龙之神性 | W44: 龙吼闪 | X44: ●龙神斗气 | Y44: ●龙血解放 | Z44: ●龙王之瞳 | AA44: ●龙王之铠 | AB44: ●龙王重压 | AC44: ●龙脉之王 | AD44: ●祖龙显现 | AE44: ●龙神灵威 | AF44: ●逆鳞具现 | AG44: ●龙血灵力
B45: 泛用 | C45: 4 | D45: 3 | E45: 3 | F45: 1 | G45: 4
B46: 魔法 | C46: 4 | D46: 3 | E46: 4 | F46: 3 | G46: 1
A47: 神灵 | B47: 战士 | C47: 4 | D47: 4 | E47: 3 | F47: 2 | G47: 2 | H47: [神通力]：可以取得《种族才能：神灵》，可以[装备]写有[限制：神灵]条目的[物品]。[种类]变更为幻兽。 | M47: 神力操纵 | N47: 灵力清净 | O47: 神灵天眼 | P47: 神灵天耳 | Q47: 神足通 | R47: 病魔退散 | S47: 神力苏生 | T47: 保食神 | U47: 凶神之威 | V47: 神托 | W47: 武神 | X47: ●天候神 | Y47: ●要石 | Z47: ●神器创造 | AA47: ●神力宿命 | AB47: ●治愈灵威 | AC47: ●神力漏尽 | AD47: ●圣域化 | AE47: ●本性显现 | AF47: ●灵验强化 | AG47: ●高位神使
B48: 泛用 | C48: 3 | D48: 2 | E48: 3 | F48: 1 | G48: 6
B49: 魔法 | C49: 1 | D49: 2 | E49: 4 | F49: 5 | G49: 3
A50: 英魂 | B50: 战士 | C50: 5 | D50: 5 | E50: 2 | F50: 2 | G50: 1 | H50: [传承所得的异能]：可以取得《种族才能：英魂》，可以[装备]写有[限制：英魂]条目的[物品]。[种类]变更为[不死]。 | M50: 气息遮断 | N50: 英魂的一击 | O50: 炼金大师 | P50: 灵力化 | Q50: 异能耐性 | R50: 据点创造 | S50: 乘骑特性 | T50: 传承宝具 | U50: 狂战士 | V50: 传说的财宝 | W50: 威压的灵威 | X50: ●自我领域 | Y50: ●对空间能力 | Z50: ●伟业回想 | AA50: ●变革历史的一击 | AB50: ●异能耐性强化 | AC50: ●屠戮者 | AD50: ●异能肉体 | AE50: ●英魂奥义 | AF50: ●神性解放 | AG50: ●灵威隐蔽
B51: 泛用 | C51: 4 | D51: 3 | E51: 3 | F51: 1 | G51: 4
B52: 魔法 | C52: 1 | D52: 1 | E52: 5 | F52: 5 | G52: 3
A53: 改造人 | B53: 战士 | C53: 6 | D53: 6 | E53: 1 | F53: 1 | G53: 1 | H53: [特殊义体]：可以取得《种族才能：改造人》，可以[装备]写有[限制：改造人]条目的[物品]。[种类]变更为[机械]。 | M53: 加速机能 | N53: 收纳兵器 | O53: 高出力器官 | P53: 急速演算 | Q53: 精密补正 | R53: 皮肤装甲 | S53: 对冲击机能 | T53: 极限局域演算 | U53: 减震系统 | V53: 加速模式 | W53: 武器收纳系统 | X53: ●歼灭模式 | Y53: ●全金属爆发 | Z53: ●虐杀机能 | AA53: ●防御突破 | AB53: ●弹道解析 | AC53: ●高性能灵力机关 | AD53: ●光学迷彩 | AE53: ●战术义眼 | AF53: ●极限改造 | AG53: ●强化反射神经
B54: 泛用 | C54: 4 | D54: 3 | E54: 4 | F54: 3 | G54: 1
B55: 魔法 | C55: 1 | D55: 1 | E55: 6 | F55: 6 | G55: 1
A56: 魔眼 | B56: 战士 | C56: 4 | D56: 5 | E56: 2 | F56: 1 | G56: 3 | H56: [神威之瞳]：可以取得《种族才能：魔眼》，可以[装备]写有[限制：魔眼]条目的[物品]。 | M56: 破灭魔眼 | N56: 幻惑魔眼 | O56: 催眠瞳术 | P56: 时流延迟 | Q56: 轨道看破 | R56: 死线魔眼 | S56: 千里眼 | T56: 死神之瞳 | U56: 迟缓邪视 | V56: 虚脱邪视 | W56: 束缚邪视 | X56: ●即死魔眼 | Y56: ●石化魔眼 | Z56: ●全方位视界 | AA56: ●未来视 | AB56: ●过去视 | AC56: ●龙眼束缚 | AD56: ●诅咒邪视 | AE56: ●弱点看破 | AF56: ●破邪神眼 | AG56: ●不动束缚
B57: 泛用 | C57: 3 | D57: 3 | E57: 3 | F57: 1 | G57: 5
B58: 魔法 | C58: 1 | D58: 1 | E58: 5 | F58: 4 | G58: 4
A59: 异乡人 | B59: 战士 | C59: 5 | D59: 4 | E59: 4 | F59: 1 | G59: 1 | H59: [法则破坏者]：可以取得《种族才能：异乡人》，可以[装备]写有[限制：异乡人]条目的[物品]。任选一个[种类]决定。 | M59: 魔王的斗气 | N59: 异界战技 | O59: 异界魔法 | P59: 记忆浑浊 | Q59: 满溢的灵力 | R59: 禁断的知识 | S59: 形态超越 | T59: 异界特性 | U59: 加速咒文 | V59: 强化法力 | W59: 防御魔法 | X59: ●勇者的回廊 | Y59: ●虚空击 | Z59: ●高次元再生 | AA59: ●极大奥义 | AB59: ●魔王结界 | AC59: ●被选中之人 | AD59: ●异能加护 | AE59: ●勇者的灵威 | AF59: ●勇者的祈祷 | AG59: ●历战勇者
B60: 泛用 | C60: 4 | D60: 2 | E60: 4 | F60: 1 | G60: 4
B61: 魔法 | C61: 1 | D61: 3 | E61: 5 | F61: 3 | G61: 3
A62: 幸御魂 | B62: 战士 | C62: 6 | D62: 5 | E62: 1 | F62: 1 | G62: 2 | H62: [妖怪变化]：可以取得《种族才能：幸御魂》，可以[装备]写有[限制：神灵]条目的[物品]。任选一个[种类]决定。 | M62: 妖力疾走 | N62: 妖力击破 | O62: 魔境化 | P62: 妖力转移 | Q62: 巨大 | R62: 微小 | S62: 血统的祖神 | T62: 妖力秘奥 | U62: ●妖力扫射 | V62: ●灵魂捕食 | W62: ●全力的妖力 | X62: ●领域视界 | Y62: ●妖力的化身 | Z62: ●神域化
B63: 泛用 | C63: 3 | D63: 2 | E63: 4 | F63: 2 | G63: 4
B64: 魔法 | C64: 1 | D64: 2 | E64: 6 | F64: 3 | G64: 3
A65: 机械人 | B65: 战士 | C65: 5 | D65: 5 | E65: 1 | F65: 3 | G65: 1 | H65: [技术奇点到来]：可以取得《种族才能：机械人》，可以[装备]写有[限制：改造人]条目的[物品]。[种类]变更为[机械]。 | M65: 内藏火器 | N65: 特殊合金躯体 | O65: 球形关节 | P65: 钢环 | Q65: 高速运算 | R65: 反射加速 | S65: 加速追击 | T65: 加速移动 | U65: 灵力转换机关 | V65: 灵壁展开 | W65: 以太分析 | X65: ●对灵威机关 | Y65: ●自我修复机关 | Z65: ●超高速机动 | AA65: ●立体机动 | AB65: ●对冲击机关 | AC65: ●人造神器化 | AD65: ●以太妨碍 | AE65: ●导航 | AF65: ●自动支援扫射 | AG65: ●追加对弹装甲
B66: 泛用 | C66: 4 | D66: 3 | E66: 4 | F66: 3 | G66: 1
B67: 魔法 | C67: 2 | D67: 2 | E67: 5 | F67: 5 | G67: 1
A68: 人造人 | B68: 战士 | C68: 5 | D68: 4 | E68: 3 | F68: 2 | G68: 1 | H68: [魔术生命体]：可以取得《种族才能：人造人》，可以[装备]写有[限制：魔术师]条目的[物品]。[种类]变更为[植物]。 | M68: 生命变幻 | N68: 魔力的波动 | O68: 魔力的视线 | P68: 魔力操作 | Q68: 魔力浮游 | R68: 无言咏唱 | S68: 与生俱来的知性 | T68: 魔术存在 | U68: 魔力重击 | V68: 术式伸长 | W68: 高次的精神 | X68: ●魔力过滤 | Y68: ●残像转移 | Z68: ●魔力的奔流 | AA68: ●干涉强化 | AB68: ●防御魔眼 | AC68: ●小规模具现 | AD68: ●思念咏唱 | AE68: ●防壁突破 | AF68: ●灵威烧尽 | AG68: ●魔力光条
B69: 泛用 | C69: 3 | D69: 3 | E69: 4 | F69: 2 | G69: 3
B70: 魔法 | C70: 1 | D70: 3 | E70: 5 | F70: 4 | G70: 2
A71: 超能力者 | B71: 战士 | C71: 5 | D71: 4 | E71: 1 | F71: 3 | G71: 2 | H71: [新人类]：可以取得《种族才能：超能力者》，可以[装备]写有[限制：超能力者]条目的[物品]。 | M71: 浮空 | N71: 心灵爆裂 | O71: 催眠 | P71: 瞬间移动 | Q71: 精神强念 | R71: 接触感应 | S71: 长距传送 | T71: 心灵感应 | U71: ●短距传送 | V71: ●心灵毁灭 | W71: ●念力抹消 | X71: ●读心 | Y71: ●透视 | Z71: ●预知 | AA71: 治愈 | AB71: 念写 | AC71: 心灵护盾 | AD71: ●共感 | AE71: ●心灵屏障 | AF71: ●心灵治疗 | AG71: ●心灵力场
B72: 泛用 | C72: 4 | D72: 3 | E72: 3 | F72: 2 | G72: 3
B73: 魔法 | C73: 1 | D73: 2 | E73: 4 | F73: 5 | G73: 3
A74: 适格者 | B74: 战士 | C74: 6 | D74: 4 | E74: 1 | F74: 2 | G74: 2 | H74: [经络改造]：可以取得《种族才能：适格者》，可以[装备]写有[限制：适格者]条目的[物品]。[种类]变更为[魔兽·怪虫·植物]。 | M74: 战斗形态 | N74: 恶鬼的咆哮 | O74: 饿虫蹂躏 | P74: 蹴地的异形 | Q74: 身体能力解放 | R74: 甲壳展开 | S74: 完全变身 | T74: 秘藏的兽性 | U74: ●经络暴走 | V74: ●恶食的肉体 | W74: ●经络再生 | X74: ●进化形态 | Y74: ●恶鬼降临 | Z74: ●甲壳兽 | AA74: 猛毒生成 | AB74: 魔虫复眼 | AC74: 变异移动 | AD74: ●脑内激素操作 | AE74: ●触手扫射 | AF74: ●异形防御 | AG74: ●经络制御
B75: 泛用 | C75: 4 | D75: 3 | E75: 4 | F75: 1 | G75: 3
B76: 魔法 | C76: 1 | D76: 4 | E76: 6 | F76: 2 | G76: 2
A79: 高位才能LV10 | B79: 龙脉胎动 | C79: ※ | E79: 龙脉胎动 | F79: 常时 | G79: 使用者 | H79: 使用者 | I79: 无 | J79: 常时效果。这个《才能》在[世界干涉LV]上升至10时代替《称号奥义》和《称号开花》自动取得。目标[灵力]的最大值+1个（4个[灵力]的话变为5个[灵力]）。 | K79: 潜在才能或锻炼取得了成果，原始的灵力根源——龙脉得到了增幅。 | L79: 《神我狩》
A80: 高位才能LV10 | B80: 称号奥义 | C80: ※ | E80: 称号奥义 | F80: 常时 | G80: 使用者 | H80: 使用者 | I80: 无 | J80: 常时效果。这个《才能》在[世界干涉LV]上升至10时代替《龙脉胎动》和《称号开花》自动取得。目标可以取得1个在[初期作成]时，非[主要称号]的，带有◎标记的《称号才能》。 | K80: 从特殊的断片中激发记忆，能够使用称号的奥义。 | L80: 《神我狩》
A81: 高位才能LV10 | B81: 称号开花 | C81: ※ | E81: 称号开花 | F81: 常时 | G81: 使用者 | H81: 使用者 | I81: 无 | J81: 常时效果。这个《才能》在[世界干涉LV]上升至10时代替《龙脉胎动》和《称号奥义》自动取得。目标可以取得1个未取得的[称号]（需要从A·B中选择1个类型）。 | K81: 通过积累一定程度的经验，你自动取得了其他称号，可以使用其他称号的术技与能力。 | L81: 《神我狩》
A91: 称号 | B91: 类型 | C91: 系统 | D91: 命中 | E91: 回避 | F91: 发动 | G91: 抵抗 | H91: 看破 | I91: 物D | J91: 魔D | K91: 行动值 | L91: 生命力 | M91: 称号才能1 | N91: 称号才能2 | O91: 称号才能3 | P91: 称号才能4 | Q91: 称号才能5 | R91: 称号才能6 | S91: 称号才能7 | T91: 称号才能8 | U91: 称号才能9 | V91: 称号才能10 | W91: 称号才能11 | X91: 称号才能12 | Y91: 称号才能13 | Z91: 称号才能14 | AA91: 称号才能15 | AB91: 称号才能16 | AC91: 称号才能17 | AD91: 称号才能18 | AE91: 称号才能19 | AF91: 称号才能20 | AG91: 称号才能21
A93: 破神传承者 | B93: 破神传承者A | C93: 战斗 | D93: 1 | E93: 2 | F93: 0 | G93: 0 | H93: 0 | I93: 4 | J93: 0 | K93: 7 | L93: 35 | M93: 破神秘奥 | N93: 烈风技 | O93: 闪空技 | P93: 破神裂牙 | Q93: 破神灭碎 | R93: 阳式 | S93: 阴式 | T93: 战斗极意 | U93: ●异能心法 | V93: ●活法 | W93: ●杀法 | X93: ●杀技深奥 | Y93: ◎灵力断空 | Z93: ◎万敌不败 | AA93: 破神散华 | AB93: ●里奥义 | AC93: ●破神深奥 | AD93: ●阴阳进退 | AE93: ●天地乱星 | AF93: ◎乾坤一掷 | AG93: ◎精神一到
B94: 破神传承者B | M94: 一闪 | N94: 破神烈光 | O94: 守护神传 | P94: 天舞技 | Q94: 残光技 | R94: 古流式 | S94: 零式 | T94: 亚流式 | U94: ●金城汤池 | V94: ●锐闪 | W94: ●破神空旋 | X94: ●极致看破 | Y94: ◎纵横无尽 | Z94: ◎秘奥传承 | AA94: ◎海内无双 | AB94: ◎明镜止水 | AC94: 一拍子 | AD94: ●破神猛攻 | AE94: ●空转反击 | AF94: ●无明技 | AG94: ●坚忍不拔
A95: 龙脉保有体 | B95: 龙脉保有体A | C95: 战斗 | D95: 1 | E95: 1 | F95: 1 | G95: 0 | H95: 0 | I95: 2 | J95: 2 | K95: 5 | L95: 41 | M95: 结晶变身 | N95: 战斗跳跃 | O95: 火花灭杀 | P95: 射击变换 | Q95: 强势重击 | R95: 炸裂重击 | S95: 回旋防御 | T95: 体魄强化 | U95: ●水晶碎击 | V95: ●暴风爆发 | W95: ●贯通结晶 | X95: ●终结之力 | Y95: ◎水晶执行者 | Z95: ◎二段变身 | AA95: 破坏形态 | AB95: ●特殊移动 | AC95: ●超强化 | AD95: ●回转 | AE95: ●无需变身 | AF95: ◎暴风形态 | AG95: ◎龙脉精通
B96: 龙脉保有体B | M96: 结晶装着 | N96: 水晶射击 | O96: 防护 | P96: 水晶防御 | Q96: 水晶分隔 | R96: 知性强化 | S96: 物质护盾 | T96: 以太护盾 | U96: ●突击防护 | V96: ●结晶强化 | W96: ●水晶城塞 | X96: ●真·结晶装着 | Y96: ◎水晶增幅 | Z96: ◎究极形态 | AA96: 结晶攻击 | AB96: ●援护移动 | AC96: ●结晶反击 | AD96: ●神器迎击 | AE96: ●结晶加速 | AF96: ◎结界秘技 | AG96: ◎结晶进化
A97: 影狩人 | B97: 影狩人A | C97: 泛用 | D97: 1 | E97: 1 | F97: 1 | G97: 0 | H97: 0 | I97: 1 | J97: 1 | K97: 10 | L97: 32 | M97: 影碎 | N97: 暗具 | O97: 影击 | P97: 影分身 | Q97: 影朝阳 | R97: 交叉援护 | S97: 影走自在 | T97: 影走熟练 | U97: ●死杀影技 | V97: ●死角追击 | W97: ●影杀闪 | X97: ●影技深奥 | Y97: ◎影法师 | Z97: ◎影灭秘奥 | AA97: 空转移动 | AB97: ●重影 | AC97: ●影走填充 | AD97: ●幻惑分身 | AE97: ●死杀秘奥 | AF97: ◎斩术 | AG97: ◎影噬
B98: 影狩人B | M98: 影门转移 | N98: 影疾风 | O98: 影门跳跃 | P98: 飞影 | Q98: 影门灵力 | R98: 影门治愈 | S98: 空蝉 | T98: 暗之探索者 | U98: ●影破 | V98: ●影缚 | W98: ●影门疾驱 | X98: ●影技增幅 | Y98: ◎影技应用 | Z98: ◎影门交错 | AA98: 影门倒技 | AB98: ●影门吸收 | AC98: ●搅乱影技 | AD98: ●影技强袭 | AE98: ●影刃疾走 | AF98: ◎精密探查 | AG98: ◎影门刹那
A99: 起源使 | B99: 起源使A | C99: 泛用 | D99: 1 | E99: 0 | F99: 1 | G99: 0 | H99: 0 | I99: 2 | J99: 2 | K99: 8 | L99: 35 | M99: 元素爆发 | N99: 浓缩集中 | O99: 集束强袭 | P99: 灾变 | Q99: 插入 | R99: 升压 | S99: 炸裂 | T99: 叠增 | U99: ●元素爆破 | V99: ●元素支援 | W99: ●元素蛇舞 | X99: ●元素突破 | Y99: ◎元素精通 | Z99: ◎原初之力 | AA99: 元素拦截 | AB99: ●元素狂怒 | AC99: ●削弱 | AD99: ●最大化 | AE99: ●扩散 | AF99: ◎元素终结 | AG99: ◎元素爆燃
B100: 起源使B | M100: 元素穿着 | N100: 隐形 | O100: 飞行 | P100: 以太之力 | Q100: 泉涌 | R100: 护罩 | S100: 元素轮舞 | T100: 连锁元素 | U100: ●元素充能 | V100: ●状态解除 | W100: ●元素反击 | X100: ●低语 | Y100: ◎适应元素 | Z100: ◎起源掌握 | AA100: 元素干扰 | AB100: ●潜行 | AC100: ●滑翔 | AD100: ●爆裂 | AE100: ●扰乱 | AF100: ◎元素之力 | AG100: ◎拟象飞箭
A101: 正统魔术师 | B101: 正统魔术师A | C101: 魔导 | D101: 0 | E101: 1 | F101: 1 | G101: 2 | H101: 1 | I101: 0 | J101: 4 | K101: 7 | L101: 29 | M101: 大魔术行使 | N101: 加速魔术 | O101: 瞬间仪式 | P101: 破光魔弹 | Q101: 共感杀伤 | R101: 质量操控 | S101: 炸裂魔术 | T101: 妨碍光弹 | U101: ●咒缚魔眼 | V101: ●雾散魔术 | W101: ●速射魔术 | X101: ●幻想具现 | Y101: ◎攻击魔术达人 | Z101: ◎神秘纹章 | AA101: 灵媒魔术 | AB101: ●幻惑魔术 | AC101: ●特效的诅咒 | AD101: ●重力控制 | AE101: ●堕天使的魔眼 | AF101: ◎仪式咏唱 | AG101: ◎诅咒的达人
B102: 正统魔术师B | M102: 高位治愈 | N102: 知觉强化 | O102: 战斗强化 | P102: 赋活魔术 | Q102: 苏生魔术 | R102: 补正魔术 | S102: 魔术强化 | T102: 灵力流转 | U102: ●障壁魔术 | V102: ●魔术干涉 | W102: ●治愈阻碍 | X102: ●诅咒扩大 | Y102: ◎治愈魔术达人 | Z102: ◎光辉治愈 | AA102: 移动魔术 | AB102: ●防护屏障 | AC102: ●认识祈念 | AD102: ●高位位阶 | AE102: ●内阵的魔术师 | AF102: ◎究极密仪 | AG102: ◎根源的一端
A103: 装具魔术师 | B103: 装具魔术师A | C103: 魔导 | D103: 0 | E103: 1 | F103: 2 | G103: 1 | H103: 0 | I103: 1 | J103: 3 | K103: 8 | L103: 29 | M103: 辉煌程序 | N103: 扩展代码 | O103: 引导加速 | P103: 覆写 | Q103: 突击模块 | R103: 攻击模块 | S103: 爆发算法 | T103: 战斗译码 | U103: ●效力转储 | V103: ●咒文收束 | W103: ●支援程序 | X103: ●查杀代码 | Y103: ◎定制代码 | Z103: ◎电子精通 | AA103: 动态迭代器 | AB103: ●保护代码 | AC103: ●电子加载 | AD103: ●强力排序 | AE103: ●多线编程 | AF103: ◎战斗代码 | AG103: ◎记录回溯
B104: 装具魔术师B | M104: 创形程序 | N104: 程序外壳 | O104: 加速域名 | P104: 治疗程序 | Q104: 时钟系统 | R104: 护甲粘贴 | S104: 双程序库 | T104: 技能设备 | U104: ●破解转换 | V104: ●备份 | W104: ●扩散系统 | X104: ●电子域名 | Y104: ◎原生域名 | Z104: ◎升压程序 | AA104: 防御例程 | AB104: ●防护域名 | AC104: ●超频 | AD104: ●壁垒程序 | AE104: ●以太宏 | AF104: ◎神秘抑制 | AG104: ◎以太块
A105: 斗神拳士 | B105: 斗神拳士A | C105: 战斗 | D105: 2 | E105: 1 | F105: 0 | G105: 0 | H105: 0 | I105: 4 | J105: 0 | K105: 6 | L105: 38 | M105: 天地功 | N105: 旋风神击 | O105: 神击咬破 | P105: 灵力武具 | Q105: 神速技 | R105: 百烈技 | S105: 拳器一体 | T105: 灵纹秘孔 | U105: 发劲 | V105: ●爆发呼吸 | W105: ●刚雷震 | X105: ●裂帛投掷 | Y105: ●神器功 | Z105: ●先之先 | AA105: ●神行法 | AB105: ●神击交错 | AC105: ●后之先 | AD105: ◎绝招 | AE105: ◎小周天 | AF105: ◎灵威两断 | AG105: ◎天地合一
B106: 斗神拳士B | M106: 化劲 | N106: 神击龙卷 | O106: 灵力弹头 | P106: 神击下投 | Q106: 灵力掌 | R106: 灵力反击 | S106: 神龙护法 | T106: 锻炼功 | U106: 合气 | V106: ●缩地 | W106: ●灵魂固化 | X106: ●死角连击 | Y106: ●极铠功 | Z106: ●触类旁通 | AA106: ●打极乱舞 | AB106: ●神击极支 | AC106: ●幽体功 | AD106: ◎化劲大师 | AE106: ◎大周天 | AF106: ◎神仙功 | AG106: ◎化劲极意
A107: 契约者 | B107: 契约者A | C107: 泛用 | D107: 1 | E107: 1 | F107: 1 | G107: 1 | H107: 1 | I107: 2 | J107: 2 | K107: 6 | L107: 32 | M107: 人骑一体 | N107: 异能疾驰 | O107: 突击准备 | P107: 全力突破 | Q107: 灵力追逐 | R107: 爆破跳跃 | S107: 乘骑战斗 | T107: 龙骑兵 | U107: ●突进击 | V107: ●旋回封锁 | W107: ●疾风怒涛 | X107: ●战场死神 | Y107: ◎英雄突袭 | Z107: ◎传说骑士
B108: 契约者B | M108: 契约召唤 | N108: 感觉共享 | O108: 灵力烈破 | P108: 灵璧赋予 | Q108: 威力吸引 | R108: 人兽一体 | S108: 攻击能力增强 | T108: 共感成长 | U108: ●防御能力强化 | V108: ●人兽奏技 | W108: ●太古存在 | X108: ●超巨大成长 | Y108: ◎强制共有 | Z108: ◎幻兽召唤
A109: 圣言奏者 | B109: 圣言奏者A | C109: 魔导 | D109: 0 | E109: 0 | F109: 2 | G109: 2 | H109: 1 | I109: 2 | J109: 3 | K109: 6 | L109: 29 | M109: 秘传神言 | N109: 起源印 | O109: 具现印 | P109: 当头棒喝 | Q109: 神秘古语 | R109: 连发言灵 | S109: 圣言击 | T109: 灵力印 | U109: ●䘠除言灵 | V109: ●咒缚言灵 | W109: ●禁忌言灵 | X109: ●略式印 | Y109: ◎言灵真髓 | Z109: ◎术印大师
B110: 圣言奏者B | M110: 铠装赞歌 | N110: 增幅圣歌 | O110: 歌力奋起 | P110: 赋活圣歌 | Q110: 圣歌璧 | R110: 歌力结界 | S110: 治愈增强 | T110: 守护赞歌 | U110: ●败神绝歌 | V110: ●速愈言灵 | W110: ●歌神灵装 | X110: ●速愈祷言 | Y110: ◎被祝福的讴歌者 | Z110: ◎绝歌唱神
A111: 超越战鬼 | B111: 超越战鬼A | C111: 战斗 | D111: 1 | E111: 1 | F111: 1 | G111: 0 | H111: 1 | I111: 3 | J111: 3 | K111: 5 | L111: 32 | M111: 集中攻击 | N111: 目标把握 | O111: 弱点狙击 | P111: 特殊战技 | Q111: 战斗机动 | R111: 集中炮火 | S111: 战场格斗 | T111: 战略移动 | U111: ●反击体术 | V111: ●最后底牌 | W111: ●射击精通 | X111: ●杀戮战技 | Y111: ◎阿修罗之腕 | Z111: ◎万军匹敌
B112: 超越战鬼B | M112: 战斗指挥 | N112: 障碍物设置 | O112: 分散指令 | P112: 战术攻击 | Q112: 爆破战术 | R112: 完全遮蔽 | S112: 攻防一体 | T112: 强袭援护 | U112: ●阵地构筑 | V112: ●障碍物爆破 | W112: ●区域崩坏 | X112: ●燃烧爆破 | Y112: ◎战术大师 | Z112: ◎神算鬼谋
...

Sheet 才能
E1: 名称 | F1: 时机 | G1: 距离 | H1: 目标 | I1: 消耗 | J1: 效果 | K1: 概要 | L1: 出处 | U1: =IF(基础信息!$E$9="","",基础信息!$E$9) -> 封神 | W1: {=INDEX(U:U,SMALL(IF($U:$U<>"",ROW($U:$U),4^8),ROW(1:1)))&""} -> 封神 | X1: =技能栏!C10 -> 0 | Y1: =MATCH($X1,$U$1:$U$14,0) -> #N/A | Z1: =MATCH($X1,$A:$A,0) -> #N/A | AB1: =COUNTIF($A:$A,$X1) -> 0 | AC1: 计算技能数量 | AD1: =_xlfn.IFS(INDEX(才能!$U$1:$V$14,才能!$Y1,2)="A",OFFSET(才能!$A$1,才能!$Z1-1,1,才能!$AB1/2,),INDEX(才能!$U$1:$V$14,才能!$Y1,2)="B",OFFSET(才能!$A$1,MATCH(才能!$X1,才能!$A:$A,0)-1+才能!$AB$1/2,1,才能!$AB1/2,),INDEX(才能!$U$1:$V$14,才能!$Y1,2)="",OFFSET(才能!$A$1,才能!$Z1-1,1,才能!$AB1,)) -> #N/A | AG1: =VLOOKUP(基础信息!D101,装!$B:$G,5,0)&"" -> #N/A | AI1: =VLOOKUP(基础信息!D39,装!$B:$G,5,0)&"" -> 单持 | AK1: =VLOOKUP(基础信息!D57,装!$B:$G,5,0)&"" -> #N/A | AN1: 新卡追加 | AO1: {=_xlfn._xlws.FILTER(装!B:B,(装!C:C=AN2)*(装!AG:AG=武!F3),"")} -> ◇身体强化附加 | AP1: {=_xlfn._xlws.FILTER(装!B:B,(装!C:C=AN2)*(装!AG:AG=武!F3)*((装!AA:AA=武!F4)+(武!F4="")))} -> ◇身体强化附加 | AQ1: 武器1追加 | AR1: {=_xlfn._xlws.FILTER(装!B:B,(装!AG:AG=武!F3)*(装!A:A="追加效果："))} -> ◇身体强化附加 | AS1: {=_xlfn._xlws.FILTER(装!B:B,(装!AG:AG=武!F3)*(装!A:A="追加效果：")*((装!AA:AA=武!F4)+(武!F4="")))} -> ◇身体强化附加 | AT1: 武器2追加 | AU1: {=_xlfn._xlws.FILTER(装!B:B,(装!AG:AG=武!F9)*(装!A:A="追加效果："))} -> ◇神秘枪尖 | AV1: {=_xlfn._xlws.FILTER(装!B:B,(装!AG:AG=武!F9)*(装!A:A="追加效果：")*(((装!AA:AA=武!F4)+(武!F4=""))))} -> ◇神秘枪尖 | AW1: 表面职业5自选道具 | AX1: {=_xlfn._xlws.FILTER(装!$B:$B,(装!$A:$A=道具栏!G37)*(装!$V:$V=道具栏!R37),"")} -> 灵光放出 | AY1: {=_xlfn._xlws.FILTER(装!$B:$B,(装!$A:$A=道具栏!G37)*(装!$V:$V=道具栏!R37)*(装!$AA:$AA=道具栏!$AB$1),"")} | AZ1: 道具行数 | BA1: =MATCH(道具栏!$AB$1,OFFSET(装!$A:$AA,MATCH(道具栏!G44,装!$A:$A,0)-1,MATCH(道具栏!$BB$2,装!$1:$1,0)-1,COUNTIF(装!$A:$A,道具栏!G44),1),0) -> #N/A | BB1: 道具高度 | BC1: =COUNTIF(OFFSET(装!$A:$AA,MATCH(道具栏!G44,装!$A:$A,0)-1,MATCH(道具栏!$BB$2,装!$1:$1,0)-1,COUNTIF(装!$A:$A,道具栏!G44),1),道具栏!$AB$1) -> 0 | BE1: 武器3追加 | BF1: {=_xlfn._xlws.FILTER(装!B:B,(装!AG:AG=武!C4)*(装!A:A="追加效果："))} -> ◇身体强化附加 | BG1: {=_xlfn._xlws.FILTER(装!B:B,(装!AG:AG=武!C4)*(装!A:A="追加效果：")*((装!AA:AA=武!F4)+(武!F4="")))} -> ◇身体强化附加
A2: 封神 | B2: 敏锐一击 | E2: 敏锐一击 | F2: 攻击 | G2: 物品 | H2: 1体 | I2: 奇 | J2: 物理攻击。使用者使用[形状：剑·射击]中任一武器进行[物理攻击]，在[伤害算出]时+「使用者任意【主能力值】」的修正。 | K2: 以裂帛之势将特定的武器的性能发挥到最大限度。 | L2: 《神我狩》 | O2: 1 | U2: =IF(基础信息!$D$17="","",基础信息!$D$17)&V2 -> 装具魔术师A | V2: =IF(基础信息!$J$17="","",基础信息!$J$17) -> A | W2: {=INDEX(U:U,SMALL(IF($U:$U<>"",ROW($U:$U),4^8),ROW(2:2)))&""} -> 装具魔术师A | X2: =技能栏!C11 -> 0 | Y2: =MATCH($X2,$U$1:$U$14,0) -> #N/A | Z2: =MATCH($X2,$A:$A,0) -> #N/A | AB2: =COUNTIF($A:$A,$X2) -> 0 | AD2: =_xlfn.IFS(INDEX(才能!$U$1:$V$13,才能!$Y2,2)="A",OFFSET(才能!$A$1,才能!$Z2-1,1,才能!$AB2/2,),INDEX(才能!$U$1:$V$13,才能!$Y2,2)="B",OFFSET(才能!$A$1,MATCH(才能!$X2,才能!$A:$A,0)-1+才能!$AB$1/2,1,才能!$AB2/2,),INDEX(才能!$U$1:$V$13,才能!$Y2,2)="",OFFSET(才能!$A$1,才能!$Z2-1,1,才能!$AB2,)) -> #N/A | AG2: =VLOOKUP(基础信息!D101,装!$B:$G,6,0)&"" -> #N/A | AI2: =VLOOKUP(基础信息!D39,装!$B:$G,6,0)&"" | AK2: =VLOOKUP(基础信息!D57,装!$B:$G,6,0)&"" -> #N/A | AN2: ◇ | AO2: ◇重力控制 | AP2: ◇重力控制 | AR2: ◇重力控制 | AS2: ◇重力控制 | AU2: ◇柄部刻印 | AV2: ◇柄部刻印 | AX2: 灵气感知 | BA2: =MATCH(道具栏!$AB$1,OFFSET(装!$A:$AA,MATCH(道具栏!G45,装!$A:$A,0)-1,MATCH(道具栏!$BB$2,装!$1:$1,0)-1,COUNTIF(装!$A:$A,道具栏!G45),1),0) -> #N/A | BC2: =COUNTIF(OFFSET(装!$A:$AA,MATCH(道具栏!G45,装!$A:$A,0)-1,MATCH(道具栏!$BB$2,装!$1:$1,0)-1,COUNTIF(装!$A:$A,道具栏!G45),1),道具栏!$AB$1) -> 0 | BF2: ◇重力控制 | BG2: ◇重力控制
A3: 封神 | B3: 封神降临 | E3: 封神降临 | F3: 特殊 | G3: 使用者 | H3: 使用者 | I3: 无 | J3: [登场判定]时使用。无视目标[判定]的结果。[登场判定]视为成功。这时，使用者可以将1个[灵力]的出目变更为任意值。这个《才能》在1剧本中只能使用3次。 | K3: 使用灵力跨越距离与空间，显现在同伴面前。 | L3: 《神我狩》 | O3: 2 | U3: =IF(基础信息!$D18="","",基础信息!$D18)&V3 -> 破神传承者B | V3: =IF(基础信息!$J18="","",基础信息!$J18) -> B | W3: {=INDEX(U:U,SMALL(IF($U:$U<>"",ROW($U:$U),4^8),ROW(3:3)))&""} -> 破神传承者B | X3: =技能栏!C12 -> 0 | Y3: =MATCH($X3,$U$1:$U$14,0) -> #N/A | Z3: =MATCH($X3,$A:$A,0) -> #N/A | AB3: =COUNTIF($A:$A,$X3) -> 0 | AD3: =_xlfn.IFS(INDEX(才能!$U$1:$V$13,才能!$Y3,2)="A",OFFSET(才能!$A$1,才能!$Z3-1,1,才能!$AB3/2,),INDEX(才能!$U$1:$V$13,才能!$Y3,2)="B",OFFSET(才能!$A$1,MATCH(才能!$X3,才能!$A:$A,0)-1+才能!$AB$1/2,1,才能!$AB3/2,),INDEX(才能!$U$1:$V$13,才能!$Y3,2)="",OFFSET(才能!$A$1,才能!$Z3-1,1,才能!$AB3,)) -> #N/A | AN3: =COUNTA(AO:AO)-COUNTIF(AO:AO,"#N/A") -> 31 | AO3: ◇转移魔术 | AP3: ◇转移魔术 | AQ3: =COUNTA(AR:AR)-COUNTIF(AR:AR,"#N/A") -> 58 | AR3: ◇转移魔术 | AS3: ◇转移魔术 | AT3: =COUNTA(AU:AU)-COUNTIF(AU:AU,"#N/A") -> 35 | AU3: ◇加长 | AV3: ◇加长 | AX3: 灵威冲击（常备） | BA3: =MATCH(道具栏!$AB$1,OFFSET(装!$A:$AA,MATCH(道具栏!G46,装!$A:$A,0)-1,MATCH(道具栏!$BB$2,装!$1:$1,0)-1,COUNTIF(装!$A:$A,道具栏!G46),1),0) -> #N/A | BC3: =COUNTIF(OFFSET(装!$A:$AA,MATCH(道具栏!G46,装!$A:$A,0)-1,MATCH(道具栏!$BB$2,装!$1:$1,0)-1,COUNTIF(装!$A:$A,道具栏!G46),1),道具栏!$AB$1) -> 0 | BE3: =COUNTA(BF:BF)-COUNTIF(BF:BF,"#N/A") -> 58 | BF3: ◇转移魔术 | BG3: ◇转移魔术
A4: 封神 | B4: 九十九神器 | E4: 九十九神器 | F4: 特殊 | G4: 使用者 | H4: 使用者 | I4: 无 | J4: 特殊效果。在[主动判定]前使用，目标的[攻击行动]的[距离/目标]变为[6格/1体]。这个《才能》在1轮中只能使用1次。 | K4: 用灵力暂时具现化出各式各样的神器，对目标进行足以匹敌机关炮的扫射攻击。 | L4: 《神我狩》 | O4: 3 | U4: =IF(基础信息!$D19="","",基础信息!$D19)&V4 | V4: =IF(基础信息!$J19="","",基础信息!$J19) | W4: {=INDEX(U:U,SMALL(IF($U:$U<>"",ROW($U:$U),4^8),ROW(4:4)))&""} -> 共通种族才能 | X4: =技能栏!C13 -> 0 | Y4: =MATCH($X4,$U$1:$U$14,0) -> #N/A | Z4: =MATCH($X4,$A:$A,0) -> #N/A | AB4: =COUNTIF($A:$A,$X4) -> 0 | AD4: =_xlfn.IFS(INDEX(才能!$U$1:$V$14,才能!$Y4,2)="A",OFFSET(才能!$A$1,才能!$Z4-1,1,才能!$AB4/2,),INDEX(才能!$U$1:$V$14,才能!$Y4,2)="B",OFFSET(才能!$A$1,MATCH(才能!$X4,才能!$A:$A,0)-1+才能!$AB$1/2,1,才能!$AB4/2,),INDEX(才能!$U$1:$V$14,才能!$Y4,2)="",OFFSET(才能!$A$1,才能!$Z4-1,1,才能!$AB4,)) -> #N/A | AN4: =IF((COUNTA(AP:AP)-COUNTIF(AP:AP,"#N/A"))=COUNTA(AP:AP),0,(COUNTA(AP:AP)-COUNTIF(AP:AP,"#N/A"))) -> 31 | AO4: ◇容貌变异 | AP4: ◇容貌变异 | AQ4: =IF((COUNTA(AS:AS)-COUNTIF(AS:AS,"#N/A"))=COUNTA(AS:AS),0,COUNTA(AS:AS)-COUNTIF(AS:AS,"#N/A")) -> 58 | AR4: ◇容貌变异 | AS4: ◇容貌变异 | AT4: =IF((COUNTA(AV:AV)-COUNTIF(AV:AV,"#N/A"))=COUNTA(AV:AV),0,COUNTA(AV:AV)-COUNTIF(AV:AV,"#N/A")) -> 35 | AU4: ◇旋风枪 | AV4: ◇旋风枪 | AX4: 休息领域 | BA4: =MATCH(道具栏!$AB$1,OFFSET(装!$A:$AA,MATCH(道具栏!G47,装!$A:$A,0)-1,MATCH(道具栏!$BB$2,装!$1:$1,0)-1,COUNTIF(装!$A:$A,道具栏!G47),1),0) -> #N/A | BC4: =COUNTIF(OFFSET(装!$A:$AA,MATCH(道具栏!G47,装!$A:$A,0)-1,MATCH(道具栏!$BB$2,装!$1:$1,0)-1,COUNTIF(装!$A:$A,道具栏!G47),1),道具栏!$AB$1) -> 0 | BE4: =IF((COUNTA(BG:BG)-COUNTIF(BG:BG,"#N/A"))=COUNTA(BG:BG),0,COUNTA(BG:BG)-COUNTIF(BG:BG,"#N/A")) -> 0 | BF4: ◇容貌变异 | BG4: ◇容貌变异
A5: 封神 | B5: 怪力无双 | E5: 怪力无双 | F5: 特殊 | G5: 使用者 | H5: 使用者 | I5: 偶 | J5: 【体力】判定时使用。无视目标[判定]的结果。【体力】判定视为成功。这时，使用者可以将1个[灵力]的出目变更为任意值。这个《才能》在1剧本中只能使用3次。 | K5: 使用灵力，发挥出恐怖的怪力。 | L5: 《神我狩》 | O5: 4 | U5: =IF(基础信息!$D20="","",基础信息!$D20)&V5 | V5: =IF(基础信息!$J20="","",基础信息!$J20) | W5: {=INDEX(U:U,SMALL(IF($U:$U<>"",ROW($U:$U),4^8),ROW(5:5)))&""} -> 共通才能 | X5: =技能栏!C14 -> 0 | Y5: =MATCH($X5,$U$1:$U$14,0) -> #N/A | Z5: =MATCH($X5,$A:$A,0) -> #N/A | AB5: =COUNTIF($A:$A,$X5) -> 0 | AD5: =_xlfn.IFS(INDEX(才能!$U$1:$V$13,才能!$Y5,2)="A",OFFSET(才能!$A$1,才能!$Z5-1,1,才能!$AB5/2,),INDEX(才能!$U$1:$V$13,才能!$Y5,2)="B",OFFSET(才能!$A$1,MATCH(才能!$X5,才能!$A:$A,0)-1+才能!$AB$1/2,1,才能!$AB5/2,),INDEX(才能!$U$1:$V$13,才能!$Y5,2)="",OFFSET(才能!$A$1,才能!$Z5-1,1,才能!$AB5,)) -> #N/A | AO5: ◇记忆之雾 | AP5: ◇记忆之雾 | AR5: ◇记忆之雾 | AS5: ◇记忆之雾 | AU5: ◇灵力涡闪 | AV5: ◇灵力涡闪 | AX5: 灵力转移 | BA5: =MATCH(道具栏!$AB$1,OFFSET(装!$A:$AA,MATCH(道具栏!G48,装!$A:$A,0)-1,MATCH(道具栏!$BB$2,装!$1:$1,0)-1,COUNTIF(装!$A:$A,道具栏!G48),1),0) -> #N/A | BC5: =COUNTIF(OFFSET(装!$A:$AA,MATCH(道具栏!G48,装!$A:$A,0)-1,MATCH(道具栏!$BB$2,装!$1:$1,0)-1,COUNTIF(装!$A:$A,道具栏!G48),1),道具栏!$AB$1) -> 0 | BF5: ◇记忆之雾 | BG5: ◇记忆之雾
A6: 封神 | B6: 太古记忆 | E6: 太古记忆 | F6: 特殊 | G6: 使用者 | H6: 使用者 | I6: 偶 | J6: 【知性】判定时使用。无视目标[判定]的结果。【知性】判定视为成功。这时，使用者可以将1个[灵力]的出目变更为任意值。这个《才能》在1剧本中只能使用3次。 | K6: 回忆起被隐藏起来的记忆，发挥出远超常人的才智。 | L6: 《神我狩》 | O6: 5 | U6: =IF(基础信息!$D21="","",基础信息!$D21)&V6 | V6: =IF(基础信息!$J21="","",基础信息!$J21) | W6: {=INDEX(U:U,SMALL(IF($U:$U<>"",ROW($U:$U),4^8),ROW(6:6)))&""} -> 高位才能LV5 | X6: =技能栏!C15 -> 0 | Y6: =MATCH($X6,$U$1:$U$14,0) -> #N/A | Z6: =MATCH($X6,$A:$A,0) -> #N/A | AB6: =COUNTIF($A:$A,$X6) -> 0 | AD6: =_xlfn.IFS(INDEX(才能!$U$1:$V$13,才能!$Y6,2)="A",OFFSET(才能!$A$1,才能!$Z6-1,1,才能!$AB6/2,),INDEX(才能!$U$1:$V$13,才能!$Y6,2)="B",OFFSET(才能!$A$1,MATCH(才能!$X6,才能!$A:$A,0)-1+才能!$AB$1/2,1,才能!$AB6/2,),INDEX(才能!$U$1:$V$13,才能!$Y6,2)="",OFFSET(才能!$A$1,才能!$Z6-1,1,才能!$AB6,)) -> #N/A | AO6: ◇恶鬼揭露 | AP6: ◇恶鬼揭露 | AR6: ◇恶鬼揭露 | AS6: ◇恶鬼揭露 | AU6: ◇旋风防御 | AV6: ◇旋风防御 | AX6: 特殊车辆 | BA6: =MATCH(道具栏!$AB$1,OFFSET(装!$A:$AA,MATCH(道具栏!G49,装!$A:$A,0)-1,MATCH(道具栏!$BB$2,装!$1:$1,0)-1,COUNTIF(装!$A:$A,道具栏!G49),1),0) -> #N/A | BC6: =COUNTIF(OFFSET(装!$A:$AA,MATCH(道具栏!G49,装!$A:$A,0)-1,MATCH(道具栏!$BB$2,装!$1:$1,0)-1,COUNTIF(装!$A:$A,道具栏!G49),1),道具栏!$AB$1) -> 0 | BF6: ◇恶鬼揭露 | BG6: ◇恶鬼揭露
A7: 封神 | B7: 神秘威严 | E7: 神秘威严 | F7: 特殊 | G7: 使用者 | H7: 使用者 | I7: 奇 | J7: 【精神】判定时使用。无视目标[判定]的结果。【精神】判定视为成功。这时，使用者可以将1个[灵力]的出目变更为任意值。这个《才能》在1剧本中只能使用3次。 | K7: 释放神秘的威严，让交涉等行为变得更加有利、发挥出惊人的意志力。 | L7: 《神我狩》 | O7: 6 | U7: =IF(基础信息!$D22="","",基础信息!$D22)&V7 | V7: =IF(基础信息!$J22="","",基础信息!$J22) | W7: {=INDEX(U:U,SMALL(IF($U:$U<>"",ROW($U:$U),4^8),ROW(7:7)))&""} -> 高位才能LV10 | X7: =技能栏!C16 -> 0 | Y7: =MATCH($X7,$U$1:$U$14,0) -> #N/A | Z7: =MATCH($X7,$A:$A,0) -> #N/A | AB7: =COUNTIF($A:$A,$X7) -> 0 | AD7: =_xlfn.IFS(INDEX(才能!$U$1:$V$14,才能!$Y7,2)="A",OFFSET(才能!$A$1,才能!$Z7-1,1,才能!$AB7/2,),INDEX(才能!$U$1:$V$14,才能!$Y7,2)="B",OFFSET(才能!$A$1,MATCH(才能!$X7,才能!$A:$A,0)-1+才能!$AB$1/2,1,才能!$AB7/2,),INDEX(才能!$U$1:$V$14,才能!$Y7,2)="",OFFSET(才能!$A$1,才能!$Z7-1,1,才能!$AB7,)) -> #N/A | AO7: ◇幻觉咒文 | AP7: ◇幻觉咒文 | AR7: ◇幻觉咒文 | AS7: ◇幻觉咒文 | AU7: ◇钩改造 | AV7: ◇钩改造 | AX7: 幻影能力 | BA7: =MATCH(道具栏!$AB$1,OFFSET(装!$A:$AA,MATCH(道具栏!G50,装!$A:$A,0)-1,MATCH(道具栏!$BB$2,装!$1:$1,0)-1,COUNTIF(装!$A:$A,道具栏!G50),1),0) -> #N/A | BC7: =COUNTIF(OFFSET(装!$A:$AA,MATCH(道具栏!G50,装!$A:$A,0)-1,MATCH(道具栏!$BB$2,装!$1:$1,0)-1,COUNTIF(装!$A:$A,道具栏!G50),1),道具栏!$AB$1) -> 0 | BF7: ◇幻觉咒文 | BG7: ◇幻觉咒文
A8: 封神 | B8: 异能瞳术 | E8: 异能瞳术 | F8: 常时 | G8: 使用者 | H8: 使用者 | I8: 无 | J8: 常时效果。目标的[伤害算出]获得+2修正。同时，目标可以使用 [行为：评价（【体力】判定）]代替[行为：识别（【知性】判定）]进行判定，这时[行为：评价]的达成值视为[行为：识别]的达成值。而且，这个这个代替[行为]无视其他的[进行]和[限制]。 | K8: 掌握了利用灵力的瞳术，能即刻测算出对方的能力。 | L8: 《神我狩》 | O8: 7 | U8: =IF(基础信息!$Z$9="√",基础信息!$AD$9,"") | W8: {=INDEX(U:U,SMALL(IF($U:$U<>"",ROW($U:$U),4^8),ROW(8:8)))&""} -> 高位才能LV15 | X8: =技能栏!C17 -> 0 | Y8: =MATCH($X8,$U$1:$U$14,0) -> #N/A | Z8: =MATCH($X8,$A:$A,0) -> #N/A | AB8: =COUNTIF($A:$A,$X8) -> 0 | AD8: =_xlfn.IFS(INDEX(才能!$U$1:$V$13,才能!$Y8,2)="A",OFFSET(才能!$A$1,才能!$Z8-1,1,才能!$AB8/2,),INDEX(才能!$U$1:$V$13,才能!$Y8,2)="B",OFFSET(才能!$A$1,MATCH(才能!$X8,才能!$A:$A,0)-1+才能!$AB$1/2,1,才能!$AB8/2,),INDEX(才能!$U$1:$V$13,才能!$Y8,2)="",OFFSET(才能!$A$1,才能!$Z8-1,1,才能!$AB8,)) -> #N/A | AO8: ◇驱散结界 | AP8: ◇驱散结界 | AR8: ◇驱散结界 | AS8: ◇驱散结界 | AU8: ◇贯穿枪尖 | AV8: ◇贯穿枪尖 | AX8: 浮游能力 | BA8: =MATCH(道具栏!$AB$1,OFFSET(装!$A:$AA,MATCH(道具栏!G51,装!$A:$A,0)-1,MATCH(道具栏!$BB$2,装!$1:$1,0)-1,COUNTIF(装!$A:$A,道具栏!G51),1),0) -> #N/A | BC8: =COUNTIF(OFFSET(装!$A:$AA,MATCH(道具栏!G51,装!$A:$A,0)-1,MATCH(道具栏!$BB$2,装!$1:$1,0)-1,COUNTIF(装!$A:$A,道具栏!G51),1),道具栏!$AB$1) -> 0 | BF8: ◇驱散结界 | BG8: ◇驱散结界
A9: 封神 | B9: 武技强化 | E9: 武技强化 | F9: 常时 | G9: 使用者 | H9: 使用者 | I9: 无 | J9: 常时效果。需要取得《太古记忆》。目标的[效果类别：物理攻击]的《才能》在[伤害算出]时[等级]+1。 | K9: 体悟到了传说中的武技，完全提高威力。 | L9: 《神我狩》 | O9: 8 | U9: 共通种族才能 | W9: {=INDEX(U:U,SMALL(IF($U:$U<>"",ROW($U:$U),4^8),ROW(9:9)))&""} -> 高位才能LV20 | X9: =技能栏!C18 -> 0 | Y9: =MATCH($X9,$U$1:$U$14,0) -> #N/A | Z9: =MATCH($X9,$A:$A,0) -> #N/A | AB9: =COUNTIF($A:$A,$X9) -> 0 | AD9: =_xlfn.IFS(INDEX(才能!$U$1:$V$13,才能!$Y9,2)="A",OFFSET(才能!$A$1,才能!$Z9-1,1,才能!$AB9/2,),INDEX(才能!$U$1:$V$13,才能!$Y9,2)="B",OFFSET(才能!$A$1,MATCH(才能!$X9,才能!$A:$A,0)-1+才能!$AB$1/2,1,才能!$AB9/2,),INDEX(才能!$U$1:$V$13,才能!$Y9,2)="",OFFSET(才能!$A$1,才能!$Z9-1,1,才能!$AB9,)) -> #N/A | AO9: ◇治愈 | AP9: ◇治愈 | AR9: ◇治愈 | AS9: ◇治愈 | AU9: ◇伸缩式 | AV9: ◇伸缩式 | AX9: 转移能力 | BA9: =MATCH(道具栏!$AB$1,OFFSET(装!$A:$AA,MATCH(道具栏!G52,装!$A:$A,0)-1,MATCH(道具栏!$BB$2,装!$1:$1,0)-1,COUNTIF(装!$A:$A,道具栏!G52),1),0) -> #N/A | BC9: =COUNTIF(OFFSET(装!$A:$AA,MATCH(道具栏!G52,装!$A:$A,0)-1,MATCH(道具栏!$BB$2,装!$1:$1,0)-1,COUNTIF(装!$A:$A,道具栏!G52),1),道具栏!$AB$1) -> 0 | BF9: ◇治愈 | BG9: ◇治愈
A10: 封神 | B10: 斗神灵压 | E10: 斗神灵压 | F10: 特殊 | G10: 使用者 | H10: 使用者 | I10: 无 | J10: 伤害算出时使用。目标进行[目标值：10]的【体力】或【知性】判定（可以使用《怪力无双》或《太古记忆》）。这个判定成功的话，强制使最少受到了1点[伤害]的[目标]向任意方向移动1格（这个移动无视[近接状态]）。这个《才能》在1轮（场景）中只能使用1次。 | K10: 攻击时，散发出封神特有的灵威，无视质量限制将敌人吹飞。 | L10: 《燃尽少女的炽火》 | O10: 9 | U10: 共通才能 | W10: {=INDEX(U:U,SMALL(IF($U:$U<>"",ROW($U:$U),4^8),ROW(10:10)))&""} | X10: =技能栏!C19 -> 0 | Y10: =MATCH($X10,$U$1:$U$14,0) -> #N/A | Z10: =MATCH($X10,$A:$A,0) -> #N/A | AB10: =COUNTIF($A:$A,$X10) -> 0 | AD10: =_xlfn.IFS(INDEX(才能!$U$1:$V$14,才能!$Y10,2)="A",OFFSET(才能!$A$1,才能!$Z10-1,1,才能!$AB10/2,),INDEX(才能!$U$1:$V$14,才能!$Y10,2)="B",OFFSET(才能!$A$1,MATCH(才能!$X10,才能!$A:$A,0)-1+才能!$AB$1/2,1,才能!$AB10/2,),INDEX(才能!$U$1:$V$14,才能!$Y10,2)="",OFFSET(才能!$A$1,才能!$Z10-1,1,才能!$AB10,)) -> #N/A | AO10: ◇灵药制造法 | AP10: ◇灵药制造法 | AR10: ◇灵药制造法 | AS10: ◇灵药制造法 | AU10: 多重形态 | AV10: 多重形态 | AX10: 大规模结界 | BA10: =MATCH(道具栏!$AB$1,OFFSET(装!$A:$AA,MATCH(道具栏!G53,装!$A:$A,0)-1,MATCH(道具栏!$BB$2,装!$1:$1,0)-1,COUNTIF(装!$A:$A,道具栏!G53),1),0) -> #N/A | BC10: =COUNTIF(OFFSET(装!$A:$AA,MATCH(道具栏!G53,装!$A:$A,0)-1,MATCH(道具栏!$BB$2,装!$1:$1,0)-1,COUNTIF(装!$A:$A,道具栏!G53),1),道具栏!$AB$1) -> 0 | BF10: ◇灵药制造法 | BG10: ◇灵药制造法
A11: 封神 | B11: 封神技 | E11: 封神技 | F11: 特殊 | G11: 使用者 | H11: 使用者 | I11: 偶 | J11: 主动判定时使用。目标[主动判定]的达成值获得+1修正。这个《才能》在1轮（场景）中只能使用1次。 | K11: 操纵封神特有的灵力，飞跃性地提升武技和魔术的精度。 | L11: 《燃尽少女的炽火》 | O11: 10 | U11: 高位才能LV5 | W11: {=INDEX(U:U,SMALL(IF($U:$U<>"",ROW($U:$U),4^8),ROW(11:11)))&""} | X11: =技能栏!C20 -> 0 | Y11: =MATCH($X11,$U$1:$U$14,0) -> #N/A | Z11: =MATCH($X11,$A:$A,0) -> #N/A | AB11: =COUNTIF($A:$A,$X11) -> 0 | AD11: =_xlfn.IFS(INDEX(才能!$U$1:$V$13,才能!$Y11,2)="A",OFFSET(才能!$A$1,才能!$Z11-1,1,才能!$AB11/2,),INDEX(才能!$U$1:$V$13,才能!$Y11,2)="B",OFFSET(才能!$A$1,MATCH(才能!$X11,才能!$A:$A,0)-1+才能!$AB$1/2,1,才能!$AB11/2,),INDEX(才能!$U$1:$V$13,才能!$Y11,2)="",OFFSET(才能!$A$1,才能!$Z11-1,1,才能!$AB11,)) -> #N/A | AO11: ◇魅惑魔术 | AP11: ◇魅惑魔术 | AR11: ◇魅惑魔术 | AS11: ◇魅惑魔术 | AU11: 灵力放出 | AV11: 灵力放出 | AX11: 动物化身 | BA11: =MATCH(道具栏!$AB$1,OFFSET(装!$A:$AA,MATCH(道具栏!G54,装!$A:$A,0)-1,MATCH(道具栏!$BB$2,装!$1:$1,0)-1,COUNTIF(装!$A:$A,道具栏!G54),1),0) -> #N/A | BC11: =COUNTIF(OFFSET(装!$A:$AA,MATCH(道具栏!G54,装!$A:$A,0)-1,MATCH(道具栏!$BB$2,装!$1:$1,0)-1,COUNTIF(装!$A:$A,道具栏!G54),1),道具栏!$AB$1) -> 0 | BF11: ◇魅惑魔术 | BG11: ◇魅惑魔术
A12: 封神 | B12: 封神灵性 | E12: 封神灵性 | F12: 常时 | G12: 使用者 | H12: 使用者 | I12: 无 | J12: 常时效果。目标使用《灵纹燃烧》进行[概念破坏]时，「[等级]+1D」的出目获得+1修正（即出目为「1」时，视为[等级]上升「2」。但是不会使1D的出目变为「7」）。 | K12: 作为封印神明者的血脉，解放自己的灵性，将破坏概念的灵力激发到极限。 | L12: 《燃尽少女的炽火》 | O12: 11 | U12: 高位才能LV10 | W12: {=INDEX(U:U,SMALL(IF($U:$U<>"",ROW($U:$U),4^8),ROW(12:12)))&""} | X12: =技能栏!C21 -> 0 | Y12: =MATCH($X12,$U$1:$U$14,0) -> #N/A | Z12: =MATCH($X12,$A:$A,0) -> #N/A | AB12: =COUNTIF($A:$A,$X12) -> 0 | AD12: =_xlfn.IFS(INDEX(才能!$U$1:$V$13,才能!$Y12,2)="A",OFFSET(才能!$A$1,才能!$Z12-1,1,才能!$AB12/2,),INDEX(才能!$U$1:$V$13,才能!$Y12,2)="B",OFFSET(才能!$A$1,MATCH(才能!$X12,才能!$A:$A,0)-1+才能!$AB$1/2,1,才能!$AB12/2,),INDEX(才能!$U$1:$V$13,才能!$Y12,2)="",OFFSET(才能!$A$1,才能!$Z12-1,1,才能!$AB12,)) -> #N/A | AO12: ◇动物变化 | AP12: ◇动物变化 | AR12: ◇动物变化 | AS12: ◇动物变化 | AU12: 特制长柄 | AV12: 特制长柄 | AX12: 神器化身 | BA12: =MATCH(道具栏!$AB$1,OFFSET(装!$A:$AA,MATCH(道具栏!G55,装!$A:$A,0)-1,MATCH(道具栏!$BB$2,装!$1:$1,0)-1,COUNTIF(装!$A:$A,道具栏!G55),1),0) -> #N/A | BC12: =COUNTIF(OFFSET(装!$A:$AA,MATCH(道具栏!G55,装!$A:$A,0)-1,MATCH(道具栏!$BB$2,装!$1:$1,0)-1,COUNTIF(装!$A:$A,道具栏!G55),1),道具栏!$AB$1) -> 0 | BF12: ◇动物变化 | BG12: ◇动物变化
A13: 封神 | B13: ●神话的一击 | D13: ● | E13: 神话的一击 | F13: 特殊 | G13: 使用者 | H13: 使用者 | I13: 偶 | J13: 伤害算出时使用。需要取得《怪力无双》。目标使用[肉弹武器]进行[物理攻击]时，[伤害算出]+「使用者任意【主能力值】」作为修正。这个《才能》在1轮中只能使用1次。 | K13: 以神秘之力重现传说中的神技，打出强大的一击。 | L13: 《神我狩》 | O13: 12 | U13: 高位才能LV15 | W13: {=INDEX(U:U,SMALL(IF($U:$U<>"",ROW($U:$U),4^8),ROW(13:13)))&""} | X13: =技能栏!C22 -> 0 | Y13: =MATCH($X13,$U$1:$U$14,0) -> #N/A | Z13: =MATCH($X13,$A:$A,0) -> #N/A | AB13: =COUNTIF($A:$A,$X13) -> 0 | AD13: =_xlfn.IFS(INDEX(才能!$U$1:$V$14,才能!$Y13,2)="A",OFFSET(才能!$A$1,才能!$Z13-1,1,才能!$AB13/2,),INDEX(才能!$U$1:$V$14,才能!$Y13,2)="B",OFFSET(才能!$A$1,MATCH(才能!$X13,才能!$A:$A,0)-1+才能!$AB$1/2,1,才能!$AB13/2,),INDEX(才能!$U$1:$V$14,才能!$Y13,2)="",OFFSET(才能!$A$1,才能!$Z13-1,1,才能!$AB13,)) -> #N/A | AO13: ◇动物召唤 | AP13: ◇动物召唤 | AR13: ◇动物召唤 | AS13: ◇动物召唤 | AU13: 总金属制 | AV13: 总金属制 | AX13: 体色変化 | BA13: =MATCH(道具栏!$AB$1,OFFSET(装!$A:$AA,MATCH(道具栏!G56,装!$A:$A,0)-1,MATCH(道具栏!$BB$2,装!$1:$1,0)-1,COUNTIF(装!$A:$A,道具栏!G56),1),0) -> #N/A | BC13: =COUNTIF(OFFSET(装!$A:$AA,MATCH(道具栏!G56,装!$A:$A,0)-1,MATCH(道具栏!$BB$2,装!$1:$1,0)-1,COUNTIF(装!$A:$A,道具栏!G56),1),道具栏!$AB$1) -> 0 | BF13: ◇动物召唤 | BG13: ◇动物召唤
A14: 封神 | B14: ●天神之业 | D14: ● | E14: 天神之业 | F14: 特殊 | G14: 使用者 | H14: 使用者 | I14: 奇 | J14: 伤害算出时使用。需要取得《异能瞳术》。目标使用[射击武器·魔法武器]进行[攻击行动]时，[伤害算出]+「使用者任意【主能力值】」作为修正。这个《才能》在1轮中只能使用1次。 | K14: 从瞳术中引出异能之力，提高射击武器或是魔法武器的威力。 | L14: 《神我狩》 | O14: 13 | U14: 高位才能LV20 | W14: {=INDEX(U:U,SMALL(IF($U:$U<>"",ROW($U:$U),4^8),ROW(14:14)))&""} | X14: =技能栏!C23 -> 0 | Y14: =MATCH($X14,$U$1:$U$14,0) -> #N/A | Z14: =MATCH($X14,$A:$A,0) -> #N/A | AB14: =COUNTIF($A:$A,$X14) -> 0 | AD14: =_xlfn.IFS(INDEX(才能!$U$1:$V$13,才能!$Y14,2)="A",OFFSET(才能!$A$1,才能!$Z14-1,1,才能!$AB14/2,),INDEX(才能!$U$1:$V$13,才能!$Y14,2)="B",OFFSET(才能!$A$1,MATCH(才能!$X14,才能!$A:$A,0)-1+才能!$AB$1/2,1,才能!$AB14/2,),INDEX(才能!$U$1:$V$13,才能!$Y14,2)="",OFFSET(才能!$A$1,才能!$Z14-1,1,才能!$AB14,)) -> #N/A | AO14: ◇行动操作 | AP14: ◇行动操作 | AR14: ◇行动操作 | AS14: ◇行动操作 | AU14: 自动捕捉 | AV14: 自动捕捉 | AX14: 追加部位 | BA14: =MATCH(道具栏!$AB$1,OFFSET(装!$A:$AA,MATCH(道具栏!G57,装!$A:$A,0)-1,MATCH(道具栏!$BB$2,装!$1:$1,0)-1,COUNTIF(装!$A:$A,道具栏!G57),1),0) -> #N/A | BC14: =COUNTIF(OFFSET(装!$A:$AA,MATCH(道具栏!G57,装!$A:$A,0)-1,MATCH(道具栏!$BB$2,装!$1:$1,0)-1,COUNTIF(装!$A:$A,道具栏!G57),1),道具栏!$AB$1) -> 0 | BF14: ◇行动操作 | BG14: ◇行动操作
A15: 封神 | B15: ●神力音叉 | D15: ● | E15: 神力音叉 | F15: 特殊 | G15: 使用者 | H15: 使用者 | I15: 奇 | J15: 特殊效果。[主动判定]前使用。目标[攻击行动]的[目标]变更为[范围]。如果不为[目标：N体]的话，则在[伤害算出]时+1[等级]。这个《才能》在1轮中只能使用1次。 | K15: 击打武器或以振动提高灵力，发出特殊的声音进而扩大术技的范围。 | L15: 《神我狩》 | O15: 14 | X15: =技能栏!C24 | Y15: =MATCH($X15,$U$1:$U$14,0) -> 4 | Z15: =MATCH($X15,$A:$A,0) -> #N/A | AB15: =COUNTIF($A:$A,$X15) -> 1047280 | AD15: =_xlfn.IFS(INDEX(才能!$U$1:$V$13,才能!$Y15,2)="A",OFFSET(才能!$A$1,才能!$Z15-1,1,才能!$AB15/2,),INDEX(才能!$U$1:$V$13,才能!$Y15,2)="B",OFFSET(才能!$A$1,MATCH(才能!$X15,才能!$A:$A,0)-1+才能!$AB$1/2,1,才能!$AB15/2,),INDEX(才能!$U$1:$V$13,才能!$Y15,2)="",OFFSET(才能!$A$1,才能!$Z15-1,1,才能!$AB15,)) -> #N/A | AO15: ◇精神凭依 | AP15: ◇精神凭依 | AR15: ◇精神凭依 | AS15: ◇精神凭依 | AU15: 突击扳机 | AV15: 突击扳机 | AX15: 伸缩部位 | BA15: =MATCH(道具栏!$AB$1,OFFSET(装!$A:$AA,MATCH(道具栏!G58,装!$A:$A,0)-1,MATCH(道具栏!$BB$2,装!$1:$1,0)-1,COUNTIF(装!$A:$A,道具栏!G58),1),0) -> #N/A | BC15: =COUNTIF(OFFSET(装!$A:$AA,MATCH(道具栏!G58,装!$A:$A,0)-1,MATCH(道具栏!$BB$2,装!$1:$1,0)-1,COUNTIF(装!$A:$A,道具栏!G58),1),道具栏!$AB$1) -> 0 | BF15: ◇精神凭依 | BG15: ◇精神凭依
A16: 封神 | B16: ●特殊咏唱 | D16: ● | E16: 特殊咏唱 | F16: 常时 | G16: 使用者 | H16: 使用者 | I16: 无 | J16: 常时效果。目标的[物理伤害]获得+5修正。同时，目标的【发动】判定使用【命中】代为判定，即【命中】的判定的达成值视为【发动】的判定的达成值。 | K16: 觉醒了隐藏的力量，以意识编织魔术，发挥效果。 | L16: 《神我狩》 | O16: 15 | X16: =技能栏!C25 -> 0 | Y16: =MATCH($X16,$U$1:$U$14,0) -> #N/A | Z16: =MATCH($X16,$A:$A,0) -> #N/A | AB16: =COUNTIF($A:$A,$X16) -> 0 | AD16: =_xlfn.IFS(INDEX(才能!$U$1:$V$14,才能!$Y16,2)="A",OFFSET(才能!$A$1,才能!$Z16-1,1,才能!$AB16/2,),INDEX(才能!$U$1:$V$14,才能!$Y16,2)="B",OFFSET(才能!$A$1,MATCH(才能!$X16,才能!$A:$A,0)-1+才能!$AB$1/2,1,才能!$AB16/2,),INDEX(才能!$U$1:$V$14,才能!$Y16,2)="",OFFSET(才能!$A$1,才能!$Z16-1,1,才能!$AB16,)) -> #N/A | AO16: ◇定身法 | AP16: ◇定身法 | AR16: ◇定身法 | AS16: ◇定身法 | AU16: 变化鞭 | AV16: 变化鞭 | AX16: 高速移动 | BA16: =MATCH(道具栏!$AB$1,OFFSET(装!$A:$AA,MATCH(道具栏!G59,装!$A:$A,0)-1,MATCH(道具栏!$BB$2,装!$1:$1,0)-1,COUNTIF(装!$A:$A,道具栏!G59),1),0) -> #N/A | BC16: =COUNTIF(OFFSET(装!$A:$AA,MATCH(道具栏!G59,装!$A:$A,0)-1,MATCH(道具栏!$BB$2,装!$1:$1,0)-1,COUNTIF(装!$A:$A,道具栏!G59),1),道具栏!$AB$1) -> 0 | BF16: ◇定身法 | BG16: ◇定身法
A17: 封神 | B17: ●半神异能 | D17: ● | E17: 半神异能 | F17: 常时 | G17: 使用者 | H17: 使用者 | I17: 无 | J17: 常时效果。目标的[魔法伤害]获得+5修正。同时，目标的【命中】判定使用【发动】代为判定，即【发动】的判定的达成值视为【命中】的判定的达成值。 | K17: 觉醒了隐藏的力量，将魔术之力转化为体能用于近战。 | L17: 《神我狩》 | O17: 16 | X17: =技能栏!C26 -> 0 | Y17: =MATCH($X17,$U$1:$U$14,0) -> #N/A | Z17: =MATCH($X17,$A:$A,0) -> #N/A | AB17: =COUNTIF($A:$A,$X17) -> 0 | AD17: =_xlfn.IFS(INDEX(才能!$U$1:$V$13,才能!$Y17,2)="A",OFFSET(才能!$A$1,才能!$Z17-1,1,才能!$AB17/2,),INDEX(才能!$U$1:$V$13,才能!$Y17,2)="B",OFFSET(才能!$A$1,MATCH(才能!$X17,才能!$A:$A,0)-1+才能!$AB$1/2,1,才能!$AB17/2,),INDEX(才能!$U$1:$V$13,才能!$Y17,2)="",OFFSET(才能!$A$1,才能!$Z17-1,1,才能!$AB17,)) -> #N/A | AO17: ◇植物干涉 | AP17: ◇植物干涉 | AR17: ◇植物干涉 | AS17: ◇植物干涉 | AU17: 特效效果 | AV17: 特效效果 | AX17: 分离可能 | BA17: =MATCH(道具栏!$AB$1,OFFSET(装!$A:$AA,MATCH(道具栏!G60,装!$A:$A,0)-1,MATCH(道具栏!$BB$2,装!$1:$1,0)-1,COUNTIF(装!$A:$A,道具栏!G60),1),0) -> #N/A | BC17: =COUNTIF(OFFSET(装!$A:$AA,MATCH(道具栏!G60,装!$A:$A,0)-1,MATCH(道具栏!$BB$2,装!$1:$1,0)-1,COUNTIF(装!$A:$A,道具栏!G60),1),道具栏!$AB$1) -> 0 | BF17: ◇植物干涉 | BG17: ◇植物干涉
A18: 封神 | B18: ●禁忌血脉 | D18: ● | E18: 禁忌血脉 | F18: 常时 | G18: 使用者 | H18: 使用者 | I18: 无 | J18: 常时效果。需要取得《神秘威严》。目标取得的效果中不含“1剧本中只能使用N次”的[种族：封神/时机：特殊]的《种族才能》变为1轮中能够使用2次。 | K18: 作为身为被诅咒的血脉的证明，你能够使用独特的异能，以惊人的速度使用术技。 | L18: 《神我狩》 | O18: 17 | X18: =技能栏!C27 -> 0 | Y18: =MATCH($X18,$U$1:$U$14,0) -> #N/A | Z18: =MATCH($X18,$A:$A,0) -> #N/A | AB18: =COUNTIF($A:$A,$X18) -> 0 | AD18: =_xlfn.IFS(INDEX(才能!$U$1:$V$13,才能!$Y18,2)="A",OFFSET(才能!$A$1,才能!$Z18-1,1,才能!$AB18/2,),INDEX(才能!$U$1:$V$13,才能!$Y18,2)="B",OFFSET(才能!$A$1,MATCH(才能!$X18,才能!$A:$A,0)-1+才能!$AB$1/2,1,才能!$AB18/2,),INDEX(才能!$U$1:$V$13,才能!$Y18,2)="",OFFSET(才能!$A$1,才能!$Z18-1,1,才能!$AB18,)) -> #N/A | AH18: =COUNTIF(W1:W13,">""") -> 9 | AO18: ◇灵力光源 | AP18: ◇灵力光源 | AR18: ◇灵力光源 | AS18: ◇灵力光源 | AU18: 追加属性（枪） | AV18: 追加属性（枪） | AX18: 异食体质 | BA18: =MATCH(道具栏!$AB$1,OFFSET(装!$A:$AA,MATCH(道具栏!G61,装!$A:$A,0)-1,MATCH(道具栏!$BB$2,装!$1:$1,0)-1,COUNTIF(装!$A:$A,道具栏!G61),1),0) -> #N/A | BC18: =COUNTIF(OFFSET(装!$A:$AA,MATCH(道具栏!G61,装!$A:$A,0)-1,MATCH(道具栏!$BB$2,装!$1:$1,0)-1,COUNTIF(装!$A:$A,道具栏!G61),1),道具栏!$AB$1) -> 0 | BF18: ◇灵力光源 | BG18: ◇灵力光源
A19: 封神 | B19: ●斗神逆袭 | D19: ● | E19: 斗神逆袭 | F19: 防御 | G19: 使用者 | H19: 使用者 | I19: 连号 | J19: 【回避】判定时使用。目标【回避】判定的达成值获得+1修正。同时，目标【回避】判定成功时，可以对[目标：1体]进行1次[武器攻击]。 | K19: 在驱使超常的体术进行回避的同时，出于本能反应做出反击。 | L19: 《燃尽少女的炽火》 | O19: 18 | X19: =技能栏!C28 -> 0 | Y19: =MATCH($X19,$U$1:$U$14,0) -> #N/A | Z19: =MATCH($X19,$A:$A,0) -> #N/A | AB19: =COUNTIF($A:$A,$X19) -> 0 | AD19: =_xlfn.IFS(INDEX(才能!$U$1:$V$14,才能!$Y19,2)="A",OFFSET(才能!$A$1,才能!$Z19-1,1,才能!$AB19/2,),INDEX(才能!$U$1:$V$14,才能!$Y19,2)="B",OFFSET(才能!$A$1,MATCH(才能!$X19,才能!$A:$A,0)-1+才能!$AB$1/2,1,才能!$AB19/2,),INDEX(才能!$U$1:$V$14,才能!$Y19,2)="",OFFSET(才能!$A$1,才能!$Z19-1,1,才能!$AB19,)) -> #N/A | AO19: ◇占卜 | AP19: ◇占卜 | AR19: ◇占卜 | AS19: ◇占卜 | AU19: 贯通強化 | AV19: 贯通強化 | AX19: 梦境操控 | BA19: =MATCH(道具栏!$AB$1,OFFSET(装!$A:$AA,MATCH(道具栏!G62,装!$A:$A,0)-1,MATCH(道具栏!$BB$2,装!$1:$1,0)-1,COUNTIF(装!$A:$A,道具栏!G62),1),0) -> #N/A | BC19: =COUNTIF(OFFSET(装!$A:$AA,MATCH(道具栏!G62,装!$A:$A,0)-1,MATCH(道具栏!$BB$2,装!$1:$1,0)-1,COUNTIF(装!$A:$A,道具栏!G62),1),道具栏!$AB$1) -> 0 | BF19: ◇占卜 | BG19: ◇占卜
A20: 封神 | B20: ●缩地妨碍 | D20: ● | E20: 缩地妨碍 | F20: 特殊 | G20: 战斗地带 | H20: 1体 | I20: 连号 | J20: 特殊效果。目标宣言[移动行为]或因《才能》的效果移动或[设置]后使用。目标从当前格进行的移动或[设置]的距离变为[1格]。同时，目标进行[移动行为]或[设置]后，将使用者自身[设置]在可以与目标变成[近接状态]的格子内。这个《才能》在1轮（场景）中只能使用1次。 | K20: 以封神特有的灵力和体术在一定距离内瞬间移动到对象的面前，妨碍其移动。 | L20: 《燃尽少女的炽火》 | O20: 19 | X20: =技能栏!C29 -> 0 | Y20: =MATCH($X20,$U$1:$U$14,0) -> #N/A | Z20: =MATCH($X20,$A:$A,0) -> #N/A | AB20: =COUNTIF($A:$A,$X20) -> 0 | AD20: =_xlfn.IFS(INDEX(才能!$U$1:$V$13,才能!$Y20,2)="A",OFFSET(才能!$A$1,才能!$Z20-1,1,才能!$AB20/2,),INDEX(才能!$U$1:$V$13,才能!$Y20,2)="B",OFFSET(才能!$A$1,MATCH(才能!$X20,才能!$A:$A,0)-1+才能!$AB$1/2,1,才能!$AB20/2,),INDEX(才能!$U$1:$V$13,才能!$Y20,2)="",OFFSET(才能!$A$1,才能!$Z20-1,1,才能!$AB20,)) -> #N/A | AO20: ◇识别魔法 | AP20: ◇识别魔法 | AR20: ◇识别魔法 | AS20: ◇识别魔法 | AU20: 长柄饰带 | AV20: 长柄饰带 | AX20: 灵力分体 | BA20: =MATCH(道具栏!$AB$1,OFFSET(装!$A:$AA,MATCH(道具栏!G63,装!$A:$A,0)-1,MATCH(道具栏!$BB$2,装!$1:$1,0)-1,COUNTIF(装!$A:$A,道具栏!G63),1),0) -> #N/A | BC20: =COUNTIF(OFFSET(装!$A:$AA,MATCH(道具栏!G63,装!$A:$A,0)-1,MATCH(道具栏!$BB$2,装!$1:$1,0)-1,COUNTIF(装!$A:$A,道具栏!G63),1),道具栏!$AB$1) -> 0 | BF20: ◇识别魔法 | BG20: ◇识别魔法
A21: 封神 | B21: ●封神结界 | D21: ● | E21: 封神结界 | F21: 特殊 | G21: 使用者 | H21: 使用者 | I21: 无 | J21: 伤害减少时使用。目标进行[目标值：12]的【精神】判定（可以使用《神秘威严》）。这个判定成功的话，目标受到的[魔法伤害][减半]。这个《才能》在1轮（场景）中只能使用1次。 | K21: 驱使封神特有的灵力，展开坚固的防御结界，将受到的物理攻击减半。 | L21: 《燃尽少女的炽火》 | O21: 20 | X21: =技能栏!C30 -> 0 | Y21: =MATCH($X21,$U$1:$U$14,0) -> #N/A | Z21: =MATCH($X21,$A:$A,0) -> #N/A | AB21: =COUNTIF($A:$A,$X21) -> 0 | AD21: =_xlfn.IFS(INDEX(才能!$U$1:$V$13,才能!$Y21,2)="A",OFFSET(才能!$A$1,才能!$Z21-1,1,才能!$AB21/2,),INDEX(才能!$U$1:$V$13,才能!$Y21,2)="B",OFFSET(才能!$A$1,MATCH(才能!$X21,才能!$A:$A,0)-1+才能!$AB$1/2,1,才能!$AB21/2,),INDEX(才能!$U$1:$V$13,才能!$Y21,2)="",OFFSET(才能!$A$1,才能!$Z21-1,1,才能!$AB21,)) -> #N/A | AO21: ◇破邪领域 | AP21: ◇破邪领域 | AR21: ◇破邪领域 | AS21: ◇破邪领域 | AU21: 灵力吞噬 | AV21: 灵力吞噬 | AX21: 下属妖怪 | BA21: =MATCH(道具栏!$AB$1,OFFSET(装!$A:$AA,MATCH(道具栏!G64,装!$A:$A,0)-1,MATCH(道具栏!$BB$2,装!$1:$1,0)-1,COUNTIF(装!$A:$A,道具栏!G64),1),0) -> #N/A | BC21: =COUNTIF(OFFSET(装!$A:$AA,MATCH(道具栏!G64,装!$A:$A,0)-1,MATCH(道具栏!$BB$2,装!$1:$1,0)-1,COUNTIF(装!$A:$A,道具栏!G64),1),道具栏!$AB$1) -> 0 | BF21: ◇破邪领域 | BG21: ◇破邪领域
A22: 封神 | B22: ●斗气解放 | D22: ● | E22: 斗气解放 | F22: 常时 | G22: 使用者 | H22: 使用者 | I22: 无 | J22: 常时效果。需要取得《封神降临》。目标使用《灵纹燃烧》进行[生命燃烧]后，直到[战斗终了]前在[灵力操作]后的[伤害计算]时适用的「[判定]的出目」的最低值视为「5」（实际的出目为「1」的话也视为「5」。[等级4]的话，伤害为4*5=20。伤害为3D的话，伤害为3*5=15）。 | K22: 在性命受到危机时，解放秘藏的灵力，让自身的技能威力飞跃性地上升。 | L22: 《燃尽少女的炽火》 | X22: =技能栏!C31 -> 0 | Y22: =MATCH($X22,$U$1:$U$14,0) -> #N/A | Z22: =MATCH($X22,$A:$A,0) -> #N/A | AB22: =COUNTIF($A:$A,$X22) -> 0 | AD22: =_xlfn.IFS(INDEX(才能!$U$1:$V$14,才能!$Y22,2)="A",OFFSET(才能!$A$1,才能!$Z22-1,1,才能!$AB22/2,),INDEX(才能!$U$1:$V$14,才能!$Y22,2)="B",OFFSET(才能!$A$1,MATCH(才能!$X22,才能!$A:$A,0)-1+才能!$AB$1/2,1,才能!$AB22/2,),INDEX(才能!$U$1:$V$14,才能!$Y22,2)="",OFFSET(才能!$A$1,才能!$Z22-1,1,才能!$AB22,)) -> #N/A | AO22: ◇崩坏魔术 | AP22: ◇崩坏魔术 | AR22: ◇崩坏魔术 | AS22: ◇崩坏魔术 | AU22: 名枪 | AV22: 名枪 | AX22: 搭载可能 | BA22: =MATCH(道具栏!$AB$1,OFFSET(装!$A:$AA,MATCH(道具栏!G65,装!$A:$A,0)-1,MATCH(道具栏!$BB$2,装!$1:$1,0)-1,COUNTIF(装!$A:$A,道具栏!G65),1),0) -> #N/A | BC22: =COUNTIF(OFFSET(装!$A:$AA,MATCH(道具栏!G65,装!$A:$A,0)-1,MATCH(道具栏!$BB$2,装!$1:$1,0)-1,COUNTIF(装!$A:$A,道具栏!G65),1),道具栏!$AB$1) -> 0 | BF22: ◇崩坏魔术 | BG22: ◇崩坏魔术
A23: 夜魔 | B23: 兽魔变身 | E23: 兽魔变身 | F23: 开始 | G23: 使用者 | H23: 使用者 | I23: 对子 | J23: 特殊效果。目标在该场战斗中，[类别]变更为[类别：魔兽]，并获得下述效果中的一个。 1：[物理等级]+1 2：[魔法等级]+1 | K23: 觉醒沉睡在血脉之中的夜魔之力，变身为半兽半人的模样，从而发挥出无与伦比的战斗能力。 | L23: 《神我狩》 | X23: =技能栏!C32 | Y23: =MATCH($X23,$U$1:$U$14,0) -> 4 | Z23: =MATCH($X23,$A:$A,0) -> #N/A | AB23: =COUNTIF($A:$A,$X23) -> 1047280 | AD23: =_xlfn.IFS(INDEX(才能!$U$1:$V$13,才能!$Y23,2)="A",OFFSET(才能!$A$1,才能!$Z23-1,1,才能!$AB23/2,),INDEX(才能!$U$1:$V$13,才能!$Y23,2)="B",OFFSET(才能!$A$1,MATCH(才能!$X23,才能!$A:$A,0)-1+才能!$AB$1/2,1,才能!$AB23/2,),INDEX(才能!$U$1:$V$13,才能!$Y23,2)="",OFFSET(才能!$A$1,才能!$Z23-1,1,才能!$AB23,)) -> #N/A | AO23: ◇辉耀灵力 | AP23: ◇辉耀灵力 | AR23: ◇辉耀灵力 | AS23: ◇辉耀灵力 | AU23: 冲击的枪尖 | AV23: 冲击的枪尖 | AX23: 预知异能 | BA23: =MATCH(道具栏!$AB$1,OFFSET(装!$A:$AA,MATCH(道具栏!G66,装!$A:$A,0)-1,MATCH(道具栏!$BB$2,装!$1:$1,0)-1,COUNTIF(装!$A:$A,道具栏!G66),1),0) -> #N/A | BC23: =COUNTIF(OFFSET(装!$A:$AA,MATCH(道具栏!G66,装!$A:$A,0)-1,MATCH(道具栏!$BB$2,装!$1:$1,0)-1,COUNTIF(装!$A:$A,道具栏!G66),1),道具栏!$AB$1) -> #N/A | BF23: ◇辉耀灵力 | BG23: ◇辉耀灵力
A24: 夜魔 | B24: 血风之王 | E24: 血风之王 | F24: 开始 | G24: 使用者 | H24: 使用者 | I24: 连号 | J24: 特殊效果。目标在该场战斗中，[类别]变更为[类别：不死]，并获得下述效果中的一个 1：[装甲]+3 2：[结界]+3 | K24: 将灵力扩散至全身，随同血液一起循环，化为自由操控血液的夜魔之王。 | L24: 《神我狩》 | X24: =技能栏!C33 -> 0 | Y24: =MATCH($X24,$U$1:$U$14,0) -> #N/A | Z24: =MATCH($X24,$A:$A,0) -> #N/A | AB24: =COUNTIF($A:$A,$X24) -> 0 | AD24: =_xlfn.IFS(INDEX(才能!$U$1:$V$13,才能!$Y24,2)="A",OFFSET(才能!$A$1,才能!$Z24-1,1,才能!$AB24/2,),INDEX(才能!$U$1:$V$13,才能!$Y24,2)="B",OFFSET(才能!$A$1,MATCH(才能!$X24,才能!$A:$A,0)-1+才能!$AB$1/2,1,才能!$AB24/2,),INDEX(才能!$U$1:$V$13,才能!$Y24,2)="",OFFSET(才能!$A$1,才能!$Z24-1,1,才能!$AB24,)) -> #N/A | AO24: ◇自动咏唱 | AP24: ◇自动咏唱 | AR24: ◇自动咏唱 | AS24: ◇自动咏唱 | AU24: 柔韧长柄 | AV24: 柔韧长柄 | AX24: 幻觉能力 | BA24: =MATCH(道具栏!$AB$1,OFFSET(装!$A:$AA,MATCH(道具栏!G67,装!$A:$A,0)-1,MATCH(道具栏!$BB$2,装!$1:$1,0)-1,COUNTIF(装!$A:$A,道具栏!G67),1),0) -> #N/A | BC24: =COUNTIF(OFFSET(装!$A:$AA,MATCH(道具栏!G67,装!$A:$A,0)-1,MATCH(道具栏!$BB$2,装!$1:$1,0)-1,COUNTIF(装!$A:$A,道具栏!G67),1),道具栏!$AB$1) -> 0 | BF24: ◇自动咏唱 | BG24: ◇自动咏唱
A25: 夜魔 | B25: 魅惑魔力 | E25: 魅惑魔力 | F25: 攻击 | G25: 其他 | H25: 其他 | I25: 奇 | J25: 特殊效果。只能在[战斗外]使用。使用者可将[场景]中存在着的普通人的记忆或意识消去，或是进行修改（详细由GM决定）。 | K25: 从视线中释放特殊的灵力，操纵目标的意识或消除其记忆。 | L25: 《神我狩》 | X25: =技能栏!C34 -> 0 | Y25: =MATCH($X25,$U$1:$U$14,0) -> #N/A | Z25: =MATCH($X25,$A:$A,0) -> #N/A | AB25: =COUNTIF($A:$A,$X25) -> 0 | AD25: =_xlfn.IFS(INDEX(才能!$U$1:$V$14,才能!$Y25,2)="A",OFFSET(才能!$A$1,才能!$Z25-1,1,才能!$AB25/2,),INDEX(才能!$U$1:$V$14,才能!$Y25,2)="B",OFFSET(才能!$A$1,MATCH(才能!$X25,才能!$A:$A,0)-1+才能!$AB$1/2,1,才能!$AB25/2,),INDEX(才能!$U$1:$V$14,才能!$Y25,2)="",OFFSET(才能!$A$1,才能!$Z25-1,1,才能!$AB25,)) -> #N/A | AO25: ◇追加属性 | AP25: ◇追加属性 | AR25: ◇追加属性 | AS25: ◇追加属性 | AU25: 贯通增强 | AV25: 贯通增强 | AX25: 壁面行走 | BA25: =MATCH(道具栏!$AB$1,OFFSET(装!$A:$AA,MATCH(道具栏!G68,装!$A:$A,0)-1,MATCH(道具栏!$BB$2,装!$1:$1,0)-1,COUNTIF(装!$A:$A,道具栏!G68),1),0) -> #N/A | BC25: =COUNTIF(OFFSET(装!$A:$AA,MATCH(道具栏!G68,装!$A:$A,0)-1,MATCH(道具栏!$BB$2,装!$1:$1,0)-1,COUNTIF(装!$A:$A,道具栏!G68),1),道具栏!$AB$1) -> #N/A | BF25: ◇追加属性 | BG25: ◇追加属性
A26: 夜魔 | B26: 夜魔的妖眼 | E26: 夜魔的妖眼 | F26: 攻击 | G26: 10格 | H26: 1体 | I26: 连号 | J26: 魔法攻击。对目标造成[属性：幻觉]、[等级：2]的[魔法伤害]（抵抗成功[减半]）。 | K26: 从双眼中散发出夜魔特殊的力量，瞬间伤害目标。 | L26: 《神我狩》 | X26: =技能栏!C35 -> 0 | Y26: =MATCH($X26,$U$1:$U$14,0) -> #N/A | Z26: =MATCH($X26,$A:$A,0) -> #N/A | AB26: =COUNTIF($A:$A,$X26) -> 0 | AD26: =_xlfn.IFS(INDEX(才能!$U$1:$V$13,才能!$Y26,2)="A",OFFSET(才能!$A$1,才能!$Z26-1,1,才能!$AB26/2,),INDEX(才能!$U$1:$V$13,才能!$Y26,2)="B",OFFSET(才能!$A$1,MATCH(才能!$X26,才能!$A:$A,0)-1+才能!$AB$1/2,1,才能!$AB26/2,),INDEX(才能!$U$1:$V$13,才能!$Y26,2)="",OFFSET(才能!$A$1,才能!$Z26-1,1,才能!$AB26,)) -> #N/A | AO26: ◇战术辅助 | AP26: ◇战术辅助 | AR26: ◇战术辅助 | AS26: ◇战术辅助 | AU26: 即死效果 | AV26: 即死效果 | AX26: 超软体 | BA26: =MATCH(道具栏!$AB$1,OFFSET(装!$A:$AA,MATCH(道具栏!G69,装!$A:$A,0)-1,MATCH(道具栏!$BB$2,装!$1:$1,0)-1,COUNTIF(装!$A:$A,道具栏!G69),1),0) -> #N/A | BC26: =COUNTIF(OFFSET(装!$A:$AA,MATCH(道具栏!G69,装!$A:$A,0)-1,MATCH(道具栏!$BB$2,装!$1:$1,0)-1,COUNTIF(装!$A:$A,道具栏!G69),1),道具栏!$AB$1) -> #N/A | BF26: ◇战术辅助 | BG26: ◇战术辅助
A27: 夜魔 | B27: 夜魔的臂力 | E27: 夜魔的臂力 | F27: 特殊 | G27: 使用者 | H27: 使用者 | I27: 奇 | J27: 【体力】判定时使用。无视目标[判定]的结果。【体力】判定视为成功。这时，使用者可以将1个[灵力]的出目变更为任意值。这个《才能》在1剧本中只能使用3次。 | K27: 作为夜魔一族的后裔，你可以发挥出超越人类的怪力与灵力。 | L27: 《神我狩》 | X27: =技能栏!C36 -> 0 | Y27: =MATCH($X27,$U$1:$U$14,0) -> #N/A | Z27: =MATCH($X27,$A:$A,0) -> #N/A | AB27: =COUNTIF($A:$A,$X27) -> 0 | AD27: =_xlfn.IFS(INDEX(才能!$U$1:$V$13,才能!$Y27,2)="A",OFFSET(才能!$A$1,才能!$Z27-1,1,才能!$AB27/2,),INDEX(才能!$U$1:$V$13,才能!$Y27,2)="B",OFFSET(才能!$A$1,MATCH(才能!$X27,才能!$A:$A,0)-1+才能!$AB$1/2,1,才能!$AB27/2,),INDEX(才能!$U$1:$V$13,才能!$Y27,2)="",OFFSET(才能!$A$1,才能!$Z27-1,1,才能!$AB27,)) -> #N/A | AO27: ◇灵力爆碎 | AP27: ◇灵力爆碎 | AR27: ◇灵力爆碎 | AS27: ◇灵力爆碎 | AU27: 幻影枪尖 | AV27: 幻影枪尖 | AX27: 神性美貌 | BA27: =MATCH(道具栏!$AB$1,OFFSET(装!$A:$AA,MATCH(道具栏!G70,装!$A:$A,0)-1,MATCH(道具栏!$BB$2,装!$1:$1,0)-1,COUNTIF(装!$A:$A,道具栏!G70),1),0) -> #N/A | BC27: =COUNTIF(OFFSET(装!$A:$AA,MATCH(道具栏!G70,装!$A:$A,0)-1,MATCH(道具栏!$BB$2,装!$1:$1,0)-1,COUNTIF(装!$A:$A,道具栏!G70),1),道具栏!$AB$1) -> #N/A | BF27: ◇灵力爆碎 | BG27: ◇灵力爆碎
A28: 夜魔 | B28: 兽魔疾走 | E28: 兽魔疾走 | F28: 常时 | G28: 使用者 | H28: 使用者 | I28: 无 | J28: 常时效果。目标的【生命力】获得+5修正。同时，目标无视[全力移动]和[脱离]的惩罚。 | K28: 在全力奔跑之时，肉体化为魔狼、妖狐等野兽的姿态，打消不利的效果。 | L28: 《神我狩》 | X28: =技能栏!C37 -> 0 | Y28: =MATCH($X28,$U$1:$U$14,0) -> #N/A | Z28: =MATCH($X28,$A:$A,0) -> #N/A | AB28: =COUNTIF($A:$A,$X28) -> 0 | AD28: =_xlfn.IFS(INDEX(才能!$U$1:$V$14,才能!$Y28,2)="A",OFFSET(才能!$A$1,才能!$Z28-1,1,才能!$AB28/2,),INDEX(才能!$U$1:$V$14,才能!$Y28,2)="B",OFFSET(才能!$A$1,MATCH(才能!$X28,才能!$A:$A,0)-1+才能!$AB$1/2,1,才能!$AB28/2,),INDEX(才能!$U$1:$V$14,才能!$Y28,2)="",OFFSET(才能!$A$1,才能!$Z28-1,1,才能!$AB28,)) -> #N/A | AO28: ◇抵抗阻碍 | AP28: ◇抵抗阻碍 | AR28: ◇抵抗阻碍 | AS28: ◇抵抗阻碍 | AU28: 百烈突 | AV28: 百烈突 | AX28: 根源的恐怖 | BA28: =MATCH(道具栏!$AB$1,OFFSET(装!$A:$AA,MATCH(道具栏!G71,装!$A:$A,0)-1,MATCH(道具栏!$BB$2,装!$1:$1,0)-1,COUNTIF(装!$A:$A,道具栏!G71),1),0) -> #N/A | BC28: =COUNTIF(OFFSET(装!$A:$AA,MATCH(道具栏!G71,装!$A:$A,0)-1,MATCH(道具栏!$BB$2,装!$1:$1,0)-1,COUNTIF(装!$A:$A,道具栏!G71),1),道具栏!$AB$1) -> #N/A | BF28: ◇抵抗阻碍 | BG28: ◇抵抗阻碍
A29: 夜魔 | B29: 壁面步行 | E29: 壁面步行 | F29: 常时 | G29: 使用者 | H29: 使用者 | I29: 无 | J29: 常时效果。目标[攀登]时，目标无视[投骰]结果，[判定]直接视为成功。并且目标在[战斗移动]时无视[近接状态]。 | K29: 使用夜魔的力量摆脱重力的束缚，游走于墙壁或天花板之上。 | L29: 《神我狩》 | X29: =技能栏!C38 -> 0 | Y29: =MATCH($X29,$U$1:$U$14,0) -> #N/A | Z29: =MATCH($X29,$A:$A,0) -> #N/A | AB29: =COUNTIF($A:$A,$X29) -> 0 | AD29: =_xlfn.IFS(INDEX(才能!$U$1:$V$13,才能!$Y29,2)="A",OFFSET(才能!$A$1,才能!$Z29-1,1,才能!$AB29/2,),INDEX(才能!$U$1:$V$13,才能!$Y29,2)="B",OFFSET(才能!$A$1,MATCH(才能!$X29,才能!$A:$A,0)-1+才能!$AB$1/2,1,才能!$AB29/2,),INDEX(才能!$U$1:$V$13,才能!$Y29,2)="",OFFSET(才能!$A$1,才能!$Z29-1,1,才能!$AB29,)) -> #N/A | AO29: ◇辟邪 | AP29: ◇辟邪 | AR29: ◇辟邪 | AS29: ◇辟邪 | AU29: 辉耀枪尖 | AV29: 辉耀枪尖 | AX29: 丰获媒介 | BA29: =MATCH(道具栏!$AB$1,OFFSET(装!$A:$AA,MATCH(道具栏!G72,装!$A:$A,0)-1,MATCH(道具栏!$BB$2,装!$1:$1,0)-1,COUNTIF(装!$A:$A,道具栏!G72),1),0) -> #N/A | BC29: =COUNTIF(OFFSET(装!$A:$AA,MATCH(道具栏!G72,装!$A:$A,0)-1,MATCH(道具栏!$BB$2,装!$1:$1,0)-1,COUNTIF(装!$A:$A,道具栏!G72),1),道具栏!$AB$1) -> #N/A | BF29: ◇辟邪 | BG29: ◇辟邪
A30: 夜魔 | B30: 雾散变异 | E30: 雾散变异 | F30: 常时 | G30: 使用者 | H30: 使用者 | I30: 无 | J30: 常时效果。目标[被动判定]成功时，可以无视[接近状态]向任意方向移动2格。同时目标可以在任意时机变成任意动物的形态（视为[行为：伪装/达成值20]）。 | K30: 使用夜魔的力量，将身体变为雾、飞虫、蝙蝠群或动物等。 | L30: 《神我狩》 | X30: =技能栏!C39 | Y30: =MATCH($X30,$U$1:$U$14,0) -> 4 | Z30: =MATCH($X30,$A:$A,0) -> #N/A | AB30: =COUNTIF($A:$A,$X30) -> 1047280 | AD30: =_xlfn.IFS(INDEX(才能!$U$1:$V$13,才能!$Y30,2)="A",OFFSET(才能!$A$1,才能!$Z30-1,1,才能!$AB30/2,),INDEX(才能!$U$1:$V$13,才能!$Y30,2)="B",OFFSET(才能!$A$1,MATCH(才能!$X30,才能!$A:$A,0)-1+才能!$AB$1/2,1,才能!$AB30/2,),INDEX(才能!$U$1:$V$13,才能!$Y30,2)="",OFFSET(才能!$A$1,才能!$Z30-1,1,才能!$AB30,)) -> #N/A | AO30: ◇移动魔法阵 | AP30: ◇移动魔法阵 | AR30: ◇移动魔法阵 | AS30: ◇移动魔法阵 | AU30: 大旋风 | AV30: 大旋风 | AX30: 凭依异能 | BA30: =MATCH(道具栏!$AB$1,OFFSET(装!$A:$AA,MATCH(道具栏!G73,装!$A:$A,0)-1,MATCH(道具栏!$BB$2,装!$1:$1,0)-1,COUNTIF(装!$A:$A,道具栏!G73),1),0) -> #N/A | BC30: =COUNTIF(OFFSET(装!$A:$AA,MATCH(道具栏!G73,装!$A:$A,0)-1,MATCH(道具栏!$BB$2,装!$1:$1,0)-1,COUNTIF(装!$A:$A,道具栏!G73),1),道具栏!$AB$1) -> #N/A | BF30: ◇移动魔法阵 | BG30: ◇移动魔法阵
A31: 夜魔 | B31: 夜魔的一击 | E31: 夜魔的一击 | F31: 攻击 | G31: 物品 | H31: 1体 | I31: 偶 | J31: 物理攻击。使用进行[伤害算出]时，[物理等级]+1。同时，强制使最少受到了1点[伤害]的[目标]向任意方向移动1格（这个移动无视[近接状态]）。 | K31: 利用夜魔特有的惊异的臂力，将对象扔出或者用强力的灵力将其击飞。 | L31: 《燃尽少女的炽火》 | X31: =技能栏!C40 -> 0 | Y31: =MATCH($X31,$U$1:$U$14,0) -> #N/A | Z31: =MATCH($X31,$A:$A,0) -> #N/A | AB31: =COUNTIF($A:$A,$X31) -> 0 | AD31: =_xlfn.IFS(INDEX(才能!$U$1:$V$14,才能!$Y31,2)="A",OFFSET(才能!$A$1,才能!$Z31-1,1,才能!$AB31/2,),INDEX(才能!$U$1:$V$14,才能!$Y31,2)="B",OFFSET(才能!$A$1,MATCH(才能!$X31,才能!$A:$A,0)-1+才能!$AB$1/2,1,才能!$AB31/2,),INDEX(才能!$U$1:$V$14,才能!$Y31,2)="",OFFSET(才能!$A$1,才能!$Z31-1,1,才能!$AB31,)) -> #N/A | AO31: ◇射程强化 | AP31: ◇射程强化 | AR31: ◇射程强化 | AS31: ◇射程强化 | AU31: 圣枪·魔枪 | AV31: 圣枪·魔枪 | AX31: 灵药作用 | BA31: =MATCH(道具栏!$AB$1,OFFSET(装!$A:$AA,MATCH(道具栏!G74,装!$A:$A,0)-1,MATCH(道具栏!$BB$2,装!$1:$1,0)-1,COUNTIF(装!$A:$A,道具栏!G74),1),0) -> #N/A | BC31: =COUNTIF(OFFSET(装!$A:$AA,MATCH(道具栏!G74,装!$A:$A,0)-1,MATCH(道具栏!$BB$2,装!$1:$1,0)-1,COUNTIF(装!$A:$A,道具栏!G74),1),道具栏!$AB$1) -> #N/A | BF31: ◇射程强化 | BG31: ◇射程强化
A32: 夜魔 | B32: 魂魄剥夺 | E32: 魂魄剥夺 | F32: 特殊 | G32: 使用者 | H32: 使用者 | I32: 无 | J32: 特殊效果。受到目标所造成[伤害]的[目标]变为[状态变化]后使用。目标获得1个[超越灵力]。即便[目标]为复数也只能获得1个[超越灵力]。这个《才能》在1轮（场景）中只能使用1次。 | K32: 打倒超常存在，或者在给予对象不利的状态变化的同时剥夺对方体内的灵力。 | L32: 《燃尽少女的炽火》 | X32: =技能栏!C41 -> 0 | Y32: =MATCH($X32,$U$1:$U$14,0) -> #N/A | Z32: =MATCH($X32,$A:$A,0) -> #N/A | AB32: =COUNTIF($A:$A,$X32) -> 0 | AD32: =_xlfn.IFS(INDEX(才能!$U$1:$V$13,才能!$Y32,2)="A",OFFSET(才能!$A$1,才能!$Z32-1,1,才能!$AB32/2,),INDEX(才能!$U$1:$V$13,才能!$Y32,2)="B",OFFSET(才能!$A$1,MATCH(才能!$X32,才能!$A:$A,0)-1+才能!$AB$1/2,1,才能!$AB32/2,),INDEX(才能!$U$1:$V$13,才能!$Y32,2)="",OFFSET(才能!$A$1,才能!$Z32-1,1,才能!$AB32,)) -> #N/A | AO32: #N/A | AP32: #N/A | AR32: 强化咏唱 | AS32: 强化咏唱 | AU32: 旋风阵 | AV32: 旋风阵 | AX32: 美味礼赞 | BA32: =MATCH(道具栏!$AB$1,OFFSET(装!$A:$AA,MATCH(道具栏!G75,装!$A:$A,0)-1,MATCH(道具栏!$BB$2,装!$1:$1,0)-1,COUNTIF(装!$A:$A,道具栏!G75),1),0) -> #N/A | BC32: =COUNTIF(OFFSET(装!$A:$AA,MATCH(道具栏!G75,装!$A:$A,0)-1,MATCH(道具栏!$BB$2,装!$1:$1,0)-1,COUNTIF(装!$A:$A,道具栏!G75),1),道具栏!$AB$1) -> 0 | BF32: 强化咏唱 | BG32: 强化咏唱
A33: 夜魔 | B33: 怪力移动 | E33: 怪力移动 | F33: 特殊 | G33: 使用者 | H33: 使用者 | I33: 无 | J33: 特殊效果。消耗任一[时机：准备·攻击]后使用。目标进行[目标值：12]的【体力】判定（可以使用《夜魔的臂力》）。这个判定成功的话，可以无视[近接状态]的3格移动。这个《才能》在1轮（场景）中只能使用1次。 | K33: 发挥夜魔特有的怪力，在粉碎地面或墙壁的同时进行超越物理法则的移动。 | L33: 《燃尽少女的炽火》 | X33: =技能栏!C42 -> 0 | Y33: =MATCH($X33,$U$1:$U$14,0) -> #N/A | Z33: =MATCH($X33,$A:$A,0) -> #N/A | AB33: =COUNTIF($A:$A,$X33) -> 0 | AD33: =_xlfn.IFS(INDEX(才能!$U$1:$V$13,才能!$Y33,2)="A",OFFSET(才能!$A$1,才能!$Z33-1,1,才能!$AB33/2,),INDEX(才能!$U$1:$V$13,才能!$Y33,2)="B",OFFSET(才能!$A$1,MATCH(才能!$X33,才能!$A:$A,0)-1+才能!$AB$1/2,1,才能!$AB33/2,),INDEX(才能!$U$1:$V$13,才能!$Y33,2)="",OFFSET(才能!$A$1,才能!$Z33-1,1,才能!$AB33,)) -> #N/A | AO33: #N/A | AP33: #N/A | AR33: 结界粉碎 | AS33: 结界粉碎 | AU33: 歼灭之光 | AV33: 歼灭之光 | AX33: 特殊毒素 | BA33: =MATCH(道具栏!$AB$1,OFFSET(装!$A:$AA,MATCH(道具栏!G76,装!$A:$A,0)-1,MATCH(道具栏!$BB$2,装!$1:$1,0)-1,COUNTIF(装!$A:$A,道具栏!G76),1),0) -> #N/A | BC33: =COUNTIF(OFFSET(装!$A:$AA,MATCH(道具栏!G76,装!$A:$A,0)-1,MATCH(道具栏!$BB$2,装!$1:$1,0)-1,COUNTIF(装!$A:$A,道具栏!G76),1),道具栏!$AB$1) -> 0 | BF33: 结界粉碎 | BG33: 结界粉碎
A34: 夜魔 | B34: ●灵力吸收 | D34: ● | E34: 灵力吸收 | F34: 特殊 | G34: 近接状态 | H34: 1体 | I34: 偶 | J34: 伤害减少时使用。使用者[回复]「目标受到的[生命力伤害]」点【生命力】。这个《才能》在1场战斗中只能使用1次。 | K34: 使用夜魔特有的能力，最大限度地吸收目标的灵力，转换为自己的生命力。 | L34: 《神我狩》 | X34: =技能栏!C43 -> 0 | Y34: =MATCH($X34,$U$1:$U$14,0) -> #N/A | Z34: =MATCH($X34,$A:$A,0) -> #N/A | AB34: =COUNTIF($A:$A,$X34) -> 0 | AD34: =_xlfn.IFS(INDEX(才能!$U$1:$V$13,才能!$Y34,2)="A",OFFSET(才能!$A$1,才能!$Z34-1,1,才能!$AB34/2,),INDEX(才能!$U$1:$V$13,才能!$Y34,2)="B",OFFSET(才能!$A$1,MATCH(才能!$X34,才能!$A:$A,0)-1+才能!$AB$1/2,1,才能!$AB34/2,),INDEX(才能!$U$1:$V$13,才能!$Y34,2)="",OFFSET(才能!$A$1,才能!$Z34-1,1,才能!$AB34,)) -> #N/A | AO34: #N/A | AP34: #N/A | AR34: 战术展开 | AS34: 战术展开 | AU34: 灵力集中 | AV34: 灵力集中 | AX34: 价值千金 | BA34: =MATCH(道具栏!$AB$1,OFFSET(装!$A:$AA,MATCH(道具栏!G77,装!$A:$A,0)-1,MATCH(道具栏!$BB$2,装!$1:$1,0)-1,COUNTIF(装!$A:$A,道具栏!G77),1),0) -> #N/A | BC34: =COUNTIF(OFFSET(装!$A:$AA,MATCH(道具栏!G77,装!$A:$A,0)-1,MATCH(道具栏!$BB$2,装!$1:$1,0)-1,COUNTIF(装!$A:$A,道具栏!G77),1),道具栏!$AB$1) -> 0 | BF34: 战术展开 | BG34: 战术展开
A35: 夜魔 | B35: ●迅雷疾驱 | D35: ● | E35: 迅雷疾驱 | F35: 特殊 | G35: 使用者 | H35: 使用者 | I35: 奇 | J35: 特殊效果。可以在任意时机使用。目标直到那轮的[时机：结束]前，【行动值】都获得+2D修正。这个《才能》在1轮中只能使用1次。 | K35: 解放可以完全能称为半神半魔的夜魔之力，以自身无法控制的超高速瞬间在战场上疾驰。 | L35: 《神我狩》 | X35: =技能栏!C44 -> 0 | Y35: =MATCH($X35,$U$1:$U$14,0) -> #N/A | Z35: =MATCH($X35,$A:$A,0) -> #N/A | AB35: =COUNTIF($A:$A,$X35) -> 0 | AD35: =_xlfn.IFS(INDEX(才能!$U$1:$V$14,才能!$Y35,2)="A",OFFSET(才能!$A$1,才能!$Z35-1,1,才能!$AB35/2,),INDEX(才能!$U$1:$V$14,才能!$Y35,2)="B",OFFSET(才能!$A$1,MATCH(才能!$X35,才能!$A:$A,0)-1+才能!$AB$1/2,1,才能!$AB35/2,),INDEX(才能!$U$1:$V$14,才能!$Y35,2)="",OFFSET(才能!$A$1,才能!$Z35-1,1,才能!$AB35,)) -> #N/A | AO35: #N/A | AP35: #N/A | AR35: 咒杀改造 | AS35: 咒杀改造 | AU35: 死之枪尖 | AV35: 死之枪尖 | AX35: 天上之音 | BA35: =MATCH(道具栏!$AB$1,OFFSET(装!$A:$AA,MATCH(道具栏!G78,装!$A:$A,0)-1,MATCH(道具栏!$BB$2,装!$1:$1,0)-1,COUNTIF(装!$A:$A,道具栏!G78),1),0) -> #N/A | BC35: =COUNTIF(OFFSET(装!$A:$AA,MATCH(道具栏!G78,装!$A:$A,0)-1,MATCH(道具栏!$BB$2,装!$1:$1,0)-1,COUNTIF(装!$A:$A,道具栏!G78),1),道具栏!$AB$1) -> 0 | BF35: 咒杀改造 | BG35: 咒杀改造
A36: 夜魔 | B36: ●邪眼 | D36: ● | E36: 邪眼 | F36: 常时 | G36: 使用者 | H36: 使用者 | I36: 无 | J36: 常时效果。需要取得《夜魔的妖眼》。目标《夜魔的妖瞳》的[目标]变为[4体]。同时《夜魔的妖瞳》效果追加「对[名称]记载有[*N体]的异怪（即复数视为一体的异怪）直接赋予[状态变化：死亡]」的效果（适用于《杀技深奥》等的效果）。 | K36: 你的凝视中蕴含着强大的力量，可以瞬间扼杀目标的灵魂。 | L36: 《神我狩》 | X36: =技能栏!C45 -> 0 | Y36: =MATCH($X36,$U$1:$U$14,0) -> #N/A | Z36: =MATCH($X36,$A:$A,0) -> #N/A | AB36: =COUNTIF($A:$A,$X36) -> 0 | AD36: =_xlfn.IFS(INDEX(才能!$U$1:$V$13,才能!$Y36,2)="A",OFFSET(才能!$A$1,才能!$Z36-1,1,才能!$AB36/2,),INDEX(才能!$U$1:$V$13,才能!$Y36,2)="B",OFFSET(才能!$A$1,MATCH(才能!$X36,才能!$A:$A,0)-1+才能!$AB$1/2,1,才能!$AB36/2,),INDEX(才能!$U$1:$V$13,才能!$Y36,2)="",OFFSET(才能!$A$1,才能!$Z36-1,1,才能!$AB36,)) -> #N/A | AO36: #N/A | AP36: #N/A | AR36: 灵力扩大 | AS36: 灵力扩大 | AU36: #N/A | AV36: #N/A | AX36: 电磁干涉 | BA36: =MATCH(道具栏!$AB$1,OFFSET(装!$A:$AA,MATCH(道具栏!G79,装!$A:$A,0)-1,MATCH(道具栏!$BB$2,装!$1:$1,0)-1,COUNTIF(装!$A:$A,道具栏!G79),1),0) -> #N/A | BC36: =COUNTIF(OFFSET(装!$A:$AA,MATCH(道具栏!G79,装!$A:$A,0)-1,MATCH(道具栏!$BB$2,装!$1:$1,0)-1,COUNTIF(装!$A:$A,道具栏!G79),1),道具栏!$AB$1) -> 0 | BF36: 灵力扩大 | BG36: 灵力扩大
A37: 夜魔 | B37: ●异能战斗 | D37: ● | E37: 异能战斗 | F37: 常时 | G37: 使用者 | H37: 使用者 | I37: 无 | J37: 常时效果。目标处于《兽魔变身》或《血风之王》的效果中时，[伤害算出]时获得+5修正。 | K37: 唤醒夜魔之力，在身体变化时发挥出无与伦比的力量。 | L37: 《神我狩》 | X37: =技能栏!C46 -> 0 | Y37: =MATCH($X37,$U$1:$U$14,0) -> #N/A | Z37: =MATCH($X37,$A:$A,0) -> #N/A | AB37: =COUNTIF($A:$A,$X37) -> 0 | AD37: =_xlfn.IFS(INDEX(才能!$U$1:$V$13,才能!$Y37,2)="A",OFFSET(才能!$A$1,才能!$Z37-1,1,才能!$AB37/2,),INDEX(才能!$U$1:$V$13,才能!$Y37,2)="B",OFFSET(才能!$A$1,MATCH(才能!$X37,才能!$A:$A,0)-1+才能!$AB$1/2,1,才能!$AB37/2,),INDEX(才能!$U$1:$V$13,才能!$Y37,2)="",OFFSET(才能!$A$1,才能!$Z37-1,1,才能!$AB37,)) -> #N/A | AO37: #N/A | AP37: #N/A | AR37: 强化回复 | AS37: 强化回复 | AU37: #N/A | AV37: #N/A | AX37: 妖力念话 | BA37: =MATCH(道具栏!$AB$1,OFFSET(装!$A:$AA,MATCH(道具栏!G80,装!$A:$A,0)-1,MATCH(道具栏!$BB$2,装!$1:$1,0)-1,COUNTIF(装!$A:$A,道具栏!G80),1),0) -> #N/A | BC37: =COUNTIF(OFFSET(装!$A:$AA,MATCH(道具栏!G80,装!$A:$A,0)-1,MATCH(道具栏!$BB$2,装!$1:$1,0)-1,COUNTIF(装!$A:$A,道具栏!G80),1),道具栏!$AB$1) -> 0 | BF37: 强化回复 | BG37: 强化回复
A38: 夜魔 | B38: ●近战抗性 | D38: ● | E38: 近战抗性 | F38: 常时 | G38: 使用者 | H38: 使用者 | I38: 无 | J38: 常时效果。目标处于《兽魔变身》或《血风之王》的效果中时，受到的由[肉弹武器]造成的[物理伤害][减半]。 | K38: 觉醒了夜魔一族的特殊力量，获得了对肉搏攻击的无与伦比的抗性。 | L38: 《神我狩》 | AO38: #N/A | AP38: #N/A | AR38: 生命增强 | AS38: 生命增强 | AU38: #N/A | AV38: #N/A | AX38: 天候变化 | BA38: =MATCH(道具栏!$AB$1,OFFSET(装!$A:$AA,MATCH(道具栏!G81,装!$A:$A,0)-1,MATCH(道具栏!$BB$2,装!$1:$1,0)-1,COUNTIF(装!$A:$A,道具栏!G81),1),0) -> #N/A | BC38: =COUNTIF(OFFSET(装!$A:$AA,MATCH(道具栏!G81,装!$A:$A,0)-1,MATCH(道具栏!$BB$2,装!$1:$1,0)-1,COUNTIF(装!$A:$A,道具栏!G81),1),道具栏!$AB$1) -> 0 | BF38: 生命增强 | BG38: 生命增强
A39: 夜魔 | B39: ●真祖因子 | D39: ● | E39: 真祖因子 | F39: 常时 | G39: 使用者 | H39: 使用者 | I39: 无 | J39: 常时效果。目标的【生命力】获得+15修正。 | K39: 你继承了一切夜魔的先祖“真祖”的力量，有着纯正的血统因子。持有这份因子的人，寿命是通常的五倍。 | L39: 《神我狩》 | AO39: #N/A | AP39: #N/A | AR39: 灵毛装饰 | AS39: 灵毛装饰 | AU39: #N/A | AV39: #N/A | AX39: 共存者 | BA39: =MATCH(道具栏!$AB$1,OFFSET(装!$A:$AA,MATCH(道具栏!G82,装!$A:$A,0)-1,MATCH(道具栏!$BB$2,装!$1:$1,0)-1,COUNTIF(装!$A:$A,道具栏!G82),1),0) -> #N/A | BC39: =COUNTIF(OFFSET(装!$A:$AA,MATCH(道具栏!G82,装!$A:$A,0)-1,MATCH(道具栏!$BB$2,装!$1:$1,0)-1,COUNTIF(装!$A:$A,道具栏!G82),1),道具栏!$AB$1) -> 0 | BF39: 灵毛装饰 | BG39: 灵毛装饰
A40: 夜魔 | B40: ●超常威力 | D40: ● | E40: 超常威力 | F40: 特殊 | G40: 使用者 | H40: 使用者 | I40: 无 | J40: 伤害算出时使用。目标进行[目标值：12]的【体力】判定（可以使用《夜魔的臂力》）。这个判定成功的话，[时机：攻击]的《才能》所造成的[伤害算出]+「使用者的任意【主能力值】」作为修正。这个《才能》在1轮（场景）中只能使用1次。 | K40: 驱使夜魔特有的怪力或灵威，让技能的威力飞跃性提高。 | L40: 《燃尽少女的炽火》 | AO40: #N/A | AP40: #N/A | AR40: 咒波扩大 | AS40: 咒波扩大 | AU40: #N/A | AV40: #N/A | AX40: 原创 | BA40: =MATCH(道具栏!$AB$1,OFFSET(装!$A:$AA,MATCH(道具栏!G83,装!$A:$A,0)-1,MATCH(道具栏!$BB$2,装!$1:$1,0)-1,COUNTIF(装!$A:$A,道具栏!G83),1),0) -> #N/A | BC40: =COUNTIF(OFFSET(装!$A:$AA,MATCH(道具栏!G83,装!$A:$A,0)-1,MATCH(道具栏!$BB$2,装!$1:$1,0)-1,COUNTIF(装!$A:$A,道具栏!G83),1),道具栏!$AB$1) -> 0 | BF40: 咒波扩大 | BG40: 咒波扩大
A41: 夜魔 | B41: ●夜魔的肉体 | D41: ● | E41: 夜魔的肉体 | F41: 特殊 | G41: 使用者 | H41: 使用者 | I41: 偶 | J41: 特殊效果。可以在任意时机使用。目标受到的[伤害]-5。同时，目标可以[解除][气绝·战斗不能·死亡]以外的任意一个[状态变化]。这个《才能》在1轮（场景）中只能使用1次。 | K41: 你具备夜魔特有的极为强韧的肉体，对负伤、毒和不适都有较高的耐性。 | L41: 《燃尽少女的炽火》 | AO41: #N/A | AP41: #N/A | AR41: 多重魔法阵 | AS41: 多重魔法阵 | AU41: #N/A | AV41: #N/A | BA41: =MATCH(道具栏!$AB$1,OFFSET(装!$A:$AA,MATCH(道具栏!G84,装!$A:$A,0)-1,MATCH(道具栏!$BB$2,装!$1:$1,0)-1,COUNTIF(装!$A:$A,道具栏!G84),1),0) -> #N/A | BC41: =COUNTIF(OFFSET(装!$A:$AA,MATCH(道具栏!G84,装!$A:$A,0)-1,MATCH(道具栏!$BB$2,装!$1:$1,0)-1,COUNTIF(装!$A:$A,道具栏!G84),1),道具栏!$AB$1) -> 0 | BF41: 多重魔法阵 | BG41: 多重魔法阵
A42: 夜魔 | B42: ●夜魔的血脉 | D42: ● | E42: 夜魔的血脉 | F42: 常时 | G42: 使用者 | H42: 使用者 | I42: 无 | J42: 常时效果。需要取得《兽魔变身》或《血风之王》。目标处于《兽魔变身》或《血风之王》的效果中时，[装甲]和[结界]都获得+5修正。 | K42: 让秘藏在夜魔之血内的特殊灵力觉醒，通过变身发挥强大的战斗力。 | L42: 《燃尽少女的炽火》 | AO42: #N/A | AP42: #N/A | AR42: 轻量化 | AS42: 轻量化 | AU42: #N/A | AV42: #N/A | BA42: =MATCH(道具栏!$AB$1,OFFSET(装!$A:$AA,MATCH(道具栏!G85,装!$A:$A,0)-1,MATCH(道具栏!$BB$2,装!$1:$1,0)-1,COUNTIF(装!$A:$A,道具栏!G85),1),0) -> #N/A | BC42: =COUNTIF(OFFSET(装!$A:$AA,MATCH(道具栏!G85,装!$A:$A,0)-1,MATCH(道具栏!$BB$2,装!$1:$1,0)-1,COUNTIF(装!$A:$A,道具栏!G85),1),道具栏!$AB$1) -> 0 | BF42: 轻量化 | BG42: 轻量化
A43: 夜魔 | B43: ●黄泉归还 | D43: ● | E43: 黄泉归还 | F43: 常时 | G43: 使用者 | H43: 使用者 | I43: 无 | J43: 常时效果。目标在1场战斗中，使用《灵纹燃烧》进行[生命燃烧]的次数+1（即[生命燃烧]变为可以在1场战斗中使用2次。但是【灵纹】需要正常消耗）。 | K43: 在面临生命危机时，解放秘藏的灵力，让自身的生命力剧烈地活性化。 | L43: 《燃尽少女的炽火》 | AO43: #N/A | AP43: #N/A | AR43: 灵石装饰（魔法） | AS43: 灵石装饰（魔法） | AU43: #N/A | AV43: #N/A | BA43: =MATCH(道具栏!$AB$1,OFFSET(装!$A:$AA,MATCH(道具栏!G86,装!$A:$A,0)-1,MATCH(道具栏!$BB$2,装!$1:$1,0)-1,COUNTIF(装!$A:$A,道具栏!G86),1),0) -> #N/A | BC43: =COUNTIF(OFFSET(装!$A:$AA,MATCH(道具栏!G86,装!$A:$A,0)-1,MATCH(道具栏!$BB$2,装!$1:$1,0)-1,COUNTIF(装!$A:$A,道具栏!G86),1),道具栏!$AB$1) -> 0 | BF43: 灵石装饰（魔法） | BG43: 灵石装饰（魔法）
A44: 半妖 | B44: 飞翔 | E44: 飞翔 | F44: 开始 | G44: 使用者 | H44: 使用者 | I44: 奇·奇 | J44: 特殊效果。目标在1场战斗中或1场景中获得[状态变化：飞行]。 | K44: 将异能发挥到最大限度，细致地操控灵力，在空中飞翔。 | L44: 《神我狩》 | AO44: #N/A | AP44: #N/A | AR44: 即死效果 | AS44: 即死效果 | AU44: #N/A | AV44: #N/A | BA44: =MATCH(道具栏!$AB$1,OFFSET(装!$A:$AA,MATCH(道具栏!G87,装!$A:$A,0)-1,MATCH(道具栏!$BB$2,装!$1:$1,0)-1,COUNTIF(装!$A:$A,道具栏!G87),1),0) -> #N/A | BC44: =COUNTIF(OFFSET(装!$A:$AA,MATCH(道具栏!G87,装!$A:$A,0)-1,MATCH(道具栏!$BB$2,装!$1:$1,0)-1,COUNTIF(装!$A:$A,道具栏!G87),1),道具栏!$AB$1) -> 0 | BF44: 即死效果 | BG44: 即死效果
A45: 半妖 | B45: 太刀风 | E45: 太刀风 | F45: 攻击 | G45: 6格 | H45: 1体 | I45: 连号 | J45: 物理攻击。对目标进行[特殊攻击]，并且使用者进行[伤害算出]时[等级]+1。这个《才能》在1轮中只能使用1次。 | K45: 操控灵力形成风刃缠绕在武器或子弹上，将敌人切成碎片。 | L45: 《神我狩》 | AO45: #N/A | AP45: #N/A | AR45: 物理变换 | AS45: 物理变换 | AU45: #N/A | AV45: #N/A | BA45: =MATCH(道具栏!$AB$1,OFFSET(装!$A:$AA,MATCH(道具栏!G88,装!$A:$A,0)-1,MATCH(道具栏!$BB$2,装!$1:$1,0)-1,COUNTIF(装!$A:$A,道具栏!G88),1),0) -> #N/A | BC45: =COUNTIF(OFFSET(装!$A:$AA,MATCH(道具栏!G88,装!$A:$A,0)-1,MATCH(道具栏!$BB$2,装!$1:$1,0)-1,COUNTIF(装!$A:$A,道具栏!G88),1),道具栏!$AB$1) -> 0 | BF45: 物理变换 | BG45: 物理变换
A46: 半妖 | B46: 黄金招来 | E46: 黄金招来 | F46: 特殊 | G46: 使用者 | H46: 使用者 | I46: 偶 | J46: 特殊效果。可以在任意时机使用。目标立即获得[500G]。这个《才能》在1剧本中只能使用一次。 | K46: 操控灵力来获得周边地区内的一定数量的愚者黄金。 | L46: 《神我狩》 | AO46: #N/A | AP46: #N/A | AR46: 射击机能 | AS46: 射击机能 | AU46: #N/A | AV46: #N/A | BF46: 射击机能 | BG46: 射击机能
A47: 半妖 | B47: 动物沟通 | E47: 动物沟通 | F47: 特殊 | G47: 使用者 | H47: 使用者 | I47: 奇 | J47: 【主能力值】判定时使用。无视目标[判定]的结果。【主能力值】判定视为成功。这时，使用者可以将1个[灵力]的出目变更为任意值。这个《才能》在1剧本中只能使用1次。 | K47: 你能与动物互相沟通，获得来自它们的各种帮助。 | L47: 《神我狩》 | AO47: #N/A | AP47: #N/A | AR47: 魔术反冲修正 | AS47: 魔术反冲修正 | AU47: #N/A | AV47: #N/A | BF47: 魔术反冲修正 | BG47: 魔术反冲修正
A48: 半妖 | B48: 次元间隙 | E48: 次元间隙 | F48: 特殊 | G48: 使用者 | H48: 使用者 | I48: 偶 | J48: 特殊效果。在目标消耗[时机：准备]前后使用。目标无视[接近状态]将自己[设置]在3格内的任意位置。这个《才能》在1轮中只能使用1次。 | K48: 操纵灵力来扭曲空间，瞬间到达目的地。 | L48: 《神我狩》 | AO48: #N/A | AP48: #N/A | AR48: 扩散魔法阵 | AS48: 扩散魔法阵 | AU48: #N/A | AV48: #N/A | BF48: 扩散魔法阵 | BG48: 扩散魔法阵
A49: 半妖 | B49: 好运招来 | E49: 好运招来 | F49: 特殊 | G49: 战斗地带 | H49: 1体 | I49: 连号 | J49: 特殊效果。在目标进行[灵力操作]前使用。重投目标的[判定]结果（不包括[大成功]和[大失败]）。这个效果可以被拒绝。重投后也能进行[灵力操作]。这个《才能》在1轮或者1场景中只能使用1次。 | K49: 使用半妖之力，为眼前的行为招来好运。 | L49: 《神我狩》 | AO49: #N/A | AP49: #N/A | AR49: 小规模护盾 | AS49: 小规模护盾 | AU49: #N/A | AV49: #N/A | BF49: 小规模护盾 | BG49: 小规模护盾
A50: 半妖 | B50: 改运 | E50: 改运 | F50: 常时 | G50: 使用者 | H50: 使用者 | I50: 无 | J50: 常时效果。目标以外的角色【幸运】判定的达成值获得+1修正、目标的[结界]获得+2修正。 | K50: 你的存在能为周围带来好运。 | L50: 《神我狩》 | AO50: #N/A | AP50: #N/A | AR50: 灵力供给 | AS50: 灵力供给 | AU50: #N/A | AV50: #N/A | BF50: 灵力供给 | BG50: 灵力供给
A51: 半妖 | B51: 肉体变化 | E51: 肉体变化 | F51: 常时 | G51: 使用者 | H51: 使用者 | I51: 无 | J51: 常时效果。目标的【行动值】获得+2修正。同时，目标可以在任意时机变为任意动物的形态（视为[行为：伪装/达成值20]）。 | K51: 使用半妖之力瞬间变为任意动物的形态，或是显现为本体的姿态。 | L51: 《神我狩》 | AO51: #N/A | AP51: #N/A | AR51: 连续展开 | AS51: 连续展开 | AU51: #N/A | AV51: #N/A | BF51: 连续展开 | BG51: 连续展开
A52: 半妖 | B52: 妖力发现 | E52: 妖力发现 | F52: 攻击 | G52: 6格 | H52: 1体 | I52: 对子 | J52: 魔法攻击。对目标进行[特殊攻击]，造成[等级：2]的[魔法伤害]。使用【看破】对《妖力发现》进行[被动判定]成功后可以把这个效果[无效化]。这个《才能》在1轮（场景）中只能使用1次。 | K52: 发现自己继承的身为妖怪的灵力——妖力，对敌人进行强力的魔法攻击。 | L52: 《燃尽少女的炽火》 | AO52: #N/A | AP52: #N/A | AR52: 高位咏唱 | AS52: 高位咏唱 | AU52: #N/A | AV52: #N/A | BF52: 高位咏唱 | BG52: 高位咏唱
A53: 半妖 | B53: 解咒牵引 | E53: 解咒牵引 | F53: 特殊 | G53: 使用者 | H53: 使用者 | I53: 偶 | J53: 特殊效果。[消去]判定后使用。目标的[消去]判定的达成值每-1，可以使参加了[消去]判定的[目标：1体]的[消去]判定的达成值+1（最大+2）。这个《才能》在1轮（场景）中只能使用1次。 | K53: 活用自己体内的神性，在解除大规模的诅咒时，可以牵引其他人的解咒。 | L53: 《燃尽少女的炽火》 | AO53: #N/A | AP53: #N/A | AR53: 防御形态 | AS53: 防御形态 | AU53: #N/A | AV53: #N/A | BF53: 防御形态 | BG53: 防御形态
A54: 半妖 | B54: 妖力看破 | E54: 妖力看破 | F54: 特殊 | G54: 战斗地带 | H54: 1体 | I54: 奇 | J54: 特殊效果。目标受到有利[状态变化]时，[解除]1个目标受到的有利的[状态变化]。这个《才能》在1轮（场景）中只能使用1次。 | K54: 操纵体内的妖力，看破对象的灵力，让效果消失。 | L54: 《燃尽少女的炽火》 | AR54: 灵力炉搭载 | AS54: 灵力炉搭载 | AU54: #N/A | AV54: #N/A | BF54: 灵力炉搭载 | BG54: 灵力炉搭载
A55: 半妖 | B55: ●转祸为福 | D55: ● | E55: 转祸为福 | F55: 特殊 | G55: 战斗地带 | H55: 1体 | I55: 无 | J55: 特殊效果。在目标[判定]发生[大失败]时使用。将目标的[大失败]变更为[大成功]。不过[达成值]视为10。这个《才能》在1场战斗或者1场景中只能使用1次。 | K55: 在最恶的事故发生之时，使用半妖之力，逆转因果。 | L55: 《神我狩》 | AR55: 邪恶的知识 | AS55: 邪恶的知识 | AU55: #N/A | AV55: #N/A | BF55: 邪恶的知识 | BG55: 邪恶的知识
A56: 半妖 | B56: ●命运干涉 | D56: ● | E56: 命运干涉 | F56: 特殊 | G56: 战斗地带 | H56: 1体 | I56: 无 | J56: 特殊效果。在目标进行[灵力操作]前使用。强制性的重投目标的[判定]结果（包括[大成功]和[大失败]）（重投后也可以进行灵力操作）。这个《才能》在1场战斗或者1场景中只能使用1次。 | K56: 驱使异能之力，干涉对方的因果律。 | L56: 《神我狩》 | AR56: 人皮装订 | AS56: 人皮装订 | AU56: #N/A | AV56: #N/A | BF56: 人皮装订 | BG56: 人皮装订
A57: 半妖 | B57: ●恰好的偶然 | D57: ● | E57: 恰好的偶然 | F57: 特殊 | G57: 战斗地带 | H57: 1体 | I57: 奇 | J57: 特殊效果。在目标进行[判定]后使用，对目标[判定]的出目中的1个数字进行±2的调整（调整后不能为0或0以下、7或7以上，这个效果会引发[大成功]或[大失败]）。这个《才能》在1场战斗或者1场景中只能使用1次。 | K57: 将自身强大的运气集中到一点，诱发出那恰好的偶然。 | L57: 《神我狩》 | AR57: 延命之秘 | AS57: 延命之秘 | AU57: #N/A | AV57: #N/A | BF57: 延命之秘 | BG57: 延命之秘
A58: 半妖 | B58: ●机会强化 | D58: ● | E58: 机会强化 | F58: 特殊 | G58: 战斗地带 | H58: 1体 | I58: 奇 | J58: 特殊效果。在目标进行[判定]前使用。目标进行[判定]时的骰子数+1。这个《才能》在1场战斗或者1场景中只能使用1次。 | K58: 行动的瞬间操控灵力，增加目标的运气。 | L58: 《神我狩》 | AR58: 禁断秘法 | AS58: 禁断秘法 | AU58: #N/A | AV58: #N/A | BF58: 禁断秘法 | BG58: 禁断秘法
A59: 半妖 | B59: ●幸神的眷族 | D59: ● | E59: 幸神的眷族 | F59: 常时 | G59: 使用者 | H59: 使用者 | I59: 无 | J59: 常时效果。目标的【行动值】获得+2修正。同时目标和目标指定的任意角色【幸运】判定的达成值获得+2修正。 | K59: 因为继承了来自幸运神的血脉，拥有了和周围格格不入的强大幸运。 | L59: 《神我狩》 | AR59: #N/A | AS59: #N/A | AU59: #N/A | AV59: #N/A
A60: 半妖 | B60: ●风神岚 | D60: ● | E60: 风神岚 | F60: 常时 | G60: 使用者 | H60: 使用者 | I60: 无 | J60: 常时效果。需要取得《太刀风》。目标的《太刀风》可以[消耗：奇·奇]进行使用。且[消耗：奇·奇]的情况下，[距离/目标]都变为[战斗地带]。 | K60: 解放力量，将周围的灵力卷起形成龙卷风，席卷周围。 | L60: 《神我狩》 | AR60: #N/A | AS60: #N/A | AU60: #N/A | AV60: #N/A
A61: 半妖 | B61: ●妖力循环 | D61: ● | E61: 妖力循环 | F61: 特殊 | G61: 7格 | H61: 1体 | I61: 无 | J61: 特殊效果。可以在任意时机使用。使用者和目标相互交换1个[灵力]。这个《才能》在1轮（场景）中只能使用1次。 | K61: 发挥自身的妖力，暂时性地共享灵力。 | L61: 《燃尽少女的炽火》 | AR61: #N/A | AS61: #N/A | AU61: #N/A | AV61: #N/A
A62: 半妖 | B62: ●护法结界 | D62: ● | E62: 护法结界 | F62: 防御 | G62: 7格 | H62: 1体 | I62: 偶 | J62: 伤害减少时使用。目标受到的[伤害]-「使用者的【看破】」。 | K62: 瞬间展开特殊的结界，将自身血脉内的加护的灵力赠与对象。 | L62: 《燃尽少女的炽火》 | AR62: #N/A | AS62: #N/A | AU62: #N/A | AV62: #N/A
A63: 半妖 | B63: ●武运长久 | D63: ● | E63: 武运长久 | F63: 常时 | G63: 使用者 | H63: 使用者 | I63: 无 | J63: 常时效果。目标使用[时机：准备]进行1次[行动②：不进行行动]（基本p165）时，直到那轮[终了]前，[伤害算出]时+「使用者的任意【主能力值】」作为修正（可以与不消耗[准备]的《才能》或者[简易移动]一起使用。但是这个效果不适用于[武器攻击]）。 | K63: 准备行动时进行使用妖力的祈祷，提高自身的武运，强化战斗能力。 | L63: 《燃尽少女的炽火》 | AR63: #N/A | AS63: #N/A | AU63: #N/A | AV63: #N/A
A64: 半妖 | B64: ●妖力解放 | D64: ● | E64: 妖力解放 | F64: 常时 | G64: 使用者 | H64: 使用者 | I64: 无 | J64: 常时效果。需要取得《妖力发现》。目标的《妖力发现》也可以[消耗：偶·偶]进行使用，[消耗：偶·偶]进行使用时，[距离/目标]变为[战斗地带]。 | K64: 解放自身体内的妖力，将灵威扩散到整个地域。 | L64: 《燃尽少女的炽火》 | AR64: #N/A | AS64: #N/A | AU64: #N/A | AV64: #N/A
A65: 魔术师 | B65: 攻击魔术 | E65: 攻击魔术 | F65: 攻击 | G65: 7格 | H65: 2体 | I65: 对子 | J65: 魔法攻击。对目标造成[等级：2]的[魔法伤害]（抵抗成功[减半]）。 | K65: 用自己擅长的各种各样的攻击魔术对目标发起攻击。 | L65: 《神我狩》 | AR65: #N/A | AS65: #N/A | AU65: #N/A | AV65: #N/A
A66: 魔术师 | B66: 治愈魔术 | E66: 治愈魔术 | F66: 攻击 | G66: 6格 | H66: 1体 | I66: 连号 | J66: 魔法攻击。[回复]目标[等级：1]的[魔法伤害]点【生命力】。 | K66: 使用带有治愈效果的魔术，令目标的伤口立即愈合。 | L66: 《神我狩》 | AR66: #N/A | AS66: #N/A | AU66: #N/A | AV66: #N/A
A67: 魔术师 | B67: 魔术暗示 | E67: 魔术暗示 | F67: 攻击 | G67: 其他 | H67: 其他 | I67: 奇 | J67: 特殊效果。只能在[战斗外]使用。使用者可将[场景]中存在着的普通人的记忆或意识消去，或是进行修改（详细由GM决定）。 | K67: 使用魔术催眠目标后，任意修改其记忆与意识。 | L67: 《神我狩》 | AR67: #N/A | AS67: #N/A | AU67: #N/A | AV67: #N/A
A68: 魔术师 | B68: 飞行媒介 | E68: 飞行媒介 | F68: 特殊 | G68: 使用者 | H68: 使用者 | I68: 无 | J68: [登场判定]时使用。无视目标[判定]的结果。[登场判定]视为成功。这时，使用者可以将1个[灵力]的出目变更为任意值。这个《才能》在1剧本中只能使用3次。 | K68: 拥有能够飞行的魔杖或者幻兽等，进行瞬间的移动。 | L68: 《神我狩》 | AR68: #N/A | AS68: #N/A | AU68: #N/A | AV68: #N/A
A69: 魔术师 | B69: 魔术调查 | E69: 魔术调查 | F69: 特殊 | G69: 使用者 | H69: 使用者 | I69: 奇 | J69: 【知性】【精神】判定时使用。无视目标[判定]的结果。【知性】【精神】判定视为成功。这时，使用者可以将1个[灵力]的出目变更为任意值。这个《才能》在1剧本中只能使用2次。 | K69: 使用魔术或占卜术，调查出事件的情报或者解决办法。 | L69: 《神我狩》 | AR69: #N/A | AS69: #N/A | AU69: #N/A | AV69: #N/A
A70: 魔术师 | B70: 魔术世家 | E70: 魔术世家 | F70: 常时 | G70: 使用者 | H70: 使用者 | I70: 无 | J70: 常时效果。目标的[魔法伤害]获得+3修正。 | K70: 继承了来自祖上的魔术师的研究成果，对魔术有着优秀的适应性。 | L70: 《神我狩》 | AR70: #N/A | AS70: #N/A | AU70: #N/A | AV70: #N/A
A71: 魔术师 | B71: 使魔操控 | E71: 使魔操控 | F71: 常时 | G71: 使用者 | H71: 使用者 | I71: 无 | J71: 常时效果。目标的【知性】【精神】【幸运】【发动】判定获得+1修正。 | K71: 可以操控特定的小动物或灵魂，对使用魔术、调查进行支援。 | L71: 《神我狩》 | AR71: #N/A | AS71: #N/A | AU71: #N/A | AV71: #N/A
A72: 魔术师 | B72: 炼金术 | E72: 炼金术 | F72: 常时 | G72: 使用者 | H72: 使用者 | I72: 无 | J72: 常时效果。目标[登场]中且[战斗外]时。可以[购入][物品：消耗品]。 | K72: 擅长于灵药或魔法生物制造的炼金魔术，并拥有专门的设施和器材。 | L72: 《神我狩》 | AR72: #N/A | AS72: #N/A | AU72: #N/A | AV72: #N/A
A73: 魔术师 | B73: 亚空间跳跃 | E73: 亚空间跳跃 | F73: 开始 | G73: 使用者 | H73: 使用者 | I73: 奇 | J73: 特殊效果。目标进行[目标值：12]的[登场判定]（可以使用《飞行媒介》）。这个判定成功的话，可以将自己[设置]在距离自身所在格3格以内的任意1格内。这个《才能》不消耗[开始]时机，且在1轮（场景）中只能使用1次。 | K73: 行使独创的魔术，瞬间跳跃空间。 | L73: 《燃尽少女的炽火》 | AR73: #N/A | AS73: #N/A | AU73: #N/A | AV73: #N/A
A74: 魔术师 | B74: 术式扩张 | E74: 术式扩张 | F74: 特殊 | G74: 使用者 | H74: 使用者 | I74: 无 | J74: 特殊效果。[主动判定]前使用。目标[时机：攻击]的《才能》的[目标]+1体。不为[目标：N体]的话，[伤害算出]+2。这个《才能》1轮中只能使用1次。 | K74: 操纵独创的术式，将魔术的对象范围扩大。 | L74: 《燃尽少女的炽火》 | AR74: #N/A | AS74: #N/A | AU74: #N/A | AV74: #N/A
A75: 魔术师 | B75: 变身魔术 | E75: 变身魔术 | F75: 常时 | G75: 使用者 | H75: 使用者 | I75: 无 | J75: 常时效果。目标的【行动值】获得+2修正。同时，目标可以在任意时机变为视线内的任意一个人物的样子（视为[行为：伪装/达成值：20]或使[行为：伪装]的达成值+10）。 | K75: 驱使特殊的魔术，将自己的容貌变成他人的容貌。 | L75: 《燃尽少女的炽火》 | AR75: #N/A | AU75: #N/A
A76: 魔术师 | B76: ●介质燃烧 | D76: ● | E76: 介质燃烧 | F76: 特殊 | G76: 使用者 | H76: 使用者 | I76: 无 | J76: 伤害算出时使用。目标消耗1~3个[所持]的[物品：消耗]（以[*n]表示的只能视为一个），然后根据[价格（价格以上也可）]对应的数值对[伤害算出]进行相应的修正。这个《才能》1轮中只能使用1次。[价格：50]：+1（最大+3）；[价格：100]：+2（最大+6）；[价格：200]：+3（最大+9）；[价格：300]：+4（最大+12） | K76: 大量消耗灵药或秘药，让魔术的威力获得飞跃般的提高。 | L76: 《神我狩》 | AR76: #N/A | AU76: #N/A
A77: 魔术师 | B77: ●虫操控 | D77: ● | E77: 虫操控 | F77: 特殊 | G77: 战斗地带 | H77: 1体 | I77: 奇 | J77: 特殊效果。需要取得《使魔操控》。可以在任意时机使用。使用者取得《虫操控》时[类别]变更为[怪虫]。在使用《虫操控》时获得下述效果中的1个。这个《才能》1轮中只能使用1次。1：目标的[伤害]±2D；2：目标【判定】的达成值+1 | K77: 学会了禁断的魔术，变得能够操控各式各样的虫或改造生物等，发挥出更高的战斗力。 | L77: 《神我狩》 | AR77: #N/A | AU77: #N/A
A78: 魔术师 | B78: ●身体强化赋予 | D78: ● | E78: 身体强化赋予 | F78: 常时 | G78: 使用者 | H78: 使用者 | I78: 无 | J78: 常时效果。目标的[伤害算出]获得+5修正。同时，目标使用【发动】代替【命中】进行判定，即【发动】的判定的达成值视为【命中】的判定的达成值。 | K78: 将全身使用魔术进行强化，从而让白刃战的能力获得飞跃般的提高。 | L78: 《神我狩》 | AR78: #N/A | AU78: #N/A
A79: 魔术师 | B79: ●属性适应 | D79: ● | E79: 属性适应 | F79: 常时 | G79: 使用者 | H79: 使用者 | I79: 无 | J79: 常时效果。目标进行赋予了[属性]的[攻击行动]时，[主动判定]的达成值+1、[伤害算出]时[等级]获得+1修正。 | K79: 擅长于使用带有属性的魔术或技艺，发挥出优秀的效果。 | L79: 《神我狩》 | AR79: #N/A | AU79: #N/A
A80: 魔术师 | B80: ●武器重量操纵 | D80: ● | E80: 武器重量操纵 | F80: 常时 | G80: 使用者 | H80: 使用者 | I80: 无 | J80: 物品。需要取得《魔术世家》。目标选择的1个[物品：武器]的[行动]条目变更为[行动：+2]。 | K80: 用高超的魔术技巧对特定的武器的重量进行操控，使武器变得像羽毛一样轻。 | L80: 《神我狩》 | AR80: #N/A | AU80: #N/A
A81: 魔术师 | B81: ●防具重量操纵 | D81: ● | E81: 防具重量操纵 | F81: 常时 | G81: 使用者 | H81: 使用者 | I81: 无 | J81: 物品。需要取得《炼金术》。目标选择的1个[物品：防具]的[行动]条目变更为[行动：+2]。 | K81: 用高超的魔术技巧对特定的防具的重量进行操控，使防具变得像羽毛一样轻。 | L81: 《神我狩》 | AR81: #N/A | AU81: #N/A
A82: 魔术师 | B82: ●灵威冲破 | D82: ● | E82: 灵威冲破 | F82: 特殊 | G82: 近接状态 | H82: 1体 | I82: 奇 | J82: 特殊效果。当前为使用者的[行动顺序]的话，可以在任意时机使用。将目标从现在的所在格[设置]到距离使用者2格内的任意位置。目标不能抵抗这个效果。这个《才能》在不能进行[设置]时无法发挥效果，且在1轮（场景）中只能使用1次。 | K82: 驱使独创的魔术，将对象吹飞到一定距离，或强制令其移动。 | L82: 《燃尽少女的炽火》 | AR82: #N/A | AU82: #N/A
A83: 魔术师 | B83: ●决斗圣句 | D83: ● | E83: 决斗圣句 | F83: 特殊 | G83: 使用者 | H83: 使用者 | I83: 无 | J83: 特殊效果。宣言[战斗开始]后的[识别]时使用。目标自身的[知名度]变为2，然后在该场战斗（场景）中，[攻击行动]的[等级]+1。这个《才能》在1场战斗（场景）中只能使用1次。 | K83: 宣言自己所属的位阶，对自己施加强力的自我暗示，这是魔术师特有的强化能力。 | L83: 《燃尽少女的炽火》 | AR83: #N/A | AU83: #N/A
A84: 魔术师 | B84: ●独创防御术式 | D84: ● | E84: 独创防御术式 | F84: 特殊 | G84: 使用者 | H84: 使用者 | I84: 无 | J84: 伤害减少时使用。目标进行[目标值：12]的【精神】判定（可以使用《魔术调查》）。这个判定成功的话，目标受到的[物理伤害][减半]。这个《才能》在1轮（场景）中只能使用1次。 | K84: 发动独创的强力防御魔术，将对象受到的物理攻击减半。 | L84: 《燃尽少女的炽火》 | AR84: #N/A | AU84: #N/A
A85: 魔术师 | B85: ●凶兆观测 | D85: ● | E85: 凶兆观测 | F85: 特殊 | G85: 使用者 | H85: 使用者 | I85: 偶 | J85: 特殊效果。需要取得《魔术调查》。目标宣言使用《灵纹燃烧》进行[概念破坏]时使用。目标的「[等级]+1D」的出目的最低值视为「3」（[概念破坏]时的1D的出目为「1」或「2」时，也视为[等级]上升「3」）。这个《才能》1轮中只能使用1次。 | K85: 使用特殊的占卜，给敌人带来致命的结果。 | L85: 《燃尽少女的炽火》 | AR85: #N/A | AU85: #N/A
A86: 人类 | B86: 灵力操作 | E86: 灵力操作 | F86: 特殊 | G86: 使用者 | H86: 使用者 | I86: 无 | J86: 特殊效果。可以在任意时机使用。对目标1个[灵力]的出目进行±1的调整（调整后不能为0或0以下、7或7以上）。这个《才能》在1轮中只能使用1次。 | K86: 使用特殊的技巧，瞬间对体内的灵力进行细微的调整。 | L86: 《神我狩》 | AR86: #N/A | AU86: #N/A
A87: 人类 | B87: 一瞬的光明 | E87: 一瞬的光明 | F87: 特殊 | G87: 使用者 | H87: 使用者 | I87: 无 | J87: 特殊效果。可以在任意时机使用。使目标获得1个[超过灵力]。这个《才能》在1场战斗中只能使用1次。 | K87: 经过特殊的训练，能抓住时机准确提取灵力。 | L87: 《神我狩》 | AR87: #N/A | AU87: #N/A
A88: 人类 | B88: 人生经验 | E88: 人生经验 | F88: 常时 | G88: 使用者 | H88: 使用者 | I88: 无 | J88: 常时效果。目标任意选择3个不同名的[行为]，这些[行为]的达成值都获得+2修正。 | K88: 出于丰富的人生经验而对特定情况有极高的技能，知道详细的处理办法。 | L88: 《神我狩》 | AR88: #N/A | AU88: #N/A
A89: 人类 | B89: 泛用能力 | E89: 泛用能力 | F89: 常时 | G89: 使用者 | H89: 使用者 | I89: 无 | J89: 常时效果。目标的【主能力值】判定达成值获得+1修正。 | K89: 身为人类，能对各种状况发挥极高的泛用性。 | L89: 《神我狩》 | AR89: #N/A | AU89: #N/A
A90: 人类 | B90: 适应能力 | E90: 适应能力 | F90: 常时 | G90: 使用者 | H90: 使用者 | I90: 无 | J90: 常时效果。目标选择2个【主能力值】分别+1（不能令一个[【主能力值】+2）。因为该效果【战斗值】也会发生变化。 | K90: 身为繁盛于这个时代的人类，拥有极高的适应能力。 | L90: 《神我狩》
A91: 人类 | B91: 秘奥取得 | E91: 秘奥取得 | F91: 常时 | G91: 使用者 | H91: 使用者 | I91: 无 | J91: 常时效果。目标从已取得的[称号]中习得1个无※●◎符号标记《才能》。 | K91: 短时间内发挥出优秀的学习能力，习得特定的技艺或魔术。 | L91: 《神我狩》
A92: 人类 | B92: 白刃熟练 | E92: 白刃熟练 | F92: 常时 | G92: 使用者 | H92: 使用者 | I92: 无 | J92: 常时效果。目标的【命中】判定达成值获得+1修正、[物理伤害]获得+2修正。 | K92: 积累了近战中的经验，能在近战中发挥优秀的实力。 | L92: 《神我狩》
A93: 人类 | B93: 术式熟练 | E93: 术式熟练 | F93: 常时 | G93: 使用者 | H93: 使用者 | I93: 无 | J93: 常时效果。目标的【发动】判定达成值获得+1修正、[魔法伤害]获得+2修正。 | K93: 积累了魔术战中的经验，能在魔术战中发挥优秀的实力。 | L93: 《神我狩》
A94: 人类 | B94: 极限体术 | E94: 极限体术 | F94: 开始/特殊 | G94: 使用者 | H94: 使用者 | I94: 无 | J94: 特殊效果。目标获得下述对应[时机]的效果。这个《才能》在1轮（场景）中只能使用1次。 [开始]：目标无视[近接状态]与[距离：1格/目标：1体]相互交换位置进行[设置]（例如：使用者A1、目标A2→使用者A2、目标A1。目标无法抵抗）。 [特殊]：目标受到的[下落伤害]变更为0。 | K94: 以锻炼中修炼出的体术发挥超人的行动。 | L94: 《燃尽少女的炽火》
A95: 人类 | B95: 专心一意 | E95: 专心一意 | F95: 特殊 | G95: 使用者 | H95: 使用者 | I95: 奇 | J95: 判定时使用。目标指定「任意1个【主能力值】」「主动判定」「被动判定」中的1项，目标直到该轮（场景）[终了]之前，被指定的判定的达成值都获得+2修正。但是未被目标指定的判定的达成值都受到-2惩罚。这个《才能》在1轮（场景）中只能使用1次。 | K95: 以惊人的集中力特化特定的作业，取得成果。 | L95: 《燃尽少女的炽火》
A96: 人类 | B96: 异能感觉 | E96: 异能感觉 | F96: 常时 | G96: 使用者 | H96: 使用者 | I96: 无 | J96: 常时效果。目标的[被动判定]的达成值获得+1修正。同时，目标常时获得[解除：黑暗]，并无视[极端黑暗场景]带来的惩罚（基本p152）。 | K96: 依靠听觉或触觉，以视觉以上的精度把握周围的状况。 | L96: 《燃尽少女的炽火》
A97: 人类 | B97: ●精妙佯攻 | D97: ● | E97: 精妙佯攻 | F97: 特殊 | G97: 使用者 | H97: 使用者 | I97: 无 | J97: 判定时使用。目标的达成值变更为1。这个《才能》的效果可以取消[大失败]带来的影响。这个《才能》在1轮中只能使用1次。 | K97: 感知战斗中的微小变动，让行动错开，取得成功。 | L97: 《神我狩》
A98: 人类 | B98: ●致命回避 | D98: ● | E98: 致命回避 | F98: 特殊 | G98: 使用者 | H98: 使用者 | I98: 无 | J98: 伤害减少时使用。需要取得《人生经验》。目标受到的[生命力伤害]变更为10。这个《才能》在1场战斗中只能使用1次。 | K98: 用丰富的战斗经验创造出独特的回避法，瞬间避开致命伤。 | L98: 《神我狩》
A99: 人类 | B99: ●适应强化 | D99: ● | E99: 适应强化 | F99: 常时 | G99: 使用者 | H99: 使用者 | I99: 无 | J99: 常时效果。目标选择3个【主能力值】分别+1（不能令一个[【主能力值】+2或+3）。因为这个效果【战斗值】也会发生变化。 | K99: 将肉体或精神锻炼到极致，适应力到达极限。 | L99: 《神我狩》
A100: 人类 | B100: ●秘奥熟练 | D100: ● | E100: 秘奥熟练 | F100: 常时 | G100: 使用者 | H100: 使用者 | I100: 无 | J100: 常时效果。需要取得《泛用能力》。目标从已取得的[称号]中习得1个带有●标记的《才能》。 | K100: 短时间内发挥优秀的学习能力，学得更强大的技艺或是魔术。 | L100: 《神我狩》
...

Sheet 装
A1: 0 | B1: 名称 | C1: 符号 | D1: 限制1 | E1: 限制2 | F1: 用法 | H1: 命中 | I1: 回避 | J1: 发动 | K1: 抵抗 | L1: 看破 | M1: 物D单持 | N1: 物D双持 | O1: 魔D单持 | P1: 魔D双持 | Q1: 行动单持 | R1: 行动双持 | S1: 生命 | T1: 装甲 | U1: 结界 | V1: 价格 | W1: 描述 | X1: 效果 | Y1: 距离 | Z1: 目标 | AA1: 出自 | AB1: 攻击 | AC1: 抵抗 | AD1: 属性 | AE1: 等级 | AF1: 形状
A2: 剑 | B2: 单手剑 | D2: 无 | F2: 单持 | H2: 0 | M2: 3 | Q2: -2 | V2: 500 | W2: 单手剑型人造神器。 | X2: 可以作为[射击武器]进行投掷，这样做的话[形状/距离/目标]变为[射击/【体力】格/1体]。 | Y2: 接近状态 | Z2: 1体 | AA2: 《神我狩》 | AB2: 物理 | AC2: 无 | AD2: 无 | AE2: 1 | AF2: 剑
A3: 剑 | B3: 防护剑 | D3: 无 | F3: 单持 | H3: 0 | M3: 2 | Q3: -1 | T3: 2 | V3: 500 | W3: 防御用的小剑型人造神器。 | X3: [装备]时，[装甲]+2。 | Y3: 接近状态 | Z3: 1体 | AA3: 《镇魂之神魂安灵曲》 | AB3: 物理 | AC3: 无 | AD3: 无 | AE3: 1 | AF3: 剑
A4: 剑 | B4: 切肉短刀 | D4: 无 | F4: 单持 | H4: 0 | M4: 4 | Q4: -3 | V4: 500 | W4: 刀身看起来就不详的短刀。 | X4: [装备]时，对「名称以[*N]记载的异怪（即复数体视为1体的异怪）」造成的[物理伤害]+10。 | Y4: 接近状态 | Z4: 1体 | AA4: 《镇魂之神魂安灵曲》 | AB4: 物理 | AC4: 无 | AD4: 无 | AE4: 1 | AF4: 剑
A5: 剑 | B5: 大马士革短刀 | D5: 无 | F5: 单持 | H5: 0 | M5: 4 | Q5: -1 | V5: 800 | W5: 拥有美丽刃纹的军刀型人造神器。 | X5: 可以作为[射击武器]进行投掷，这样做的话[形状/距离/目标]变为[特殊攻击/【体力】格/1体]。 | Y5: 接近状态 | Z5: 1体 | AA5: 《悬顶之达摩克里斯机神》 | AB5: 物理 | AC5: 无 | AD5: 无 | AE5: 1 | AF5: 剑
A6: 剑 | B6: 高频振动刀 | D6: 改造人 | F6: 单持 | M6: 4 | Q6: -1 | V6: 800 | W6: 将高频振动剑性能进一步提升并改造为匕首形态的武器。 | X6: [装备]时，[物理攻击]的[目标]的[装甲]-2（最低0）。 | Y6: 接近状态 | Z6: 1体 | AA6: 《离去神机之救赎》 | AB6: 物理 | AC6: 无 | AD6: 无 | AE6: 1 | AF6: 剑
A7: 剑 | B7: 爪刀 | D7: 战斗 | E7: 泛用 | F7: 单持 | M7: 4 | Q7: -1 | V7: 800 | W7: 有防滑链的军用小刀，大多数有着镰形的刀刃。 | X7: [装备]时，对[种类：人型]进行[物理攻击]时，[物理等级]+1。 | Y7: 接近状态 | Z7: 1体 | AA7: 《燃尽少女的炽火》 | AB7: 物理 | AC7: 无 | AD7: 无 | AE7: 1 | AF7: 剑
A8: 剑 | B8: 双剑 | D8: 战斗 | E8: 泛用 | F8: 单持 | G8: 双持 | H8: 0 | M8: 5 | N8: 6 | Q8: -3 | R8: -2 | V8: 1000 | W8: 双剑型人造神器。 | X8: [装备]时，每轮1次，使[物理攻击][目标]的【回避】判定达成值-1。 | Y8: 接近状态 | Z8: 1体 | AA8: 《神我狩》 | AB8: 物理 | AC8: 无 | AD8: 无 | AE8: 1 | AF8: 剑
A9: 剑 | B9: 细剑 | D9: 无 | F9: 单持 | G9: 双持 | H9: 0 | M9: 3 | N9: 4 | Q9: -1 | R9: 0 | V9: 1000 | W9: 刺剑或军刀型人造神器。 | X9: [装备]时，[物理攻击]的[目标]的[装甲]-5（最低0）。 | Y9: 接近状态 | Z9: 1体 | AA9: 《镇魂之神魂安灵曲》 | AB9: 物理 | AC9: 无 | AD9: 无 | AE9: 1 | AF9: 剑
